 Dungeon Crawl Stone Soup version 0.31-a0-851-g7ff8af7 (webtiles) character file.

Game seed: 7064329639259761159

1892491 steven32 the Genius of the Arcane (level 27, 217/217 HPs)
             Began as a Formicid Necromancer on Oct 4, 2023.
             Was the Champion of Sif Muna.
             Escaped with the Orb
             ... and 4 runes on Oct 5, 2023!
             The game lasted 02:50:20 (108904 turns).

steven32 the Genius of the Arcane (FoNe)          Turns: 108904, Time: 02:50:21

Health: 217/217    AC: 13    Str: 16    XL:     27
Magic:  46/46      EV: 23    Int: 48    God:    Sif Muna [******]
Gold:   8475       SH:  8    Dex: 25    Spells: 1/64 levels left

rFire   + + .        a - staff of fire
rCold   + . .        P - +3 buckler {rC+}
rNeg    . . .        I - +4 leather armour of Vipruh {Str-2 Int+9 Dex+5}
rPois   .            (helmet unavailable)
rElec   +            U - scarf "Zeisesapsa" {harm, rElec Str-3 Dex+6 Stlth-}
rCorr   +            j - +1 pair of gloves of Recklessness {rF+}
SInv    +            r - +1 pair of boots of the Elven Halls {Str+3 Int+3 SInv}
Will    +++..        h - amulet "Bobayt" {RegenMP Harm Will+ Slay-3}
Stlth   +            T - ring of Agaghoeq {Int+6 Dex+3}
HPRegen 0.56/turn    i - ring "Zyetowko" {rCorr Str+3 Int+5 Dex-5}
MPRegen 0.70/turn

%: harm (+45% outgoing, +30% incoming)
@: no status effects
A: permanent stasis, dig shafts and tunnels, antennae 3, four strong arms
0: Orb of Zot
}: 4/15 runes: decaying, slimy, silver, gossamer
a: Dig, Shaft Self, Renounce Religion, Channel Magic, Forget Spell, Divine
Exegesis


You escaped.
You worshipped Sif Muna.
Sif Muna was exalted by your worship.
You visited 11 branches of the dungeon, and saw 55 of its levels.
You also visited: Trove, Bailey, Gauntlet and Ice Cave.

You collected 10177 gold pieces.
You spent 1702 gold pieces at shops.

Inventory:

Hand Weapons
 b - the +8 mace of Impatience {protect, rElec rC++}
   (You found it on level 3 of the Elven Halls)

   rC++:      It greatly protects you from cold.
   rElec:     It insulates you from electricity.
Missiles
 u - 51 poisoned darts
 y - 3 throwing nets
 L - 8 curare-tipped darts
Armour
 j - the +1 pair of gloves of Recklessness (worn) {rF+}
   (You found it on level 3 of the Elven Halls)

   rF+:       It protects you from fire.
 r - the +1 pair of boots of the Elven Halls (worn) {Str+3 Int+3 SInv}
   (You bought it in a shop on level 2 of the Orcish Mines)

   Str+3:     It affects your strength (+3).
   Int+3:     It affects your intelligence (+3).
   SInv:      It lets you see invisible.
 I - the +4 leather armour of Vipruh (worn) {Str-2 Int+9 Dex+5}
   (You found it on level 3 of the Swamp)

   Str-2:     It affects your strength (-2).
   Int+9:     It affects your intelligence (+9).
   Dex+5:     It affects your dexterity (+5).
 P - a +3 buckler of cold resistance (worn)
 U - the scarf "Zeisesapsa" (worn) {harm, rElec Str-3 Dex+6 Stlth-}
   (You bought it in a shop on level 2 of the Orcish Mines)

   Str-3:     It affects your strength (-3).
   Dex+6:     It affects your dexterity (+6).
   rElec:     It insulates you from electricity.
   Stlth-:    It makes you less stealthy.
Magical Staves
 a - a staff of fire (weapon)
Jewellery
 h - the amulet "Bobayt" (around neck) {RegenMP Harm Will+ Slay-3}
   (You took it off a deep elf archer on level 3 of the Elven Halls)

   [amulet of magic regeneration]

   RegenMP:   It increases your rate of magic regeneration.
   Slay-3:    It affects your accuracy & damage with ranged weapons and melee
   (-3).
   Will+:     It increases your willpower.
   Harm:      It increases damage dealt and taken.
 i - the ring "Zyetowko" (right hand) {rCorr Str+3 Int+5 Dex-5}
   (You took it off a deep elf high priest on level 3 of the Elven Halls)

   [ring of resist corrosion]

   Str+3:     It affects your strength (+3).
   Int+5:     It affects your intelligence (+5).
   Dex-5:     It affects your dexterity (-5).
   rCorr:     It protects you from acid and corrosion.
 O - the ring of Darkness {Fly rPois}
   (You found it in an ice cave)

   [ring of flight]

   rPois:     It protects you from poison Fly: It grants you flight.
 S - the ring of Xom's Attic {rCorr Dex+4}
   (You found it on level 3 of the Elven Halls)

   [ring of resist corrosion]

   Dex+4:     It affects your dexterity (+4).
   rCorr:     It protects you from acid and corrosion.
 T - the ring of Agaghoeq (left hand) {Int+6 Dex+3}
   (You found it on level 3 of the Elven Halls)

   [ring of intelligence]

   Int+6:     It affects your intelligence (+6).
   Dex+3:     It affects your dexterity (+3).
 W - a +6 ring of intelligence
Wands
 c - a wand of roots (72)
 e - a wand of paralysis (90)
 f - a wand of mindburst (73)
 k - a wand of quicksilver (49)
 C - a wand of digging (12)
 Y - a wand of polymorph (32)
Scrolls
 l - 3 scrolls of brand weapon
 o - 5 scrolls of amnesia
 q - 5 scrolls of enchant armour
 t - 5 scrolls of revelation
 z - 4 scrolls of silence
 A - 3 scrolls of summoning
 B - 10 scrolls of noise
 J - 5 scrolls of immolation
 K - 3 scrolls of torment
 N - 13 scrolls of vulnerability
 V - 2 scrolls of fog
 X - 9 scrolls of poison
 Z - 6 scrolls of fear
Potions
 d - 4 potions of ambrosia
 g - 11 potions of brilliance
 m - 3 potions of magic
 n - 28 potions of curing
 p - 13 potions of lignification
 s - 4 potions of invisibility
 w - 9 potions of might
 D - 3 potions of resistance
 E - 7 potions of enlightenment
 F - 20 potions of heal wounds
 G - 12 potions of attraction
 H - 6 potions of cancellation
 M - 14 potions of mutation
Miscellaneous
 v - a box of beasts
 x - a lightning rod (4/4)
 Q - a phantom mirror
 R - a phial of floods


   Skills:
 - Level 18.0 Fighting
 - Level 9.0 Armour
 - Level 12.8 Dodging
 - Level 2.4 Stealth
 - Level 19.0 Spellcasting
 + Level 22.8 Conjurations
 - Level 8.0 Necromancy
 - Level 10.0 Translocations
 + Level 22.8 Fire Magic
 - Level 10.0 Air Magic
 - Level 8.0 Earth Magic
 - Level 8.0 Poison Magic
 - Level 24.1 Invocations
 - Level 17.9 Evocations


You had one spell level left.
You knew the following spells:

 Your Spells              Type           Power      Damage    Failure   Level
a - Stone Arrow           Conj/Erth      100%       3d13      0%          3
b - Plasma Beam           Fire/Air       70%        2x1d87    1%          6
c - Borgnjor's Vile Clut  Necr/Erth      44%        N/A       1%          5
d - Ignition              Fire           79%        3d20      1%          8
e - Passage of Golubria   Tloc           96%        N/A       1%          4
f - Fireball              Conj/Fire      79%        3d29      0%          5
g - Bombard               Conj/Erth      57%        9d9       1%          6
h - Fire Storm            Conj/Fire      79%        8d20      5%          9
i - Ignite Poison         Fire/Tmut/Pois 100%       N/A       1%          3
k - Starburst             Conj/Fire      79%        6d20      0%          6
m - Iskenderun's Mystic   Conj/Tloc      100%       2d19      0%          4
v - Poisonous Vapours     Pois/Air       100%       N/A       1%          2
z - Sublimation of Blood  Necr           89%        N/A       1%          2

Your spell library contained the following spells:

 Spells                   Type           Power      Damage    Failure   Level
 Apportation              Tloc           100%       N/A       0%          1
 Foxfire                  Conj/Fire      100%       2x1d9     0%          1
 Kiss of Death            Conj/Necr      100%       2d13      0%          1
 Magic Dart               Conj           100%       1d8       0%          1
 Shock                    Conj/Air       100%       1d9       0%          1
 Freeze                   Ice            100%       1d10      1%          1
 Necrotise                Necr           100%       1d9       1%          1
 Sandblast                Erth           100%       2d20      1%          1
 Slow                     Hex            100%       N/A       1%          1
 Sting                    Tmut/Pois      100%       1d8       1%          1
 Summon Small Mammal      Summ           100%       N/A       1%          1
 Lesser Beckoning         Tloc           100%       N/A       0%          2
 Momentum Strike          Conj/Tloc      100%       3d10      0%          2
 Scorch                   Fire           100%       2d9       0%          2
 Searing Ray              Conj           100%       2d8       0%          2
 Static Discharge         Conj/Air       100%       2-7/arc   0%          2
 Mephitic Cloud           Conj/Pois/Air  100%       N/A       0%          3
 Volatile Blastmotes      Fire/Tloc      100%       2d18      0%          3
 Brom's Barrelling Bould  Conj/Erth      100%       2d11      0%          4
 Flame Wave               Conj/Fire      100%       2d21      0%          4
 Sticky Flame             Conj/Fire      100%       2d11      0%          4
 Iskenderun's Battlesphe  Conj           100%       2d15      0%          5
 Call Imp                 Summ           90%        N/A       1%          2
 Cigotuvi's Dreadful Rot  Necr/Pois/Air  100%       N/A       1%          2
 Ensorcelled Hibernation  Hex/Ice        90%        N/A       1%          2
 Jinxbite                 Hex            90%        N/A       1%          2
 Passwall                 Tmut/Erth      59%        N/A       1%          2
 Wereblood                Tmut           45%        N/A       1%          2
 Call Canine Familiar     Summ           45%        N/A       1%          3
 Confusing Touch          Hex            45%        N/A       1%          3
 Dazzling Flash           Conj/Hex       100%       N/A       1%          3
 Frozen Ramparts          Ice            90%        1d14      1%          3
 Gell's Gravitas          Tloc           96%        N/A       1%          3
 Hailstorm                Conj/Ice       100%       3d20      1%          3
 Inner Flame              Hex/Fire       100%       N/A       1%          3
 Ozocubu's Armour         Ice            45%        N/A       1%          3
 Sigil of Binding         Hex            45%        N/A       1%          3
 Summon Guardian Golem    Hex/Summ       45%        N/A       1%          3
 Teleport Other           Tloc           96%        N/A       1%          3
 Tukima's Dance           Hex            45%        N/A       1%          3
 Vampiric Draining        Necr           89%        2d12      1%          3
 Airstrike                Air            48%        2d(7-23)  1%          4
 Anguish                  Hex/Necr       35%        N/A       1%          4
 Animate Armour           Summ/Erth      100%       N/A       1%          4
 Animate Dead             Necr           89%        N/A       1%          4
 Dimensional Bullseye     Hex/Tloc       38%        N/A       1%          4
 Dispel Undead            Necr           89%        3d28      1%          4
 Fulminant Prism          Conj/Hex       50%        3d22      1%          4
 Leda's Liquefaction      Hex/Erth       35%        N/A       1%          4
 Manifold Assault         Tloc           96%        N/A       1%          4
 Olgreb's Toxic Radiance  Pois           89%        N/A       1%          4
 Petrify                  Tmut/Erth      71%        N/A       1%          4
 Summon Lightning Spire   Summ/Air       76%        N/A       1%          4
 Agony                    Necr           89%        N/A       1%          5
 Arcjolt                  Conj/Air       58%        1d68      1%          5
 Freezing Cloud           Conj/Ice/Air   50%        6-21      1%          5
 Irradiate                Conj/Tmut      50%        3d28      1%          5
 Lee's Rapid Deconstruct  Erth           44%        3d21*     1%          5
 Conjure Ball Lightning   Conj/Air       58%        3x3d21    1%          6
 Dispersal                Tloc           48%        N/A       1%          6
 Orb of Destruction       Conj           66%        9d16      1%          7
 Silence                  Hex/Air        38%        N/A       2%          5
 Summon Forest            Summ/Tloc      38%        N/A       2%          5
 Alistair's Intoxication  Tmut/Pois      47%        N/A       3%          5
 Death Channel            Necr           44%        N/A       3%          6
 Spellforged Servitor     Conj/Summ      50%        N/A       4%          7
 Cause Fear               Hex            22%        N/A       6%          4
 Summon Ice Beast         Ice/Summ       45%        N/A       6%          4
 Lehudib's Crystal Spear  Conj/Erth      57%        10d13     8%          8
 Metabolic Englaciation   Hex/Ice        22%        N/A       17%         5
 Summon Mana Viper        Hex/Summ       45%        N/A       17%         5
 Yara's Violent Unravell  Hex/Tmut       22%        3d10      17%         5
 Eringya's Noxious Bog    Tmut/Pois      35%        4d6       19%         6
 Simulacrum               Ice/Necr       35%        N/A       19%         6
 Malign Gateway           Summ/Tloc      38%        N/A       56%         7
 Disjunction              Tloc           48%        N/A       56%         8
 Maxwell's Capacitive Co  Air            48%        ∞         56%         8
 Chain Lightning          Conj/Air       58%        3d78      58%         9
 Summon Cactus Giant      Summ           22%        N/A       67%         6
 Haunt                    Necr/Summ      35%        N/A       71%         7
 Borgnjor's Revivificati  Necr           44%        N/A       83%         8
 Infestation              Necr           44%        N/A       83%         8
 Enfeeble                 Hex            22%        N/A       99%         7
 Monstrous Menagerie      Summ           22%        N/A       99%         7
 Ozocubu's Refrigeration  Ice            22%        4d12      99%         7
 Summon Hydra             Summ           22%        N/A       99%         7
 Discord                  Hex            22%        N/A       100%        8
 Summon Horrible Things   Summ           22%        N/A       100%        8
 Death's Door             Necr           44%        N/A       100%        9
 Dragon's Call            Summ           22%        N/A       100%        9
 Polar Vortex             Ice            22%        12d3*     100%        9
 Shatter                  Erth           44%        3d34*     100%        9
 Blink                    Tloc           Unusable   N/A       N/A         2
 Vhi's Electric Charge    Tloc/Air       Unusable   N/A       N/A         4

Dungeon Overview and Level Annotations

Branches:
Dungeon (15/15)            Temple (0/1) D:7            Lair (5/5) D:9
  Swamp (4/4) Lair:3       Spider (4/4) Lair:2        Slime (5/5) Lair:5
    Orc (2/2) D:11            Elf (3/3) Orc:2        Vaults (5/5) D:14
  Crypt (3/3) Vaults:3       Tomb (0/3) Crypt:3      Depths (4/4) D:15
    Zot (5/5) Depths:4     Bailey (visited)           IceCv (visited)
Gauntlet (visited)

Altars:
Dithmenos
Elyvilon
Gozag
Kikubaaqudgha
Okawaru
Qazlal
Sif Muna
Uskayaw
Vehumet
Wu Jian
Yredelemnul
Zin
The Shining One
Lugonu

Shops:
D:14 :   Orc:2 [(=(   Vaults:2 =   Depths:1 [[

Portals:
Hell: Depths:1 Depths:2 Depths:3 Depths:4
Abyss: Lair:5 Depths:3
Pandemonium: Depths:2
Ziggurat: Depths:2

Annotations:
Zot:3 1 transporter


Innate Abilities, Weirdness & Mutations

You cannot be hasted, slowed, berserked, paralysed or teleported.
You can dig through walls and to a lower floor.
You have a pair of large antennae on your head. (SInv)
Your four strong arms can wield two-handed weapons with a shield.


Message History

You feel a surge of power!
You ignite the poison in your surroundings!
The Orb Guardian seems to burn from within!!!
You kill the Orb Guardian!
Sif Muna accepts your kill.
An Orb Guardian comes into view.
You now have 39/46 mp.
An Orb Guardian is nearby!
An Orb Guardian is nearby!
An Orb Guardian is nearby!
Casting: Ignite Poison (safe; 1% risk of failure)
Confirm with . or Enter, or press ? or * to list all spells.
Aiming: Poisonous Vapours (safe; 1% risk of failure)
Press: ? - help, Dir - move target, f - Orb Guardian
Aim: an Orb Guardian (wandering, hasn't noticed you) Poisonous vapours surround the Orb Guardian!
The Orb Guardian is poisoned.
An Orb Guardian comes into view.
You now have 37/46 mp.
Casting: Poisonous Vapours (safe; 1% risk of failure)
Confirm with . or Enter, or press ? or * to list all spells.
You feel a surge of power!
You ignite the poison in your surroundings!
The Orb Guardian seems to burn from within!!!
You kill the Orb Guardian!
Sif Muna accepts your kill.
You now have 35/46 mp.
An Orb Guardian is nearby!
Casting: Ignite Poison (safe; 1% risk of failure)
Confirm with . or Enter, or press ? or * to list all spells.
Aiming: Poisonous Vapours (safe; 1% risk of failure)
Press: ? - help, Dir - move target, f - Orb Guardian
Aim: an Orb Guardian Poisonous vapours surround the Orb Guardian!
The Orb Guardian is poisoned.
You now have 34/46 mp.
Casting: Poisonous Vapours (safe; 1% risk of failure)
Confirm with . or Enter, or press ? or * to list all spells.
You feel a surge of power!
You ignite the poison in your surroundings!
The Orb Guardian seems to burn from within!!!
You kill the Orb Guardian!
Sif Muna accepts your kill.
You now have 31/46 mp.
An Orb Guardian comes into view.
You regained 3 mp, and now have 34/46 mp.
An Orb Guardian is nearby!
An Orb Guardian is nearby!
Casting: Ignite Poison (safe; 1% risk of failure)
Confirm with . or Enter, or press ? or * to list all spells.
Aiming: Poisonous Vapours (safe; 1% risk of failure)
Press: ? - help, Dir - move target, f - Orb Guardian
Aim: an Orb Guardian (wandering, hasn't noticed you) Poisonous vapours surround the Orb Guardian!
The Orb Guardian is poisoned.
You now have 33/46 mp.
Casting: Poisonous Vapours (safe; 1% risk of failure)
Confirm with . or Enter, or press ? or * to list all spells.
You feel a surge of power!
You ignite the poison in your surroundings!
The Orb Guardian seems to burn from within!!!
You kill the Orb Guardian!
Sif Muna accepts your kill.
You now have 31/46 mp.
You sense a monster nearby.
MP restored: 46 An Orb Guardian comes into view.
An Orb Guardian is nearby!
An Orb Guardian is nearby!
Casting: Ignite Poison (safe; 1% risk of failure)
Confirm with . or Enter, or press ? or * to list all spells.
Aiming: Poisonous Vapours (safe; 1% risk of failure)
Press: ? - help, Dir - move target, f - Orb Guardian
Aim: an Orb Guardian (wandering, hasn't noticed you) Poisonous vapours surround the Orb Guardian!
The Orb Guardian is poisoned.
You now have 45/46 mp.
Casting: Poisonous Vapours (safe; 1% risk of failure)
Confirm with . or Enter, or press ? or * to list all spells.
You feel a surge of power!
You ignite the poison in your surroundings!
The Orb Guardian seems to burn from within!!!
You kill the Orb Guardian!
Sif Muna accepts your kill.
You now have 42/46 mp.
Found the Orb of Zot.
MP restored: 46
Found a scroll of identify.
You see here a scroll of identify.
Partly explored, can't reach some items.
Partly explored, can't reach some items.
Partly explored, can't reach some items.
You see here the Orb of Zot.
You pick up the Orb of Zot!
The Orb lets out a hideous shriek!
The lords of Pandemonium are not amused.
Beware!
Now all you have to do is get back out of the dungeon!
You sense a monster nearby.
Things that are here:
a +0 whip; a +0 cloak An Orb Guardian comes into view.
You see here a +0 halberd.
Casting: Ignite Poison (safe; 1% risk of failure)
Confirm with . or Enter, or press ? or * to list all spells.
Aiming: Poisonous Vapours (safe; 1% risk of failure)
Press: ? - help, Dir - move target, f - Orb Guardian
Aim: an Orb Guardian Poisonous vapours surround the Orb Guardian!
The Orb Guardian is poisoned.
You now have 45/46 mp.
Casting: Poisonous Vapours (safe; 1% risk of failure)
Confirm with . or Enter, or press ? or * to list all spells.
You feel a surge of power!
You ignite the poison in your surroundings!
The Orb Guardian seems to burn from within!!!
The Orb Guardian is severely wounded.
You now have 42/46 mp.
Casting: Ignite Poison (safe; 1% risk of failure)
Confirm with . or Enter, or press ? or * to list all spells.
Aiming: Poisonous Vapours (safe; 1% risk of failure)
Press: ? - help, Dir - move target, f/p - Orb Guardian
Aim: an Orb Guardian (severely wounded) Poisonous vapours surround the Orb Guardian!
The Orb Guardian is poisoned.
You now have 41/46 mp.
Casting: Poisonous Vapours (safe; 1% risk of failure)
Confirm with . or Enter, or press ? or * to list all spells.
You feel a surge of power!
You ignite the poison in your surroundings!
The Orb Guardian seems to burn from within!!!
You kill the Orb Guardian!
Sif Muna accepts your kill.
An Orb Guardian comes into view.
You now have 39/46 mp.
Casting: Ignite Poison (safe; 1% risk of failure)
Confirm with . or Enter, or press ? or * to list all spells.
Aiming: Poisonous Vapours (safe; 1% risk of failure)
Press: ? - help, Dir - move target, f - Orb Guardian
Aim: an Orb Guardian Poisonous vapours surround the Orb Guardian!
The Orb Guardian is poisoned.
The Orb Guardian disappears!
You now have 38/46 mp.
Casting: Poisonous Vapours (safe; 1% risk of failure)
Confirm with . or Enter, or press ? or * to list all spells.
You can't see any susceptible monsters within range! (Use Z to cast anyway.)
You enter a permanent teleport trap!
There is a permanent teleport trap here.
You enter a permanent teleport trap!
There is a permanent teleport trap here.
Magic restored.
An Apiriot and an Ice Fiend come into view.
MP restored: 46 Unknown command.
Unknown command.
Casting: Poisonous Vapours (safe; 1% risk of failure)
Confirm with . or Enter, or press ? or * to list all spells.
Aiming: Fireball (safe; 0% risk of failure)
Press: ? - help, Shift-Dir - straight line
Okay, then.
Casting: Fireball (safe; 0% risk of failure)
Confirm with . or Enter, or press ? or * to list all spells.
Aiming: Fire Storm (dangerous; 6% risk of failure)
Press: ? - help, Dir - move target You feel a surge of power!
A raging storm of fire appears!
The great blast of fire engulfs Apiriot!!!
Apiriot partially resists.
Apiriot is moderately wounded.
The great blast of fire engulfs the Ice Fiend!!!!
The Ice Fiend is burned terribly!
You kill the Ice Fiend!
Sif Muna accepts your kill.
You now have 38/46 mp.
Casting: Fire Storm (dangerous; 6% risk of failure)
Confirm with . or Enter, or press ? or * to list all spells.
Aiming: Fire Storm (dangerous; 6% risk of failure)
Press: ? - help, Dir - move target You feel a surge of power!
A raging storm of fire appears!
The great blast of fire engulfs Apiriot!!!
Apiriot partially resists.
Apiriot is heavily wounded.
Apiriot stings your fire vortex!!!
Your fire vortex dissipates!
Your fire vortex barely misses Apiriot.
You now have 29/46 mp.
Casting: Fire Storm (dangerous; 6% risk of failure)
Confirm with . or Enter, or press ? or * to list all spells.
Aiming: Fire Storm (dangerous; 6% risk of failure)
Press: ? - help, Dir - move target, f - fire vortex
Aim: a fire vortex (flame, friendly)
You feel a surge of power!
A raging storm of fire appears!
The great blast of fire engulfs Apiriot!!!
Apiriot partially resists.
Apiriot is severely wounded.
Apiriot stings your fire vortex!
Your fire vortex barely misses Apiriot. x2
Your fire vortex hits Apiriot.
Your fire vortex burns Apiriot!
Apiriot resists.
Your fire vortex dissipates!
Your fire vortex hits Apiriot.
Your fire vortex burns Apiriot!
Apiriot resists.
Your fire vortex dissipates!
You now have 21/46 mp.
Casting: Fire Storm (dangerous; 6% risk of failure)
Confirm with . or Enter, or press ? or * to list all spells.
Aiming: Fire Storm (dangerous; 6% risk of failure)
Press: ? - help, Dir - move target, f - fire vortex, p - fire vortex
Aim: a fire vortex (flame, friendly)
You feel a surge of power!
A raging storm of fire appears!
The great blast of fire engulfs Apiriot!!!
Apiriot partially resists.
You kill Apiriot!
Sif Muna accepts your kill.
You now have 13/46 mp.
Sorry, I don't know how to get there.
You swap places.
You swap places.
You swap places.
Casting: Fire Storm (dangerous; 6% risk of failure)
Confirm with . or Enter, or press ? or * to list all spells.
You draw magical energy from your own body!
You take 6 damage, and have 211/217 hp.
You regained 4 mp, and now have 20/46 mp.
Casting: Sublimation of Blood (safe; 1% risk of failure)
Confirm with . or Enter, or press ? or * to list all spells.
You draw magical energy from your own body!
You take 7 damage, and have 204/217 hp.
You regained 5 mp, and now have 25/46 mp.
You swap places.
You regained 5 hp, and now have 209/217 hp.
You regained 6 mp, and now have 31/46 mp.
There is a stone staircase leading up here.
You climb upwards.
There is a stone staircase leading down here.
You regained 2 hp, and now have 211/217 hp.
You regained 2 mp, and now have 33/46 mp.
There is a stone staircase leading up here.
You climb upwards.
Level annotation: 1 transporter
There is a stone staircase leading down here.
You regained 4 hp, and now have 215/217 hp.
You regained 5 mp, and now have 38/46 mp.
HP restored.
There is a dry fountain here.
Magic restored.
There is a stone staircase leading up here.
You climb upwards.
There is a stone staircase leading down here.
Health restored: 217; MP restored: 46
There is an open door here.
There is a stone staircase leading up here.
You climb upwards.
There is a stone staircase leading down here.
You see here a +0 robe.
Tiamat, Avatar of the Dragonlord comes into view.
She is wielding a +2 antimagic bardiche and wearing the +4 dragonskin cloak.
Unknown command.
Unknown command.
Unknown command.
Unknown command.
Casting: Sublimation of Blood (safe; 1% risk of failure)
Confirm with . or Enter, or press ? or * to list all spells.
Aiming: Fireball (safe; 0% risk of failure)
Press: ? - help, Shift-Dir - straight line You feel a surge of power!
The fireball explodes!
The fireball engulfs Tiamat!!
Tiamat is lightly wounded.
You now have 41/46 mp.
Casting: Fireball (safe; 0% risk of failure)
Confirm with . or Enter, or press ? or * to list all spells.
Aiming: Fire Storm (dangerous; 6% risk of failure)
Press: ? - help, Dir - move target You feel a surge of power!
A raging storm of fire appears!
The great blast of fire engulfs Tiamat!!!
Tiamat is moderately wounded.
You hear a roar!
Tiamat is engulfed in blazing flames.
You hear a roar!
You now have 33/46 mp.
Casting: Fire Storm (dangerous; 6% risk of failure)
Confirm with . or Enter, or press ? or * to list all spells.
Aiming: Fire Storm (dangerous; 6% risk of failure)
Press: ? - help, Dir - move target, f - Tiamat
Aim: Tiamat, wielding a +2 antimagic bardiche and wearing the +4 dragonskin cloak (flame, moderately wounded)
You feel a surge of power!
A raging storm of fire appears!
The great blast of fire engulfs Tiamat!!!!
Tiamat is heavily wounded.
Tiamat is engulfed in blazing flames.
Tiamat breathes poison at you.
The blast of poison engulfs your fire vortex.
Your fire vortex completely resists.
You now have 25/46 mp.
Casting: Fire Storm (dangerous; 6% risk of failure)
Confirm with . or Enter, or press ? or * to list all spells.
Aiming: Fire Storm (dangerous; 6% risk of failure)
Press: ? - help, Dir - move target, p - Tiamat You feel a surge of power!
Okay, then.
Casting: Fire Storm (dangerous; 6% risk of failure)
Confirm with . or Enter, or press ? or * to list all spells.
Aiming: Fire Storm (dangerous; 6% risk of failure)
Press: ? - help, Dir - move target, f - Tiamat
Aim: Tiamat, wielding a +2 antimagic bardiche and wearing the +4 dragonskin cloak (flame, heavily wounded, ally target)
You feel a surge of power!
A raging storm of fire appears!
The great blast of fire engulfs Tiamat!!!!
Tiamat is almost dead.
You are engulfed in poison gas.
You are poisoned.
You feel very sick.
Your fire vortex hits Tiamat.
Your fire vortex burns Tiamat!
Your fire vortex dissipates!
Tiamat is engulfed in blazing flames.
Tiamat hits your fire vortex with a +2 antimagic bardiche!!
Tiamat tail-slaps your fire vortex. Tiamat tail-slaps your fire vortex!
Your fire vortex dissipates!
You take 12 damage, and have 205/217 hp.
You now have 16/46 mp.
Casting: Fire Storm (dangerous; 6% risk of failure)
Confirm with . or Enter, or press ? or * to list all spells.
Aiming: Fire Storm (dangerous; 6% risk of failure)
Press: ? - help, Dir - move target, f/p - Tiamat
Aim: Tiamat, wielding a +2 antimagic bardiche and wearing the +4 dragonskin cloak (flame, almost dead, ally target)
You feel a surge of power!
A raging storm of fire appears!
The great blast of fire engulfs Tiamat!!!
You kill Tiamat!
Sif Muna accepts your kill.
You are engulfed in poison gas.
You are more poisoned.
You feel extremely sick.
You take 15 damage, and have 190/217 hp.
You now have 8/46 mp.
You feel extremely sick.
You take 8 damage, and have 182/217 hp.
You feel very sick.
You hear a sizzling sound!
You take 6 damage, and have 176/217 hp.
You start resting.
You feel very sick.
A reaper comes into view. It is wielding a +0 scythe of freezing.
You take 4 damage, and have 172/217 hp.
A reaper is nearby!
Casting: Fire Storm (dangerous; 6% risk of failure)
Confirm with . or Enter, or press ? or * to list all spells.
You can't see any susceptible monsters within range! (Use Z to cast anyway.) Unknown command.
You feel very sick.
You take 4 damage, and have 168/217 hp.
You feel very sick.
A white draconian comes into view.
It is wielding a +2 trident of freezing.
Casting: Fire Storm (dangerous; 6% risk of failure)
Confirm with . or Enter, or press ? or * to list all spells.
You draw magical energy from your own body!
You feel very sick.
You take 13 damage, and have 155/217 hp.
You regained 6 mp, and now have 17/46 mp.
Casting: Sublimation of Blood (safe; 1% risk of failure)
Confirm with . or Enter, or press ? or * to list all spells.
You draw magical energy from your own body!
You feel sick.
You take 11 damage, and have 144/217 hp.
You regained 7 mp, and now have 24/46 mp.
Casting: Sublimation of Blood (safe; 1% risk of failure)
Confirm with . or Enter, or press ? or * to list all spells.
Aiming: Fire Storm (dangerous; 6% risk of failure)
Press: ? - help, Dir - move target You feel a surge of power!
A raging storm of fire appears!
The great blast of fire engulfs the white draconian!!!!
You kill the white draconian!
Sif Muna accepts your kill.
The great blast of fire engulfs the reaper!!!
You kill the reaper!
Sif Muna accepts your kill.
You feel sick.
You take 1 damage, and have 143/217 hp.
You now have 16/46 mp.
A green draconian monk comes into view.
You feel sick.
The green draconian monk roars!
You take 1 damage, and have 142/217 hp.
Unknown command.
You feel sick.
You feel sick.
You take 1 damage, and have 141/217 hp.
You feel sick.
Casting: Fire Storm (dangerous; 6% risk of failure)
Confirm with . or Enter, or press ? or * to list all spells.
Aiming: Fire Storm (dangerous; 6% risk of failure)
Press: ? - help, Dir - move target You feel a surge of power!
You miscast Fire Storm.
You are very lightly contaminated with residual magic.
The air around you crackles with energy!
You feel sick.
The green draconian monk hits your fire vortex!!
Your fire vortex dissipates!
Something misses the green draconian monk.
You take 17 damage, and have 124/217 hp.
You now have 10/46 mp.
Casting: Fire Storm (dangerous; 6% risk of failure)
Confirm with . or Enter, or press ? or * to list all spells.
Aiming: Fire Storm (dangerous; 6% risk of failure)
Press: ? - help, Dir - move target You feel a surge of power!
A raging storm of fire appears!
The great blast of fire engulfs the green draconian monk!!!
You kill the green draconian monk!
Sif Muna accepts your kill.
You feel sick.
You are no longer poisoned.
You take 1 damage, and have 123/217 hp.
You now have 2/46 mp.
Your magical contamination has completely faded away.
You open the door.
There is an open door here.
A green death comes into view.
You regained 13 hp, and now have 137/217 hp.
You regained 16 mp, and now have 19/46 mp.
The green death moves out of view.
There is an open door here.
Unknown command.
An Orb Guardian comes into view.
You regained 2 hp, and now have 142/217 hp.
You regained 3 mp, and now have 26/46 mp.
Casting: Fire Storm (dangerous; 6% risk of failure)
Confirm with . or Enter, or press ? or * to list all spells.
Aiming: Fireball (safe; 0% risk of failure)
Press: ? - help, Shift-Dir - straight line, f - Orb Guardian
Aim: an Orb Guardian You feel a surge of power!
The fireball explodes!
The fireball engulfs the Orb Guardian!!!
The Orb Guardian is severely wounded.
You now have 21/46 mp.
Casting: Fireball (safe; 0% risk of failure)
Confirm with . or Enter, or press ? or * to list all spells.
Aiming: Fireball (safe; 0% risk of failure)
Press: ? - help, Shift-Dir - straight line, f/p - Orb Guardian
Aim: an Orb Guardian (severely wounded)
You feel a surge of power!
The fireball explodes!
The fireball engulfs the Orb Guardian!!!
You kill the Orb Guardian!
Sif Muna accepts your kill.
You now have 17/46 mp.
A green death is nearby!
Casting: Fireball (safe; 0% risk of failure)
Confirm with . or Enter, or press ? or * to list all spells.
Aiming: Fire Storm (dangerous; 6% risk of failure)
Press: ? - help, Dir - move target You feel a surge of power!
A raging storm of fire appears!
The great blast of fire engulfs the green death!!!!
You kill the green death!
Sif Muna accepts your kill.
You now have 9/46 mp.
There is an open door here.
There is an open door here.
There is an open door here.
You see here a +0 glaive.
There is an open door here.
There is a gate leading back out of this place here.
You regained 27 hp, and now have 171/217 hp.
You regained 34 mp, and now have 43/46 mp.
You go up through the gate.
Welcome back to the Depths!
Beware, you cannot shaft yourself on this level.
There is a gate to the Realm of Zot here.
You regained 2 hp, and now have 173/217 hp.
You regained 2 mp, and now have 45/46 mp.
Magic restored.
There is an open door here.
You see here a +0 mace.
There is an open door here.
Things that are here:
a +0 cloak; a +0 rapier
There is an open gate here.
A hellion comes into view.
You regained 19 hp, and now have 192/217 hp.
MP restored: 46 A hellion is nearby!
Unknown command.
Casting: Fire Storm (dangerous; 6% risk of failure)
Confirm with . or Enter, or press ? or * to list all spells.
Aiming: Fire Storm (dangerous; 6% risk of failure)
Press: ? - help, Dir - move target You feel a surge of power!
A raging storm of fire appears!
The great blast of fire engulfs the hellion!!!
You kill the hellion!
Sif Muna accepts your kill.
You now have 38/46 mp.
There is an escape hatch in the ceiling here.
A mysterious force pulls you upwards. The hatch slams shut behind you.
You see here a +2 great sword of flaming.
You see here a +0 troll leather armour.
Magic restored.
There is a large open door, spattered with blood here.
You see here a +0 troll leather armour.
Things that are here:
a +0 chain mail; a +0 halberd You see here a +0 dire flail.
You see here a +2 battleaxe of freezing.
There is a stone staircase leading up, spattered with blood here.
You climb upwards.
There is a stone staircase leading down here.
You see here a +0 robe.
You regained 9 hp, and now have 204/217 hp.
MP restored: 46
There is a stone staircase leading up here.
You climb upwards.
There is a stone staircase leading down here.
You regained 5 hp, and now have 209/217 hp.
HP restored.
A soul eater comes into view.
Health restored: 217 A soul eater is nearby!
Casting: Fire Storm (dangerous; 6% risk of failure)
Confirm with . or Enter, or press ? or * to list all spells.
Aiming: Fire Storm (dangerous; 6% risk of failure)
Press: ? - help, Dir - move target You feel a surge of power!
A raging storm of fire appears!
The great blast of fire engulfs the soul eater!!!!
You kill the soul eater!
Sif Muna accepts your kill.
You now have 38/46 mp.
Casting: Fire Storm (dangerous; 6% risk of failure)
Confirm with . or Enter, or press ? or * to list all spells.
You don't know that spell.
You can't go up here!
Unknown command.
Magic restored.
An Executioner comes into view.
MP restored: 46 Unknown command.
An Executioner is nearby!
Casting: Fire Storm (dangerous; 6% risk of failure)
Confirm with . or Enter, or press ? or * to list all spells.
Aiming: Fire Storm (dangerous; 6% risk of failure)
Press: ? - help, Dir - move target You feel a surge of power!
A raging storm of fire appears!
The great blast of fire engulfs the Executioner!!!
The Executioner partially resists.
The Executioner is severely wounded.
You now have 38/46 mp.
Casting: Fire Storm (dangerous; 6% risk of failure)
Confirm with . or Enter, or press ? or * to list all spells.
Aiming: Fire Storm (dangerous; 6% risk of failure)
Press: ? - help, Dir - move target You feel a surge of power!
A raging storm of fire appears!
The great blast of fire engulfs the Executioner!!!
The Executioner partially resists.
You kill the Executioner!
Sif Muna accepts your kill.
You now have 30/46 mp.
Okay, then.
Things that are here:
a +0 dire flail; a +0 dire flail You swap places.
There is a staircase back to the Dungeon, spattered with blood here.
You climb upwards.
Welcome back to the Dungeon!
Beware, you cannot shaft yourself on this level.
Your summoned ally is left behind.
There is a staircase to the Depths here.
You regained 2 mp, and now have 36/46 mp.
There is an open door here.
There is an open door here.
A demonspawn blood saint and a balrug come into view.
The balrug is wielding a +2 demon whip of venom.
The demonspawn blood saint shouts!
The balrug shouts!
MP restored: 46
Casting: Fire Storm (dangerous; 6% risk of failure)
Confirm with . or Enter, or press ? or * to list all spells.
Aiming: Fire Storm (dangerous; 6% risk of failure)
Press: ? - help, Dir - move target You feel a surge of power!
A raging storm of fire appears!
The great blast of fire engulfs the demonspawn blood saint!!!
The demonspawn blood saint partially resists.
The demonspawn blood saint is severely wounded.
The demonspawn blood saint calls on the powers of chaos!
The balrug suddenly seems more resistant.
You now have 38/46 mp.
Casting: Fire Storm (dangerous; 6% risk of failure)
Confirm with . or Enter, or press ? or * to list all spells.
Aiming: Fire Storm (dangerous; 6% risk of failure)
Press: ? - help, Dir - move target You feel a surge of power!
A raging storm of fire appears!
The great blast of fire engulfs the demonspawn blood saint!!
The demonspawn blood saint partially resists.
You kill the demonspawn blood saint!
Sif Muna accepts your kill.
A demonspawn corrupter comes into view.
It is wielding a +1 demon blade of venom.
You now have 29/46 mp.
Casting: Fire Storm (dangerous; 6% risk of failure)
Confirm with . or Enter, or press ? or * to list all spells.
Aiming: Fire Storm (dangerous; 6% risk of failure)
Press: ? - help, Dir - move target You feel a surge of power!
A raging storm of fire appears!
The great blast of fire engulfs the balrug!!
The balrug partially resists.
The balrug is heavily wounded.
You now have 21/46 mp.
Casting: Fire Storm (dangerous; 6% risk of failure)
Confirm with . or Enter, or press ? or * to list all spells.
Aiming: Fire Storm (dangerous; 6% risk of failure)
Press: ? - help, Dir - move target, f - fire vortex
Aim: a fire vortex (flame, friendly)
You feel a surge of power!
A raging storm of fire appears!
Sif Muna accepts your kill.
You feel a bit more experienced.
The great blast of fire engulfs the demonspawn corrupter!!!!
You kill the demonspawn corrupter!
Sif Muna accepts your kill.
You now have 13/46 mp.
Casting: Fire Storm (dangerous; 6% risk of failure)
Confirm with . or Enter, or press ? or * to list all spells.
You draw magical energy from your own body!
You take 10 damage, and have 207/217 hp.
You regained 6 mp, and now have 19/46 mp.
Casting: Sublimation of Blood (safe; 1% risk of failure)
Confirm with . or Enter, or press ? or * to list all spells.
You draw magical energy from your own body!
You take 33 damage, and have 174/217 hp.
MP restored: 46
Casting: Sublimation of Blood (safe; 1% risk of failure)
Confirm with . or Enter, or press ? or * to list all spells.
Your reserves of magic are already full.
Things that are here:
a +1 leather armour of fire resistance; a +0 rapier You swap places.
You swap places.
Aiming: Dig
Press: ? - help, Shift-Dir - straight line A rock wall.
This square is covered in magical glow.
The rock shatters into small pieces.
There is a stone staircase leading up here.
You climb upwards.
There is a stone staircase leading down here.
A Hell Sentinel comes into view.
The Hell Sentinel roars!
There is an open door here.
You regained 3 hp, and now have 184/217 hp.
Okay, then.
Casting: Sublimation of Blood (safe; 1% risk of failure)
Confirm with . or Enter, or press ? or * to list all spells.
Aiming: Fire Storm (dangerous; 6% risk of failure)
Press: ? - help, Dir - move target You feel a surge of power!
A raging storm of fire appears!
The great blast of fire engulfs the Hell Sentinel!
The Hell Sentinel partially resists.
The Hell Sentinel is lightly wounded.
You now have 37/46 mp.
Casting: Fire Storm (dangerous; 6% risk of failure)
Confirm with . or Enter, or press ? or * to list all spells.
Aiming: Fire Storm (dangerous; 6% risk of failure)
Press: ? - help, Dir - move target You feel a surge of power!
A raging storm of fire appears!
The great blast of fire engulfs the Hell Sentinel!!!
The Hell Sentinel partially resists.
The Hell Sentinel is severely wounded.
The Hell Sentinel hits your fire vortex!!
Your fire vortex dissipates!
You now have 29/46 mp.
Casting: Fire Storm (dangerous; 6% risk of failure)
Confirm with . or Enter, or press ? or * to list all spells.
Aiming: Fire Storm (dangerous; 6% risk of failure)
Press: ? - help, Dir - move target You feel a surge of power!
A raging storm of fire appears!
The great blast of fire engulfs the Hell Sentinel!!
The Hell Sentinel partially resists.
The Hell Sentinel is almost dead.
Your fire vortex hits the Hell Sentinel.
Your fire vortex dissipates!
The Hell Sentinel gestures at you.
The sphere of damnation explodes!
The damnation engulfs you!!
You take 21 damage, and have 164/217 hp.
You now have 21/46 mp.
Casting: Fire Storm (dangerous; 6% risk of failure)
Confirm with . or Enter, or press ? or * to list all spells.
Aiming: Fire Storm (dangerous; 6% risk of failure)
Press: ? - help, Dir - move target You feel a surge of power!
A raging storm of fire appears!
The great blast of fire engulfs the Hell Sentinel!!!
The Hell Sentinel partially resists.
You kill the Hell Sentinel!
Sif Muna accepts your kill.
You now have 12/46 mp.
There is an open door here.
There is a stone staircase leading up here.
You climb upwards.
There is a stone staircase leading down here.
You regained 8 hp, and now have 173/217 hp.
You regained 10 mp, and now have 22/46 mp.
You see here a +0 dagger.
There is a stone staircase leading up here.
You climb upwards.
There is a stone staircase leading down here.
You see here a +0 troll leather armour.
You regained 16 hp, and now have 189/217 hp.
You regained 20 mp, and now have 42/46 mp.
Magic restored.
There is a stone staircase leading up here.
You climb upwards.
There is a stone staircase leading down here.
You regained 16 hp, and now have 205/217 hp.
MP restored: 46
There is an open door here.
A reaper comes into view. It is wielding a +1 antimagic scythe.
You regained 6 hp, and now have 211/217 hp.
Okay, then.
Casting: Fire Storm (dangerous; 5% risk of failure)
Confirm with . or Enter, or press ? or * to list all spells.
Aiming: Bombard (mildly dangerous; 1% risk of failure)
Press: ? - help, Shift-Dir - straight line, f - reaper
Aim: a reaper, wielding a +1 antimagic scythe (79% to hit)
The iron shot misses the reaper.
The blast sends you backwards.
You now have 41/46 mp.
Casting: Bombard (mildly dangerous; 1% risk of failure)
Confirm with . or Enter, or press ? or * to list all spells.
Aiming: Bombard (mildly dangerous; 1% risk of failure)
Press: ? - help, Shift-Dir - straight line, f/p - reaper
Aim: a reaper, wielding a +1 antimagic scythe (79% to hit)
The iron shot hits the reaper!!
The reaper is heavily wounded.
The blast sends you backwards.
You now have 35/46 mp.
Casting: Bombard (mildly dangerous; 1% risk of failure)
Confirm with . or Enter, or press ? or * to list all spells.
Aiming: Bombard (mildly dangerous; 1% risk of failure)
Press: ? - help, Shift-Dir - straight line, f/p - reaper
Aim: a reaper, wielding a +1 antimagic scythe (heavily wounded, 79% to hit)
The iron shot hits the reaper!!
You kill the reaper!
Sif Muna accepts your kill. The blast sends you backwards.
You now have 30/46 mp.
Casting: Bombard (mildly dangerous; 1% risk of failure)
Confirm with . or Enter, or press ? or * to list all spells.
You don't know that spell.
You can't go up here!
Unknown command.
You see here a +1 antimagic scythe.
HP restored.
Things that are here:
a +0 giant club; a +0 giant club
There is a stone staircase leading up here.
You see here a +0 troll leather armour.
You climb upwards.
There is a stone staircase leading down here.
Health restored: 217 You regained 10 mp, and now have 40/46 mp.
There is a stone staircase leading up here.
Magic restored.
You climb upwards.
There is a stone staircase leading down here.
MP restored: 46
There is a stone staircase leading up here.
You climb upwards.
There is a stone staircase leading down here.
There is an open door here.
There is an open door here.
A large abomination comes into view.
Okay, then.
Casting: Bombard (mildly dangerous; 1% risk of failure)
Confirm with . or Enter, or press ? or * to list all spells.
Aiming: Bombard (mildly dangerous; 1% risk of failure)
Press: ? - help, Shift-Dir - straight line, f - large abomination
Aim: a large abomination (93% to hit)
The iron shot misses the large abomination.
You now have 40/46 mp.
Casting: Bombard (mildly dangerous; 1% risk of failure)
Confirm with . or Enter, or press ? or * to list all spells.
Aiming: Fire Storm (dangerous; 5% risk of failure)
Press: ? - help, Dir - move target, f/p - large abomination
Aim: a large abomination You feel a surge of power!
A raging storm of fire appears!
The great blast of fire engulfs the large abomination!!!!
You destroy the large abomination!
Sif Muna accepts your kill. The great blast of fire engulfs you!!!
You partially resist.
You are engulfed in blazing flames.
You resist.
You take 58 damage, and have 159/217 hp.
MASSIVE DAMAGE!!
You now have 32/46 mp.
You're standing in a cloud of flame!
You are engulfed in blazing flames.
You resist.
You take 6 damage, and have 153/217 hp.
There is an open door here.
A Hell Sentinel comes into view.
Casting: Fire Storm (dangerous; 5% risk of failure)
Confirm with . or Enter, or press ? or * to list all spells.
Aiming: Fire Storm (dangerous; 5% risk of failure)
Press: ? - help, Dir - move target, f - Hell Sentinel
Aim: a Hell Sentinel You feel a surge of power!
A raging storm of fire appears!
The great blast of fire engulfs the Hell Sentinel!!!
The Hell Sentinel partially resists.
The Hell Sentinel is heavily wounded.
You now have 27/46 mp.
Casting: Fire Storm (dangerous; 5% risk of failure)
Confirm with . or Enter, or press ? or * to list all spells.
Aiming: Fire Storm (dangerous; 5% risk of failure)
Press: ? - help, Dir - move target, f/p - Hell Sentinel
Aim: a Hell Sentinel (flame, moderately wounded)
You feel a surge of power!
Okay, then.
Casting: Fire Storm (dangerous; 5% risk of failure)
Confirm with . or Enter, or press ? or * to list all spells.
Aiming: Bombard (mildly dangerous; 1% risk of failure)
Press: ? - help, Shift-Dir - straight line, f/p - Hell Sentinel
Aim: a Hell Sentinel (flame, moderately wounded, 98% to hit)
The iron shot hits your fire vortex!!!
Your fire vortex dissipates!
You now have 21/46 mp.
Casting: Bombard (mildly dangerous; 1% risk of failure)
Confirm with . or Enter, or press ? or * to list all spells.
Aiming: Bombard (mildly dangerous; 1% risk of failure)
Press: ? - help, Shift-Dir - straight line, f/p - Hell Sentinel
Aim: a Hell Sentinel (flame, moderately wounded, 98% to hit)
The iron shot hits the Hell Sentinel!!!
The Hell Sentinel is severely wounded.
The blast sends you backwards. The Hell Sentinel gestures at you.
The sphere of damnation explodes!
The damnation engulfs you!!
You take 19 damage, and have 137/217 hp.
You now have 16/46 mp.
Casting: Bombard (mildly dangerous; 1% risk of failure)
Confirm with . or Enter, or press ? or * to list all spells.
Aiming: Bombard (mildly dangerous; 1% risk of failure)
Press: ? - help, Shift-Dir - straight line, f/p - Hell Sentinel
Aim: a Hell Sentinel (severely wounded, 98% to hit)
The iron shot hits the Hell Sentinel!!
You kill the Hell Sentinel!
Sif Muna accepts your kill.
You now have 11/46 mp.
There is a stone staircase leading up here.
You regained 3 hp, and now have 141/217 hp.
You regained 4 mp, and now have 15/46 mp.
You climb upwards.
There is a stone staircase leading down here.
You regained 2 hp, and now have 143/217 hp.
You regained 2 mp, and now have 17/46 mp.
You open the door.
You sense a monster nearby.
You regained 3 hp, and now have 146/217 hp.
You regained 5 mp, and now have 22/46 mp.
A rust devil comes into view.
There is an open door here.
Casting: Bombard (mildly dangerous; 1% risk of failure)
Confirm with . or Enter, or press ? or * to list all spells.
You can't see any susceptible monsters within range! (Use Z to cast anyway.) Unknown command.
Casting: Bombard (mildly dangerous; 1% risk of failure)
Confirm with . or Enter, or press ? or * to list all spells.
Aiming: Fire Storm (dangerous; 5% risk of failure)
Press: ? - help, Dir - move target, f - rust devil
Aim: a rust devil You feel a surge of power!
A raging storm of fire appears!
The great blast of fire engulfs the rust devil!!
The rust devil partially resists.
You kill the rust devil!
Sif Muna accepts your kill.
You now have 14/46 mp.
A shadow demon comes into view.
You regained 4 hp, and now have 152/217 hp.
You regained 5 mp, and now have 19/46 mp.
A shadow demon is nearby!
Unknown command.
Casting: Fire Storm (dangerous; 5% risk of failure)
Confirm with . or Enter, or press ? or * to list all spells.
Aiming: Bombard (mildly dangerous; 1% risk of failure)
Press: ? - help, Shift-Dir - straight line, f - shadow demon
Aim: a shadow demon (74% to hit)
The iron shot hits the shadow demon!!!
The shadow demon is almost dead.
You now have 14/46 mp.
Casting: Bombard (mildly dangerous; 1% risk of failure)
Confirm with . or Enter, or press ? or * to list all spells.
You draw magical energy from your own body!
Your fire vortex hits the shadow demon.
Your fire vortex burns the shadow demon!
The shadow demon dies!
Sif Muna accepts your kill.
Your fire vortex dissipates!
You take 11 damage, and have 141/217 hp.
You regained 9 mp, and now have 23/46 mp.
Casting: Sublimation of Blood (safe; 1% risk of failure)
Confirm with . or Enter, or press ? or * to list all spells.
You can't see any susceptible monsters within range! (Use Z to cast anyway.) Unknown command.
There is an open door here.
There is a stone staircase leading up here.
You climb upwards.
There is a stone staircase leading down here.
You regained 14 hp, and now have 155/217 hp.
You regained 19 mp, and now have 42/46 mp.
Magic restored.
There is a stone staircase leading up here.
You climb upwards.
There is a stone staircase leading down here.
You regained 22 hp, and now have 177/217 hp.
MP restored: 46 A shadow demon comes into view.
You regained 19 hp, and now have 196/217 hp.
A shadow demon is nearby!
Casting: Sublimation of Blood (safe; 1% risk of failure)
Confirm with . or Enter, or press ? or * to list all spells.
Aiming: Bombard (mildly dangerous; 1% risk of failure)
Press: ? - help, Shift-Dir - straight line, f - shadow demon
Aim: a shadow demon (74% to hit)
The iron shot misses the shadow demon.
The blast sends you backwards.
You now have 41/46 mp.
Casting: Bombard (mildly dangerous; 1% risk of failure)
Confirm with . or Enter, or press ? or * to list all spells.
Aiming: Bombard (mildly dangerous; 1% risk of failure)
Press: ? - help, Shift-Dir - straight line, f/p - shadow demon
Aim: a shadow demon (74% to hit)
The iron shot misses the shadow demon.
The blast sends you backwards.
You now have 35/46 mp.
Casting: Bombard (mildly dangerous; 1% risk of failure)
Confirm with . or Enter, or press ? or * to list all spells.
Aiming: Bombard (mildly dangerous; 1% risk of failure)
Press: ? - help, Shift-Dir - straight line, f/p - shadow demon
Aim: a shadow demon (74% to hit)
The iron shot hits the shadow demon!!
The shadow demon is almost dead.
The blast sends you backwards.
You now have 30/46 mp.
Casting: Bombard (mildly dangerous; 1% risk of failure)
Confirm with . or Enter, or press ? or * to list all spells.
Aiming: Bombard (mildly dangerous; 1% risk of failure)
Press: ? - help, Shift-Dir - straight line, f/p - shadow demon
Aim: a shadow demon (severely wounded, 74% to hit)
The iron shot hits the shadow demon!!!
You kill the shadow demon!
Sif Muna accepts your kill.
You now have 25/46 mp.
Items here: ))) [.
Things that are here:
a +0 hand axe; a +0 club
There is a stone staircase leading up here.
You climb upwards.
There is a stone staircase leading down here.
You regained 3 hp, and now have 201/217 hp.
You regained 4 mp, and now have 29/46 mp.
There is a stone staircase leading up here.
You climb upwards.
There is a stone staircase leading down here.
You regained 7 hp, and now have 208/217 hp.
You regained 9 mp, and now have 38/46 mp.
Magic restored.
An angel comes into view. It is wielding a +2 whip of holy wrath.
You regained 7 hp, and now have 215/217 hp.
MP restored: 46
Okay, then.
Casting: Bombard (mildly dangerous; 1% risk of failure)
Confirm with . or Enter, or press ? or * to list all spells.
Aiming: Fire Storm (dangerous; 5% risk of failure)
Press: ? - help, Dir - move target, f - angel
Aim: an angel, wielding a +2 whip of holy wrath and wearing a +0 robe (haloed)
You feel a surge of power!
A raging storm of fire appears!
The great blast of fire engulfs the angel!!!!
You kill the angel!
Sif Muna accepts your kill.
You now have 38/46 mp.
HP restored.
There is a stone staircase leading up here.
You climb upwards.
There is a stone staircase leading down here.
Health restored: 217 You regained 3 mp, and now have 41/46 mp.
There is an open door here.
Magic restored.
A Brimstone Fiend comes into view.
MP restored: 46
Casting: Fire Storm (dangerous; 5% risk of failure)
Confirm with . or Enter, or press ? or * to list all spells.
Aiming: Fire Storm (dangerous; 5% risk of failure)
Press: ? - help, Dir - move target You feel a surge of power!
A raging storm of fire appears!
The great blast of fire engulfs the Brimstone Fiend!!!
The Brimstone Fiend partially resists.
The Brimstone Fiend is almost dead.
You now have 37/46 mp.
Casting: Fire Storm (dangerous; 5% risk of failure)
Confirm with . or Enter, or press ? or * to list all spells.
Aiming: Fire Storm (dangerous; 5% risk of failure)
Press: ? - help, Dir - move target You feel a surge of power!
A raging storm of fire appears!
The great blast of fire engulfs the Brimstone Fiend!!!
The Brimstone Fiend partially resists.
You kill the Brimstone Fiend!
Sif Muna accepts your kill.
You now have 29/46 mp.
There is a stone staircase leading up here.
You regained 4 mp, and now have 33/46 mp.
You climb upwards.
There is a stone staircase leading down here.
You regained 2 mp, and now have 35/46 mp.
Magic restored.
You sense a monster nearby.
MP restored: 46 A hell beast comes into view.
The hell beast moves out of view.
Casting: Fire Storm (dangerous; 5% risk of failure)
Confirm with . or Enter, or press ? or * to list all spells.
Aiming: Fire Storm (dangerous; 5% risk of failure)
Press: ? - help, Dir - move target You feel a surge of power!
A raging storm of fire appears!
The great blast of fire engulfs the hell beast!!!!
You kill the hell beast!
Sif Muna accepts your kill.
You now have 38/46 mp.
There is a staircase leading out of the dungeon here.
MP restored: 46 You have escaped!

##..###.#.....#.........
#..##.....#####.########
##.##...#...## #.#
#..#...###...# ###
#.##...# #...#
#.##..#####..## ######
#.#...........# #....#
#.#...........#
#....###.#.⌠...@...⌠.#
#....#...#...........#
#....#...#...........#
#....#...####..#..####
##..).#...#####...##
.#....#.#....#.....#
.#......#.##.....###
.#....#.#.########
.##.###.#.#


There were no monsters in sight!

Vanquished Creatures
  the Royal Jelly (Slime:5)
  10 dread liches
  A pandemonium lord (Zot:5)
  5 orbs of fire
  Tiamat (Zot:1)
  3 ancient liches
  Mennas (Vaults:2)
  The ghost of Nacytt the Conqueror, a legendary MiFi of Cheibriados (Zot:4)
  Mara (Depths:1)
  The ghost of Gexkuux the Wrestler, a master TrFi of Okawaru (Zot:2)
  Boris (twice) (Vaults:4 Crypt:3)
  A shard shrike (Depths:3)
  The ghost of Tazok the Minotaur Barricade, a veteran MiCA of Jiyva (Depths:4)
  6 Killer Klowns
  the Lernaean hydra (Swamp:4)
  Saint Roka (Crypt:2)
  2 caustic shrikes (Depths:2)
  9 golden dragons
  2 bone dragons
  2 Brimstone Fiends
  3 electric golems
  A shard shrike zombie (Crypt:2)
  2 hellephants
  4 liches
  14 tentacled monstrosities
  A walking crystal tome (Depths:4)
  3 Hell Sentinels
  Jorgrun (Orc:1)
  2 shard shrike skeletons
  An Ice Fiend (Zot:5)
  27 Orb Guardians
  Mlioglotl (Spider:2)
  A deep elf blademaster (Elf:2)
  13 titans
  A deep elf master archer (Elf:3)
  23 acid blobs
  A walking divine tome (Depths:3)
  14 quicksilver dragons
  An acid blob (shapeshifter) (D:11)
  An Executioner (Depths:1)
  5 death cobs
  5 sphinxes
  The ghost of PublicAnimeNo1 the Severer, an adept MiFi of Okawaru (Swamp:4)
  7 tengu reavers
  16 storm dragons
  The ghost of alcopop the Crack Shot, an adept SpHu of Okawaru (Vaults:2)
  A thorn hunter (Swamp:4)
  Agnes (Spider:3)
  12 shadow dragons
  6 draconian monks
  Aizul (Crypt:1)
  12 azure jellies
  Donald (Spider:3)
  A frost giant (shapeshifter) (Vaults:5)
  21 vault wardens
  5 deep elf sorcerers (Elf:3)
  17 rockslimes
  4 emperor scorpions
  11 fire giants
  3 iron dragons
  A balrug (D:15)
  The ghost of Deul the Acrobat, an adept FeBe of Trog (Vaults:1)
  6 draconian scorchers
  The ghost of Qagg the Unseen, an adept KoBe of Trog (Swamp:4)
  3 draconian knights
  6 ghost moths
  3 deep elf elementalists (Elf:3)
  A juggernaut zombie (Depths:2)
  9 frost giants
  A caustic shrike zombie (Crypt:3)
  6 draconian shifters
  A demonspawn corrupter (D:15)
  4 orc warlords
  3 curse skulls
  7 draconian annihilators
  7 draconian stormcallers
  5 ghouls
  An angel (D:3)
  8 war gargoyles
  A demonspawn blood saint (D:15)
  10 quicksilver oozes
  10 spriggan defenders
  6 stone giants
  10 very ugly things
  15 formless jellyfish
  7 ironbound thunderhulks
  21 ironbound preservers
  11 green draconians
  2 deep elf demonologists (Elf:3)
  A broodmother (Spider:1)
  8 vampire knights
  9 reapers
  18 black draconians
  A rockslime zombie (Crypt:1)
  7 dire elephants
  6 eleionomae
  11 deep elf annihilators
  4 bunyips
  12 white draconians
  9 red draconians
  13 yellow draconians
  24 purple draconians
  4 spark wasps
  10 deep elf death magi
  A crystal guardian (Vaults:4)
  A green death (Zot:1)
  A quicksilver dragon zombie (Crypt:3)
  An ettin (shapeshifter) (Vaults:5)
  9 ettins
  The ghost of justnoob the Skirmisher, a journeyman DEAr of Cheibriados (D:14)
  11 fire dragons
  7 deep elf high priests
  14 eidola
  A mummy priest (Crypt:3)
  A merfolk javelineer (Depths:1)
  Josephine (D:12)
  A jiangshi (Crypt:1)
  An entropy weaver (shapeshifter) (Depths:2)
  11 entropy weavers
  18 great orbs of eyes
  6 ice dragons
  2 rakshasas
  2 quicksilver dragon skeletons (Crypt:1)
  14 yaktaur captains
  A peacekeeper (Vaults:4)
  A salamander tyrant (Depths:3)
  7 ironbound frosthearts
  22 hydras
  3 ogre magi
  35 vault guards
  A catoblepas (D:13)
  2 ghost crabs
  A hell beast (D:1)
  3 radroaches (Spider:2)
  3 centaur warriors
  5 jorogumos
  3 spriggan skeletons
  5 boulder beetles
  9 spriggan air magi
  15 two-headed ogres
  7 alligators
  25 dancing weapons
  2 death knights
  A fenstrider witch skeleton (Crypt:3)
  14 demonic crawlers
  10 spriggan berserkers
  7 tengu warriors
  14 hell hogs
  3 thrashing horrors (Lair:5)
  8 deep troll shamans
  2 vampire magi
  2 titan zombies
  22 hell knights
  4 death yaks (IceCv)
  8 deep troll earth magi
  Urug (Lair:2)
  9 soul eaters
  A storm dragon zombie (Crypt:3)
  A titan skeleton (Crypt:3)
  Nergalle (D:12)
  20 deep elf knights
  11 iron trolls
  6 goliath frogs
  8 pharaoh ants
  A skyshark (Lair:2)
  14 skeletal warriors (Crypt:1)
  4 sun moths
  2 glowing orange brains
  9 orb spiders
  10 swamp dragons
  6 spriggan druids
  68 deep trolls
  6 flayed ghosts
  A death drake (Swamp:3)
  A sea snake (shapeshifter) (D:14)
  3 anaconda zombies (Crypt:3)
  A shadow demon (D:5)
  2 swamp dragons (shapeshifter)
  4 wizards
  9 deep elf archers
  14 phantasmal warriors
  A mana viper (shapeshifter) (Lair:5)
  26 ironbound convokers
  4 harpies (Vaults:4)
  A golden dragon skeleton (Depths:2)
  12 bog bodies
  18 necromancers
  5 steelbarb worms
  A bunyip skeleton (Crypt:3)
  A shadow dragon zombie (Depths:3)
  35 ugly things
  22 deep elf zephyrmancers
  6 lindwurms
  3 orc sorcerers
  2 wolf spiders (shapeshifter)
  9 cyclopes
  4 manticores
  22 wolf spiders
  26 deep elf pyromancers
  4 will-o-the-wisps
  A stone giant zombie (Crypt:3)
  A shining eye (shapeshifter) (Vaults:2)
  13 shining eyes
  12 orc knights
  2 manticores (shapeshifter)
  A salamander (Depths:4)
  2 iron dragon skeletons
  34 moths of wrath
  4 black mambas
  An ice statue (IceCv)
  19 vault sentinels
  Maurice (Orc:2)
  A black mamba (shapeshifter) (Lair:5)
  A rust devil (D:7)
  3 eyes of devastation
  7 torpor snails
  4 gargoyles
  2 centaur skeletons (Crypt:3)
  2 molten gargoyles (Depths:3)
  An alligator snapping turtle zombie (Crypt:3)
  A grey draconian zombie (Crypt:1)
  2 smoke demons
  2 dire elephant skeletons (Crypt:3)
  2 unseen horror zombies (D:9)
  A shock serpent skeleton (Crypt:2)
  11 cane toads
  2 rime drakes
  2 unseen horrors
  An efreet (D:14)
  A hellion (Depths:4)
  9 freezing wraiths
  A pale draconian zombie (Crypt:2)
  38 yaktaurs
  A green draconian zombie (Crypt:2)
  2 kobold demonologists
  An alligator snapping turtle skeleton (Crypt:3)
  A yellow draconian skeleton (Crypt:2)
  8 komodo dragons
  An anaconda simulacrum (Crypt:1)
  A bloated husk (Swamp:4)
  A grey draconian skeleton (Crypt:1)
  A minotaur skeleton (Crypt:2)
  A red draconian skeleton (Crypt:2)
  3 tengu conjurers
  3 guardian mummies
  A spectral glowing shapeshifter (Depths:3)
  19 trolls
  14 polar bears (IceCv)
  13 hellwings (Crypt:3)
  16 meliai
  A queen bee (shapeshifter) (Elf:1)
  6 tyrant leeches
  37 tarantellas
  A wind drake (shapeshifter) (Vaults:5)
  2 raiju (Lair:5)
  33 blink frogs
  A hydra zombie (Crypt:3)
  9 dream sheep
  A hydra skeleton (Crypt:3)
  A fire giant simulacrum (Depths:2)
  29 hornets
  2 radroach zombies (Crypt:1)
  A death drake skeleton (Crypt:2)
  2 large abominations
  2 ettin zombies (Crypt:3)
  9 flying skulls
  2 centaur simulacra (D:15)
  23 jumping spiders
  3 vampires
  13 wraiths
  3 air elementals
  27 culicivoras
  33 spriggans
  2 water elementals
  6 fire dragon skeletons (Crypt:1)
  5 shadows
  136 slime creatures
  A yak (shapeshifter) (D:15)
  2 wyverns
  A ynoxinul (Lair:5)
  A basilisk (shapeshifter) (Elf:2)
  7 basilisks
  88 yaks
  Grum (D:10)
  14 golden eyes
  4 vampire mosquitoes
  2 fire elementals
  55 redbacks
  10 small abominations (Lair:5)
  2 steam dragons
  2 chaos spawn (Lair:5)
  A glowing shapeshifter zombie (Crypt:2)
  17 swamp worms
  4 wargs
  An acid dragon (D:8)
  A deep troll zombie (Crypt:3)
  A deep troll skeleton (Crypt:1)
  23 orc warriors
  16 water moccasins
  4 ice beasts (D:6)
  A meliai simulacrum (D:15)
  4 floating eyes
  2 sky beasts
  A black bear (D:5)
  11 swamp drakes
  27 ogres
  30 wolves
  2 centaurs
  A phantom (D:3)
  2 kobold brigands
  A draconian zombie (Crypt:1)
  A two-headed ogre simulacrum (D:11)
  10 bullfrogs
  2 gnoll sergeants
  4 necrophages
  2 glowing shapeshifter simulacra (Depths:3)
  An earth elemental (Elf:1)
  5 scorpions
  A human simulacrum (Depths:3)
  5 wights
  5 wyvern skeletons (Crypt:3)
  A swamp dragon simulacrum (Crypt:1)
  4 killer bees (D:11)
  A howler monkey (D:6)
  A wolf skeleton (Crypt:2)
  7 centaur zombies
  4 hounds
  A jelly (D:6)
  16 orc priests
  2 gnoll boudas
  A human zombie (D:9)
  19 orc wizards
  Terence (D:3)
  9 iguanas
  A sleepcap (D:5)
  A boggart zombie (D:15)
  A spriggan simulacrum (D:11)
  A killer bee zombie (D:9)
  A deep dwarf zombie (Crypt:1)
  A mummy (Crypt:3)
  3 howler monkey zombies (D:9)
  17 gnolls
  6 adders
  2 naga simulacra (D:11)
  A shadow imp (D:5)
  A white imp (D:8)
  2 ufetubi
  3 worms
  78 orcs
  8 ball pythons
  A bat (shapeshifter) (Vaults:2)
  6 endoplasms
  5 giant cockroaches
  8 goblins
  3 hobgoblins
  2 jackals (D:5)
  11 kobolds
  2 quokkas
  5 bats
  An endoplasm zombie (Crypt:2)
  4 frilled lizards
  6 rats
  A fire vortex (D:8)
2653 creatures vanquished.

Vanquished Creatures (collateral kills)
  A green draconian (Zot:3)
  A red draconian (Zot:5)
  A shadow demon (D:7)
3 creatures vanquished.

Vanquished Creatures (others)
  A bog body (Swamp:4)
  A human (D:5)
  A wight (D:6)
  An orc priest (Orc:1)
  125 fire vortices
  9 foxfires
138 creatures vanquished.

Grand Total: 2794 creatures vanquished

Notes
Turn   | Place    | Note
-------+----------+-------------------------------------------
     0 | D:1      | steven32 the Formicid Necromancer began the quest for the
                  | Orb.
     0 | D:1      | Reached XP level 1. HP: 13/13 MP: 3/3
   262 | D:1      | Reached skill level 1 in Fighting
   407 | D:1      | Reached XP level 2. HP: 21/21 MP: 0/5
  1222 | D:2      | Reached XP level 3. HP: 28/28 MP: 2/6
  1406 | D:2      | Identified the +2 hand axe of the Hand {vamp, rN+}
  1626 | D:2      | Got a black book
  1828 | D:2      | Found a faded altar of an unknown god.
  2092 | D:3      | Noticed Terence
  2258 | D:3      | Reached XP level 4. HP: 36/36 MP: 2/7
  2540 | D:3      | Noticed an ogre
  2756 | D:3      | Identified the +4 ring mail of Inference {Int+2}
  2932 | D:3      | Killed Terence
  2933 | D:3      | Reached XP level 5. HP: 43/43 MP: 4/8
  3016 | D:3      | HP: 1/43 [ogre/+0 giant club (27)]
  3023 | D:3      | Killed an ogre
  3024 | D:3      | Reached skill level 5 in Fighting
  3423 | D:3      | Learned a level 2 spell: Scorch
  3460 | D:4      | Noticed a phantom
  3515 | D:4      | Reached XP level 6. HP: 52/52 MP: 5/9
  3555 | D:4      | Noticed an ogre
  3858 | D:4      | Found a shimmering blue altar of Sif Muna.
  3896 | D:4      | Became a worshipper of Sif Muna the Loreminder
  3936 | D:4      | Killed an ogre
  4092 | D:4      | Reached XP level 7. HP: 57/57 MP: 1/10
  4784 | D:5      | Entered Level 5 of the Dungeon
  5612 | D:5      | Reached skill level 5 in Fire Magic
  6115 | D:5      | Reached XP level 8. HP: 64/64 MP: 2/11
  6337 | D:5      | Reached * piety under Sif Muna
  6739 | D:5      | Reached skill level 5 in Spellcasting
  6814 | D:5      | Found an ancient bone altar of Kikubaaqudgha.
  6815 | D:5      | Noticed a human
  6817 | D:5      | Killed a human
  6892 | D:5      | Found a radiant altar of Vehumet.
  7243 | D:6      | Reached skill level 2 in Invocations
  7324 | D:6      | Reached skill level 3 in Invocations
  7324 | D:6      | Reached XP level 9. HP: 69/69 MP: 13/18
  7439 | D:6      | Reached skill level 4 in Invocations
  7607 | D:6      | Reached skill level 5 in Invocations
  7764 | D:6      | Reached skill level 6 in Invocations
  7769 | D:6      | Learned a level 4 spell: Sticky Flame
  7806 | D:6      | Reached skill level 1 in Conjurations
  8395 | D:6      | Found an ornate altar of the Wu Jian Council.
  9465 | D:7      | Reached skill level 5 in Conjurations
  9809 | D:7      | Reached XP level 10. HP: 67/76 MP: 12/19
  9894 | D:7      | Found a staircase to the Ecumenical Temple.
  9932 | D:7      | Found a hide-covered altar of Uskayaw.
 10257 | D:7      | Reached skill level 7 in Invocations
 10690 | D:8      | Noticed a kobold demonologist
 10700 | D:8      | Killed a kobold demonologist
 10701 | D:8      | Reached skill level 8 in Invocations
 11059 | D:8      | Found a flagged portal.
 11124 | Bailey   | Entered a bailey
 11155 | Bailey   | Reached ** piety under Sif Muna
 11382 | Bailey   | Learned a level 5 spell: Fireball
 12153 | Bailey   | Noticed an orc knight
 12298 | Bailey   | Noticed an orc knight
 12330 | Bailey   | Killed an orc knight
 12451 | Bailey   | Killed an orc knight
 13442 | D:9      | Found a stormy altar of Qazlal.
 13583 | D:9      | Noticed a two-headed ogre
 13588 | D:9      | Killed a two-headed ogre
 13589 | D:9      | Reached XP level 11. HP: 81/81 MP: 2/20
 13935 | D:9      | Found a staircase to the Lair.
 14042 | D:9      | Identified the +0 leather armour of Dopsath {rC- Str+3}
 14709 | D:9      | Found a basalt altar of Yredelemnul.
 14929 | D:9      | Identified the +5 ring mail of the Centipede {rElec}
 15241 | D:9      | Found an iron altar of Okawaru.
 15498 | D:9      | Reached skill level 1 in Armour
 15841 | D:10     | Entered Level 10 of the Dungeon
 15845 | D:10     | Found the +6 shillelagh "Devastator" {shatter}
 16205 | D:10     | Found a shadowy altar of Dithmenos.
 16205 | D:10     | Noticed Grum
 16208 | D:10     | Killed Grum
 16652 | D:10     | Found a glowing golden altar of the Shining One.
 16653 | D:10     | Found an opulent altar of Gozag.
 17001 | D:10     | Noticed a two-headed ogre
 17006 | D:10     | Killed a two-headed ogre
 17007 | D:10     | Reached skill level 5 in Armour
 17297 | D:11     | Found a transporter.
 17299 | D:11     | Noticed a tengu warrior
 17300 | D:11     | Noticed an orc knight
 17301 | D:11     | Noticed a two-headed ogre
 17315 | D:11     | Reached *** piety under Sif Muna
 17315 | D:11     | Noticed a green ugly thing
 17316 | D:11     | Killed a two-headed ogre
 17480 | D:11     | Reached XP level 12. HP: 85/89 MP: 7/21
 17530 | D:11     | Found a transporter.
 17530 | D:11     | Found a transporter.
 17545 | D:11     | Found a transporter.
 17545 | D:11     | Noticed a boulder beetle
 17596 | D:11     | Found a staircase to the Orcish Mines.
 17650 | D:11     | Found a frozen archway.
 17725 | IceCv    | Entered an ice cave
 19873 | IceCv    | Noticed a death yak
 20259 | IceCv    | Killed a death yak
 20301 | IceCv    | Reached skill level 9 in Invocations
 20742 | IceCv    | Noticed a death yak
 20754 | IceCv    | Noticed a death yak
 20767 | IceCv    | Killed a death yak
 20805 | IceCv    | Killed a death yak
 21489 | IceCv    | Reached skill level 10 in Fighting
 21603 | IceCv    | Reached XP level 13. HP: 92/104 MP: 1/26
 21731 | IceCv    | Noticed an ironbound frostheart
 21746 | IceCv    | Killed an ironbound frostheart
 22063 | IceCv    | Noticed an ironbound frostheart
 22188 | IceCv    | Killed an ironbound frostheart
 22679 | IceCv    | Glimpsed the power of Zot.
 22747 | IceCv    | Identified the ring of Darkness {Fly rPois}
 22926 | D:11     | Found a shimmering blue altar of Sif Muna.
 23224 | D:11     | Reached skill level 1 in Evocations
 23537 | D:11     | Found a transporter.
 23695 | D:9      | Reached **** piety under Sif Muna
 23788 | Lair:1   | Entered Level 1 of the Lair of Beasts
 24345 | Lair:1   | Reached skill level 5 in Evocations
 26856 | Lair:2   | Reached XP level 14. HP: 68/115 MP: 9/27
 26981 | Lair:2   | Found a hole to the Spider Nest.
 27083 | Lair:2   | Noticed Urug
 27327 | Lair:2   | Killed Urug
 27646 | Lair:2   | Reached skill level 10 in Conjurations
 28218 | Lair:2   | Reached ***** piety under Sif Muna
 28973 | Lair:3   | Found a staircase to the Swamp.
 30367 | Lair:4   | Identified the +4 scale mail of Plog {Rampage +Inv rElec
                  | Str-2}
 30857 | Lair:5   | Entered Level 5 of the Lair of Beasts
 30860 | Lair:5   | Received a gift from Sif Muna
 31127 | Lair:5   | Learned a level 6 spell: Starburst
 31266 | Lair:5   | Learned a level 3 spell: Stone Arrow
 32597 | Lair:4   | Reached XP level 15. HP: 72/120 MP: 6/28
 32985 | Orc:1    | Entered Level 1 of the Orcish Mines
 33345 | Orc:1    | Identified Kubbeli's Parchment of the Volcano and the
                  | Maleficium (Sif Muna gifted it to you on level 1 of the
                  | Orcish Mines)
 33345 | Orc:1    | Received a gift from Sif Muna
 33597 | Orc:2    | Entered Level 2 of the Orcish Mines
 34063 | Orc:2    | Noticed Maurice
 34063 | Orc:2    | Found a staircase to the Elven Halls.
 34063 | Orc:2    | Found Ziskec's Jewellery Shoppe.
 34518 | Orc:2    | Reached skill level 15 in Conjurations
 34518 | Orc:2    | Reached skill level 1 in Earth Magic
 34749 | Orc:2    | Killed Maurice
 34892 | Orc:2    | Found Mueban's Antique Armour Shoppe.
 34897 | Orc:2    | Found Juhefur's Antique Weapon Shop.
 34907 | Orc:2    | Found Kinusiekk's Weapon Emporium.
 35040 | Orc:2    | Bought a warped scarf for 380 gold pieces
 35040 | Orc:2    | Identified the scarf "Zeisesapsa" {harm, rElec Str-3 Dex+6
                  | Stlth-} (You bought it in a shop on level 2 of the Orcish
                  | Mines)
 35040 | Orc:2    | Bought a pair of jewelled boots for 361 gold pieces
 35040 | Orc:2    | Identified the +1 pair of boots of the Elven Halls {Str+3
                  | Int+3 SInv} (You bought it in a shop on level 2 of the
                  | Orcish Mines)
 35317 | Orc:1    | Noticed Jorgrun
 35323 | Orc:1    | Killed Jorgrun
 35324 | Orc:1    | Reached skill level 5 in Earth Magic
 36068 | D:12     | Noticed Nergalle
 36073 | D:12     | Killed Nergalle
 36483 | D:12     | Identified Sif Muna's Textbook on Power (Sif Muna gifted it
                  | to you on level 12 of the Dungeon)
 36483 | D:12     | Received a gift from Sif Muna
 36595 | D:12     | Noticed Josephine
 36598 | D:12     | Killed Josephine
 38235 | D:13     | Reached XP level 16. HP: 114/127 MP: 18/29
 38263 | D:13     | Reached skill level 10 in Spellcasting
 39456 | D:14     | Identified Sif Muna's Secrets of Concussion (Sif Muna
                  | gifted it to you on level 14 of the Dungeon)
 39456 | D:14     | Received a gift from Sif Muna
 39524 | D:14     | Noticed justnoob's ghost (journeyman DEAr)
 39525 | D:14     | Found a transporter.
 39528 | D:14     | Found a transporter.
 39579 | D:14     | Found a gate leading to a gauntlet.
 39602 | Gauntlet | Entered a Gauntlet
 39602 | Gauntlet | Found a transporter.
 39646 | Gauntlet | Found a transporter.
 39649 | Gauntlet | Found a transporter.
 39650 | Gauntlet | Found a transporter.
 39659 | Gauntlet | Found a transporter.
 39661 | Gauntlet | Found a transporter.
 39662 | Gauntlet | Found a transporter.
 39670 | Gauntlet | Found a transporter.
 39673 | Gauntlet | Found a transporter.
 39674 | Gauntlet | Found a transporter.
 39682 | Gauntlet | Found a transporter.
 39685 | Gauntlet | Found a transporter.
 39686 | Gauntlet | Found a transporter.
 39694 | Gauntlet | Found a transporter.
 40209 | D:14     | Found Qam Sewn's Book Shop.
 41651 | D:14     | Found a gate to the Vaults.
 41685 | D:15     | Entered Level 15 of the Dungeon
 41914 | D:15     | Reached skill level 10 in Fire Magic
 42306 | D:14     | Bought a Necronomicon for 648 gold pieces
 42442 | D:11     | Noticed an iron giant
 42493 | D:11     | an iron giant changed into an acid blob
 42493 | D:11     | Noticed an acid blob (shapeshifter)
 42503 | D:11     | Killed an acid blob
 42911 | D:11     | Learned a level 4 spell: Iskenderun's Mystic Blast
 42918 | D:11     | Learned a level 6 spell: Bombard
 42924 | D:11     | Learned a level 5 spell: Borgnjor's Vile Clutch
 43246 | D:15     | Found a white marble altar of Elyvilon.
 43951 | D:15     | Found a staircase to the Depths.
 44909 | Lair:5   | Found a staircase to the Slime Pits.
 45303 | Lair:5   | Reached skill level 5 in Necromancy
 45303 | Lair:5   | Reached XP level 17. HP: 127/133 MP: 15/33
 45634 | Lair:5   | Found a corrupted altar of Lugonu.
 45635 | Lair:5   | Found a one-way gate to the infinite horrors of the Abyss.
 46524 | Swamp:1  | Entered Level 1 of the Swamp
 47905 | Swamp:1  | Identified the +7 chain mail of Myheowk {Regen+ Stlth+}
 50053 | Swamp:3  | Upgraded the game from 0.31-a0-848-gaac375c to
                  | 0.31-a0-851-g7ff8af7
 50060 | Swamp:3  | Identified Sif Muna's Catalogue of Skeletons and the
                  | Inferno (Sif Muna gifted it to you on level 3 of the Swamp)
 50060 | Swamp:3  | Received a gift from Sif Muna
 50126 | Swamp:3  | Identified the +4 leather armour of Vipruh {Str-2 Int+9
                  | Dex+5}
 50892 | Swamp:3  | Reached skill level 5 in Dodging
 51286 | Swamp:4  | Entered Level 4 of the Swamp
 51356 | Swamp:3  | Learned a level 4 spell: Passage of Golubria
 51527 | Swamp:4  | Noticed a thorn hunter
 51949 | Swamp:4  | Killed a thorn hunter
 52150 | Swamp:4  | Reached XP level 18. HP: 140/140 MP: 28/34
 53256 | Swamp:4  | Reached skill level 1 in Translocations
 53969 | Swamp:4  | Noticed the 27-headed Lernaean hydra
 54171 | Swamp:4  | Killed the 27-headed Lernaean hydra
 54250 | Swamp:4  | Got a decaying rune of Zot
 54415 | Swamp:4  | Found a runed translucent gate.
 54415 | Swamp:4  | Found a runed translucent gate.
 54415 | Swamp:4  | Found a runed translucent gate.
 54416 | Swamp:4  | Noticed PublicAnimeNo1's ghost (adept MiFi)
 54416 | Swamp:4  | Noticed Qagg's ghost (adept KoBe)
 54590 | Swamp:4  | Killed PublicAnimeNo1's ghost
 54591 | Swamp:4  | Reached skill level 5 in Translocations
 54620 | Swamp:4  | Killed Qagg's ghost
 54795 | Swamp:4  | Reached XP level 19. HP: 146/146 MP: 35/35
 54796 | Swamp:4  | Reached XP level 20. HP: 153/153 MP: 36/36
 54903 | Spider:1 | Entered Level 1 of the Spider Nest
 54910 | Spider:1 | Received a gift from Sif Muna
 55536 | Spider:1 | Reached skill level 10 in Translocations
 56097 | Spider:1 | Reached skill level 10 in Invocations
 56816 | Spider:1 | Identified Lamp's Monograph on Flammable Weather (Sif Muna
                  | gifted it to you on level 1 of the Spider Nest)
 56816 | Spider:1 | Received a gift from Sif Muna
 56932 | Spider:1 | Reached skill level 11 in Invocations
 57453 | Spider:2 | Noticed Mlioglotl
 57774 | Spider:2 | Reached skill level 12 in Invocations
 57774 | Spider:2 | Reached XP level 21. HP: 150/159 MP: 7/37
 58002 | Spider:2 | Killed Mlioglotl
 58318 | Spider:2 | Reached skill level 13 in Invocations
 58466 | Spider:2 | Received a gift from Sif Muna
 59785 | Spider:3 | Reached skill level 14 in Invocations
 59992 | Spider:3 | Learned a level 6 spell: Plasma Beam
 60144 | Spider:3 | Noticed Donald
 60148 | Spider:3 | Killed Donald
 60149 | Spider:3 | Reached skill level 1 in Air Magic
 60466 | Spider:3 | Noticed Agnes
 60469 | Spider:3 | Killed Agnes
 61357 | Spider:4 | Entered Level 4 of the Spider Nest
 61362 | Spider:4 | Identified Sif Muna's Volume of Subzero Death (Sif Muna
                  | gifted it to you on level 4 of the Spider Nest)
 61362 | Spider:4 | Received a gift from Sif Muna
 61609 | Spider:4 | Reached skill level 5 in Air Magic
 63554 | Spider:4 | Got a gossamer rune of Zot
 63821 | Elf:1    | Entered Level 1 of the Elven Halls
 64811 | Elf:1    | Reached XP level 22. HP: 150/165 MP: 22/38
 65156 | Elf:1    | Got a black book
 65377 | Elf:1    | Identified Sif Muna's Discourse on Detritus and the Oath
                  | (Sif Muna gifted it to you on level 1 of the Elven Halls)
 65377 | Elf:1    | Received a gift from Sif Muna
 65909 | Elf:2    | Found the +3 warlock's mirror {omnireflect}
 66054 | Elf:2    | Learned a level 3 spell: Ignite Poison
 66058 | Elf:2    | Learned a level 2 spell: Poisonous Vapours
 66612 | Elf:2    | Reached skill level 10 in Air Magic
 66658 | Elf:2    | Reached skill level 1 in Poison Magic
 66852 | Elf:2    | Found a runed translucent gate.
 66853 | Elf:2    | Found a runed translucent gate.
 66853 | Elf:2    | Found a runed translucent gate.
 67006 | Elf:3    | Entered Level 3 of the Elven Halls
 67235 | Elf:3    | Reached skill level 5 in Poison Magic
 68509 | Elf:3    | Identified the amulet "Bobayt" {RegenMP Harm Will+ Slay-3}
 68568 | Elf:3    | Identified the amulet of Greed {RegenMP rC- Str+4}
 68598 | Elf:3    | Identified the ring "Zyetowko" {rCorr Str+3 Int+5 Dex-5}
 68639 | Elf:3    | Identified the ring of Agaghoeq {Int+6 Dex+3}
 68676 | Elf:3    | Identified the +6 spear of the Ageless Quests {drain, rN+}
 68677 | Elf:3    | Identified the ring of Xom's Attic {rCorr Dex+4}
 68696 | Elf:3    | Got a parchment book
 68708 | Elf:3    | Identified the +1 pair of gloves of Recklessness {rF+}
 68793 | Elf:3    | Identified Sif Muna's Information on Mercurial Detritus
                  | (Sif Muna gifted it to you on level 3 of the Elven Halls)
 68793 | Elf:3    | Received a gift from Sif Muna
 68926 | Elf:3    | Identified the +8 mace of Impatience {protect, rElec rC++}
 69442 | Vaults:1 | Entered Level 1 of the Vaults
 70351 | Vaults:1 | Reached skill level 15 in Fighting
 70386 | Vaults:1 | Reached XP level 23. HP: 181/181 MP: 10/39
 70544 | Vaults:1 | Identified the +6 quarterstaff of Destiny {freeze, rF-
                  | Will+ Str+3 Stlth+}
 70840 | Vaults:1 | Identified the +4 dagger "Todgh" {flame, rN+ rCorr}
 70925 | Vaults:1 | Found a runed translucent door.
 70928 | Vaults:1 | Noticed Deul's ghost (adept FeBe)
 71192 | Vaults:1 | Killed Deul's ghost
 71206 | Vaults:1 | Got an uncut book
 71521 | Vaults:2 | Noticed Mennas
 71526 | Vaults:2 | Killed Mennas
 71575 | Vaults:2 | Found Zaumoext's Jewellery Boutique.
 71576 | Vaults:2 | Identified Sif Muna's Anthology of Blinking Conjuration
                  | (Sif Muna gifted it to you on level 2 of the Vaults)
 71576 | Vaults:2 | Received a gift from Sif Muna
 72722 | Vaults:2 | Found a runed translucent gate.
 72722 | Vaults:2 | Found a runed translucent gate.
 72722 | Vaults:2 | Found a runed translucent gate.
 72722 | Vaults:2 | Noticed alcopop's ghost (adept SpHu)
 72907 | Vaults:2 | Killed alcopop's ghost
 73713 | Vaults:3 | Received a gift from Sif Muna
 74170 | Vaults:3 | Reached XP level 24. HP: 197/197 MP: 27/39
 74420 | Vaults:3 | Found a staircase to the Crypt.
 74499 | Vaults:3 | Found a portal to a secret trove of treasure.
 74723 | Vaults:4 | Reached skill level 15 in Fire Magic
 75825 | Vaults:4 | Received a gift from Sif Muna
 75835 | Vaults:4 | Learned a level 2 spell: Sublimation of Blood
 75909 | Vaults:4 | Noticed Boris
 75914 | Vaults:4 | Killed Boris
 76606 | Crypt:1  | Entered Level 1 of the Crypt
 77235 | Crypt:1  | Identified Paimusmi's Incunabulum of Frostbite and Assaults
                  | (Sif Muna gifted it to you on level 1 of the Crypt)
 77235 | Crypt:1  | Received a gift from Sif Muna
 77436 | Crypt:1  | Noticed Aizul
 77439 | Crypt:1  | Killed Aizul
 77460 | Crypt:1  | Reached XP level 25. HP: 204/204 MP: 8/40
 78102 | Crypt:2  | Noticed Saint Roka
 78107 | Crypt:2  | Killed Saint Roka
 78540 | Crypt:2  | Reached skill level 15 in Spellcasting
 78922 | Crypt:2  | Learned a level 8 spell: Ignition
 79164 | Crypt:3  | Entered Level 3 of the Crypt
 79538 | Crypt:3  | Noticed a dread lich
 79542 | Crypt:3  | Killed a dread lich
 79622 | Crypt:3  | Identified Sif Muna's Writings on Striking (Sif Muna gifted
                  | it to you on level 3 of the Crypt)
 79622 | Crypt:3  | Identified Sif Muna's Secrets of the Valley (Sif Muna
                  | gifted it to you on level 3 of the Crypt)
 79622 | Crypt:3  | Identified Sif Muna's Teachings on the Undead Chill (Sif
                  | Muna gifted it to you on level 3 of the Crypt)
 79622 | Crypt:3  | Received a gift from Sif Muna
 79736 | Crypt:3  | Identified the +0 scale mail of the Moon {rC+ rN+ Int+2
                  | Stlth+}
 79987 | Crypt:3  | Noticed Boris
 79992 | Crypt:3  | Killed Boris
 80021 | Crypt:3  | Identified the +2 dagger of a bailey {holy, rF+}
 80148 | Crypt:3  | Found an ancient bone altar of Kikubaaqudgha.
 80424 | Crypt:3  | Found the +8 demon trident "Rift" {distort, reach+}
 80870 | Crypt:3  | Found a staircase to the Tomb.
 82812 | Depths:1 | Entered Level 1 of the Depths
 82989 | Depths:1 | Identified a scroll of acquirement
 82997 | Depths:1 | Acquired a Young Poisoner's Handbook
 83051 | Depths:1 | Identified Sif Muna's Atlas of the Geodesic and Weather
                  | (Sif Muna gifted it to you on level 1 of the Depths)
 83051 | Depths:1 | Identified Sif Muna's Enchiridion on Flashy Wanderlust (Sif
                  | Muna gifted it to you on level 1 of the Depths)
 83051 | Depths:1 | Identified Xiudoac's Guidebook on the Map and Fog (Sif Muna
                  | gifted it to you on level 1 of the Depths)
 83051 | Depths:1 | Identified Sif Muna's Second Course in Sorcery (Sif Muna
                  | gifted it to you on level 1 of the Depths)
 83051 | Depths:1 | Received a gift from Sif Muna
 83232 | Depths:1 | Reached XP level 26. HP: 211/211 MP: 36/45
 83290 | Depths:1 | Reached skill level 10 in Dodging
 83419 | Depths:1 | Found Sieniast's Antique Armour Shop.
 83419 | Depths:1 | Found Riru's Armour Boutique.
 83435 | Depths:1 | Bought a pair of warped boots for 313 gold pieces
 83435 | Depths:1 | Identified the -2 pair of boots of the Endless Expanse
                  | {Harm Str+2} (You bought it in a shop on level 1 of the
                  | Depths)
 83562 | Depths:1 | Found a gateway to Hell.
 83564 | Depths:1 | Noticed Mara
 83568 | Depths:1 | Killed Mara
 83948 | Depths:2 | Found a one-way gateway to a ziggurat.
 84090 | Depths:2 | Identified the +2 cloak of the Unbroken {*Slow rCorr Int+3
                  | Dex+4}
 84127 | Depths:2 | Identified the +3 flail of Syfaef {antimagic, Dex+5}
 85160 | Depths:2 | Found a one-way gate leading to the halls of Pandemonium.
 85764 | Depths:2 | Found a glowing silver altar of Zin.
 86164 | Depths:3 | Identified Cekkoym's Parchment of Airy Bringing Forth (Sif
                  | Muna gifted it to you on level 3 of the Depths)
 86164 | Depths:3 | Identified Sif Muna's Excursus on Black Spells (Sif Muna
                  | gifted it to you on level 3 of the Depths)
 86164 | Depths:3 | Identified Sif Muna's Incunabulum of Cold Putrescence (Sif
                  | Muna gifted it to you on level 3 of the Depths)
 86164 | Depths:3 | Received a gift from Sif Muna
 86434 | Depths:3 | Noticed a shard shrike
 86494 | Depths:3 | Killed a shard shrike
 86747 | Depths:3 | Reached ****** piety under Sif Muna
 86918 | Depths:3 | Reached XP level 27. HP: 193/217 MP: 21/45
 87266 | Depths:3 | Noticed a dread lich
 87271 | Depths:3 | Killed a dread lich
 87271 | Depths:3 | Identified Sif Muna's Meditations on Striking and the
                  | Icicle (Sif Muna gifted it to you on level 3 of the Depths)
 87271 | Depths:3 | Identified Cerebov's Omnibus of the Pyromaniac (Sif Muna
                  | gifted it to you on level 3 of the Depths)
 87271 | Depths:3 | Identified Sif Muna's Papyrus of Support and Interference
                  | (Sif Muna gifted it to you on level 3 of the Depths)
 87271 | Depths:3 | Identified Pety's Encyclopedia of Destruction (Sif Muna
                  | gifted it to you on level 3 of the Depths)
 87271 | Depths:3 | Received a gift from Sif Muna
 87602 | Depths:3 | Found the +2 hood of the Assassin {Detect Stab+ Stlth++}
 87824 | Depths:3 | Identified the +9 great sword "Bouthees" {heavy, *Slow
                  | rElec Str+3}
 87956 | Depths:3 | Identified the staff of Equilibrium {rF+ rC+ Fire}
 88019 | Depths:3 | Identified the amulet of Xoloib Qinu {Faith SInv}
 88106 | Depths:4 | Entered Level 4 of the Depths
 88599 | Depths:4 | Found a runed translucent door.
 88600 | Depths:4 | Noticed Tazok's ghost (veteran MiCA)
 88735 | Depths:4 | Identified Teis's Compilation of Hyperbolic Zombies (Sif
                  | Muna gifted it to you on level 4 of the Depths)
 88735 | Depths:4 | Identified Sif Muna's Elucidation of the Torch (Sif Muna
                  | gifted it to you on level 4 of the Depths)
 88735 | Depths:4 | Identified Sif Muna's Guidebook on Fulmination and Algor
                  | (Sif Muna gifted it to you on level 4 of the Depths)
 88735 | Depths:4 | Identified Sif Muna's Improving Your Wizarding (Sif Muna
                  | gifted it to you on level 4 of the Depths)
 88735 | Depths:4 | Identified Sif Muna's Tome of Charred Spectres (Sif Muna
                  | gifted it to you on level 4 of the Depths)
 88735 | Depths:4 | Identified Orumeox's Notes on Coruscating Spellbinding (Sif
                  | Muna gifted it to you on level 4 of the Depths)
 88735 | Depths:4 | Identified Sif Muna's Handbook of Doomed Gusts (Sif Muna
                  | gifted it to you on level 4 of the Depths)
 88735 | Depths:4 | Identified Sif Muna's Tome of Immolation (Sif Muna gifted
                  | it to you on level 4 of the Depths)
 88735 | Depths:4 | Received a gift from Sif Muna
 89417 | Depths:4 | Found a gate to the Realm of Zot.
 89485 | Depths:4 | Killed Tazok's ghost
 89725 | D:14     | Killed justnoob's ghost
 91107 | Vaults:5 | Entered Level 5 of the Vaults
 91108 | Vaults:5 | Identified Sif Muna's Omnibus of the Pneumatic Dead (Sif
                  | Muna gifted it to you on level 5 of the Vaults)
 91108 | Vaults:5 | Identified Sif Muna's Quarto of Cunning Injury (Sif Muna
                  | gifted it to you on level 5 of the Vaults)
 91108 | Vaults:5 | Identified Sif Muna's Teachings on the Blizzard and
                  | Ectoplasm (Sif Muna gifted it to you on level 5 of the
                  | Vaults)
 91108 | Vaults:5 | Identified Pocwuace's Almanac of Energy (Sif Muna gifted it
                  | to you on level 5 of the Vaults)
 91108 | Vaults:5 | Identified Sif Muna's Almanac of Arcane Weapons and
                  | Translocation (Sif Muna gifted it to you on level 5 of the
                  | Vaults)
 91108 | Vaults:5 | Identified Sif Muna's Commentary on Harmful Fog (Sif Muna
                  | gifted it to you on level 5 of the Vaults)
 91108 | Vaults:5 | Identified Sif Muna's Compilation of the Scorpion and
                  | Trauma (Sif Muna gifted it to you on level 5 of the Vaults)
 91108 | Vaults:5 | Identified Sif Muna's Elucidation of the Barrage (Sif Muna
                  | gifted it to you on level 5 of the Vaults)
 91108 | Vaults:5 | Identified Sif Muna's Reference Book on Company and
                  | Electricity (Sif Muna gifted it to you on level 5 of the
                  | Vaults)
 91108 | Vaults:5 | Identified Sif Muna's Octavo of the Airy Faeries (Sif Muna
                  | gifted it to you on level 5 of the Vaults)
 91108 | Vaults:5 | Received a gift from Sif Muna
 91204 | Vaults:5 | Identified the +0 quarterstaff of Quick Death {venom, rElec
                  | Str+2 Dex+3}
 91628 | Vaults:5 | Noticed a dread lich
 91631 | Vaults:5 | Killed a dread lich
 91897 | Vaults:5 | Noticed an ancient lich
 91901 | Vaults:5 | Killed an ancient lich
 91965 | Vaults:5 | Noticed a dread lich
 91967 | Vaults:5 | Killed a dread lich
 92163 | Vaults:5 | Identified Sif Muna's Incunable of Hazy Causimancy (Sif
                  | Muna gifted it to you on level 5 of the Vaults)
 92163 | Vaults:5 | Identified Sif Muna's Improving Your Hermeneutics (Sif Muna
                  | gifted it to you on level 5 of the Vaults)
 92163 | Vaults:5 | Identified Sif Muna's Codex of the Volley (Sif Muna gifted
                  | it to you on level 5 of the Vaults)
 92163 | Vaults:5 | Identified Lobbong's Vellum of Nauseating Phlogiston (Sif
                  | Muna gifted it to you on level 5 of the Vaults)
 92163 | Vaults:5 | Identified Sif Muna's Elucidation of Excruciating
                  | Execration (Sif Muna gifted it to you on level 5 of the
                  | Vaults)
 92163 | Vaults:5 | Identified Citud's Lessons on the Inflammable Iceberg (Sif
                  | Muna gifted it to you on level 5 of the Vaults)
 92163 | Vaults:5 | Identified Sif Muna's Incunable of the Ashen Salvo (Sif
                  | Muna gifted it to you on level 5 of the Vaults)
 92163 | Vaults:5 | Identified Bopycz Bell's Grimoire of Baneful Transition
                  | (Sif Muna gifted it to you on level 5 of the Vaults)
 92163 | Vaults:5 | Identified Daeczit's Compilation of the Glowing Mortuary
                  | (Sif Muna gifted it to you on level 5 of the Vaults)
 92163 | Vaults:5 | Identified Sif Muna's Notes on Glowing Conjuring (Sif Muna
                  | gifted it to you on level 5 of the Vaults)
 92163 | Vaults:5 | Identified Sif Muna's Essays on the Tropics (Sif Muna
                  | gifted it to you on level 5 of the Vaults)
 92163 | Vaults:5 | Identified Sif Muna's Vellum of the Fiery Cemetery (Sif
                  | Muna gifted it to you on level 5 of the Vaults)
 92163 | Vaults:5 | Identified Sif Muna's Commentary on Poison and Pyromancy
                  | (Sif Muna gifted it to you on level 5 of the Vaults)
 92163 | Vaults:5 | Identified Sif Muna's Compendium of Wounds (Sif Muna gifted
                  | it to you on level 5 of the Vaults)
 92163 | Vaults:5 | Identified Sif Muna's Cyclopedia of Cold and Bedrock (Sif
                  | Muna gifted it to you on level 5 of the Vaults)
 92163 | Vaults:5 | Received a gift from Sif Muna
 92465 | Vaults:5 | Identified the +5 ring mail of the Trilobite {rPois rF+
                  | Str+2}
 92480 | Vaults:5 | Noticed a dread lich
 92488 | Vaults:5 | Killed a dread lich
 92621 | Vaults:5 | Identified the ring "Offipoka" {Fly rElec Str+4 Int-5
                  | Dex+6}
 92947 | Vaults:5 | Noticed a dread lich
 92950 | Vaults:5 | Killed a dread lich
 93529 | Vaults:5 | Identified the +8 plate armour of Uvvigeih {Dex+2}
 93534 | Vaults:5 | Identified the staff of Classification {rC- Int+5 Earth}
 93588 | Vaults:5 | Got a silver rune of Zot
 94042 | Slime:1  | Entered Level 1 of the Pits of Slime
 94266 | Slime:1  | Identified Sif Muna's Vellum of Bones and Power (Sif Muna
                  | gifted it to you on level 1 of the Pits of Slime)
 94266 | Slime:1  | Identified Sif Muna's Omnibus of Lightning and Bolts (Sif
                  | Muna gifted it to you on level 1 of the Pits of Slime)
 94266 | Slime:1  | Identified Sif Muna's Commentary on Feculent Momentum (Sif
                  | Muna gifted it to you on level 1 of the Pits of Slime)
 94266 | Slime:1  | Identified Sif Muna's Collected Works on Breccia (Sif Muna
                  | gifted it to you on level 1 of the Pits of Slime)
 94266 | Slime:1  | Identified Sif Muna's Incunabulum of Striking (Sif Muna
                  | gifted it to you on level 1 of the Pits of Slime)
 94266 | Slime:1  | Identified Sif Muna's Incunabulum of Momentum (Sif Muna
                  | gifted it to you on level 1 of the Pits of Slime)
 94266 | Slime:1  | Identified Sif Muna's Discourse on the Bright Body (Sif
                  | Muna gifted it to you on level 1 of the Pits of Slime)
 94266 | Slime:1  | Identified Sif Muna's Vademecum on Combat Magic (Sif Muna
                  | gifted it to you on level 1 of the Pits of Slime)
 94266 | Slime:1  | Identified Qieg Keonu's Almanac of the Volley and the Blink
                  | Frog (Sif Muna gifted it to you on level 1 of the Pits of
                  | Slime)
 94266 | Slime:1  | Identified Sif Muna's Thoughts on Oxidation (Sif Muna
                  | gifted it to you on level 1 of the Pits of Slime)
 94266 | Slime:1  | Identified Sif Muna's Incunable of the Volley and the
                  | Tektite (Sif Muna gifted it to you on level 1 of the Pits
                  | of Slime)
 94266 | Slime:1  | Identified Sif Muna's Octavo of the Wyrd and the Shift (Sif
                  | Muna gifted it to you on level 1 of the Pits of Slime)
 94266 | Slime:1  | Identified Sif Muna's Spellbook of Burning (Sif Muna gifted
                  | it to you on level 1 of the Pits of Slime)
 94266 | Slime:1  | Identified Sif Muna's Parchment of Numb Combustion (Sif
                  | Muna gifted it to you on level 1 of the Pits of Slime)
 94266 | Slime:1  | Identified Sif Muna's Directory of Fever (Sif Muna gifted
                  | it to you on level 1 of the Pits of Slime)
 94266 | Slime:1  | Identified Sif Muna's Teachings on Brilliant Lava (Sif Muna
                  | gifted it to you on level 1 of the Pits of Slime)
 94266 | Slime:1  | Identified Sif Muna's Disquisition on the Discontinuous
                  | Iceberg (Sif Muna gifted it to you on level 1 of the Pits
                  | of Slime)
 94266 | Slime:1  | Identified Sif Muna's Handbook of Galvanic Unspeakable
                  | Secrets (Sif Muna gifted it to you on level 1 of the Pits
                  | of Slime)
 94266 | Slime:1  | Identified Sif Muna's Thoughts on Assembled Kinetic Energy
                  | (Sif Muna gifted it to you on level 1 of the Pits of Slime)
 94266 | Slime:1  | Identified Sif Muna's Annotations on Arenous Fog (Sif Muna
                  | gifted it to you on level 1 of the Pits of Slime)
 94266 | Slime:1  | Identified Sif Muna's Anthology of Blasting (Sif Muna
                  | gifted it to you on level 1 of the Pits of Slime)
 94266 | Slime:1  | Identified Sif Muna's Papyrus of Wildfire and Calling (Sif
                  | Muna gifted it to you on level 1 of the Pits of Slime)
 94266 | Slime:1  | Received a gift from Sif Muna
 95275 | Slime:3  | Learned a level 9 spell: Fire Storm
 96152 | Slime:3  | Identified Sif Muna's Guide on the Welkin and the Curse
                  | (Sif Muna gifted it to you on level 3 of the Pits of Slime)
 96152 | Slime:3  | Identified Sif Muna's Anthology of the Sixfirhy and the
                  | Damned (Sif Muna gifted it to you on level 3 of the Pits of
                  | Slime)
 96152 | Slime:3  | Identified Sif Muna's Lectures on Injury (Sif Muna gifted
                  | it to you on level 3 of the Pits of Slime)
 96152 | Slime:3  | Identified Sif Muna's Directory of Immolation and Impulse
                  | (Sif Muna gifted it to you on level 3 of the Pits of Slime)
 96152 | Slime:3  | Identified Sif Muna's Dissertation on Cloudy Concussion
                  | (Sif Muna gifted it to you on level 3 of the Pits of Slime)
 96152 | Slime:3  | Identified Sif Muna's Almanac of Hurting and Hyperthermia
                  | (Sif Muna gifted it to you on level 3 of the Pits of Slime)
 96152 | Slime:3  | Identified Sif Muna's Folio of the Phantasmal Compass (Sif
                  | Muna gifted it to you on level 3 of the Pits of Slime)
 96152 | Slime:3  | Identified Sif Muna's Parchment of Bombardment (Sif Muna
                  | gifted it to you on level 3 of the Pits of Slime)
 96152 | Slime:3  | Identified Sif Muna's Discursus on Fulmination (Sif Muna
                  | gifted it to you on level 3 of the Pits of Slime)
 96152 | Slime:3  | Identified Sif Muna's Incunabulum of Power (Sif Muna gifted
                  | it to you on level 3 of the Pits of Slime)
 96152 | Slime:3  | Identified Sif Muna's Grimoire of Rocky Dislocation (Sif
                  | Muna gifted it to you on level 3 of the Pits of Slime)
 96152 | Slime:3  | Identified Jela's Information on the Warped Salamander (Sif
                  | Muna gifted it to you on level 3 of the Pits of Slime)
 96152 | Slime:3  | Identified Retiungarphud's Elucidation of Combat Magic (Sif
                  | Muna gifted it to you on level 3 of the Pits of Slime)
 96152 | Slime:3  | Identified Sif Muna's Precepts of Shadowy Ensorcelling (Sif
                  | Muna gifted it to you on level 3 of the Pits of Slime)
 96152 | Slime:3  | Identified Sif Muna's Grimoire of Charred Astrapomancy (Sif
                  | Muna gifted it to you on level 3 of the Pits of Slime)
 96152 | Slime:3  | Identified Sif Muna's Discourse on Energy (Sif Muna gifted
                  | it to you on level 3 of the Pits of Slime)
 96152 | Slime:3  | Identified Sif Muna's Collected Works on Outbursts (Sif
                  | Muna gifted it to you on level 3 of the Pits of Slime)
 96152 | Slime:3  | Identified Sif Muna's Textbook on Cloudy Infection (Sif
                  | Muna gifted it to you on level 3 of the Pits of Slime)
 96152 | Slime:3  | Identified Sif Muna's Guidebook on Invitation (Sif Muna
                  | gifted it to you on level 3 of the Pits of Slime)
 96152 | Slime:3  | Identified Sif Muna's Secrets of Spelunking and Momentum
                  | (Sif Muna gifted it to you on level 3 of the Pits of Slime)
 96152 | Slime:3  | Identified Sif Muna's Cyclopedia of Fey Superposition (Sif
                  | Muna gifted it to you on level 3 of the Pits of Slime)
 96152 | Slime:3  | Identified Sif Muna's Folio of Changing and the Flock (Sif
                  | Muna gifted it to you on level 3 of the Pits of Slime)
 96152 | Slime:3  | Identified Sif Muna's Book of Changes (Sif Muna gifted it
                  | to you on level 3 of the Pits of Slime)
 96152 | Slime:3  | Identified Sif Muna's Handbook of Vapourous Battling (Sif
                  | Muna gifted it to you on level 3 of the Pits of Slime)
 96152 | Slime:3  | Identified Sif Muna's Secrets of Amorphous Imprecation (Sif
                  | Muna gifted it to you on level 3 of the Pits of Slime)
 96152 | Slime:3  | Identified Sif Muna's Last Elucidation of the Warlock (Sif
                  | Muna gifted it to you on level 3 of the Pits of Slime)
 96152 | Slime:3  | Identified Sif Muna's Compilation of Bolts and
                  | Metamorphosis (Sif Muna gifted it to you on level 3 of the
                  | Pits of Slime)
 96152 | Slime:3  | Identified Sif Muna's Octavo of Conjured Anthracomancy (Sif
                  | Muna gifted it to you on level 3 of the Pits of Slime)
 96152 | Slime:3  | Identified Qatodoida's Spellbook of Cankerous Causimancy
                  | (Sif Muna gifted it to you on level 3 of the Pits of Slime)
 96152 | Slime:3  | Identified Sif Muna's Quarto of Blasted Haze (Sif Muna
                  | gifted it to you on level 3 of the Pits of Slime)
 96211 | Slime:3  | Identified Sif Muna's Anthology of Dark Relocation (Sif
                  | Muna gifted it to you on level 3 of the Pits of Slime)
 96211 | Slime:3  | Identified Sif Muna's Folio of Singed Transmutation (Sif
                  | Muna gifted it to you on level 3 of the Pits of Slime)
 96211 | Slime:3  | Identified Haadou's Elucidation of Accomplices and Flames
                  | (Sif Muna gifted it to you on level 3 of the Pits of Slime)
 96211 | Slime:3  | Identified Sif Muna's Grimoire of the Lethal Brume (Sif
                  | Muna gifted it to you on level 3 of the Pits of Slime)
 96211 | Slime:3  | Identified Sif Muna's Secrets of Thunder (Sif Muna gifted
                  | it to you on level 3 of the Pits of Slime)
 96211 | Slime:3  | Identified Lybiun's Elucidation of Battle Magic (Sif Muna
                  | gifted it to you on level 3 of the Pits of Slime)
 96211 | Slime:3  | Identified Sif Muna's Directory of Indurated Blasting (Sif
                  | Muna gifted it to you on level 3 of the Pits of Slime)
 96211 | Slime:3  | Identified Yssomm's Handbook of Frigid Location (Sif Muna
                  | gifted it to you on level 3 of the Pits of Slime)
 96211 | Slime:3  | Identified Sif Muna's Compilation of Petrous Soot (Sif Muna
                  | gifted it to you on level 3 of the Pits of Slime)
 96211 | Slime:3  | Identified Sif Muna's Almanac of Luminous Apparitions (Sif
                  | Muna gifted it to you on level 3 of the Pits of Slime)
 96211 | Slime:3  | Identified Muclegoc's Compilation of the Missiles (Sif Muna
                  | gifted it to you on level 3 of the Pits of Slime)
 96211 | Slime:3  | Identified Enoum's Octavo of Feathery Bones (Sif Muna
                  | gifted it to you on level 3 of the Pits of Slime)
 96211 | Slime:3  | Identified Sif Muna's Essays on Battle Magic (Sif Muna
                  | gifted it to you on level 3 of the Pits of Slime)
 96211 | Slime:3  | Identified Sif Muna's Lectures on the Lungs and Lamentation
                  | (Sif Muna gifted it to you on level 3 of the Pits of Slime)
 96211 | Slime:3  | Identified Sif Muna's Papyrus of Frost and the Welkin (Sif
                  | Muna gifted it to you on level 3 of the Pits of Slime)
 96211 | Slime:3  | Identified Sif Muna's Folio of Pyromancy and Resurrection
                  | (Sif Muna gifted it to you on level 3 of the Pits of Slime)
 96211 | Slime:3  | Identified Lameit's Codex of the Brilliant Atmosphere (Sif
                  | Muna gifted it to you on level 3 of the Pits of Slime)
 96211 | Slime:3  | Identified Sif Muna's Treatise on Percussion (Sif Muna
                  | gifted it to you on level 3 of the Pits of Slime)
 96211 | Slime:3  | Identified Sif Muna's Almanac of Stormy Shifting (Sif Muna
                  | gifted it to you on level 3 of the Pits of Slime)
 96211 | Slime:3  | Identified Sif Muna's Secrets of Hurting (Sif Muna gifted
                  | it to you on level 3 of the Pits of Slime)
 96211 | Slime:3  | Identified Sif Muna's Arcane Secrets of Theurgy (Sif Muna
                  | gifted it to you on level 3 of the Pits of Slime)
 96211 | Slime:3  | Identified Sif Muna's Tome of Battling and Obstruction (Sif
                  | Muna gifted it to you on level 3 of the Pits of Slime)
 96211 | Slime:3  | Identified Sif Muna's Catalogue of Amalgamated Sparks (Sif
                  | Muna gifted it to you on level 3 of the Pits of Slime)
 96211 | Slime:3  | Identified Sif Muna's Lost Testimony of Morgana le Fay (Sif
                  | Muna gifted it to you on level 3 of the Pits of Slime)
 96211 | Slime:3  | Identified Sif Muna's Parchment of Decompression (Sif Muna
                  | gifted it to you on level 3 of the Pits of Slime)
 96211 | Slime:3  | Identified Sif Muna's Commentary on the Brilliant Inferno
                  | (Sif Muna gifted it to you on level 3 of the Pits of Slime)
 96211 | Slime:3  | Identified Ciretekloa's Tome of Battle Magic (Sif Muna
                  | gifted it to you on level 3 of the Pits of Slime)
 96211 | Slime:3  | Identified Sif Muna's Handbook of Arcane Combat (Sif Muna
                  | gifted it to you on level 3 of the Pits of Slime)
 96211 | Slime:3  | Identified Sif Muna's Anthology of Wanderlust and Force
                  | (Sif Muna gifted it to you on level 3 of the Pits of Slime)
 96212 | Slime:3  | Identified Sif Muna's Quarto of Gases and Wounds (Sif Muna
                  | gifted it to you on level 3 of the Pits of Slime)
 96212 | Slime:3  | Identified Sif Muna's Atlas of the Sun (Sif Muna gifted it
                  | to you on level 3 of the Pits of Slime)
 96212 | Slime:3  | Identified Sif Muna's Parchment of Geometries and Heat (Sif
                  | Muna gifted it to you on level 3 of the Pits of Slime)
 96212 | Slime:3  | Identified Igiluedgh's Exposition on the Morbid Quake (Sif
                  | Muna gifted it to you on level 3 of the Pits of Slime)
 96212 | Slime:3  | Identified Sif Muna's Meditations on the Damaging Legion
                  | (Sif Muna gifted it to you on level 3 of the Pits of Slime)
 96212 | Slime:3  | Identified Sif Muna's Tome of the Voltaic Inferno (Sif Muna
                  | gifted it to you on level 3 of the Pits of Slime)
 96212 | Slime:3  | Identified Sif Muna's Discourse on Topology and Terra Firma
                  | (Sif Muna gifted it to you on level 3 of the Pits of Slime)
 96212 | Slime:3  | Identified Sif Muna's Almanac of United Force (Sif Muna
                  | gifted it to you on level 3 of the Pits of Slime)
 96212 | Slime:3  | Identified Sif Muna's Directory of Arson and Violence (Sif
                  | Muna gifted it to you on level 3 of the Pits of Slime)
 96212 | Slime:3  | Identified Sif Muna's Incunabulum of the Fifth Circle (Sif
                  | Muna gifted it to you on level 3 of the Pits of Slime)
 96212 | Slime:3  | Identified Sif Muna's Intricacies of the Words of Power
                  | (Sif Muna gifted it to you on level 3 of the Pits of Slime)
 96212 | Slime:3  | Identified Sif Muna's Spellbook of Shifting and the Sky
                  | (Sif Muna gifted it to you on level 3 of the Pits of Slime)
 96212 | Slime:3  | Identified Sif Muna's Disquisition on the Torch and
                  | Wanderlust (Sif Muna gifted it to you on level 3 of the
                  | Pits of Slime)
 96212 | Slime:3  | Identified Sif Muna's Almanac of Causimancy (Sif Muna
                  | gifted it to you on level 3 of the Pits of Slime)
 96212 | Slime:3  | Identified Sif Muna's Directory of Blasts and Quicksand
                  | (Sif Muna gifted it to you on level 3 of the Pits of Slime)
 96212 | Slime:3  | Identified Qisheunk's Compendium of Combat Magic and
                  | Jinxing (Sif Muna gifted it to you on level 3 of the Pits
                  | of Slime)
 96212 | Slime:3  | Identified Sif Muna's Volume of Energetic Vapour (Sif Muna
                  | gifted it to you on level 3 of the Pits of Slime)
 96212 | Slime:3  | Identified Sif Muna's Incunable of Confrontation (Sif Muna
                  | gifted it to you on level 3 of the Pits of Slime)
 96212 | Slime:3  | Identified Sif Muna's Discourse on the Fault and the Crypt
                  | (Sif Muna gifted it to you on level 3 of the Pits of Slime)
 96212 | Slime:3  | Identified Sif Muna's Exposition on Trauma (Sif Muna gifted
                  | it to you on level 3 of the Pits of Slime)
 96212 | Slime:3  | Identified Sif Muna's Codex of the Windy Arsonist (Sif Muna
                  | gifted it to you on level 3 of the Pits of Slime)
 96212 | Slime:3  | Identified Wakh's Folio of the Transmuted Sixfirhy (Sif
                  | Muna gifted it to you on level 3 of the Pits of Slime)
 96212 | Slime:3  | Identified Sif Muna's Octavo of the Salvo (Sif Muna gifted
                  | it to you on level 3 of the Pits of Slime)
 96212 | Slime:3  | Identified Sif Muna's Vellum of Snow-white Despair (Sif
                  | Muna gifted it to you on level 3 of the Pits of Slime)
 96212 | Slime:3  | Identified Sif Muna's Discursus on the Sky and the Salvo
                  | (Sif Muna gifted it to you on level 3 of the Pits of Slime)
 96212 | Slime:3  | Identified Sif Muna's Quarto of Hurting (Sif Muna gifted it
                  | to you on level 3 of the Pits of Slime)
 96212 | Slime:3  | Identified Sif Muna's Papyrus of the Red Salvo (Sif Muna
                  | gifted it to you on level 3 of the Pits of Slime)
 96212 | Slime:3  | Identified Fidur's Collected Works on the Lethal Grave (Sif
                  | Muna gifted it to you on level 3 of the Pits of Slime)
 96212 | Slime:3  | Identified Sif Muna's Quarto of the Coals and Space (Sif
                  | Muna gifted it to you on level 3 of the Pits of Slime)
 96212 | Slime:3  | Identified Sif Muna's Verses on Flashy Causimancy (Sif Muna
                  | gifted it to you on level 3 of the Pits of Slime)
 96212 | Slime:3  | Identified Sif Muna's Teachings on Felsic Ectoplasm (Sif
                  | Muna gifted it to you on level 3 of the Pits of Slime)
 96212 | Slime:3  | Identified Sif Muna's Atlas of the Door (Sif Muna gifted it
                  | to you on level 3 of the Pits of Slime)
 96408 | Slime:2  | Identified Sif Muna's Exposition on the Prime Sphinx (Sif
                  | Muna gifted it to you on level 2 of the Pits of Slime)
 96408 | Slime:2  | Identified Sif Muna's Treatise on Burnt Voltage (Sif Muna
                  | gifted it to you on level 2 of the Pits of Slime)
 96408 | Slime:2  | Identified Sif Muna's Discourse on Air (Sif Muna gifted it
                  | to you on level 2 of the Pits of Slime)
 96408 | Slime:2  | Identified Gimoeku's Anthology of Vapourous Changing (Sif
                  | Muna gifted it to you on level 2 of the Pits of Slime)
 96408 | Slime:2  | Identified Sif Muna's Elucidation of the Summer (Sif Muna
                  | gifted it to you on level 2 of the Pits of Slime)
 96408 | Slime:2  | Identified Egoreisuu's Precepts of the Displaced Snake (Sif
                  | Muna gifted it to you on level 2 of the Pits of Slime)
 96408 | Slime:2  | Identified Sif Muna's Omnibus of Frigid Bedrock (Sif Muna
                  | gifted it to you on level 2 of the Pits of Slime)
 96408 | Slime:2  | Identified Xielesko's Book of the Shot and Cleavage (Sif
                  | Muna gifted it to you on level 2 of the Pits of Slime)
 96408 | Slime:2  | Identified Sif Muna's Lessons on Calid Reconstruction (Sif
                  | Muna gifted it to you on level 2 of the Pits of Slime)
 96408 | Slime:2  | Identified Gyaraot's Handbook of Concussion (Sif Muna
                  | gifted it to you on level 2 of the Pits of Slime)
 96408 | Slime:2  | Identified Sif Muna's Omnibus of Phantasmal Trauma (Sif
                  | Muna gifted it to you on level 2 of the Pits of Slime)
 96408 | Slime:2  | Identified Sif Muna's Incunabulum of Ghastly Toxins (Sif
                  | Muna gifted it to you on level 2 of the Pits of Slime)
 96408 | Slime:2  | Identified Sif Muna's Treatise on the Wind and Terrain (Sif
                  | Muna gifted it to you on level 2 of the Pits of Slime)
 96408 | Slime:2  | Identified Sif Muna's Elucidation of Fulgent Immolation
                  | (Sif Muna gifted it to you on level 2 of the Pits of Slime)
 96408 | Slime:2  | Identified Sif Muna's Spellbook of Malediction and the
                  | Graveyard (Sif Muna gifted it to you on level 2 of the Pits
                  | of Slime)
 96408 | Slime:2  | Identified Lugruesu's Precepts of the Distorted Salvo (Sif
                  | Muna gifted it to you on level 2 of the Pits of Slime)
 96408 | Slime:2  | Identified Sif Muna's Incunabulum of Curses and Sculpting
                  | (Sif Muna gifted it to you on level 2 of the Pits of Slime)
 96408 | Slime:2  | Identified Duethramn's Volume of Bright Gases (Sif Muna
                  | gifted it to you on level 2 of the Pits of Slime)
 96408 | Slime:2  | Identified Fyhick's Directory of Hurting (Sif Muna gifted
                  | it to you on level 2 of the Pits of Slime)
 96408 | Slime:2  | Identified Cupi Racvif's Vellum of Wild Elsewhere (Sif Muna
                  | gifted it to you on level 2 of the Pits of Slime)
 96408 | Slime:2  | Identified Sif Muna's Folio of Shadows and Conjuration (Sif
                  | Muna gifted it to you on level 2 of the Pits of Slime)
 96408 | Slime:2  | Identified Vupserr's Writings on Heat and Talus (Sif Muna
                  | gifted it to you on level 2 of the Pits of Slime)
 96408 | Slime:2  | Identified Ucoy's Compendium of Breath (Sif Muna gifted it
                  | to you on level 2 of the Pits of Slime)
 96408 | Slime:2  | Identified Sif Muna's Compilation of Burnt Blows (Sif Muna
                  | gifted it to you on level 2 of the Pits of Slime)
 96408 | Slime:2  | Identified Sif Muna's Folio of Tropical Exhumation (Sif
                  | Muna gifted it to you on level 2 of the Pits of Slime)
 96408 | Slime:2  | Identified Lehudib's Enchiridion on Solid Blasts (Sif Muna
                  | gifted it to you on level 2 of the Pits of Slime)
 96804 | Slime:4  | Identified Sif Muna's Discourse on Roasted Electrocution
                  | (Sif Muna gifted it to you on level 4 of the Pits of Slime)
 96804 | Slime:4  | Identified Sif Muna's Textbook on Dislocated Attacks (Sif
                  | Muna gifted it to you on level 4 of the Pits of Slime)
 96804 | Slime:4  | Identified Sif Muna's Cyclopedia of Execration (Sif Muna
                  | gifted it to you on level 4 of the Pits of Slime)
 96804 | Slime:4  | Identified Ycumir's Volume of Sizzling Attacks (Sif Muna
                  | gifted it to you on level 4 of the Pits of Slime)
 96804 | Slime:4  | Identified Yppon's Catalogue of Galvanic Wounds (Sif Muna
                  | gifted it to you on level 4 of the Pits of Slime)
 96804 | Slime:4  | Identified Sif Muna's Last Wisdom of Boris (Sif Muna gifted
                  | it to you on level 4 of the Pits of Slime)
 96804 | Slime:4  | Identified Sif Muna's Disquisition on Orogeny and
                  | Blasphemous Liturgies (Sif Muna gifted it to you on level 4
                  | of the Pits of Slime)
 96804 | Slime:4  | Identified Sif Muna's Elucidation of Confrontation (Sif
                  | Muna gifted it to you on level 4 of the Pits of Slime)
 96804 | Slime:4  | Identified Daasu's Information on Arcane Weapons and
                  | Detritus (Sif Muna gifted it to you on level 4 of the Pits
                  | of Slime)
 96804 | Slime:4  | Identified Sif Muna's Guide on Discontinuous Ceraunoscopy
                  | (Sif Muna gifted it to you on level 4 of the Pits of Slime)
 96804 | Slime:4  | Identified Sif Muna's Catalogue of Trauma (Sif Muna gifted
                  | it to you on level 4 of the Pits of Slime)
 96804 | Slime:4  | Identified Sif Muna's Omnibus of Silt (Sif Muna gifted it
                  | to you on level 4 of the Pits of Slime)
 96804 | Slime:4  | Identified Sif Muna's Grimoire of Injury (Sif Muna gifted
                  | it to you on level 4 of the Pits of Slime)
 96804 | Slime:4  | Identified Sif Muna's Lectures on Transposed Freezing (Sif
                  | Muna gifted it to you on level 4 of the Pits of Slime)
 96804 | Slime:4  | Identified Sif Muna's Codex of Spellbinding (Sif Muna
                  | gifted it to you on level 4 of the Pits of Slime)
 96804 | Slime:4  | Identified Sif Muna's Grimoire of Igneous Conjuration (Sif
                  | Muna gifted it to you on level 4 of the Pits of Slime)
 96804 | Slime:4  | Identified Sif Muna's Quarto of Trauma (Sif Muna gifted it
                  | to you on level 4 of the Pits of Slime)
 96804 | Slime:4  | Identified Sif Muna's Monograph on Horrible Convocation
                  | (Sif Muna gifted it to you on level 4 of the Pits of Slime)
 96804 | Slime:4  | Identified Sif Muna's Dissertation on the Discharge (Sif
                  | Muna gifted it to you on level 4 of the Pits of Slime)
 96804 | Slime:4  | Identified Sif Muna's Opusculum on Flaming Locality (Sif
                  | Muna gifted it to you on level 4 of the Pits of Slime)
 96804 | Slime:4  | Identified Siusm's Notes on Non-Euclidean Conduction (Sif
                  | Muna gifted it to you on level 4 of the Pits of Slime)
 96804 | Slime:4  | Identified Qisiten's Thoughts on Telluric Pyromania (Sif
                  | Muna gifted it to you on level 4 of the Pits of Slime)
 96804 | Slime:4  | Identified Sif Muna's Vellum of Combat Magic (Sif Muna
                  | gifted it to you on level 4 of the Pits of Slime)
 96804 | Slime:4  | Identified Sif Muna's Writings on Haze (Sif Muna gifted it
                  | to you on level 4 of the Pits of Slime)
 96804 | Slime:4  | Identified Sif Muna's Excursus on Spectral Arcane Weapons
                  | (Sif Muna gifted it to you on level 4 of the Pits of Slime)
 96804 | Slime:4  | Identified Vidiqukh's Compilation of the Hornet (Sif Muna
                  | gifted it to you on level 4 of the Pits of Slime)
 96804 | Slime:4  | Identified Soppoxoj's Parchment of Prime Bedrock (Sif Muna
                  | gifted it to you on level 4 of the Pits of Slime)
 96804 | Slime:4  | Identified Sif Muna's Elucidation of the Inferno and
                  | Spellbinding (Sif Muna gifted it to you on level 4 of the
                  | Pits of Slime)
 96804 | Slime:4  | Identified Sif Muna's Treatise on Ruinous Movement (Sif
                  | Muna gifted it to you on level 4 of the Pits of Slime)
 96804 | Slime:4  | Identified Lunaelyo's Quarto of Soot (Sif Muna gifted it to
                  | you on level 4 of the Pits of Slime)
 96804 | Slime:4  | Identified Sif Muna's Parchment of Battle Magic (Sif Muna
                  | gifted it to you on level 4 of the Pits of Slime)
 96804 | Slime:4  | Identified Zeeh's Folio of the Volley (Sif Muna gifted it
                  | to you on level 4 of the Pits of Slime)
 96804 | Slime:4  | Identified Sif Muna's Tome of the Red-Hot Sphinx (Sif Muna
                  | gifted it to you on level 4 of the Pits of Slime)
 97009 | Slime:5  | Entered Level 5 of the Pits of Slime
 97264 | Slime:5  | Identified Sif Muna's Secrets of Direction and Causimancy
                  | (Sif Muna gifted it to you on level 5 of the Pits of Slime)
 97264 | Slime:5  | Identified Zoifow's Atlas of Momentum and Conduction (Sif
                  | Muna gifted it to you on level 5 of the Pits of Slime)
 97264 | Slime:5  | Identified Sif Muna's Vellum of Arenous Energy (Sif Muna
                  | gifted it to you on level 5 of the Pits of Slime)
 97264 | Slime:5  | Identified Sif Muna's Quarto of Assistive Anthracomancy
                  | (Sif Muna gifted it to you on level 5 of the Pits of Slime)
 97264 | Slime:5  | Identified Sif Muna's Elucidation of the Volley (Sif Muna
                  | gifted it to you on level 5 of the Pits of Slime)
 97264 | Slime:5  | Identified Leepow's Directory of Heated Nonlocality (Sif
                  | Muna gifted it to you on level 5 of the Pits of Slime)
 97264 | Slime:5  | Identified Sif Muna's Parchment of Orientation (Sif Muna
                  | gifted it to you on level 5 of the Pits of Slime)
 97264 | Slime:5  | Identified Sif Muna's Codex of Entranced Conjuring (Sif
                  | Muna gifted it to you on level 5 of the Pits of Slime)
 97264 | Slime:5  | Identified Sif Muna's Opusculum on Searing Wanderlust (Sif
                  | Muna gifted it to you on level 5 of the Pits of Slime)
 97264 | Slime:5  | Identified Sif Muna's Incantation, Part Seven (Sif Muna
                  | gifted it to you on level 5 of the Pits of Slime)
 97264 | Slime:5  | Identified Sif Muna's Lectures on Violence (Sif Muna gifted
                  | it to you on level 5 of the Pits of Slime)
 97264 | Slime:5  | Identified Sif Muna's Octavo of Conjuration and Adjuration
                  | (Sif Muna gifted it to you on level 5 of the Pits of Slime)
 97264 | Slime:5  | Identified Lemo's Collected Works on Silt (Sif Muna gifted
                  | it to you on level 5 of the Pits of Slime)
 97264 | Slime:5  | Identified Siajutwa's Essays on the Lethal Caves (Sif Muna
                  | gifted it to you on level 5 of the Pits of Slime)
 97264 | Slime:5  | Identified Gemauf's Lessons on the Bonfire and the Wayfarer
                  | (Sif Muna gifted it to you on level 5 of the Pits of Slime)
 97264 | Slime:5  | Identified Sif Muna's Disquisition on Power (Sif Muna
                  | gifted it to you on level 5 of the Pits of Slime)
 97264 | Slime:5  | Identified Sif Muna's Precepts of Breath (Sif Muna gifted
                  | it to you on level 5 of the Pits of Slime)
 97264 | Slime:5  | Identified Sif Muna's Omnibus of Fumes (Sif Muna gifted it
                  | to you on level 5 of the Pits of Slime)
 97264 | Slime:5  | Identified Sif Muna's Compendium of the Blaze and Outbursts
                  | (Sif Muna gifted it to you on level 5 of the Pits of Slime)
 97264 | Slime:5  | Identified Sif Muna's Collected Works on Energy (Sif Muna
                  | gifted it to you on level 5 of the Pits of Slime)
 97264 | Slime:5  | Identified Buasm's Elucidation of Conjuration and Breccia
                  | (Sif Muna gifted it to you on level 5 of the Pits of Slime)
 97264 | Slime:5  | Identified Ushrubb's Guide on the Excruciating Geodesic
                  | (Sif Muna gifted it to you on level 5 of the Pits of Slime)
 97264 | Slime:5  | Identified Tasimoib's Directory of Peccant Flame (Sif Muna
                  | gifted it to you on level 5 of the Pits of Slime)
 97264 | Slime:5  | Identified Sif Muna's Compendium of the Rotting Blink Frog
                  | (Sif Muna gifted it to you on level 5 of the Pits of Slime)
 97264 | Slime:5  | Identified Vayfimmo's Catalogue of Wanderlust (Sif Muna
                  | gifted it to you on level 5 of the Pits of Slime)
 97264 | Slime:5  | Identified Sif Muna's Volume of the Slime-mould (Sif Muna
                  | gifted it to you on level 5 of the Pits of Slime)
 97264 | Slime:5  | Identified Xohoy's Parchment of Unfortunate Correspondence
                  | (Sif Muna gifted it to you on level 5 of the Pits of Slime)
 97264 | Slime:5  | Identified Xisaqisk's Catalogue of Fever (Sif Muna gifted
                  | it to you on level 5 of the Pits of Slime)
 97264 | Slime:5  | Identified Xics's Elucidation of Aerial Variation (Sif Muna
                  | gifted it to you on level 5 of the Pits of Slime)
 97264 | Slime:5  | Identified Sif Muna's Anthology of Nausea and the
                  | Salamander (Sif Muna gifted it to you on level 5 of the
                  | Pits of Slime)
 97264 | Slime:5  | Identified Sif Muna's Tractate on Coarse Kinetic Energy
                  | (Sif Muna gifted it to you on level 5 of the Pits of Slime)
 97264 | Slime:5  | Identified Sif Muna's Exposition on Momentum (Sif Muna
                  | gifted it to you on level 5 of the Pits of Slime)
 97264 | Slime:5  | Identified Sif Muna's Precepts of the Hyperbolic Impact
                  | (Sif Muna gifted it to you on level 5 of the Pits of Slime)
 97275 | Slime:5  | Identified Sif Muna's Atlas of Lethal Attendants (Sif Muna
                  | gifted it to you on level 5 of the Pits of Slime)
 97275 | Slime:5  | Identified Sif Muna's Textbook on Bruises (Sif Muna gifted
                  | it to you on level 5 of the Pits of Slime)
 97275 | Slime:5  | Identified Sif Muna's Reference Book on Destruction (Sif
                  | Muna gifted it to you on level 5 of the Pits of Slime)
 97275 | Slime:5  | Identified Sif Muna's Compilation of Blistering Wounds (Sif
                  | Muna gifted it to you on level 5 of the Pits of Slime)
 97275 | Slime:5  | Identified Qekkeor's Volume of Fulgurous Momentum (Sif Muna
                  | gifted it to you on level 5 of the Pits of Slime)
 97275 | Slime:5  | Identified Sif Muna's Compilation of the Volley (Sif Muna
                  | gifted it to you on level 5 of the Pits of Slime)
 97275 | Slime:5  | Identified Sif Muna's Discourse on Fulmination (Sif Muna
                  | gifted it to you on level 5 of the Pits of Slime)
 97275 | Slime:5  | Identified Sif Muna's Incunabulum of Heated Quicksand (Sif
                  | Muna gifted it to you on level 5 of the Pits of Slime)
 97275 | Slime:5  | Identified Sif Muna's Dissertation on Arcane Combat (Sif
                  | Muna gifted it to you on level 5 of the Pits of Slime)
 97275 | Slime:5  | Identified Anuusut's Tome of Kindling (Sif Muna gifted it
                  | to you on level 5 of the Pits of Slime)
 97275 | Slime:5  | Identified Soudiosu's Verses on the Brilliant Flock (Sif
                  | Muna gifted it to you on level 5 of the Pits of Slime)
 97275 | Slime:5  | Identified Sif Muna's Incunable of Fumes and the
                  | Singularity (Sif Muna gifted it to you on level 5 of the
                  | Pits of Slime)
 97275 | Slime:5  | Identified Sif Muna's Verses on Resurrection and the Cwm
                  | (Sif Muna gifted it to you on level 5 of the Pits of Slime)
 97275 | Slime:5  | Identified Sif Muna's Guidebook on Plutonic Conjury (Sif
                  | Muna gifted it to you on level 5 of the Pits of Slime)
 97275 | Slime:5  | Identified Sif Muna's Quarto of Wild Places (Sif Muna
                  | gifted it to you on level 5 of the Pits of Slime)
 97275 | Slime:5  | Identified Sif Muna's Omnibus of Combustion and
                  | Ensorcelling (Sif Muna gifted it to you on level 5 of the
                  | Pits of Slime)
 97275 | Slime:5  | Identified Sif Muna's Octavo of the Incandescent Body (Sif
                  | Muna gifted it to you on level 5 of the Pits of Slime)
 97275 | Slime:5  | Identified Sif Muna's Last Secrets of the Archmage (Sif
                  | Muna gifted it to you on level 5 of the Pits of Slime)
 97275 | Slime:5  | Identified Sif Muna's Guidebook on Hexing Fever (Sif Muna
                  | gifted it to you on level 5 of the Pits of Slime)
 97275 | Slime:5  | Identified Sif Muna's Opusculum on Violent Pyromancy (Sif
                  | Muna gifted it to you on level 5 of the Pits of Slime)
 97275 | Slime:5  | Identified Sif Muna's Volume of Numb Vapour (Sif Muna
                  | gifted it to you on level 5 of the Pits of Slime)
 97275 | Slime:5  | Identified Sif Muna's Quarto of Called Calefaction (Sif
                  | Muna gifted it to you on level 5 of the Pits of Slime)
 97275 | Slime:5  | Identified Sif Muna's Incunable of Spelunking and Shapes
                  | (Sif Muna gifted it to you on level 5 of the Pits of Slime)
 97275 | Slime:5  | Identified Fygakyu's Directory of the Burn and Adjuration
                  | (Sif Muna gifted it to you on level 5 of the Pits of Slime)
 97275 | Slime:5  | Identified Sif Muna's Compilation of Bright Movement (Sif
                  | Muna gifted it to you on level 5 of the Pits of Slime)
 97275 | Slime:5  | Identified Sif Muna's Tome of the Sixfirhy and the Dragon
                  | (Sif Muna gifted it to you on level 5 of the Pits of Slime)
 97275 | Slime:5  | Identified Sif Muna's Atlas of the Shocking Coals (Sif Muna
                  | gifted it to you on level 5 of the Pits of Slime)
 97275 | Slime:5  | Identified Sif Muna's Elucidation of the Wild Autopsy (Sif
                  | Muna gifted it to you on level 5 of the Pits of Slime)
 97365 | Slime:5  | Identified Sif Muna's Secrets of the Dead and Sparks (Sif
                  | Muna gifted it to you on level 5 of the Pits of Slime)
 97365 | Slime:5  | Identified Sif Muna's Grimoire of Anthracomancy (Sif Muna
                  | gifted it to you on level 5 of the Pits of Slime)
 97365 | Slime:5  | Identified Sif Muna's Atlas of the Glowing Squall (Sif Muna
                  | gifted it to you on level 5 of the Pits of Slime)
 97365 | Slime:5  | Identified Sif Muna's Codex of Elsewhere (Sif Muna gifted
                  | it to you on level 5 of the Pits of Slime)
 97365 | Slime:5  | Identified Sif Muna's Almanac of Heavy Trauma (Sif Muna
                  | gifted it to you on level 5 of the Pits of Slime)
 97365 | Slime:5  | Identified Sif Muna's Omnibus of the Loathsome Lithosphere
                  | (Sif Muna gifted it to you on level 5 of the Pits of Slime)
 97365 | Slime:5  | Identified Sif Muna's Compendium of the Fjord (Sif Muna
                  | gifted it to you on level 5 of the Pits of Slime)
 97365 | Slime:5  | Identified Sif Muna's Lectures on the Door (Sif Muna gifted
                  | it to you on level 5 of the Pits of Slime)
 97365 | Slime:5  | Identified Dispater's Guidebook on the Discharge (Sif Muna
                  | gifted it to you on level 5 of the Pits of Slime)
 97365 | Slime:5  | Identified Sif Muna's Octavo of Grey Accomplices (Sif Muna
                  | gifted it to you on level 5 of the Pits of Slime)
 97365 | Slime:5  | Identified Sif Muna's Monograph on the Tincture and
                  | Transformation (Sif Muna gifted it to you on level 5 of the
                  | Pits of Slime)
 97365 | Slime:5  | Identified Witsinei's Textbook on the Volley (Sif Muna
                  | gifted it to you on level 5 of the Pits of Slime)
 97365 | Slime:5  | Identified Sif Muna's Tome of Brilliant Tephra (Sif Muna
                  | gifted it to you on level 5 of the Pits of Slime)
 97365 | Slime:5  | Identified Sif Muna's Notes on Power (Sif Muna gifted it to
                  | you on level 5 of the Pits of Slime)
 97365 | Slime:5  | Identified Sif Muna's Elucidation of the Forceful Sun (Sif
                  | Muna gifted it to you on level 5 of the Pits of Slime)
 97365 | Slime:5  | Identified Sif Muna's Omnibus of Combat Magic and Lightning
                  | (Sif Muna gifted it to you on level 5 of the Pits of Slime)
 97365 | Slime:5  | Identified Sif Muna's Folio of Brilliant Thunder (Sif Muna
                  | gifted it to you on level 5 of the Pits of Slime)
 97365 | Slime:5  | Identified Sif Muna's Precepts of Bringing Forth and the
                  | Salamander (Sif Muna gifted it to you on level 5 of the
                  | Pits of Slime)
 97365 | Slime:5  | Identified Iseadim's Papyrus of the Storm and Configuration
                  | (Sif Muna gifted it to you on level 5 of the Pits of Slime)
 97365 | Slime:5  | Identified Sif Muna's Vellum of Injury (Sif Muna gifted it
                  | to you on level 5 of the Pits of Slime)
 97365 | Slime:5  | Identified Bock's Volume of the Tropics and Destruction
                  | (Sif Muna gifted it to you on level 5 of the Pits of Slime)
 97365 | Slime:5  | Identified Sif Muna's Parchment of the Mortuary Figure (Sif
                  | Muna gifted it to you on level 5 of the Pits of Slime)
 97365 | Slime:5  | Identified Sif Muna's Spellbook of Causimancy and the
                  | Coward (Sif Muna gifted it to you on level 5 of the Pits of
                  | Slime)
 97365 | Slime:5  | Identified Sif Muna's Cyclopedia of Power (Sif Muna gifted
                  | it to you on level 5 of the Pits of Slime)
 97365 | Slime:5  | Identified Nulogh's Tractate on Flaming Blasts (Sif Muna
                  | gifted it to you on level 5 of the Pits of Slime)
 97365 | Slime:5  | Identified Sif Muna's Secrets of Striking (Sif Muna gifted
                  | it to you on level 5 of the Pits of Slime)
 97365 | Slime:5  | Identified Notynaixt's Opusculum on the Missiles (Sif Muna
                  | gifted it to you on level 5 of the Pits of Slime)
 97365 | Slime:5  | Identified Sif Muna's Excursus on Mutable Death (Sif Muna
                  | gifted it to you on level 5 of the Pits of Slime)
 97365 | Slime:5  | Identified Sif Muna's Parchment of Vehement Weather (Sif
                  | Muna gifted it to you on level 5 of the Pits of Slime)
 97365 | Slime:5  | Identified Sif Muna's Compendium of the Lithic Bane (Sif
                  | Muna gifted it to you on level 5 of the Pits of Slime)
 97366 | Slime:5  | Identified Sif Muna's Monograph on Venom and the Wind (Sif
                  | Muna gifted it to you on level 5 of the Pits of Slime)
 97366 | Slime:5  | Identified Sif Muna's Directory of Amalgamated Power (Sif
                  | Muna gifted it to you on level 5 of the Pits of Slime)
 97366 | Slime:5  | Identified Sif Muna's Grimoire of the Barrage (Sif Muna
                  | gifted it to you on level 5 of the Pits of Slime)
 97366 | Slime:5  | Identified Sif Muna's Essays on Rank Geology (Sif Muna
                  | gifted it to you on level 5 of the Pits of Slime)
 97366 | Slime:5  | Identified Sif Muna's Arcane Secrets of Witchcraft (Sif
                  | Muna gifted it to you on level 5 of the Pits of Slime)
 97366 | Slime:5  | Identified Sif Muna's Vellum of Assaults and the Door (Sif
                  | Muna gifted it to you on level 5 of the Pits of Slime)
 97366 | Slime:5  | Identified Atuwasei's Quarto of Places and the Atmosphere
                  | (Sif Muna gifted it to you on level 5 of the Pits of Slime)
 97366 | Slime:5  | Identified Sif Muna's Secrets of Cloudy Left-Handed Rites
                  | (Sif Muna gifted it to you on level 5 of the Pits of Slime)
 97366 | Slime:5  | Identified Sif Muna's Grimoire of the Flashy Geodesic (Sif
                  | Muna gifted it to you on level 5 of the Pits of Slime)
 97366 | Slime:5  | Identified Sif Muna's Verses on Combative Ouranomancy (Sif
                  | Muna gifted it to you on level 5 of the Pits of Slime)
 97366 | Slime:5  | Identified Sif Muna's Handbook of Damage (Sif Muna gifted
                  | it to you on level 5 of the Pits of Slime)
 97366 | Slime:5  | Identified Tuseh's Vademecum on the Salvo (Sif Muna gifted
                  | it to you on level 5 of the Pits of Slime)
 97366 | Slime:5  | Identified Fyng's Atlas of the Prime Summer (Sif Muna
                  | gifted it to you on level 5 of the Pits of Slime)
 97366 | Slime:5  | Identified Sif Muna's Spellbook of Inhalation and the
                  | Impact (Sif Muna gifted it to you on level 5 of the Pits of
                  | Slime)
 97366 | Slime:5  | Identified Sif Muna's Anthology of Kindled Bombardment (Sif
                  | Muna gifted it to you on level 5 of the Pits of Slime)
 97366 | Slime:5  | Identified Sif Muna's Volume of Liminal Illusion (Sif Muna
                  | gifted it to you on level 5 of the Pits of Slime)
 97366 | Slime:5  | Identified Sif Muna's Grimoire of Calid Conduction (Sif
                  | Muna gifted it to you on level 5 of the Pits of Slime)
 97366 | Slime:5  | Identified Sif Muna's Tome of Bright Malisons (Sif Muna
                  | gifted it to you on level 5 of the Pits of Slime)
 97366 | Slime:5  | Identified Sif Muna's Essays on the Rotting Bane (Sif Muna
                  | gifted it to you on level 5 of the Pits of Slime)
 97366 | Slime:5  | Identified Sif Muna's Handbook of Confrontation (Sif Muna
                  | gifted it to you on level 5 of the Pits of Slime)
 97366 | Slime:5  | Identified Ufotiu Taveo's Incunabulum of the Singed
                  | Atmosphere (Sif Muna gifted it to you on level 5 of the
                  | Pits of Slime)
 97366 | Slime:5  | Identified Viywkocu's Octavo of Feathery Outbursts (Sif
                  | Muna gifted it to you on level 5 of the Pits of Slime)
 97366 | Slime:5  | Identified Sif Muna's Spellbook of the Translocational
                  | Missiles (Sif Muna gifted it to you on level 5 of the Pits
                  | of Slime)
 97366 | Slime:5  | Identified Sif Muna's Writings on Arenous Battling (Sif
                  | Muna gifted it to you on level 5 of the Pits of Slime)
 97366 | Slime:5  | Identified Sif Muna's Textbook on Doomed Curses (Sif Muna
                  | gifted it to you on level 5 of the Pits of Slime)
 97366 | Slime:5  | Identified Sif Muna's Papyrus of Conjuration (Sif Muna
                  | gifted it to you on level 5 of the Pits of Slime)
 97366 | Slime:5  | Identified Sif Muna's Secrets of Blasts (Sif Muna gifted it
                  | to you on level 5 of the Pits of Slime)
 97366 | Slime:5  | Identified Sif Muna's Handbook of Injurious Summoning (Sif
                  | Muna gifted it to you on level 5 of the Pits of Slime)
 97366 | Slime:5  | Identified Sif Muna's Enchiridion on Conflagration (Sif
                  | Muna gifted it to you on level 5 of the Pits of Slime)
 97369 | Slime:5  | Noticed the Royal Jelly
 97371 | Slime:5  | Identified Sif Muna's Anthology of Destruction (Sif Muna
                  | gifted it to you on level 5 of the Pits of Slime)
 97371 | Slime:5  | Identified Sif Muna's Guide on the Overhead Anticline (Sif
                  | Muna gifted it to you on level 5 of the Pits of Slime)
 97371 | Slime:5  | Identified Sif Muna's Tome of the Salvo (Sif Muna gifted it
                  | to you on level 5 of the Pits of Slime)
 97371 | Slime:5  | Identified Goinne's Quarto of Places (Sif Muna gifted it to
                  | you on level 5 of the Pits of Slime)
 97371 | Slime:5  | Identified Sif Muna's Quarto of the Map (Sif Muna gifted it
                  | to you on level 5 of the Pits of Slime)
 97371 | Slime:5  | Identified Sif Muna's Parchment of Destruction (Sif Muna
                  | gifted it to you on level 5 of the Pits of Slime)
 97371 | Slime:5  | Identified Sif Muna's Anthology of Combat Magic (Sif Muna
                  | gifted it to you on level 5 of the Pits of Slime)
 97371 | Slime:5  | Identified Sif Muna's Textbook on the Quarry and the Lungs
                  | (Sif Muna gifted it to you on level 5 of the Pits of Slime)
 97371 | Slime:5  | Identified Sif Muna's Mystical Record of the Warlock (Sif
                  | Muna gifted it to you on level 5 of the Pits of Slime)
 97371 | Slime:5  | Identified Sif Muna's Directory of Incandescent Execration
                  | (Sif Muna gifted it to you on level 5 of the Pits of Slime)
 97371 | Slime:5  | Identified Lozes's Compendium of Kinetic Energy (Sif Muna
                  | gifted it to you on level 5 of the Pits of Slime)
 97371 | Slime:5  | Identified Sif Muna's Secrets of Vehement Detritus (Sif
                  | Muna gifted it to you on level 5 of the Pits of Slime)
 97371 | Slime:5  | Identified Sif Muna's Verses on the Airy Discharge (Sif
                  | Muna gifted it to you on level 5 of the Pits of Slime)
 97371 | Slime:5  | Identified Sif Muna's Verses on Ill-starred Misery (Sif
                  | Muna gifted it to you on level 5 of the Pits of Slime)
 97371 | Slime:5  | Identified Sif Muna's Vellum of Skeletons and Momentum (Sif
                  | Muna gifted it to you on level 5 of the Pits of Slime)
 97371 | Slime:5  | Identified Sif Muna's Papyrus of the Volley (Sif Muna
                  | gifted it to you on level 5 of the Pits of Slime)
 97371 | Slime:5  | Identified Jadiaxua's Collected Works on Feathers (Sif Muna
                  | gifted it to you on level 5 of the Pits of Slime)
 97371 | Slime:5  | Identified Sif Muna's Last Codex of the Blind Seer (Sif
                  | Muna gifted it to you on level 5 of the Pits of Slime)
 97371 | Slime:5  | Identified Sif Muna's Almanac of the Mighty Sphinx (Sif
                  | Muna gifted it to you on level 5 of the Pits of Slime)
 97371 | Slime:5  | Identified Sif Muna's Parchment of Moving Spectres (Sif
                  | Muna gifted it to you on level 5 of the Pits of Slime)
 97371 | Slime:5  | Identified Vuptiqep's Compendium of Baneful Calling (Sif
                  | Muna gifted it to you on level 5 of the Pits of Slime)
 97371 | Slime:5  | Identified Sif Muna's Enchiridion on Intoxication and Metal
                  | (Sif Muna gifted it to you on level 5 of the Pits of Slime)
 97371 | Slime:5  | Identified Sif Muna's Quarto of Exhumation and Alteration
                  | (Sif Muna gifted it to you on level 5 of the Pits of Slime)
 97371 | Slime:5  | Identified Sif Muna's Parchment of Accelerants (Sif Muna
                  | gifted it to you on level 5 of the Pits of Slime)
 97371 | Slime:5  | Identified Sif Muna's Quarto of Ruinous Phlogiston (Sif
                  | Muna gifted it to you on level 5 of the Pits of Slime)
 97371 | Slime:5  | Identified Luigh's Annotations on Smouldering Diablerie
                  | (Sif Muna gifted it to you on level 5 of the Pits of Slime)
 97371 | Slime:5  | Identified Sif Muna's Book of Cadavers and Arcane Weapons
                  | (Sif Muna gifted it to you on level 5 of the Pits of Slime)
 97371 | Slime:5  | Identified Sif Muna's Writings on Obstruction and the
                  | Missiles (Sif Muna gifted it to you on level 5 of the Pits
                  | of Slime)
 97371 | Slime:5  | Identified Sif Muna's Catalogue of Breccia and Wildfire
                  | (Sif Muna gifted it to you on level 5 of the Pits of Slime)
 97371 | Slime:5  | Identified Sif Muna's Essays on the Geometric Sixfirhy (Sif
                  | Muna gifted it to you on level 5 of the Pits of Slime)
 97373 | Slime:5  | Killed the Royal Jelly
 97444 | Slime:5  | Identified Jiastekk's Monograph on Unstable Refrigeration
                  | (Sif Muna gifted it to you on level 5 of the Pits of Slime)
 97444 | Slime:5  | Identified Tien's Essays on the Volley (Sif Muna gifted it
                  | to you on level 5 of the Pits of Slime)
 97444 | Slime:5  | Identified Sif Muna's Guidebook on the Decaying Inferno
                  | (Sif Muna gifted it to you on level 5 of the Pits of Slime)
 97444 | Slime:5  | Identified Piupsefe's Octavo of the Damned and Weather (Sif
                  | Muna gifted it to you on level 5 of the Pits of Slime)
 97444 | Slime:5  | Identified Sif Muna's Omnibus of Bruises (Sif Muna gifted
                  | it to you on level 5 of the Pits of Slime)
 97444 | Slime:5  | Identified Sopp's Commentary on Distorted Cleavage (Sif
                  | Muna gifted it to you on level 5 of the Pits of Slime)
 97444 | Slime:5  | Identified Sif Muna's Encyclopedia of Momentum and
                  | Ensorcelling (Sif Muna gifted it to you on level 5 of the
                  | Pits of Slime)
 97444 | Slime:5  | Identified Sif Muna's Textbook on Interference (Sif Muna
                  | gifted it to you on level 5 of the Pits of Slime)
 97444 | Slime:5  | Identified Sif Muna's Folio of Embers and the Shot (Sif
                  | Muna gifted it to you on level 5 of the Pits of Slime)
 97444 | Slime:5  | Identified Kosithre's Essays on Overhead Attendants (Sif
                  | Muna gifted it to you on level 5 of the Pits of Slime)
 97444 | Slime:5  | Identified Sif Muna's Compendium of Algor and Fascination
                  | (Sif Muna gifted it to you on level 5 of the Pits of Slime)
 97444 | Slime:5  | Identified Sif Muna's Vellum of Discontinuous Adjuration
                  | (Sif Muna gifted it to you on level 5 of the Pits of Slime)
 97444 | Slime:5  | Identified Sif Muna's Compilation of Reformed Earth (Sif
                  | Muna gifted it to you on level 5 of the Pits of Slime)
 97444 | Slime:5  | Identified Sif Muna's Lost Octavo of Boris (Sif Muna gifted
                  | it to you on level 5 of the Pits of Slime)
 97444 | Slime:5  | Identified Sif Muna's Omnibus of Weather (Sif Muna gifted
                  | it to you on level 5 of the Pits of Slime)
 97444 | Slime:5  | Identified Sif Muna's Thorough Guide to Spellweaving (Sif
                  | Muna gifted it to you on level 5 of the Pits of Slime)
 97444 | Slime:5  | Identified Sif Muna's Octavo of the Tesseract (Sif Muna
                  | gifted it to you on level 5 of the Pits of Slime)
 97444 | Slime:5  | Identified Sif Muna's Incunable of Friendly Maleficia (Sif
                  | Muna gifted it to you on level 5 of the Pits of Slime)
 97444 | Slime:5  | Identified Sif Muna's Handbook of Familiar Iniquitous
                  | Liturgies (Sif Muna gifted it to you on level 5 of the Pits
                  | of Slime)
 97444 | Slime:5  | Identified Sif Muna's Spellbook of the Ensnaring Iceberg
                  | (Sif Muna gifted it to you on level 5 of the Pits of Slime)
 97444 | Slime:5  | Identified Sif Muna's Compilation of the Conjured Sky (Sif
                  | Muna gifted it to you on level 5 of the Pits of Slime)
 97444 | Slime:5  | Identified Olonteer's Essays on Bruises and Distance (Sif
                  | Muna gifted it to you on level 5 of the Pits of Slime)
 97444 | Slime:5  | Identified Sif Muna's Incunable of Spectres and Wildfire
                  | (Sif Muna gifted it to you on level 5 of the Pits of Slime)
 97444 | Slime:5  | Identified Sif Muna's Papyrus of Snow-white Variation (Sif
                  | Muna gifted it to you on level 5 of the Pits of Slime)
 97444 | Slime:5  | Identified Beovoang's Enchiridion on the Aerial Quake (Sif
                  | Muna gifted it to you on level 5 of the Pits of Slime)
 97444 | Slime:5  | Identified Sif Muna's Exposition on Imprecation and Lava
                  | (Sif Muna gifted it to you on level 5 of the Pits of Slime)
 97444 | Slime:5  | Identified Sif Muna's Precepts of Weather (Sif Muna gifted
                  | it to you on level 5 of the Pits of Slime)
 97444 | Slime:5  | Identified Anwot's Meditations on Distance and Aeromancy
                  | (Sif Muna gifted it to you on level 5 of the Pits of Slime)
 97444 | Slime:5  | Identified Sif Muna's Tome of Rallying and the Blink Frog
                  | (Sif Muna gifted it to you on level 5 of the Pits of Slime)
 97444 | Slime:5  | Identified Sif Muna's Reference Book on Shifting
                  | Hypothermia (Sif Muna gifted it to you on level 5 of the
                  | Pits of Slime)
 97444 | Slime:5  | Identified Honidghiyno's Quarto of the Conflagrant Fifth
                  | Circle (Sif Muna gifted it to you on level 5 of the Pits of
                  | Slime)
 97444 | Slime:5  | Identified Sif Muna's Precepts of Radiant Anthracomancy
                  | (Sif Muna gifted it to you on level 5 of the Pits of Slime)
 97444 | Slime:5  | Identified Sif Muna's Cyclopedia of Arcane Weapons and
                  | Nightshade (Sif Muna gifted it to you on level 5 of the
                  | Pits of Slime)
 97444 | Slime:5  | Identified Sif Muna's Quarto of the Sixfirhy (Sif Muna
                  | gifted it to you on level 5 of the Pits of Slime)
 97444 | Slime:5  | Identified Sif Muna's Atlas of Horrible Haze (Sif Muna
                  | gifted it to you on level 5 of the Pits of Slime)
 97444 | Slime:5  | Identified Sif Muna's Information on Incineration and
                  | Arcane Combat (Sif Muna gifted it to you on level 5 of the
                  | Pits of Slime)
 97444 | Slime:5  | Identified Sif Muna's Parchment of the Hurtful Mantle (Sif
                  | Muna gifted it to you on level 5 of the Pits of Slime)
 97444 | Slime:5  | Identified Yfrexkou's Elucidation of Hurting and Terra
                  | Firma (Sif Muna gifted it to you on level 5 of the Pits of
                  | Slime)
 97444 | Slime:5  | Identified Sif Muna's Excursus on Conjury (Sif Muna gifted
                  | it to you on level 5 of the Pits of Slime)
 97444 | Slime:5  | Identified Laggog's Opusculum on Mighty Cinders (Sif Muna
                  | gifted it to you on level 5 of the Pits of Slime)
 97444 | Slime:5  | Identified Sif Muna's Tractate on the Spellbinding Gestalt
                  | (Sif Muna gifted it to you on level 5 of the Pits of Slime)
 97444 | Slime:5  | Identified Sif Muna's Elucidation of Greatest Risks and
                  | Utility (Sif Muna gifted it to you on level 5 of the Pits
                  | of Slime)
 97444 | Slime:5  | Identified Sif Muna's Spellcraft of the Archmaster (Sif
                  | Muna gifted it to you on level 5 of the Pits of Slime)
 97444 | Slime:5  | Identified Sif Muna's Secrets of Cinders (Sif Muna gifted
                  | it to you on level 5 of the Pits of Slime)
 97444 | Slime:5  | Identified Sif Muna's Handbook of Violent Translocation
                  | (Sif Muna gifted it to you on level 5 of the Pits of Slime)
 97444 | Slime:5  | Identified Sif Muna's Guidebook on the Injurious Tempest
                  | (Sif Muna gifted it to you on level 5 of the Pits of Slime)
 97444 | Slime:5  | Identified Sif Muna's Information on Exothermic Percussion
                  | (Sif Muna gifted it to you on level 5 of the Pits of Slime)
 97444 | Slime:5  | Identified Sif Muna's Commentary on the Weird Nimbus (Sif
                  | Muna gifted it to you on level 5 of the Pits of Slime)
 97444 | Slime:5  | Identified Zefumoem's Cyclopedia of Anemomancy and Bruises
                  | (Sif Muna gifted it to you on level 5 of the Pits of Slime)
 97444 | Slime:5  | Identified Sif Muna's Annotations on the Sky and
                  | Amathomancy (Sif Muna gifted it to you on level 5 of the
                  | Pits of Slime)
 97444 | Slime:5  | Identified Sif Muna's Grimoire of the Sinister Shot (Sif
                  | Muna gifted it to you on level 5 of the Pits of Slime)
 97444 | Slime:5  | Identified Sif Muna's Anthology of Kindled Dark Ceremonies
                  | (Sif Muna gifted it to you on level 5 of the Pits of Slime)
 97444 | Slime:5  | Identified Sif Muna's Directory of the Torch (Sif Muna
                  | gifted it to you on level 5 of the Pits of Slime)
 97444 | Slime:5  | Identified Giodap's Quarto of Geological Apparitions (Sif
                  | Muna gifted it to you on level 5 of the Pits of Slime)
 97444 | Slime:5  | Identified Sif Muna's Secrets of the Pneumatic Salamander
                  | (Sif Muna gifted it to you on level 5 of the Pits of Slime)
 97444 | Slime:5  | Identified Nyselub's Elucidation of Cleavage and the Impact
                  | (Sif Muna gifted it to you on level 5 of the Pits of Slime)
 97444 | Slime:5  | Identified Sif Muna's Octavo of Necrotic Bruises (Sif Muna
                  | gifted it to you on level 5 of the Pits of Slime)
 97444 | Slime:5  | Identified Sif Muna's Almanac of Confrontation (Sif Muna
                  | gifted it to you on level 5 of the Pits of Slime)
 97444 | Slime:5  | Identified Sif Muna's Exposition on Macabre Electrocution
                  | (Sif Muna gifted it to you on level 5 of the Pits of Slime)
 97444 | Slime:5  | Identified Sif Muna's Anthology of Sinister Ice (Sif Muna
                  | gifted it to you on level 5 of the Pits of Slime)
 97444 | Slime:5  | Identified Sif Muna's Treatise on the Calid Squall (Sif
                  | Muna gifted it to you on level 5 of the Pits of Slime)
 97444 | Slime:5  | Identified Goashoj's Handbook of the Arsonist and Damage
                  | (Sif Muna gifted it to you on level 5 of the Pits of Slime)
 97444 | Slime:5  | Identified Sif Muna's Handbook of Obstruction and Bruises
                  | (Sif Muna gifted it to you on level 5 of the Pits of Slime)
 97444 | Slime:5  | Identified Sif Muna's Guide on Lofty Damage (Sif Muna
                  | gifted it to you on level 5 of the Pits of Slime)
 97444 | Slime:5  | Identified Sif Muna's Collected Works on Bright Exhalation
                  | (Sif Muna gifted it to you on level 5 of the Pits of Slime)
 97444 | Slime:5  | Identified Sif Muna's Lessons on Conduction and the Crater
                  | (Sif Muna gifted it to you on level 5 of the Pits of Slime)
 97444 | Slime:5  | Identified Sif Muna's Monograph on Bad Luck and the Fifth
                  | Circle (Sif Muna gifted it to you on level 5 of the Pits of
                  | Slime)
 97444 | Slime:5  | Identified Coluosa's Teachings on the Jinx and Conjuration
                  | (Sif Muna gifted it to you on level 5 of the Pits of Slime)
 97444 | Slime:5  | Identified Sif Muna's Incunabulum of Striking and
                  | Inhalation (Sif Muna gifted it to you on level 5 of the
                  | Pits of Slime)
 97444 | Slime:5  | Identified Sif Muna's Elucidation of Sparks (Sif Muna
                  | gifted it to you on level 5 of the Pits of Slime)
 97640 | Slime:5  | Found the +15 Maxwell's patent armour {-Cast -Tele rElec
                  | Will+ rCorr}
 97663 | Slime:5  | Identified the +0 pair of boots "Yzyixkets" {rC+}
 97665 | Slime:5  | Identified the +0 scale mail of Beos {Int+6 Dex+4}
 97685 | Slime:5  | Identified the ring "Cearumea" {Str+8 SInv}
 97727 | Slime:5  | Got a slimy rune of Zot
 97728 | Slime:5  | Identified the ring of Hepliaklqana's Wrath {rC+ rN+ Dex+3}
 97815 | Slime:5  | Identified Sif Muna's Octavo of Misty Blows (Sif Muna
                  | gifted it to you on level 5 of the Pits of Slime)
 97815 | Slime:5  | Identified Cerebov's Elucidation of Exothermic Forces (Sif
                  | Muna gifted it to you on level 5 of the Pits of Slime)
 97815 | Slime:5  | Identified Sif Muna's Atlas of Violence (Sif Muna gifted it
                  | to you on level 5 of the Pits of Slime)
 97815 | Slime:5  | Identified Ivexeloe's Papyrus of the Mountains and Angles
                  | (Sif Muna gifted it to you on level 5 of the Pits of Slime)
 97815 | Slime:5  | Identified Sif Muna's Spellbook of the Volley (Sif Muna
                  | gifted it to you on level 5 of the Pits of Slime)
 97815 | Slime:5  | Identified Ubunk's Opusculum on Configuration and Diablerie
                  | (Sif Muna gifted it to you on level 5 of the Pits of Slime)
 97815 | Slime:5  | Identified Sif Muna's Tome of Elsewhere and Damage (Sif
                  | Muna gifted it to you on level 5 of the Pits of Slime)
 97815 | Slime:5  | Identified Sif Muna's Volume of Blasting (Sif Muna gifted
                  | it to you on level 5 of the Pits of Slime)
 97815 | Slime:5  | Identified Sif Muna's Final Treatise on of the Hermit's
                  | Heritage (Sif Muna gifted it to you on level 5 of the Pits
                  | of Slime)
 97815 | Slime:5  | Identified Sif Muna's Lessons on Feathery Resurrection (Sif
                  | Muna gifted it to you on level 5 of the Pits of Slime)
 97815 | Slime:5  | Identified Reavuyki's Secrets of the Iceberg and Variation
                  | (Sif Muna gifted it to you on level 5 of the Pits of Slime)
 97815 | Slime:5  | Identified Sif Muna's Almanac of Combative Burning (Sif
                  | Muna gifted it to you on level 5 of the Pits of Slime)
 97815 | Slime:5  | Identified Sif Muna's Volume of Hurtful Erosion (Sif Muna
                  | gifted it to you on level 5 of the Pits of Slime)
 97815 | Slime:5  | Identified Sif Muna's Incunable of the Exothermic Missiles
                  | (Sif Muna gifted it to you on level 5 of the Pits of Slime)
 97815 | Slime:5  | Identified Sif Muna's Cyclopedia of Pyromancy (Sif Muna
                  | gifted it to you on level 5 of the Pits of Slime)
 97815 | Slime:5  | Identified Raimavyt's Secrets of Conflagrant Movement (Sif
                  | Muna gifted it to you on level 5 of the Pits of Slime)
 97815 | Slime:5  | Identified Daikkentet's Codex of Metamorphosis and Battling
                  | (Sif Muna gifted it to you on level 5 of the Pits of Slime)
 97815 | Slime:5  | Identified Sif Muna's Enchiridion on Flinty Blight (Sif
                  | Muna gifted it to you on level 5 of the Pits of Slime)
 97815 | Slime:5  | Identified Sif Muna's Volume of Shadowy Peregrination (Sif
                  | Muna gifted it to you on level 5 of the Pits of Slime)
 97815 | Slime:5  | Identified Sif Muna's Parchment of Vehement Clay (Sif Muna
                  | gifted it to you on level 5 of the Pits of Slime)
 97815 | Slime:5  | Identified Sif Muna's Folio of Twisted Unhallowed Rituals
                  | (Sif Muna gifted it to you on level 5 of the Pits of Slime)
 97815 | Slime:5  | Identified Sif Muna's Discourse on the Volcano and the
                  | Squall (Sif Muna gifted it to you on level 5 of the Pits of
                  | Slime)
 97815 | Slime:5  | Identified Sif Muna's Directory of the Anticline and
                  | Necromancy (Sif Muna gifted it to you on level 5 of the
                  | Pits of Slime)
 97815 | Slime:5  | Identified Sif Muna's Teachings on the Discontinuous
                  | Wendigo (Sif Muna gifted it to you on level 5 of the Pits
                  | of Slime)
 97815 | Slime:5  | Identified Dupseyj's Catalogue of the Salvo (Sif Muna
                  | gifted it to you on level 5 of the Pits of Slime)
 97815 | Slime:5  | Identified Sif Muna's Opusculum on Unholy Nephomancy (Sif
                  | Muna gifted it to you on level 5 of the Pits of Slime)
 97815 | Slime:5  | Identified Xiaz's Catalogue of Erosion and the Wendigo (Sif
                  | Muna gifted it to you on level 5 of the Pits of Slime)
 97815 | Slime:5  | Identified Fasugad's Information on Energetic
                  | Correspondence (Sif Muna gifted it to you on level 5 of the
                  | Pits of Slime)
 97815 | Slime:5  | Identified Sif Muna's Reference Book on Heated Momentum
                  | (Sif Muna gifted it to you on level 5 of the Pits of Slime)
 97815 | Slime:5  | Identified Xyexkaro's Tractate on Charming Hyperthermia
                  | (Sif Muna gifted it to you on level 5 of the Pits of Slime)
 97815 | Slime:5  | Identified Ezuemi's Discourse on Violence (Sif Muna gifted
                  | it to you on level 5 of the Pits of Slime)
 97862 | Slime:5  | Identified Xeeju's Omnibus of Wounds (Sif Muna gifted it to
                  | you on level 5 of the Pits of Slime)
 97862 | Slime:5  | Identified Niphygh's Quarto of the Salvo and Peregrination
                  | (Sif Muna gifted it to you on level 5 of the Pits of Slime)
 97862 | Slime:5  | Identified Sif Muna's Compendium of the Spectral Blaze (Sif
                  | Muna gifted it to you on level 5 of the Pits of Slime)
 97862 | Slime:5  | Identified Cacs's Volume of Frozen Accelerants (Sif Muna
                  | gifted it to you on level 5 of the Pits of Slime)
 97862 | Slime:5  | Identified Sif Muna's Elucidation of Fulgurous Obstruction
                  | (Sif Muna gifted it to you on level 5 of the Pits of Slime)
 97862 | Slime:5  | Identified Sif Muna's Discourse on Hurting (Sif Muna gifted
                  | it to you on level 5 of the Pits of Slime)
 97862 | Slime:5  | Identified Sif Muna's Discursus on Attacks (Sif Muna gifted
                  | it to you on level 5 of the Pits of Slime)
 97862 | Slime:5  | Identified Sif Muna's Guide on the Unholy Boulder (Sif Muna
                  | gifted it to you on level 5 of the Pits of Slime)
 97862 | Slime:5  | Identified Sif Muna's Vademecum on Attacks and the Voyage
                  | (Sif Muna gifted it to you on level 5 of the Pits of Slime)
 97862 | Slime:5  | Identified Sif Muna's Quarto of Concussion (Sif Muna gifted
                  | it to you on level 5 of the Pits of Slime)
 97862 | Slime:5  | Identified Sif Muna's Encyclopedia of Ouranomancy (Sif Muna
                  | gifted it to you on level 5 of the Pits of Slime)
 97862 | Slime:5  | Identified Sif Muna's Papyrus of the Discontinuous Burn
                  | (Sif Muna gifted it to you on level 5 of the Pits of Slime)
 97862 | Slime:5  | Identified Errougod's Spellbook of Airy Sinister Arts (Sif
                  | Muna gifted it to you on level 5 of the Pits of Slime)
 97862 | Slime:5  | Identified Wungadan's Directory of the Summer (Sif Muna
                  | gifted it to you on level 5 of the Pits of Slime)
 97862 | Slime:5  | Identified Sif Muna's Almanac of Scorched Locality (Sif
                  | Muna gifted it to you on level 5 of the Pits of Slime)
 97862 | Slime:5  | Identified Sif Muna's Volume of Conflict (Sif Muna gifted
                  | it to you on level 5 of the Pits of Slime)
 97862 | Slime:5  | Identified Sif Muna's Writings on Lightning (Sif Muna
                  | gifted it to you on level 5 of the Pits of Slime)
 97862 | Slime:5  | Identified Sif Muna's Compilation of Refrigeration (Sif
                  | Muna gifted it to you on level 5 of the Pits of Slime)
 97862 | Slime:5  | Identified Sauqum's Encyclopedia of Sepulchral Misfortune
                  | (Sif Muna gifted it to you on level 5 of the Pits of Slime)
 97862 | Slime:5  | Identified Sif Muna's Writings on Attacks (Sif Muna gifted
                  | it to you on level 5 of the Pits of Slime)
 97862 | Slime:5  | Identified Sif Muna's Tome of Mustering and Iniquitous
                  | Secrets (Sif Muna gifted it to you on level 5 of the Pits
                  | of Slime)
 97862 | Slime:5  | Identified Foemoor's Encyclopedia of the Thirteen Ghosts
                  | (Sif Muna gifted it to you on level 5 of the Pits of Slime)
 97862 | Slime:5  | Identified Sif Muna's Anthology of Changing Ceraunoscopy
                  | (Sif Muna gifted it to you on level 5 of the Pits of Slime)
 97862 | Slime:5  | Identified Sif Muna's Compilation of Convocation and the
                  | Fifth Circle (Sif Muna gifted it to you on level 5 of the
                  | Pits of Slime)
 97862 | Slime:5  | Identified Sif Muna's Precepts of Bringing Forth and
                  | Portals (Sif Muna gifted it to you on level 5 of the Pits
                  | of Slime)
 97862 | Slime:5  | Identified Sif Muna's Vellum of Blasts (Sif Muna gifted it
                  | to you on level 5 of the Pits of Slime)
 97862 | Slime:5  | Identified Sif Muna's Book of Ill-starred Cadavers (Sif
                  | Muna gifted it to you on level 5 of the Pits of Slime)
 97862 | Slime:5  | Identified Sif Muna's Notes on Fulmination (Sif Muna gifted
                  | it to you on level 5 of the Pits of Slime)
 97862 | Slime:5  | Identified Sif Muna's Secrets of Guile and Energy (Sif Muna
                  | gifted it to you on level 5 of the Pits of Slime)
 97862 | Slime:5  | Identified Sif Muna's Almanac of the Assembled Fairies (Sif
                  | Muna gifted it to you on level 5 of the Pits of Slime)
 97862 | Slime:5  | Identified Sif Muna's Total Understanding of the Histories
                  | of Mysteries (Sif Muna gifted it to you on level 5 of the
                  | Pits of Slime)
 97862 | Slime:5  | Identified Sif Muna's Volume of Confrontation and Ill Luck
                  | (Sif Muna gifted it to you on level 5 of the Pits of Slime)
 98900 | Zot:1    | Entered Level 1 of the Realm of Zot
 99002 | Zot:1    | Identified Efuuxtut's Precepts of Nephomancy (Sif Muna
                  | gifted it to you on level 1 of the Realm of Zot)
 99002 | Zot:1    | Identified Sif Muna's Compendium of Concussion and the
                  | Throng (Sif Muna gifted it to you on level 1 of the Realm
                  | of Zot)
 99002 | Zot:1    | Identified Uciduh's Precepts of Toxic Abhorrent Acts (Sif
                  | Muna gifted it to you on level 1 of the Realm of Zot)
 99002 | Zot:1    | Identified Sif Muna's Notes on Ozone and Spelunking (Sif
                  | Muna gifted it to you on level 1 of the Realm of Zot)
 99002 | Zot:1    | Identified Sif Muna's Spellbook of Blasts (Sif Muna gifted
                  | it to you on level 1 of the Realm of Zot)
 99002 | Zot:1    | Identified Sif Muna's Codex of the Postmortem Birds (Sif
                  | Muna gifted it to you on level 1 of the Realm of Zot)
 99002 | Zot:1    | Identified Bolem's Cyclopedia of the Blaze (Sif Muna gifted
                  | it to you on level 1 of the Realm of Zot)
 99002 | Zot:1    | Identified Sif Muna's Octavo of Wildfire and the Lungs (Sif
                  | Muna gifted it to you on level 1 of the Realm of Zot)
 99002 | Zot:1    | Identified Sif Muna's Parchment of the Mighty Gift (Sif
                  | Muna gifted it to you on level 1 of the Realm of Zot)
 99002 | Zot:1    | Identified Sif Muna's Compendium of the Numb Map (Sif Muna
                  | gifted it to you on level 1 of the Realm of Zot)
 99002 | Zot:1    | Identified Sif Muna's Incunabulum of Moving Immolation (Sif
                  | Muna gifted it to you on level 1 of the Realm of Zot)
 99002 | Zot:1    | Identified Sif Muna's Compilation of the Discharge (Sif
                  | Muna gifted it to you on level 1 of the Realm of Zot)
 99002 | Zot:1    | Identified Sif Muna's Lost Atlas of Morgana le Fay (Sif
                  | Muna gifted it to you on level 1 of the Realm of Zot)
 99002 | Zot:1    | Identified Seacuity's Collected Works on Prime Anemomancy
                  | (Sif Muna gifted it to you on level 1 of the Realm of Zot)
 99002 | Zot:1    | Identified Sif Muna's Catalogue of the Puissant Squall (Sif
                  | Muna gifted it to you on level 1 of the Realm of Zot)
 99002 | Zot:1    | Identified Sif Muna's Grimoire of Destruction (Sif Muna
                  | gifted it to you on level 1 of the Realm of Zot)
 99002 | Zot:1    | Identified Sif Muna's Treatise on the Barrage (Sif Muna
                  | gifted it to you on level 1 of the Realm of Zot)
 99002 | Zot:1    | Identified Sif Muna's Codex of Heat (Sif Muna gifted it to
                  | you on level 1 of the Realm of Zot)
 99002 | Zot:1    | Identified Sif Muna's Vademecum on the Fjord (Sif Muna
                  | gifted it to you on level 1 of the Realm of Zot)
 99002 | Zot:1    | Identified Sif Muna's Quarto of Destruction (Sif Muna
                  | gifted it to you on level 1 of the Realm of Zot)
 99002 | Zot:1    | Identified Wopiam's Volume of Fulmination (Sif Muna gifted
                  | it to you on level 1 of the Realm of Zot)
 99002 | Zot:1    | Identified Sif Muna's Catalogue of the Overcast Blink Frog
                  | (Sif Muna gifted it to you on level 1 of the Realm of Zot)
 99002 | Zot:1    | Identified Zyiqit's Precepts of the Curious Souls (Sif Muna
                  | gifted it to you on level 1 of the Realm of Zot)
 99002 | Zot:1    | Identified Sif Muna's Almanac of Pyromania (Sif Muna gifted
                  | it to you on level 1 of the Realm of Zot)
 99002 | Zot:1    | Identified Dispater's Secrets of Blasting (Sif Muna gifted
                  | it to you on level 1 of the Realm of Zot)
 99002 | Zot:1    | Identified Pokhlefy's Precepts of the Curse and Amathomancy
                  | (Sif Muna gifted it to you on level 1 of the Realm of Zot)
 99002 | Zot:1    | Identified Hetiwal's Compendium of the Atmospheric Barrage
                  | (Sif Muna gifted it to you on level 1 of the Realm of Zot)
 99002 | Zot:1    | Identified Sif Muna's Opusculum on the Cloudy Volley (Sif
                  | Muna gifted it to you on level 1 of the Realm of Zot)
 99002 | Zot:1    | Identified Sif Muna's Mastery of Witchcraft (Sif Muna
                  | gifted it to you on level 1 of the Realm of Zot)
 99004 | Zot:1    | Identified Sif Muna's Commentary on the Pestilent Volcano
                  | (Sif Muna gifted it to you on level 1 of the Realm of Zot)
 99004 | Zot:1    | Identified Sif Muna's Final Treatise on of Witchcraft (Sif
                  | Muna gifted it to you on level 1 of the Realm of Zot)
 99004 | Zot:1    | Identified Sif Muna's Information on Creeping Battle Magic
                  | (Sif Muna gifted it to you on level 1 of the Realm of Zot)
 99004 | Zot:1    | Identified Diyklum's Directory of Confrontation (Sif Muna
                  | gifted it to you on level 1 of the Realm of Zot)
 99004 | Zot:1    | Identified Sonapu Boomn's Incunable of the Peccant Tundra
                  | (Sif Muna gifted it to you on level 1 of the Realm of Zot)
 99004 | Zot:1    | Identified Weihytsi's Information on Incineration and
                  | Geomancy (Sif Muna gifted it to you on level 1 of the Realm
                  | of Zot)
 99004 | Zot:1    | Identified Esouthu's Tome of Beguiling Confrontation (Sif
                  | Muna gifted it to you on level 1 of the Realm of Zot)
 99004 | Zot:1    | Identified Sif Muna's Omnibus of Conjuration (Sif Muna
                  | gifted it to you on level 1 of the Realm of Zot)
 99004 | Zot:1    | Identified Mojisugh's Volume of Harmful Terrain (Sif Muna
                  | gifted it to you on level 1 of the Realm of Zot)
 99004 | Zot:1    | Identified Linib's Papyrus of Ruinous Exhalation (Sif Muna
                  | gifted it to you on level 1 of the Realm of Zot)
 99004 | Zot:1    | Identified Sif Muna's Incunabulum of Arcane Weapons (Sif
                  | Muna gifted it to you on level 1 of the Realm of Zot)
 99004 | Zot:1    | Identified Sif Muna's Dissertation on the Violent Summer
                  | (Sif Muna gifted it to you on level 1 of the Realm of Zot)
 99004 | Zot:1    | Identified Potworph's Handbook of Malignant Rituals (Sif
                  | Muna gifted it to you on level 1 of the Realm of Zot)
 99004 | Zot:1    | Identified Sif Muna's Elucidation of Attacks (Sif Muna
                  | gifted it to you on level 1 of the Realm of Zot)
 99004 | Zot:1    | Identified Fizax's Elucidation of Blows (Sif Muna gifted it
                  | to you on level 1 of the Realm of Zot)
 99004 | Zot:1    | Identified Sif Muna's Grimoire of Mighty Shaping (Sif Muna
                  | gifted it to you on level 1 of the Realm of Zot)
 99004 | Zot:1    | Identified Sif Muna's Atlas of Transportation (Sif Muna
                  | gifted it to you on level 1 of the Realm of Zot)
 99004 | Zot:1    | Identified Sif Muna's Almanac of Venin and Angles (Sif Muna
                  | gifted it to you on level 1 of the Realm of Zot)
 99004 | Zot:1    | Identified Sif Muna's Papyrus of Evolving Resurrection (Sif
                  | Muna gifted it to you on level 1 of the Realm of Zot)
 99004 | Zot:1    | Identified Sif Muna's Octavo of Voltaic Abominable Rituals
                  | (Sif Muna gifted it to you on level 1 of the Realm of Zot)
 99004 | Zot:1    | Identified Sif Muna's Meditations on Brilliant Portals (Sif
                  | Muna gifted it to you on level 1 of the Realm of Zot)
 99004 | Zot:1    | Identified Hoit Kil's Secrets of Flashy Aeromancy (Sif Muna
                  | gifted it to you on level 1 of the Realm of Zot)
 99004 | Zot:1    | Identified Sif Muna's Omnibus of the Well-Known Ultimatums
                  | (Sif Muna gifted it to you on level 1 of the Realm of Zot)
 99004 | Zot:1    | Identified Jyvubur's Vellum of the Bonfire and Anathema
                  | (Sif Muna gifted it to you on level 1 of the Realm of Zot)
 99004 | Zot:1    | Identified Sif Muna's Directory of Gritty Execration (Sif
                  | Muna gifted it to you on level 1 of the Realm of Zot)
 99004 | Zot:1    | Identified Netiupo's Elucidation of Pyromancy (Sif Muna
                  | gifted it to you on level 1 of the Realm of Zot)
 99004 | Zot:1    | Identified Sif Muna's Elucidation of the Mausoleum and
                  | Terrain (Sif Muna gifted it to you on level 1 of the Realm
                  | of Zot)
 99004 | Zot:1    | Identified Sif Muna's Anthology of Scorching Geology (Sif
                  | Muna gifted it to you on level 1 of the Realm of Zot)
 99004 | Zot:1    | Identified Sif Muna's Grimoire of the Entourage and Fire
                  | (Sif Muna gifted it to you on level 1 of the Realm of Zot)
 99004 | Zot:1    | Identified Sif Muna's Omnibus of Fulmination (Sif Muna
                  | gifted it to you on level 1 of the Realm of Zot)
 99004 | Zot:1    | Identified Nudag's Papyrus of Ill-starred Anemomancy (Sif
                  | Muna gifted it to you on level 1 of the Realm of Zot)
 99459 | Vaults:3 | You paid a toll of +3 storm dragon scales to enter a
                  | treasure trove
 99460 | Trove    | Entered a treasure trove
 99898 | Zot:1    | Identified Hekkof's Enchiridion on Conjuring (Sif Muna
                  | gifted it to you on level 1 of the Realm of Zot)
 99898 | Zot:1    | Identified Sif Muna's Excursus on Hapless Heat (Sif Muna
                  | gifted it to you on level 1 of the Realm of Zot)
 99898 | Zot:1    | Identified Sif Muna's Textbook on Momentum (Sif Muna gifted
                  | it to you on level 1 of the Realm of Zot)
 99898 | Zot:1    | Identified Sif Muna's Information on the Blasted Tempest
                  | (Sif Muna gifted it to you on level 1 of the Realm of Zot)
 99898 | Zot:1    | Identified Sif Muna's Papyrus of Overcast Percussion (Sif
                  | Muna gifted it to you on level 1 of the Realm of Zot)
 99898 | Zot:1    | Identified Sif Muna's Tractate on Ashes (Sif Muna gifted it
                  | to you on level 1 of the Realm of Zot)
 99898 | Zot:1    | Identified Sif Muna's Atlas of Pestilent Arson (Sif Muna
                  | gifted it to you on level 1 of the Realm of Zot)
 99898 | Zot:1    | Identified Sif Muna's Meditations on Planar Soot (Sif Muna
                  | gifted it to you on level 1 of the Realm of Zot)
 99898 | Zot:1    | Identified Hotebrethro's Catalogue of Brilliant
                  | Mortification (Sif Muna gifted it to you on level 1 of the
                  | Realm of Zot)
 99898 | Zot:1    | Identified Sif Muna's Thoughts on the Fair Folk and
                  | Accelerants (Sif Muna gifted it to you on level 1 of the
                  | Realm of Zot)
 99898 | Zot:1    | Identified Sif Muna's Octavo of Mud (Sif Muna gifted it to
                  | you on level 1 of the Realm of Zot)
 99898 | Zot:1    | Identified Sif Muna's Directory of Arcane Combat and
                  | Invitation (Sif Muna gifted it to you on level 1 of the
                  | Realm of Zot)
 99898 | Zot:1    | Identified Sif Muna's Commentary on Haze (Sif Muna gifted
                  | it to you on level 1 of the Realm of Zot)
 99898 | Zot:1    | Identified Sif Muna's Codex of Superiority (Sif Muna gifted
                  | it to you on level 1 of the Realm of Zot)
 99898 | Zot:1    | Identified Gaov's Opusculum on Conflict (Sif Muna gifted it
                  | to you on level 1 of the Realm of Zot)
 99898 | Zot:1    | Identified Sif Muna's Quarto of Combat Magic and
                  | Electricity (Sif Muna gifted it to you on level 1 of the
                  | Realm of Zot)
 99898 | Zot:1    | Identified Sif Muna's Compendium of Creation and Angles
                  | (Sif Muna gifted it to you on level 1 of the Realm of Zot)
 99898 | Zot:1    | Identified Sif Muna's Directory of the Evil Eye (Sif Muna
                  | gifted it to you on level 1 of the Realm of Zot)
 99898 | Zot:1    | Identified Sif Muna's Treatise on Incendiary Minerals (Sif
                  | Muna gifted it to you on level 1 of the Realm of Zot)
 99898 | Zot:1    | Identified Apny's Elucidation of Immolation (Sif Muna
                  | gifted it to you on level 1 of the Realm of Zot)
 99898 | Zot:1    | Identified Sif Muna's Compilation of Kinetic Energy (Sif
                  | Muna gifted it to you on level 1 of the Realm of Zot)
 99898 | Zot:1    | Identified Sif Muna's Verses on Conflict (Sif Muna gifted
                  | it to you on level 1 of the Realm of Zot)
 99898 | Zot:1    | Identified Lokk's Omnibus of the Discharge (Sif Muna gifted
                  | it to you on level 1 of the Realm of Zot)
 99898 | Zot:1    | Identified Sif Muna's Tome of Greatest Risks and Utility
                  | (Sif Muna gifted it to you on level 1 of the Realm of Zot)
 99898 | Zot:1    | Identified Sif Muna's Discourse on Portals and Assaults
                  | (Sif Muna gifted it to you on level 1 of the Realm of Zot)
 99898 | Zot:1    | Identified Sif Muna's Atlas of the Conjured Vector (Sif
                  | Muna gifted it to you on level 1 of the Realm of Zot)
 99898 | Zot:1    | Identified Icasaogh's Almanac of the Pyromaniac (Sif Muna
                  | gifted it to you on level 1 of the Realm of Zot)
 99898 | Zot:1    | Identified Sif Muna's Octavo of Power (Sif Muna gifted it
                  | to you on level 1 of the Realm of Zot)
 99898 | Zot:1    | Identified Sif Muna's Secrets of Igneous Ozone (Sif Muna
                  | gifted it to you on level 1 of the Realm of Zot)
 99898 | Zot:1    | Identified Fuptoede's Anthology of the Glowing Escort (Sif
                  | Muna gifted it to you on level 1 of the Realm of Zot)
 99898 | Zot:1    | Identified Sif Muna's Omnibus of the Flock and Enchantment
                  | (Sif Muna gifted it to you on level 1 of the Realm of Zot)
 99898 | Zot:1    | Identified Dispater's Treatise on Bombardment and Aeromancy
                  | (Sif Muna gifted it to you on level 1 of the Realm of Zot)
 99898 | Zot:1    | Identified Sif Muna's Spellbook of Frore Lamentation (Sif
                  | Muna gifted it to you on level 1 of the Realm of Zot)
 99898 | Zot:1    | Identified Sif Muna's Notes on Momentum (Sif Muna gifted it
                  | to you on level 1 of the Realm of Zot)
100009 | Zot:1    | Reached skill level 10 in Evocations
100009 | Zot:1    | Identified Sif Muna's Textbook on Conflict (Sif Muna gifted
                  | it to you on level 1 of the Realm of Zot)
100009 | Zot:1    | Identified Sif Muna's Tome of Prime Ignition (Sif Muna
                  | gifted it to you on level 1 of the Realm of Zot)
100009 | Zot:1    | Identified Sif Muna's Information on Creation and the
                  | Catacomb (Sif Muna gifted it to you on level 1 of the Realm
                  | of Zot)
100009 | Zot:1    | Identified Keczulitif's Vellum of Blasts and Kindling (Sif
                  | Muna gifted it to you on level 1 of the Realm of Zot)
100009 | Zot:1    | Identified Sif Muna's Precepts of Exhalation and
                  | Incineration (Sif Muna gifted it to you on level 1 of the
                  | Realm of Zot)
100009 | Zot:1    | Identified Meka Ate's Almanac of the Tuna (Sif Muna gifted
                  | it to you on level 1 of the Realm of Zot)
100009 | Zot:1    | Identified Sif Muna's Omnibus of Conflict (Sif Muna gifted
                  | it to you on level 1 of the Realm of Zot)
100009 | Zot:1    | Identified Sif Muna's Atlas of Congealing Bolts (Sif Muna
                  | gifted it to you on level 1 of the Realm of Zot)
100009 | Zot:1    | Identified Monena's Incunabulum of Turbulence and Bruises
                  | (Sif Muna gifted it to you on level 1 of the Realm of Zot)
100009 | Zot:1    | Identified Sif Muna's Dissertation on the Lethal Sky (Sif
                  | Muna gifted it to you on level 1 of the Realm of Zot)
100009 | Zot:1    | Identified Sif Muna's Vellum of the Bonfire (Sif Muna
                  | gifted it to you on level 1 of the Realm of Zot)
100009 | Zot:1    | Identified Sif Muna's Catalogue of Feathery Immolation (Sif
                  | Muna gifted it to you on level 1 of the Realm of Zot)
100009 | Zot:1    | Identified Sif Muna's Parchment of Non-Euclidean Blasting
                  | (Sif Muna gifted it to you on level 1 of the Realm of Zot)
100009 | Zot:1    | Identified Wiurom Dorull's Essays on Bruises (Sif Muna
                  | gifted it to you on level 1 of the Realm of Zot)
100009 | Zot:1    | Identified Sif Muna's Verses on Correspondence (Sif Muna
                  | gifted it to you on level 1 of the Realm of Zot)
100009 | Zot:1    | Identified Sif Muna's Excursus on Violence (Sif Muna gifted
                  | it to you on level 1 of the Realm of Zot)
100009 | Zot:1    | Identified Sesye's Spellbook of the Brilliant Quarry (Sif
                  | Muna gifted it to you on level 1 of the Realm of Zot)
100009 | Zot:1    | Identified Sif Muna's Vellum of the Limned Dragon (Sif Muna
                  | gifted it to you on level 1 of the Realm of Zot)
100009 | Zot:1    | Identified Sif Muna's Tractate on Misty Space (Sif Muna
                  | gifted it to you on level 1 of the Realm of Zot)
100009 | Zot:1    | Identified Sif Muna's Excursus on Incandescent Blows (Sif
                  | Muna gifted it to you on level 1 of the Realm of Zot)
100009 | Zot:1    | Identified Sif Muna's Disquisition on Impulse and
                  | Exhumation (Sif Muna gifted it to you on level 1 of the
                  | Realm of Zot)
100009 | Zot:1    | Identified Sif Muna's Tome of the Puissant Union (Sif Muna
                  | gifted it to you on level 1 of the Realm of Zot)
100009 | Zot:1    | Identified Sif Muna's Annotations on Variation and
                  | Dislocation (Sif Muna gifted it to you on level 1 of the
                  | Realm of Zot)
100009 | Zot:1    | Identified Sif Muna's Anthology of the Barrage (Sif Muna
                  | gifted it to you on level 1 of the Realm of Zot)
100009 | Zot:1    | Identified Sif Muna's Catalogue of Conflagration (Sif Muna
                  | gifted it to you on level 1 of the Realm of Zot)
100009 | Zot:1    | Identified Zukuhaan's Verses on Toxic Battling (Sif Muna
                  | gifted it to you on level 1 of the Realm of Zot)
100009 | Zot:1    | Identified Sif Muna's Quarto of the Hurtful Tempest (Sif
                  | Muna gifted it to you on level 1 of the Realm of Zot)
100009 | Zot:1    | Identified Edul's Parchment of Air and the Swarm (Sif Muna
                  | gifted it to you on level 1 of the Realm of Zot)
100009 | Zot:1    | Identified Sif Muna's Vellum of Conjuration (Sif Muna
                  | gifted it to you on level 1 of the Realm of Zot)
100009 | Zot:1    | Identified Sif Muna's Precepts of Amorphous Turbulence (Sif
                  | Muna gifted it to you on level 1 of the Realm of Zot)
100537 | Zot:2    | Noticed a Killer Klown
100540 | Zot:2    | Killed a Killer Klown
100786 | Zot:2    | Found a runed translucent gate.
100786 | Zot:2    | Found a runed translucent gate.
100786 | Zot:2    | Found a runed translucent gate.
100808 | Zot:2    | Noticed Gexkuux's ghost (master TrFi)
100822 | Zot:2    | Reached skill level 15 in Evocations
100827 | Zot:2    | Killed Gexkuux's ghost
100908 | Zot:2    | Identified the staff "Coeni" {rN+ Dex+2 Necro}
100960 | Zot:2    | Acquired 403 gold pieces
101056 | Zot:2    | Identified Sif Muna's Essays on Hot Turbulence (Sif Muna
                  | gifted it to you on level 2 of the Realm of Zot)
101056 | Zot:2    | Identified Sif Muna's Notes on the Productive Valley (Sif
                  | Muna gifted it to you on level 2 of the Realm of Zot)
101056 | Zot:2    | Identified Sif Muna's Arcane Secrets of Gnosis (Sif Muna
                  | gifted it to you on level 2 of the Realm of Zot)
101056 | Zot:2    | Identified Sif Muna's Octavo of Forceful Angles (Sif Muna
                  | gifted it to you on level 2 of the Realm of Zot)
101056 | Zot:2    | Identified Sif Muna's Quarto of Gusty Energy (Sif Muna
                  | gifted it to you on level 2 of the Realm of Zot)
101056 | Zot:2    | Identified Sif Muna's Anthology of the Scintillating
                  | Blizzard (Sif Muna gifted it to you on level 2 of the Realm
                  | of Zot)
101056 | Zot:2    | Identified Sif Muna's Omnibus of Combat Magic (Sif Muna
                  | gifted it to you on level 2 of the Realm of Zot)
101056 | Zot:2    | Identified Sif Muna's Elucidation of Undead Damage (Sif
                  | Muna gifted it to you on level 2 of the Realm of Zot)
101056 | Zot:2    | Identified Jufizaf's Compilation of Incineration (Sif Muna
                  | gifted it to you on level 2 of the Realm of Zot)
101056 | Zot:2    | Identified Sif Muna's Spellbook of the Discontinuous Volley
                  | (Sif Muna gifted it to you on level 2 of the Realm of Zot)
101056 | Zot:2    | Identified Fake Vap's Papyrus of the Amalgamated Fifth
                  | Circle (Sif Muna gifted it to you on level 2 of the Realm
                  | of Zot)
101056 | Zot:2    | Identified Sif Muna's Essays on Meteoric Sparks (Sif Muna
                  | gifted it to you on level 2 of the Realm of Zot)
101056 | Zot:2    | Identified Horchask Nado's Elucidation of Remoulded Soot
                  | (Sif Muna gifted it to you on level 2 of the Realm of Zot)
101056 | Zot:2    | Identified Sif Muna's Folio of Percussion (Sif Muna gifted
                  | it to you on level 2 of the Realm of Zot)
101056 | Zot:2    | Identified Wycwalof's Vellum of Iniquitous Rituals and the
                  | Tempest (Sif Muna gifted it to you on level 2 of the Realm
                  | of Zot)
101056 | Zot:2    | Identified Orchuatwa's Dissertation on Arcane Combat (Sif
                  | Muna gifted it to you on level 2 of the Realm of Zot)
101056 | Zot:2    | Identified Sif Muna's Spellbook of the Bruised Orbs (Sif
                  | Muna gifted it to you on level 2 of the Realm of Zot)
101056 | Zot:2    | Identified Sif Muna's Tome of Metamorphosis and the Queen
                  | Bee (Sif Muna gifted it to you on level 2 of the Realm of
                  | Zot)
101056 | Zot:2    | Identified Sif Muna's Spellbook of Conflict and the
                  | Commander (Sif Muna gifted it to you on level 2 of the
                  | Realm of Zot)
101056 | Zot:2    | Identified Sif Muna's Directory of the Salamander (Sif Muna
                  | gifted it to you on level 2 of the Realm of Zot)
101056 | Zot:2    | Identified Sif Muna's Tome of Blasts (Sif Muna gifted it to
                  | you on level 2 of the Realm of Zot)
101056 | Zot:2    | Identified Sif Muna's Thoughts on Configuration (Sif Muna
                  | gifted it to you on level 2 of the Realm of Zot)
101056 | Zot:2    | Identified Sif Muna's Elucidation of the Ruinous Crypt (Sif
                  | Muna gifted it to you on level 2 of the Realm of Zot)
101056 | Zot:2    | Identified Sif Muna's Commentary on the Inferno and Arcane
                  | Weapons (Sif Muna gifted it to you on level 2 of the Realm
                  | of Zot)
101056 | Zot:2    | Identified Sif Muna's Papyrus of the Salvo and the
                  | Excursion (Sif Muna gifted it to you on level 2 of the
                  | Realm of Zot)
101056 | Zot:2    | Identified Sif Muna's Atlas of the Tesseract and Arcane
                  | Weapons (Sif Muna gifted it to you on level 2 of the Realm
                  | of Zot)
101056 | Zot:2    | Identified Sif Muna's Tractate on Destructive Burning (Sif
                  | Muna gifted it to you on level 2 of the Realm of Zot)
101056 | Zot:2    | Identified Sif Muna's Handbook of the Excruciating
                  | Cumulonimbus (Sif Muna gifted it to you on level 2 of the
                  | Realm of Zot)
101056 | Zot:2    | Identified Sif Muna's Treatise on Kindling and Permutations
                  | (Sif Muna gifted it to you on level 2 of the Realm of Zot)
101242 | Zot:2    | Noticed a Killer Klown
101243 | Zot:2    | Killed a Killer Klown
101246 | Zot:2    | Reached skill level 15 in Invocations
101275 | Zot:2    | Identified Sif Muna's Almanac of Injury and Movement (Sif
                  | Muna gifted it to you on level 2 of the Realm of Zot)
101275 | Zot:2    | Identified Sif Muna's Meditations on the Unstable Morgue
                  | (Sif Muna gifted it to you on level 2 of the Realm of Zot)
101275 | Zot:2    | Identified Sif Muna's Directory of Despair and Frost (Sif
                  | Muna gifted it to you on level 2 of the Realm of Zot)
101275 | Zot:2    | Identified Asmodeus's Precepts of the Windy Dragon (Sif
                  | Muna gifted it to you on level 2 of the Realm of Zot)
101275 | Zot:2    | Identified Sif Muna's Incunabulum of Unlucky Putrescence
                  | (Sif Muna gifted it to you on level 2 of the Realm of Zot)
101275 | Zot:2    | Identified Dithriaze's Guidebook on the Syncline (Sif Muna
                  | gifted it to you on level 2 of the Realm of Zot)
101275 | Zot:2    | Identified Sif Muna's Lectures on the Dynamic Syncline (Sif
                  | Muna gifted it to you on level 2 of the Realm of Zot)
101275 | Zot:2    | Identified Sif Muna's Precepts of Correspondence and
                  | Lightning (Sif Muna gifted it to you on level 2 of the
                  | Realm of Zot)
101275 | Zot:2    | Identified Sif Muna's Secrets of Battling (Sif Muna gifted
                  | it to you on level 2 of the Realm of Zot)
101275 | Zot:2    | Identified Sif Muna's Vademecum on the Tectonic Burn (Sif
                  | Muna gifted it to you on level 2 of the Realm of Zot)
101275 | Zot:2    | Identified Sif Muna's Essays on Damage (Sif Muna gifted it
                  | to you on level 2 of the Realm of Zot)
101275 | Zot:2    | Identified Sif Muna's Anthology of Bombardment (Sif Muna
                  | gifted it to you on level 2 of the Realm of Zot)
101275 | Zot:2    | Identified Hypyci's Tome of Twisted Lamentation (Sif Muna
                  | gifted it to you on level 2 of the Realm of Zot)
101275 | Zot:2    | Identified Sif Muna's Spellbook of Kinetic Energy (Sif Muna
                  | gifted it to you on level 2 of the Realm of Zot)
101275 | Zot:2    | Identified Siedu's Catalogue of Places and Gases (Sif Muna
                  | gifted it to you on level 2 of the Realm of Zot)
101275 | Zot:2    | Identified Sif Muna's Volume of the Fifth Circle and the
                  | Winter (Sif Muna gifted it to you on level 2 of the Realm
                  | of Zot)
101275 | Zot:2    | Identified Vudozi's Encyclopedia of the Hurtful Burn (Sif
                  | Muna gifted it to you on level 2 of the Realm of Zot)
101275 | Zot:2    | Identified Sif Muna's Directory of the Hills (Sif Muna
                  | gifted it to you on level 2 of the Realm of Zot)
101275 | Zot:2    | Identified Sif Muna's Catalogue of the Lethal Pyromaniac
                  | (Sif Muna gifted it to you on level 2 of the Realm of Zot)
101275 | Zot:2    | Identified Sif Muna's Parchment of the Door and
                  | Shapeshifting (Sif Muna gifted it to you on level 2 of the
                  | Realm of Zot)
101275 | Zot:2    | Identified Sif Muna's Elucidation of Bombardment (Sif Muna
                  | gifted it to you on level 2 of the Realm of Zot)
101275 | Zot:2    | Identified Sif Muna's Tome of Relocated Violence (Sif Muna
                  | gifted it to you on level 2 of the Realm of Zot)
101275 | Zot:2    | Identified Sif Muna's Octavo of Puissant Evolution (Sif
                  | Muna gifted it to you on level 2 of the Realm of Zot)
101275 | Zot:2    | Identified Sif Muna's Catalogue of Weird Necromancy (Sif
                  | Muna gifted it to you on level 2 of the Realm of Zot)
101275 | Zot:2    | Identified Sif Muna's Elucidation of the Torch (Sif Muna
                  | gifted it to you on level 2 of the Realm of Zot)
101275 | Zot:2    | Identified Sif Muna's Secrets of Contaminated Pyromancy
                  | (Sif Muna gifted it to you on level 2 of the Realm of Zot)
101275 | Zot:2    | Identified Sif Muna's Guide on the Squall (Sif Muna gifted
                  | it to you on level 2 of the Realm of Zot)
101275 | Zot:2    | Identified Sif Muna's Octavo of Weird Venin (Sif Muna
                  | gifted it to you on level 2 of the Realm of Zot)
101275 | Zot:2    | Identified Sif Muna's Information on the Bright Rocks (Sif
                  | Muna gifted it to you on level 2 of the Realm of Zot)
101275 | Zot:2    | Identified Sif Muna's Dissertation on Despicable Acts and
                  | the Sixfirhy (Sif Muna gifted it to you on level 2 of the
                  | Realm of Zot)
101275 | Zot:2    | Identified Sif Muna's Handbook of Disjunct Power (Sif Muna
                  | gifted it to you on level 2 of the Realm of Zot)
101275 | Zot:2    | Identified Sif Muna's Codex of Deathly Topography (Sif Muna
                  | gifted it to you on level 2 of the Realm of Zot)
102049 | Zot:2    | Reached skill level 16 in Invocations
102288 | Zot:2    | Identified Sif Muna's Compendium of Gaseous Cadavers (Sif
                  | Muna gifted it to you on level 2 of the Realm of Zot)
102288 | Zot:2    | Identified Sif Muna's Volume of the Boreal Mortuary (Sif
                  | Muna gifted it to you on level 2 of the Realm of Zot)
102288 | Zot:2    | Identified Sif Muna's Grimoire of the Limned Singularity
                  | (Sif Muna gifted it to you on level 2 of the Realm of Zot)
102288 | Zot:2    | Identified Ereshkigal's Elucidation of Atmospheric Bruises
                  | (Sif Muna gifted it to you on level 2 of the Realm of Zot)
102288 | Zot:2    | Identified Sif Muna's Annotations on Resurrection (Sif Muna
                  | gifted it to you on level 2 of the Realm of Zot)
102288 | Zot:2    | Identified Sif Muna's Directory of the Winter and Thunder
                  | (Sif Muna gifted it to you on level 2 of the Realm of Zot)
102288 | Zot:2    | Identified Sif Muna's Meditations on Wildfire (Sif Muna
                  | gifted it to you on level 2 of the Realm of Zot)
102288 | Zot:2    | Identified Sif Muna's Essays on Embers (Sif Muna gifted it
                  | to you on level 2 of the Realm of Zot)
102288 | Zot:2    | Identified Sif Muna's Vellum of Space and the Throng (Sif
                  | Muna gifted it to you on level 2 of the Realm of Zot)
102288 | Zot:2    | Identified Sif Muna's Incunabulum of the Hidden Orbs (Sif
                  | Muna gifted it to you on level 2 of the Realm of Zot)
102288 | Zot:2    | Identified Sif Muna's Directory of Pestilent Alteration
                  | (Sif Muna gifted it to you on level 2 of the Realm of Zot)
102288 | Zot:2    | Identified Dispater's Compilation of Bruises and
                  | Incandescence (Sif Muna gifted it to you on level 2 of the
                  | Realm of Zot)
102288 | Zot:2    | Identified Sif Muna's Catalogue of Lightning (Sif Muna
                  | gifted it to you on level 2 of the Realm of Zot)
102288 | Zot:2    | Identified Irorr's Precepts of Singed Outbursts (Sif Muna
                  | gifted it to you on level 2 of the Realm of Zot)
102288 | Zot:2    | Identified Teeqiqeago's Vellum of Unholy Acts (Sif Muna
                  | gifted it to you on level 2 of the Realm of Zot)
102288 | Zot:2    | Identified Zoapotz's Enchiridion on the Figure and
                  | Lightning (Sif Muna gifted it to you on level 2 of the
                  | Realm of Zot)
102288 | Zot:2    | Identified Sif Muna's Elucidation of Energetic Guile (Sif
                  | Muna gifted it to you on level 2 of the Realm of Zot)
102288 | Zot:2    | Identified Sif Muna's Spellbook of the Star-crossed
                  | Salamander (Sif Muna gifted it to you on level 2 of the
                  | Realm of Zot)
102288 | Zot:2    | Identified Sif Muna's Compilation of Fire and Shapeshifting
                  | (Sif Muna gifted it to you on level 2 of the Realm of Zot)
102288 | Zot:2    | Identified Torchiq's Codex of Bewitchment (Sif Muna gifted
                  | it to you on level 2 of the Realm of Zot)
102288 | Zot:2    | Identified Sif Muna's Annotations on the Sphinx (Sif Muna
                  | gifted it to you on level 2 of the Realm of Zot)
102288 | Zot:2    | Identified Sif Muna's Incunable of Charms (Sif Muna gifted
                  | it to you on level 2 of the Realm of Zot)
102288 | Zot:2    | Identified Sif Muna's Volume of Arcane Combat (Sif Muna
                  | gifted it to you on level 2 of the Realm of Zot)
102288 | Zot:2    | Identified Sif Muna's Writings on Charming Left-Handed
                  | Mysteries (Sif Muna gifted it to you on level 2 of the
                  | Realm of Zot)
102288 | Zot:2    | Identified Vehumet's Atlas of the Fifth Circle (Sif Muna
                  | gifted it to you on level 2 of the Realm of Zot)
102288 | Zot:2    | Identified Sif Muna's Verses on the Bonfire and Points (Sif
                  | Muna gifted it to you on level 2 of the Realm of Zot)
102288 | Zot:2    | Identified Sif Muna's Commentary on Mortuary Bombardment
                  | (Sif Muna gifted it to you on level 2 of the Realm of Zot)
102288 | Zot:2    | Identified Sif Muna's Incunable of the Sixfirhy and Bolts
                  | (Sif Muna gifted it to you on level 2 of the Realm of Zot)
102288 | Zot:2    | Identified Malucvaw's Discursus on Energy (Sif Muna gifted
                  | it to you on level 2 of the Realm of Zot)
102288 | Zot:2    | Identified Vach's Lessons on Igneous Assaults (Sif Muna
                  | gifted it to you on level 2 of the Realm of Zot)
102455 | Zot:2    | Identified Sif Muna's Tome of Violent Correspondence (Sif
                  | Muna gifted it to you on level 2 of the Realm of Zot)
102455 | Zot:2    | Identified Sif Muna's Parchment of the Missiles (Sif Muna
                  | gifted it to you on level 2 of the Realm of Zot)
102455 | Zot:2    | Identified Sif Muna's Omnibus of Attacks (Sif Muna gifted
                  | it to you on level 2 of the Realm of Zot)
102455 | Zot:2    | Identified Sif Muna's Teachings on the Sixfirhy (Sif Muna
                  | gifted it to you on level 2 of the Realm of Zot)
102455 | Zot:2    | Identified Sif Muna's Tome of Arcane Combat and Inhalation
                  | (Sif Muna gifted it to you on level 2 of the Realm of Zot)
102455 | Zot:2    | Identified Sif Muna's Handbook of Spellbinding Conjury (Sif
                  | Muna gifted it to you on level 2 of the Realm of Zot)
102455 | Zot:2    | Identified Gaterril's Textbook on Skeletons (Sif Muna
                  | gifted it to you on level 2 of the Realm of Zot)
102455 | Zot:2    | Identified Sif Muna's Papyrus of the Limned Geodesic (Sif
                  | Muna gifted it to you on level 2 of the Realm of Zot)
102455 | Zot:2    | Identified Sif Muna's Guide on Geometry (Sif Muna gifted it
                  | to you on level 2 of the Realm of Zot)
102455 | Zot:2    | Identified Winif's Volume of Gaseous Conjuring (Sif Muna
                  | gifted it to you on level 2 of the Realm of Zot)
102455 | Zot:2    | Identified Sorid's Handbook of Embers (Sif Muna gifted it
                  | to you on level 2 of the Realm of Zot)
102455 | Zot:2    | Identified Lial's Teachings on Puissant Flame (Sif Muna
                  | gifted it to you on level 2 of the Realm of Zot)
102455 | Zot:2    | Identified Nuomiara's Octavo of Translocation and Ice (Sif
                  | Muna gifted it to you on level 2 of the Realm of Zot)
102455 | Zot:2    | Identified Sif Muna's Precepts of Alteration (Sif Muna
                  | gifted it to you on level 2 of the Realm of Zot)
102455 | Zot:2    | Identified Sif Muna's Compendium of Tropical Astrapomancy
                  | (Sif Muna gifted it to you on level 2 of the Realm of Zot)
102455 | Zot:2    | Identified Sif Muna's Tome of the Bright Gift (Sif Muna
                  | gifted it to you on level 2 of the Realm of Zot)
102455 | Zot:2    | Identified Sif Muna's Parchment of Wounds (Sif Muna gifted
                  | it to you on level 2 of the Realm of Zot)
102455 | Zot:2    | Identified Sif Muna's Discursus on the Hyperborean Retinue
                  | (Sif Muna gifted it to you on level 2 of the Realm of Zot)
102455 | Zot:2    | Identified Sif Muna's Thorough Guide to Hermetics (Sif Muna
                  | gifted it to you on level 2 of the Realm of Zot)
102455 | Zot:2    | Identified Utydel's Elucidation of Bombardment (Sif Muna
                  | gifted it to you on level 2 of the Realm of Zot)
102455 | Zot:2    | Identified Sif Muna's Annotations on Tainted Dark Liturgies
                  | (Sif Muna gifted it to you on level 2 of the Realm of Zot)
102455 | Zot:2    | Identified Sif Muna's Papyrus of the Cloudy Entourage (Sif
                  | Muna gifted it to you on level 2 of the Realm of Zot)
102455 | Zot:2    | Identified Sif Muna's Excursus on Congregated Stolen Souls
                  | (Sif Muna gifted it to you on level 2 of the Realm of Zot)
102455 | Zot:2    | Identified Sif Muna's Codex of the Petrous Shot (Sif Muna
                  | gifted it to you on level 2 of the Realm of Zot)
102455 | Zot:2    | Identified Sif Muna's Reference Book on Plutonic Violence
                  | (Sif Muna gifted it to you on level 2 of the Realm of Zot)
102455 | Zot:2    | Identified Sif Muna's Papyrus of Beckoning and the Gargoyle
                  | (Sif Muna gifted it to you on level 2 of the Realm of Zot)
102591 | Zot:2    | Identified Sif Muna's Parchment of the Shot (Sif Muna
                  | gifted it to you on level 2 of the Realm of Zot)
102591 | Zot:2    | Identified Sif Muna's Codex of the Shot (Sif Muna gifted it
                  | to you on level 2 of the Realm of Zot)
102591 | Zot:2    | Identified Sif Muna's Volume of the Displaced Tundra (Sif
                  | Muna gifted it to you on level 2 of the Realm of Zot)
102591 | Zot:2    | Identified Sif Muna's Tome of the Friendly Squall (Sif Muna
                  | gifted it to you on level 2 of the Realm of Zot)
102591 | Zot:2    | Identified Gaquysiu's Exposition on the Prime Wind (Sif
                  | Muna gifted it to you on level 2 of the Realm of Zot)
102591 | Zot:2    | Identified Viotaop's Enchiridion on Combustive Stolen Souls
                  | (Sif Muna gifted it to you on level 2 of the Realm of Zot)
102591 | Zot:2    | Identified Sif Muna's Parchment of Spellbinding and
                  | Modification (Sif Muna gifted it to you on level 2 of the
                  | Realm of Zot)
102591 | Zot:2    | Identified Sif Muna's Discourse on the Burn and Topography
                  | (Sif Muna gifted it to you on level 2 of the Realm of Zot)
102591 | Zot:2    | Identified Sif Muna's Parchment of Pneumatic Energy (Sif
                  | Muna gifted it to you on level 2 of the Realm of Zot)
102591 | Zot:2    | Identified Sif Muna's Parchment of the Pyre (Sif Muna
                  | gifted it to you on level 2 of the Realm of Zot)
102591 | Zot:2    | Identified Sif Muna's Elucidation of Teratogeny and Black
                  | Rites (Sif Muna gifted it to you on level 2 of the Realm of
                  | Zot)
102591 | Zot:2    | Identified Sif Muna's Spellbook of Firn and Impulse (Sif
                  | Muna gifted it to you on level 2 of the Realm of Zot)
102591 | Zot:2    | Identified Sif Muna's Grimoire of the Boulder and the Door
                  | (Sif Muna gifted it to you on level 2 of the Realm of Zot)
102591 | Zot:2    | Identified Sif Muna's Tome of the Dark Cumulonimbus (Sif
                  | Muna gifted it to you on level 2 of the Realm of Zot)
102591 | Zot:2    | Identified Sif Muna's Papyrus of Vitiation and Lava (Sif
                  | Muna gifted it to you on level 2 of the Realm of Zot)
102591 | Zot:2    | Identified Sif Muna's Codex of Crystalline Generation (Sif
                  | Muna gifted it to you on level 2 of the Realm of Zot)
102591 | Zot:2    | Identified Sif Muna's Commentary on Heat and Company (Sif
                  | Muna gifted it to you on level 2 of the Realm of Zot)
102591 | Zot:2    | Identified Juoley's Folio of the Exothermic Atmosphere (Sif
                  | Muna gifted it to you on level 2 of the Realm of Zot)
102591 | Zot:2    | Identified Sif Muna's Compilation of Planar Ignition (Sif
                  | Muna gifted it to you on level 2 of the Realm of Zot)
102591 | Zot:2    | Identified Sif Muna's Annotations on Blows (Sif Muna gifted
                  | it to you on level 2 of the Realm of Zot)
102591 | Zot:2    | Identified Ziozagen's Incunabulum of the Blazing Fjord (Sif
                  | Muna gifted it to you on level 2 of the Realm of Zot)
102591 | Zot:2    | Identified Sif Muna's Verses on Twisted Pyromancy (Sif Muna
                  | gifted it to you on level 2 of the Realm of Zot)
102591 | Zot:2    | Identified Sif Muna's Guide on Incineration (Sif Muna
                  | gifted it to you on level 2 of the Realm of Zot)
102591 | Zot:2    | Identified Sif Muna's Secrets of the Impact and Ouranomancy
                  | (Sif Muna gifted it to you on level 2 of the Realm of Zot)
102591 | Zot:2    | Identified Sif Muna's Dissertation on the Mighty Mountains
                  | (Sif Muna gifted it to you on level 2 of the Realm of Zot)
102591 | Zot:2    | Identified Veijomat's Parchment of Bolts (Sif Muna gifted
                  | it to you on level 2 of the Realm of Zot)
102591 | Zot:2    | Identified Sif Muna's Encyclopedia of Volatile Geometry
                  | (Sif Muna gifted it to you on level 2 of the Realm of Zot)
102591 | Zot:2    | Identified Sif Muna's Disquisition on Blasting (Sif Muna
                  | gifted it to you on level 2 of the Realm of Zot)
102591 | Zot:2    | Identified Sif Muna's Compilation of the Vexing Jaunt (Sif
                  | Muna gifted it to you on level 2 of the Realm of Zot)
102591 | Zot:2    | Identified Cerebov's Parchment of Arcane Weapons (Sif Muna
                  | gifted it to you on level 2 of the Realm of Zot)
102813 | Zot:3    | Noticed an ancient lich
102813 | Zot:3    | Found the sphere of Battle
102814 | Zot:3    | Noticed an orb of fire
102825 | Zot:3    | Noticed an orb of fire
102826 | Zot:3    | Identified Sif Muna's Vellum of Blazing Orientation (Sif
                  | Muna gifted it to you on level 3 of the Realm of Zot)
102826 | Zot:3    | Identified Sif Muna's Precepts of the Alluring Brume (Sif
                  | Muna gifted it to you on level 3 of the Realm of Zot)
102826 | Zot:3    | Identified Sif Muna's Papyrus of Attacks (Sif Muna gifted
                  | it to you on level 3 of the Realm of Zot)
102826 | Zot:3    | Identified Sif Muna's Almanac of Striking (Sif Muna gifted
                  | it to you on level 3 of the Realm of Zot)
102826 | Zot:3    | Identified Egig Juguro's Verses on the Ironbound Pyre (Sif
                  | Muna gifted it to you on level 3 of the Realm of Zot)
102826 | Zot:3    | Identified Sif Muna's Reference Book on Percussion (Sif
                  | Muna gifted it to you on level 3 of the Realm of Zot)
102826 | Zot:3    | Identified Sif Muna's Anthology of the Underground Shot
                  | (Sif Muna gifted it to you on level 3 of the Realm of Zot)
102826 | Zot:3    | Identified Louwk's Compendium of Cold and the Crypt (Sif
                  | Muna gifted it to you on level 3 of the Realm of Zot)
102826 | Zot:3    | Identified Sif Muna's Tome of Gloom and the Door (Sif Muna
                  | gifted it to you on level 3 of the Realm of Zot)
102826 | Zot:3    | Identified Sif Muna's Enchiridion on Fulgent Beguiling (Sif
                  | Muna gifted it to you on level 3 of the Realm of Zot)
102826 | Zot:3    | Identified Fotuis's Textbook on Foggy Stones (Sif Muna
                  | gifted it to you on level 3 of the Realm of Zot)
102826 | Zot:3    | Identified Sif Muna's Veiled Memoir of the Blind Seer (Sif
                  | Muna gifted it to you on level 3 of the Realm of Zot)
102826 | Zot:3    | Identified Biciocwanye's Codex of Flashy Calefaction (Sif
                  | Muna gifted it to you on level 3 of the Realm of Zot)
102826 | Zot:3    | Identified Sif Muna's Lessons on Combustion and Arcane
                  | Combat (Sif Muna gifted it to you on level 3 of the Realm
                  | of Zot)
102826 | Zot:3    | Identified Sif Muna's Quarto of Shifting and the Iceberg
                  | (Sif Muna gifted it to you on level 3 of the Realm of Zot)
102826 | Zot:3    | Identified Giameor's Codex of the Scorched Lungs (Sif Muna
                  | gifted it to you on level 3 of the Realm of Zot)
102826 | Zot:3    | Identified Sif Muna's Folio of Translocation (Sif Muna
                  | gifted it to you on level 3 of the Realm of Zot)
102826 | Zot:3    | Identified Sif Muna's Octavo of Enchanted Accelerants (Sif
                  | Muna gifted it to you on level 3 of the Realm of Zot)
102826 | Zot:3    | Identified Sif Muna's Lectures on the Vapourous Volcano
                  | (Sif Muna gifted it to you on level 3 of the Realm of Zot)
102826 | Zot:3    | Identified Sif Muna's Octavo of Hurting (Sif Muna gifted it
                  | to you on level 3 of the Realm of Zot)
102826 | Zot:3    | Identified Sif Muna's Folio of the Pneumatic Pyromaniac
                  | (Sif Muna gifted it to you on level 3 of the Realm of Zot)
102826 | Zot:3    | Identified Sif Muna's Tome of Geometry and Unhallowed Rites
                  | (Sif Muna gifted it to you on level 3 of the Realm of Zot)
102826 | Zot:3    | Identified Sif Muna's Dissertation on Injurious Geometries
                  | (Sif Muna gifted it to you on level 3 of the Realm of Zot)
102826 | Zot:3    | Identified Sif Muna's Meditations on Cloudy Attacks (Sif
                  | Muna gifted it to you on level 3 of the Realm of Zot)
102826 | Zot:3    | Identified Sif Muna's Guidebook on Blasts and Unspeakable
                  | Acts (Sif Muna gifted it to you on level 3 of the Realm of
                  | Zot)
102826 | Zot:3    | Identified Ummenu's Handbook of the Anticline and the Sun
                  | (Sif Muna gifted it to you on level 3 of the Realm of Zot)
102826 | Zot:3    | Identified Sif Muna's Octavo of Direction and Arcane Combat
                  | (Sif Muna gifted it to you on level 3 of the Realm of Zot)
102826 | Zot:3    | Identified Sif Muna's Mysticism, Part Seven (Sif Muna
                  | gifted it to you on level 3 of the Realm of Zot)
102826 | Zot:3    | Identified Sif Muna's Quarto of the Prime Brume (Sif Muna
                  | gifted it to you on level 3 of the Realm of Zot)
102826 | Zot:3    | Identified Sif Muna's Incunable of Toxins and the Geodesic
                  | (Sif Muna gifted it to you on level 3 of the Realm of Zot)
102826 | Zot:3    | Identified Duetzitt's Anthology of Minerals and the Curse
                  | (Sif Muna gifted it to you on level 3 of the Realm of Zot)
102826 | Zot:3    | Identified Sif Muna's Guide on Sciomancy and the Band (Sif
                  | Muna gifted it to you on level 3 of the Realm of Zot)
102826 | Zot:3    | Identified Zesse's Lessons on Geological Venom (Sif Muna
                  | gifted it to you on level 3 of the Realm of Zot)
102826 | Zot:3    | Identified Sif Muna's Quarto of Hurting (Sif Muna gifted it
                  | to you on level 3 of the Realm of Zot)
102826 | Zot:3    | Identified Sif Muna's Volume of Burning Blasting (Sif Muna
                  | gifted it to you on level 3 of the Realm of Zot)
102826 | Zot:3    | Identified Sif Muna's Compilation of the Impact (Sif Muna
                  | gifted it to you on level 3 of the Realm of Zot)
102826 | Zot:3    | Identified Sif Muna's Almanac of the Impact (Sif Muna
                  | gifted it to you on level 3 of the Realm of Zot)
102826 | Zot:3    | Identified Sif Muna's Rites and Rhymes of the Archmage (Sif
                  | Muna gifted it to you on level 3 of the Realm of Zot)
102826 | Zot:3    | Identified Irghosm's Compendium of the Mighty Maleficium
                  | (Sif Muna gifted it to you on level 3 of the Realm of Zot)
102826 | Zot:3    | Identified Sif Muna's Quarto of the Hidden Nightingales
                  | (Sif Muna gifted it to you on level 3 of the Realm of Zot)
102826 | Zot:3    | Identified Sif Muna's Elucidation of the Tropics (Sif Muna
                  | gifted it to you on level 3 of the Realm of Zot)
102826 | Zot:3    | Identified Sif Muna's Spellbook of Volatile Anemomancy (Sif
                  | Muna gifted it to you on level 3 of the Realm of Zot)
102826 | Zot:3    | Identified Sif Muna's Information on Lofty Power (Sif Muna
                  | gifted it to you on level 3 of the Realm of Zot)
102826 | Zot:3    | Identified Sif Muna's Atlas of Inquiry (Sif Muna gifted it
                  | to you on level 3 of the Realm of Zot)
102826 | Zot:3    | Identified Jahaniew's Atlas of Iniquitous Rituals (Sif Muna
                  | gifted it to you on level 3 of the Realm of Zot)
102826 | Zot:3    | Identified Sif Muna's Writings on Fuming Fire (Sif Muna
                  | gifted it to you on level 3 of the Realm of Zot)
102826 | Zot:3    | Identified Sif Muna's Encyclopedia of Electric Conjuration
                  | (Sif Muna gifted it to you on level 3 of the Realm of Zot)
102826 | Zot:3    | Identified Doclonic's Verses on Destruction (Sif Muna
                  | gifted it to you on level 3 of the Realm of Zot)
102826 | Zot:3    | Identified Sif Muna's Anthology of Causimancy and Combat
                  | Magic (Sif Muna gifted it to you on level 3 of the Realm of
                  | Zot)
102826 | Zot:3    | Identified Sif Muna's Annotations on Conflagrant Terrain
                  | (Sif Muna gifted it to you on level 3 of the Realm of Zot)
102826 | Zot:3    | Identified Sif Muna's Omnibus of Morbid Battling (Sif Muna
                  | gifted it to you on level 3 of the Realm of Zot)
102826 | Zot:3    | Identified Sif Muna's Secrets of Greatest Risks and Utility
                  | (Sif Muna gifted it to you on level 3 of the Realm of Zot)
102826 | Zot:3    | Identified Sif Muna's Encyclopedia of Arcane Weapons (Sif
                  | Muna gifted it to you on level 3 of the Realm of Zot)
102826 | Zot:3    | Identified Pyles's Compendium of the Conjured Undead (Sif
                  | Muna gifted it to you on level 3 of the Realm of Zot)
102826 | Zot:3    | Identified Sif Muna's Exposition on Heavy Fulmination (Sif
                  | Muna gifted it to you on level 3 of the Realm of Zot)
102826 | Zot:3    | Identified Sif Muna's Almanac of the Vector (Sif Muna
                  | gifted it to you on level 3 of the Realm of Zot)
102826 | Zot:3    | Identified Cerebov's Octavo of Combat Magic (Sif Muna
                  | gifted it to you on level 3 of the Realm of Zot)
102827 | Zot:3    | Reached skill level 17 in Invocations
102828 | Zot:3    | Identified Qigegash's Folio of Flaming Anemomancy (Sif Muna
                  | gifted it to you on level 3 of the Realm of Zot)
102828 | Zot:3    | Identified Sif Muna's Essays on Kinetic Energy (Sif Muna
                  | gifted it to you on level 3 of the Realm of Zot)
102828 | Zot:3    | Identified Deycaesu's Papyrus of the Curse and Invitation
                  | (Sif Muna gifted it to you on level 3 of the Realm of Zot)
102828 | Zot:3    | Identified Sif Muna's Volume of Heat (Sif Muna gifted it to
                  | you on level 3 of the Realm of Zot)
102828 | Zot:3    | Identified Viufasaps's Discursus on Violence and the Brume
                  | (Sif Muna gifted it to you on level 3 of the Realm of Zot)
102828 | Zot:3    | Identified Sif Muna's Directory of Transforming Dislocation
                  | (Sif Muna gifted it to you on level 3 of the Realm of Zot)
102828 | Zot:3    | Identified Sif Muna's Compilation of the Impact (Sif Muna
                  | gifted it to you on level 3 of the Realm of Zot)
102828 | Zot:3    | Identified Sif Muna's Codex of Leadership and Quicksand
                  | (Sif Muna gifted it to you on level 3 of the Realm of Zot)
102828 | Zot:3    | Identified Sif Muna's Quarto of Space (Sif Muna gifted it
                  | to you on level 3 of the Realm of Zot)
102828 | Zot:3    | Identified Sif Muna's Monograph on Concussion (Sif Muna
                  | gifted it to you on level 3 of the Realm of Zot)
102828 | Zot:3    | Identified Sif Muna's Grimoire of Feathery Illusion (Sif
                  | Muna gifted it to you on level 3 of the Realm of Zot)
102828 | Zot:3    | Identified Obroyck's Book of the Discharge (Sif Muna gifted
                  | it to you on level 3 of the Realm of Zot)
102828 | Zot:3    | Identified Vorhoi's Codex of Causimancy (Sif Muna gifted it
                  | to you on level 3 of the Realm of Zot)
102828 | Zot:3    | Identified Sif Muna's Directory of Phlogiston and
                  | Conjuration (Sif Muna gifted it to you on level 3 of the
                  | Realm of Zot)
102828 | Zot:3    | Identified Sif Muna's Parchment of Misty Cadavers (Sif Muna
                  | gifted it to you on level 3 of the Realm of Zot)
102828 | Zot:3    | Identified Sif Muna's Almanac of Aeromancy and Adjuration
                  | (Sif Muna gifted it to you on level 3 of the Realm of Zot)
102828 | Zot:3    | Identified Sif Muna's Secrets of Mutated Position (Sif Muna
                  | gifted it to you on level 3 of the Realm of Zot)
102828 | Zot:3    | Identified Sif Muna's Secrets of the Wild Squall (Sif Muna
                  | gifted it to you on level 3 of the Realm of Zot)
102828 | Zot:3    | Identified Wuicut's Vademecum on Feathers and Embers (Sif
                  | Muna gifted it to you on level 3 of the Realm of Zot)
102828 | Zot:3    | Identified Sif Muna's Cyclopedia of Prime Fire (Sif Muna
                  | gifted it to you on level 3 of the Realm of Zot)
102828 | Zot:3    | Identified Sif Muna's Spellbook of the Flamy Grave (Sif
                  | Muna gifted it to you on level 3 of the Realm of Zot)
102828 | Zot:3    | Identified Sif Muna's Tome of the Injurious Band (Sif Muna
                  | gifted it to you on level 3 of the Realm of Zot)
102828 | Zot:3    | Identified Sif Muna's Collected Works on Combat Magic and
                  | Bones (Sif Muna gifted it to you on level 3 of the Realm of
                  | Zot)
102828 | Zot:3    | Identified Unyjy's Textbook on Misty Striking (Sif Muna
                  | gifted it to you on level 3 of the Realm of Zot)
102828 | Zot:3    | Identified Sif Muna's Vellum of the Ruinous Traveller (Sif
                  | Muna gifted it to you on level 3 of the Realm of Zot)
102828 | Zot:3    | Identified Sif Muna's Octavo of Blazing Combat Magic (Sif
                  | Muna gifted it to you on level 3 of the Realm of Zot)
102828 | Zot:3    | Identified Duxt's Treatise on Force (Sif Muna gifted it to
                  | you on level 3 of the Realm of Zot)
102828 | Zot:3    | Identified Foiloh's Guidebook on the Plutonic Dose (Sif
                  | Muna gifted it to you on level 3 of the Realm of Zot)
102828 | Zot:3    | Identified Sif Muna's Volume of Ignition and Trauma (Sif
                  | Muna gifted it to you on level 3 of the Realm of Zot)
102828 | Zot:3    | Identified Sif Muna's Atlas of the Missiles (Sif Muna
                  | gifted it to you on level 3 of the Realm of Zot)
102829 | Zot:3    | Killed an orb of fire
102829 | Zot:3    | Identified Sif Muna's Lectures on Postmortem Fog (Sif Muna
                  | gifted it to you on level 3 of the Realm of Zot)
102829 | Zot:3    | Identified Sif Muna's Precepts of Vapour (Sif Muna gifted
                  | it to you on level 3 of the Realm of Zot)
102829 | Zot:3    | Identified Sif Muna's Vademecum on Horrible Embers (Sif
                  | Muna gifted it to you on level 3 of the Realm of Zot)
102829 | Zot:3    | Identified Sif Muna's Catalogue of Arcane Weapons (Sif Muna
                  | gifted it to you on level 3 of the Realm of Zot)
102829 | Zot:3    | Identified Sif Muna's Catalogue of Exhalation and the
                  | Entourage (Sif Muna gifted it to you on level 3 of the
                  | Realm of Zot)
102829 | Zot:3    | Identified Atty's Omnibus of Battle Magic (Sif Muna gifted
                  | it to you on level 3 of the Realm of Zot)
102829 | Zot:3    | Identified Sif Muna's Dissertation on Gusty Guile (Sif Muna
                  | gifted it to you on level 3 of the Realm of Zot)
102829 | Zot:3    | Identified Sif Muna's Thoughts on the Damned and the Brume
                  | (Sif Muna gifted it to you on level 3 of the Realm of Zot)
102829 | Zot:3    | Identified Puluvuhyol's Annotations on Attacks (Sif Muna
                  | gifted it to you on level 3 of the Realm of Zot)
102829 | Zot:3    | Identified Sif Muna's Excursus on the Macabre Lungs (Sif
                  | Muna gifted it to you on level 3 of the Realm of Zot)
102829 | Zot:3    | Identified Sif Muna's Opusculum on the Xenotype and Hurting
                  | (Sif Muna gifted it to you on level 3 of the Realm of Zot)
102829 | Zot:3    | Identified Xutroyrch's Spellbook of Spatial Curses (Sif
                  | Muna gifted it to you on level 3 of the Realm of Zot)
102829 | Zot:3    | Identified Sif Muna's Teachings on the Igneous Fault (Sif
                  | Muna gifted it to you on level 3 of the Realm of Zot)
102829 | Zot:3    | Identified Sif Muna's Annotations on Conflict and Soot (Sif
                  | Muna gifted it to you on level 3 of the Realm of Zot)
102829 | Zot:3    | Identified Sif Muna's Quarto of Destined Conjuring (Sif
                  | Muna gifted it to you on level 3 of the Realm of Zot)
102829 | Zot:3    | Identified Sif Muna's Codex of Lightning (Sif Muna gifted
                  | it to you on level 3 of the Realm of Zot)
102829 | Zot:3    | Identified Sif Muna's Almanac of the Missiles (Sif Muna
                  | gifted it to you on level 3 of the Realm of Zot)
102829 | Zot:3    | Identified Sif Muna's Folio of Concussion (Sif Muna gifted
                  | it to you on level 3 of the Realm of Zot)
102829 | Zot:3    | Identified Ojuawk's Anthology of Battling (Sif Muna gifted
                  | it to you on level 3 of the Realm of Zot)
102829 | Zot:3    | Identified Sif Muna's Quarto of Power (Sif Muna gifted it
                  | to you on level 3 of the Realm of Zot)
102829 | Zot:3    | Identified Sif Muna's Secrets of Immolation (Sif Muna
                  | gifted it to you on level 3 of the Realm of Zot)
102829 | Zot:3    | Identified Sif Muna's Incunable of Causimancy (Sif Muna
                  | gifted it to you on level 3 of the Realm of Zot)
102829 | Zot:3    | Identified Cimor's Incunable of Topomancy and Momentum (Sif
                  | Muna gifted it to you on level 3 of the Realm of Zot)
102829 | Zot:3    | Identified Sif Muna's Codex of the Gargoyle and Destruction
                  | (Sif Muna gifted it to you on level 3 of the Realm of Zot)
102829 | Zot:3    | Identified Enofusing's Collected Works on the Brilliant
                  | Burn (Sif Muna gifted it to you on level 3 of the Realm of
                  | Zot)
102829 | Zot:3    | Identified Sif Muna's Folio of the Maze (Sif Muna gifted it
                  | to you on level 3 of the Realm of Zot)
102829 | Zot:3    | Identified Sif Muna's Elucidation of Power (Sif Muna gifted
                  | it to you on level 3 of the Realm of Zot)
102829 | Zot:3    | Identified Sif Muna's Encyclopedia of Dusty Trauma (Sif
                  | Muna gifted it to you on level 3 of the Realm of Zot)
102939 | Zot:3    | Found a shimmering blue altar of Sif Muna.
102940 | Zot:3    | Noticed a dread lich
102949 | Zot:3    | Found a transporter.
103107 | Zot:3    | Identified Sif Muna's Spellbook of Fulmination (Sif Muna
                  | gifted it to you on level 3 of the Realm of Zot)
103107 | Zot:3    | Identified Sif Muna's Vellum of the Pestilent Nimbus (Sif
                  | Muna gifted it to you on level 3 of the Realm of Zot)
103107 | Zot:3    | Identified Nepud's Compendium of the Harmful Sky (Sif Muna
                  | gifted it to you on level 3 of the Realm of Zot)
103107 | Zot:3    | Identified Sif Muna's Exposition on Combat Magic (Sif Muna
                  | gifted it to you on level 3 of the Realm of Zot)
103107 | Zot:3    | Identified Sif Muna's Tome of Bombardment and the Blink
                  | Frog (Sif Muna gifted it to you on level 3 of the Realm of
                  | Zot)
103107 | Zot:3    | Identified Qausuh's Guide on Arcane Combat (Sif Muna gifted
                  | it to you on level 3 of the Realm of Zot)
103107 | Zot:3    | Identified Sif Muna's Quarto of Windy Battling (Sif Muna
                  | gifted it to you on level 3 of the Realm of Zot)
103107 | Zot:3    | Identified Huwew's Incunable of the Discharge (Sif Muna
                  | gifted it to you on level 3 of the Realm of Zot)
103107 | Zot:3    | Identified Sif Muna's Lectures on Cleavage and the Hornet
                  | (Sif Muna gifted it to you on level 3 of the Realm of Zot)
103107 | Zot:3    | Identified Sif Muna's Precepts of the Fifth Circle and
                  | Orientation (Sif Muna gifted it to you on level 3 of the
                  | Realm of Zot)
103107 | Zot:3    | Identified Sif Muna's Atlas of the Hurtful Zephyr (Sif Muna
                  | gifted it to you on level 3 of the Realm of Zot)
103107 | Zot:3    | Identified Sif Muna's Spellbook of Conflict (Sif Muna
                  | gifted it to you on level 3 of the Realm of Zot)
103107 | Zot:3    | Identified Sif Muna's Atlas of Damaging Conflagration (Sif
                  | Muna gifted it to you on level 3 of the Realm of Zot)
103107 | Zot:3    | Identified Dispater's Reference Book on the Massed Salvo
                  | (Sif Muna gifted it to you on level 3 of the Realm of Zot)
103107 | Zot:3    | Identified Beucsyss's Secrets of Pneumatic Scree (Sif Muna
                  | gifted it to you on level 3 of the Realm of Zot)
103107 | Zot:3    | Identified Feerecra's Commentary on Arcane Weapons and the
                  | Singularity (Sif Muna gifted it to you on level 3 of the
                  | Realm of Zot)
103107 | Zot:3    | Identified Doirroh's Opusculum on the Inferno and the
                  | Blizzard (Sif Muna gifted it to you on level 3 of the Realm
                  | of Zot)
103107 | Zot:3    | Identified Sif Muna's Notes on Earthen Combat Magic (Sif
                  | Muna gifted it to you on level 3 of the Realm of Zot)
103107 | Zot:3    | Identified Minwep's Tome of Clouds (Sif Muna gifted it to
                  | you on level 3 of the Realm of Zot)
103107 | Zot:3    | Identified Sif Muna's Atlas of Oxidation (Sif Muna gifted
                  | it to you on level 3 of the Realm of Zot)
103107 | Zot:3    | Identified Sif Muna's Secrets of Flinty Accelerants (Sif
                  | Muna gifted it to you on level 3 of the Realm of Zot)
103107 | Zot:3    | Identified Sif Muna's Almanac of Felsic Embers (Sif Muna
                  | gifted it to you on level 3 of the Realm of Zot)
103107 | Zot:3    | Identified Sif Muna's Compilation of Forceful Charms (Sif
                  | Muna gifted it to you on level 3 of the Realm of Zot)
103107 | Zot:3    | Identified Sif Muna's Tome of White Places (Sif Muna gifted
                  | it to you on level 3 of the Realm of Zot)
103107 | Zot:3    | Identified Sif Muna's Papyrus of Momentum (Sif Muna gifted
                  | it to you on level 3 of the Realm of Zot)
103107 | Zot:3    | Identified Pyetz's Spellbook of Destined Refrigeration (Sif
                  | Muna gifted it to you on level 3 of the Realm of Zot)
103107 | Zot:3    | Identified Sif Muna's Book of Flamy Debased Mysteries (Sif
                  | Muna gifted it to you on level 3 of the Realm of Zot)
103107 | Zot:3    | Identified Sif Muna's Papyrus of the Compass and Power (Sif
                  | Muna gifted it to you on level 3 of the Realm of Zot)
103107 | Zot:3    | Identified Sif Muna's Grimoire of Permutations and the Band
                  | (Sif Muna gifted it to you on level 3 of the Realm of Zot)
103107 | Zot:3    | Identified Taeciri's Atlas of Conflict (Sif Muna gifted it
                  | to you on level 3 of the Realm of Zot)
103107 | Zot:3    | Identified Oteomnol's Disquisition on the Fjord (Sif Muna
                  | gifted it to you on level 3 of the Realm of Zot)
103107 | Zot:3    | Identified Sif Muna's Grimoire of the Bear (Sif Muna gifted
                  | it to you on level 3 of the Realm of Zot)
103107 | Zot:3    | Identified Sif Muna's Codex of Unified Bolts (Sif Muna
                  | gifted it to you on level 3 of the Realm of Zot)
103153 | Zot:3    | Reached skill level 18 in Invocations
103230 | Zot:3    | Identified Sif Muna's Opusculum on Fiery Percussion (Sif
                  | Muna gifted it to you on level 3 of the Realm of Zot)
103230 | Zot:3    | Identified Sif Muna's Parchment of Damage (Sif Muna gifted
                  | it to you on level 3 of the Realm of Zot)
103230 | Zot:3    | Identified Sif Muna's Lessons on Telluric Configuration
                  | (Sif Muna gifted it to you on level 3 of the Realm of Zot)
103230 | Zot:3    | Identified Sif Muna's Intricacies of Willworking (Sif Muna
                  | gifted it to you on level 3 of the Realm of Zot)
103230 | Zot:3    | Identified Sif Muna's Omnibus of Talus (Sif Muna gifted it
                  | to you on level 3 of the Realm of Zot)
103230 | Zot:3    | Identified Sif Muna's Vellum of the Discharge (Sif Muna
                  | gifted it to you on level 3 of the Realm of Zot)
103230 | Zot:3    | Identified Sif Muna's Meditations on Deathly Arcane Weapons
                  | (Sif Muna gifted it to you on level 3 of the Realm of Zot)
103230 | Zot:3    | Identified Sif Muna's Atlas of Assaults (Sif Muna gifted it
                  | to you on level 3 of the Realm of Zot)
103230 | Zot:3    | Identified Sif Muna's Secrets of the Overcast Rocks (Sif
                  | Muna gifted it to you on level 3 of the Realm of Zot)
103230 | Zot:3    | Identified Sif Muna's Almanac of Conflict (Sif Muna gifted
                  | it to you on level 3 of the Realm of Zot)
103230 | Zot:3    | Identified Sif Muna's Tractate on the Lungs and
                  | Anthracomancy (Sif Muna gifted it to you on level 3 of the
                  | Realm of Zot)
103230 | Zot:3    | Identified Sif Muna's Compendium of Momentum (Sif Muna
                  | gifted it to you on level 3 of the Realm of Zot)
103230 | Zot:3    | Identified Sif Muna's Vellum of the Tropics and Battling
                  | (Sif Muna gifted it to you on level 3 of the Realm of Zot)
103230 | Zot:3    | Identified Sif Muna's Vellum of Gaseous Hurting (Sif Muna
                  | gifted it to you on level 3 of the Realm of Zot)
103230 | Zot:3    | Identified Sif Muna's Commentary on the Electric Salvo (Sif
                  | Muna gifted it to you on level 3 of the Realm of Zot)
103230 | Zot:3    | Identified Sif Muna's Book of Lithic Anathema (Sif Muna
                  | gifted it to you on level 3 of the Realm of Zot)
103230 | Zot:3    | Identified Nualioq's Incunabulum of Blows and Anthracomancy
                  | (Sif Muna gifted it to you on level 3 of the Realm of Zot)
103230 | Zot:3    | Identified Zawit's Elucidation of the Venomous Boulder (Sif
                  | Muna gifted it to you on level 3 of the Realm of Zot)
103230 | Zot:3    | Identified Sif Muna's Octavo of the Map and Congelation
                  | (Sif Muna gifted it to you on level 3 of the Realm of Zot)
103230 | Zot:3    | Identified Sif Muna's Monograph on Blasting (Sif Muna
                  | gifted it to you on level 3 of the Realm of Zot)
103230 | Zot:3    | Identified Asmodeus's Papyrus of Injury (Sif Muna gifted it
                  | to you on level 3 of the Realm of Zot)
103230 | Zot:3    | Identified Ulereva's Cyclopedia of Radiant Wildfire (Sif
                  | Muna gifted it to you on level 3 of the Realm of Zot)
103230 | Zot:3    | Identified Sif Muna's Secrets of Freezing and Fire (Sif
                  | Muna gifted it to you on level 3 of the Realm of Zot)
103230 | Zot:3    | Identified Sif Muna's Compilation of the Fair Folk and the
                  | Chill (Sif Muna gifted it to you on level 3 of the Realm of
                  | Zot)
103230 | Zot:3    | Identified Sif Muna's Quarto of Electricity and
                  | Ensorcelling (Sif Muna gifted it to you on level 3 of the
                  | Realm of Zot)
103230 | Zot:3    | Identified Sif Muna's Atlas of Injurious Causimancy (Sif
                  | Muna gifted it to you on level 3 of the Realm of Zot)
103230 | Zot:3    | Identified Uthre Roe's Commentary on Rocky Beguiling (Sif
                  | Muna gifted it to you on level 3 of the Realm of Zot)
103230 | Zot:3    | Identified Utaigg's Tractate on Blows (Sif Muna gifted it
                  | to you on level 3 of the Realm of Zot)
103230 | Zot:3    | Identified Sif Muna's Guidebook on Glowing Impurities (Sif
                  | Muna gifted it to you on level 3 of the Realm of Zot)
103312 | Zot:3    | Identified Seplio Xeja's Almanac of Coruscating Unholy
                  | Spells (Sif Muna gifted it to you on level 3 of the Realm
                  | of Zot)
103312 | Zot:3    | Identified Sif Muna's Volume of Flamy Arcane Weapons (Sif
                  | Muna gifted it to you on level 3 of the Realm of Zot)
103312 | Zot:3    | Identified Sif Muna's Folio of the Poisonous Torch (Sif
                  | Muna gifted it to you on level 3 of the Realm of Zot)
103312 | Zot:3    | Identified Pimifaku's Elucidation of Airy Striking (Sif
                  | Muna gifted it to you on level 3 of the Realm of Zot)
103312 | Zot:3    | Identified Gicrea's Precepts of Energetic Voltage (Sif Muna
                  | gifted it to you on level 3 of the Realm of Zot)
103312 | Zot:3    | Identified Sif Muna's Almanac of Injury (Sif Muna gifted it
                  | to you on level 3 of the Realm of Zot)
103312 | Zot:3    | Identified Sif Muna's Directory of Battle Magic (Sif Muna
                  | gifted it to you on level 3 of the Realm of Zot)
103312 | Zot:3    | Identified Sif Muna's Information on the Tropical Impact
                  | (Sif Muna gifted it to you on level 3 of the Realm of Zot)
103312 | Zot:3    | Identified Sif Muna's Omnibus of Spooky Action (Sif Muna
                  | gifted it to you on level 3 of the Realm of Zot)
103312 | Zot:3    | Identified Sif Muna's Handbook of the Vector (Sif Muna
                  | gifted it to you on level 3 of the Realm of Zot)
103312 | Zot:3    | Identified Sif Muna's Incunabulum of Flashy Nonlocality
                  | (Sif Muna gifted it to you on level 3 of the Realm of Zot)
103312 | Zot:3    | Identified Sif Muna's Precepts of the Cumulonimbus and the
                  | Wayfarer (Sif Muna gifted it to you on level 3 of the Realm
                  | of Zot)
103312 | Zot:3    | Identified Sif Muna's Catalogue of the Burn and the Wyrd
                  | (Sif Muna gifted it to you on level 3 of the Realm of Zot)
103312 | Zot:3    | Identified Sif Muna's Parchment of the Disgusting Pyre (Sif
                  | Muna gifted it to you on level 3 of the Realm of Zot)
103312 | Zot:3    | Identified Sif Muna's Annotations on Wounds (Sif Muna
                  | gifted it to you on level 3 of the Realm of Zot)
103312 | Zot:3    | Identified Ybonip's Papyrus of the Missiles (Sif Muna
                  | gifted it to you on level 3 of the Realm of Zot)
103312 | Zot:3    | Identified Sif Muna's Papyrus of the Incendiary Faeries
                  | (Sif Muna gifted it to you on level 3 of the Realm of Zot)
103312 | Zot:3    | Identified Sif Muna's Octavo of Momentum and the Atmosphere
                  | (Sif Muna gifted it to you on level 3 of the Realm of Zot)
103312 | Zot:3    | Identified Sif Muna's Information on Sizzling Outbursts
                  | (Sif Muna gifted it to you on level 3 of the Realm of Zot)
103312 | Zot:3    | Identified Sif Muna's Directory of the Missiles (Sif Muna
                  | gifted it to you on level 3 of the Realm of Zot)
103312 | Zot:3    | Identified Liedgh's Lectures on the Discharge and
                  | Electricity (Sif Muna gifted it to you on level 3 of the
                  | Realm of Zot)
103312 | Zot:3    | Identified Qyrchu's Vellum of Damage (Sif Muna gifted it to
                  | you on level 3 of the Realm of Zot)
103312 | Zot:3    | Identified Honeyt's Opusculum on Supportive Combustion (Sif
                  | Muna gifted it to you on level 3 of the Realm of Zot)
103312 | Zot:3    | Identified Sif Muna's Secrets of Mortification and the
                  | Inferno (Sif Muna gifted it to you on level 3 of the Realm
                  | of Zot)
103312 | Zot:3    | Identified Sif Muna's Notes on the Singed Volley (Sif Muna
                  | gifted it to you on level 3 of the Realm of Zot)
103312 | Zot:3    | Identified Sif Muna's Precepts of Ignition (Sif Muna gifted
                  | it to you on level 3 of the Realm of Zot)
103312 | Zot:3    | Identified Sif Muna's Discursus on the Non-Euclidean
                  | Congregation (Sif Muna gifted it to you on level 3 of the
                  | Realm of Zot)
103312 | Zot:3    | Identified Sif Muna's Grimoire of Luminous Formation (Sif
                  | Muna gifted it to you on level 3 of the Realm of Zot)
103312 | Zot:3    | Identified Wiosk's Precepts of Geometric Darkness (Sif Muna
                  | gifted it to you on level 3 of the Realm of Zot)
103728 | Zot:3    | Identified Sif Muna's Folio of Coruscating Haze (Sif Muna
                  | gifted it to you on level 3 of the Realm of Zot)
103728 | Zot:3    | Identified Sif Muna's Final Writings on Lost Knowledge (Sif
                  | Muna gifted it to you on level 3 of the Realm of Zot)
103728 | Zot:3    | Identified Sif Muna's Papyrus of Radiant Phantasms (Sif
                  | Muna gifted it to you on level 3 of the Realm of Zot)
103728 | Zot:3    | Identified Sif Muna's Precepts of Harmful Changes (Sif Muna
                  | gifted it to you on level 3 of the Realm of Zot)
103728 | Zot:3    | Identified Sif Muna's Opusculum on the Unholy Voyage (Sif
                  | Muna gifted it to you on level 3 of the Realm of Zot)
103728 | Zot:3    | Identified Kecwedeobb's Octavo of Bolts and Haze (Sif Muna
                  | gifted it to you on level 3 of the Realm of Zot)
103728 | Zot:3    | Identified Sif Muna's Papyrus of the Snake (Sif Muna gifted
                  | it to you on level 3 of the Realm of Zot)
103728 | Zot:3    | Identified Sif Muna's Omnibus of Concussion (Sif Muna
                  | gifted it to you on level 3 of the Realm of Zot)
103728 | Zot:3    | Identified Wyplom's Cyclopedia of the Welkin and the Map
                  | (Sif Muna gifted it to you on level 3 of the Realm of Zot)
103728 | Zot:3    | Identified Sif Muna's Spellbook of Confrontation (Sif Muna
                  | gifted it to you on level 3 of the Realm of Zot)
103728 | Zot:3    | Identified Sif Muna's Incunable of the Tektite and the
                  | Tempest (Sif Muna gifted it to you on level 3 of the Realm
                  | of Zot)
103728 | Zot:3    | Identified Ditodoz's Spellbook of the Figure and the
                  | Discharge (Sif Muna gifted it to you on level 3 of the
                  | Realm of Zot)
103728 | Zot:3    | Identified Sif Muna's Discursus on Red-Hot Blasting (Sif
                  | Muna gifted it to you on level 3 of the Realm of Zot)
103728 | Zot:3    | Identified Roawn's Folio of Disjunct Interference (Sif Muna
                  | gifted it to you on level 3 of the Realm of Zot)
103728 | Zot:3    | Identified Sif Muna's Almanac of Blows (Sif Muna gifted it
                  | to you on level 3 of the Realm of Zot)
103728 | Zot:3    | Identified Sif Muna's Folio of Location and Mustering (Sif
                  | Muna gifted it to you on level 3 of the Realm of Zot)
103728 | Zot:3    | Identified Sif Muna's Secrets of Heat (Sif Muna gifted it
                  | to you on level 3 of the Realm of Zot)
103728 | Zot:3    | Identified Plog's Codex of the Last Allies (Sif Muna gifted
                  | it to you on level 3 of the Realm of Zot)
103728 | Zot:3    | Identified Sif Muna's Octavo of the Catamount (Sif Muna
                  | gifted it to you on level 3 of the Realm of Zot)
103728 | Zot:3    | Identified Qiat's Compilation of Fluctuating Blasting (Sif
                  | Muna gifted it to you on level 3 of the Realm of Zot)
103728 | Zot:3    | Identified Sif Muna's Secrets of Clouds (Sif Muna gifted it
                  | to you on level 3 of the Realm of Zot)
103728 | Zot:3    | Identified Sif Muna's Precepts of the Fjord and Fulmination
                  | (Sif Muna gifted it to you on level 3 of the Realm of Zot)
103728 | Zot:3    | Identified Sif Muna's Codex of Clouds (Sif Muna gifted it
                  | to you on level 3 of the Realm of Zot)
103728 | Zot:3    | Identified Sif Muna's Volume of Incendiary Arcane Weapons
                  | (Sif Muna gifted it to you on level 3 of the Realm of Zot)
103728 | Zot:3    | Identified Sif Muna's Atlas of Floating Black Magicks (Sif
                  | Muna gifted it to you on level 3 of the Realm of Zot)
103728 | Zot:3    | Identified Riuxt's Vademecum on the Conflagrant Squall (Sif
                  | Muna gifted it to you on level 3 of the Realm of Zot)
103728 | Zot:3    | Identified Xuray's Almanac of Injury (Sif Muna gifted it to
                  | you on level 3 of the Realm of Zot)
103728 | Zot:3    | Identified Sif Muna's Grimoire of Doomed Kindling (Sif Muna
                  | gifted it to you on level 3 of the Realm of Zot)
103728 | Zot:3    | Identified Syadoid's Volume of Molten Firn (Sif Muna gifted
                  | it to you on level 3 of the Realm of Zot)
103728 | Zot:3    | Identified Sif Muna's Volume of the Assassin (Sif Muna
                  | gifted it to you on level 3 of the Realm of Zot)
103728 | Zot:3    | Identified Sif Muna's Teachings on Position and Battling
                  | (Sif Muna gifted it to you on level 3 of the Realm of Zot)
103728 | Zot:3    | Identified Sif Muna's Vellum of the Door and Conduction
                  | (Sif Muna gifted it to you on level 3 of the Realm of Zot)
103728 | Zot:3    | Identified Sif Muna's Cyclopedia of Unholy Haze (Sif Muna
                  | gifted it to you on level 3 of the Realm of Zot)
103728 | Zot:3    | Identified Sif Muna's Papyrus of Assaults (Sif Muna gifted
                  | it to you on level 3 of the Realm of Zot)
103729 | Zot:3    | Identified Sif Muna's Incunable of Overhead Companions (Sif
                  | Muna gifted it to you on level 3 of the Realm of Zot)
103729 | Zot:3    | Identified Sif Muna's Tome of the Misty Salvo (Sif Muna
                  | gifted it to you on level 3 of the Realm of Zot)
103729 | Zot:3    | Identified Sif Muna's Volume of the Violent Nimbus (Sif
                  | Muna gifted it to you on level 3 of the Realm of Zot)
103729 | Zot:3    | Identified Sif Muna's Volume of the Caves (Sif Muna gifted
                  | it to you on level 3 of the Realm of Zot)
103729 | Zot:3    | Identified Sif Muna's Incunable of the Wayfarer and
                  | Mortification (Sif Muna gifted it to you on level 3 of the
                  | Realm of Zot)
103729 | Zot:3    | Identified Asmodeus's Tractate on Molten Battle Magic (Sif
                  | Muna gifted it to you on level 3 of the Realm of Zot)
103729 | Zot:3    | Identified Sif Muna's Folio of Battle Magic and Poison (Sif
                  | Muna gifted it to you on level 3 of the Realm of Zot)
103729 | Zot:3    | Identified Qulurrel's Information on Helpful Gusts (Sif
                  | Muna gifted it to you on level 3 of the Realm of Zot)
103729 | Zot:3    | Identified Sif Muna's Tome of the Fifth Circle (Sif Muna
                  | gifted it to you on level 3 of the Realm of Zot)
103729 | Zot:3    | Identified Feff's Tractate on Rotting Striking (Sif Muna
                  | gifted it to you on level 3 of the Realm of Zot)
103729 | Zot:3    | Identified Sif Muna's Octavo of Amathomancy and Ice (Sif
                  | Muna gifted it to you on level 3 of the Realm of Zot)
103729 | Zot:3    | Identified Sif Muna's Parchment of Trauma and Lithomancy
                  | (Sif Muna gifted it to you on level 3 of the Realm of Zot)
103729 | Zot:3    | Identified Sif Muna's Atlas of the Dimensional Union (Sif
                  | Muna gifted it to you on level 3 of the Realm of Zot)
103729 | Zot:3    | Identified Sif Muna's Codex of Grey Forces (Sif Muna gifted
                  | it to you on level 3 of the Realm of Zot)
103729 | Zot:3    | Identified Sif Muna's Octavo of Foul Assaults (Sif Muna
                  | gifted it to you on level 3 of the Realm of Zot)
103729 | Zot:3    | Identified Sif Muna's Volume of Feculent Violence (Sif Muna
                  | gifted it to you on level 3 of the Realm of Zot)
103729 | Zot:3    | Identified Sif Muna's Encyclopedia of Attacks (Sif Muna
                  | gifted it to you on level 3 of the Realm of Zot)
103729 | Zot:3    | Identified Sif Muna's Catalogue of Orogeny and Toxicity
                  | (Sif Muna gifted it to you on level 3 of the Realm of Zot)
103729 | Zot:3    | Identified Sif Muna's Spellbook of Shapes and Impulse (Sif
                  | Muna gifted it to you on level 3 of the Realm of Zot)
103729 | Zot:3    | Identified Sif Muna's Quarto of Power (Sif Muna gifted it
                  | to you on level 3 of the Realm of Zot)
103729 | Zot:3    | Identified Zinuylopp's Elucidation of Fog (Sif Muna gifted
                  | it to you on level 3 of the Realm of Zot)
103729 | Zot:3    | Identified Niheus's Elucidation of Ensorcelling (Sif Muna
                  | gifted it to you on level 3 of the Realm of Zot)
103729 | Zot:3    | Identified Sif Muna's Lectures on Captivating Beckoning
                  | (Sif Muna gifted it to you on level 3 of the Realm of Zot)
103729 | Zot:3    | Identified Sif Muna's Lessons on Polluted Momentum (Sif
                  | Muna gifted it to you on level 3 of the Realm of Zot)
103729 | Zot:3    | Identified Sif Muna's Compendium of Incineration (Sif Muna
                  | gifted it to you on level 3 of the Realm of Zot)
103729 | Zot:3    | Identified Sif Muna's Almanac of Wildfire (Sif Muna gifted
                  | it to you on level 3 of the Realm of Zot)
103729 | Zot:3    | Identified Sif Muna's Information on Momentum and Clouds
                  | (Sif Muna gifted it to you on level 3 of the Realm of Zot)
104113 | Zot:4    | Noticed Nacytt's ghost (legendary MiFi)
104117 | Zot:4    | Identified Sif Muna's Compendium of Forces (Sif Muna gifted
                  | it to you on level 4 of the Realm of Zot)
104117 | Zot:4    | Identified Sif Muna's Thorough Guide to Willworking (Sif
                  | Muna gifted it to you on level 4 of the Realm of Zot)
104117 | Zot:4    | Identified Sif Muna's Omnibus of Earth and Production (Sif
                  | Muna gifted it to you on level 4 of the Realm of Zot)
104117 | Zot:4    | Identified Sif Muna's Octavo of the Kinetic Mountains (Sif
                  | Muna gifted it to you on level 4 of the Realm of Zot)
104117 | Zot:4    | Identified Sif Muna's Book of Striking (Sif Muna gifted it
                  | to you on level 4 of the Realm of Zot)
104117 | Zot:4    | Identified Wijupis's Information on Contaminants and
                  | Confrontation (Sif Muna gifted it to you on level 4 of the
                  | Realm of Zot)
104117 | Zot:4    | Identified Sif Muna's Octavo of the Commander and the
                  | Salamander (Sif Muna gifted it to you on level 4 of the
                  | Realm of Zot)
104117 | Zot:4    | Identified Sif Muna's Anthology of Attacks and Wildfire
                  | (Sif Muna gifted it to you on level 4 of the Realm of Zot)
104117 | Zot:4    | Identified Sif Muna's Incunable of the Flashy Tesseract
                  | (Sif Muna gifted it to you on level 4 of the Realm of Zot)
104117 | Zot:4    | Identified Sif Muna's Catalogue of the Stormy Catacomb (Sif
                  | Muna gifted it to you on level 4 of the Realm of Zot)
104117 | Zot:4    | Identified Sif Muna's Catalogue of Distorted Exhalation
                  | (Sif Muna gifted it to you on level 4 of the Realm of Zot)
104117 | Zot:4    | Identified Melenukodgh's Octavo of Phantasmal Hurting (Sif
                  | Muna gifted it to you on level 4 of the Realm of Zot)
104117 | Zot:4    | Identified Sif Muna's Thorough Guide to Wizarding (Sif Muna
                  | gifted it to you on level 4 of the Realm of Zot)
104117 | Zot:4    | Identified Sif Muna's Compendium of Bombardment and Voltage
                  | (Sif Muna gifted it to you on level 4 of the Realm of Zot)
104117 | Zot:4    | Identified Sif Muna's Writings on Turbulence and the
                  | Discharge (Sif Muna gifted it to you on level 4 of the
                  | Realm of Zot)
104117 | Zot:4    | Identified Sif Muna's Textbook on the Pyre and Breath (Sif
                  | Muna gifted it to you on level 4 of the Realm of Zot)
104117 | Zot:4    | Identified Sif Muna's Total Understanding of Theurgy (Sif
                  | Muna gifted it to you on level 4 of the Realm of Zot)
104117 | Zot:4    | Identified Roudghuygg's Papyrus of Quantum Turbulence (Sif
                  | Muna gifted it to you on level 4 of the Realm of Zot)
104117 | Zot:4    | Identified Asmodeus's Compilation of Assaults (Sif Muna
                  | gifted it to you on level 4 of the Realm of Zot)
104117 | Zot:4    | Identified Dusae's Anthology of Lithic Topology (Sif Muna
                  | gifted it to you on level 4 of the Realm of Zot)
104117 | Zot:4    | Identified Sif Muna's Directory of Energy and Translocation
                  | (Sif Muna gifted it to you on level 4 of the Realm of Zot)
104117 | Zot:4    | Identified Sif Muna's Handbook of Unstable Mortification
                  | (Sif Muna gifted it to you on level 4 of the Realm of Zot)
104117 | Zot:4    | Identified Sif Muna's Parchment of the Charged Autopsy (Sif
                  | Muna gifted it to you on level 4 of the Realm of Zot)
104117 | Zot:4    | Identified Sif Muna's Meditations on Shocking Blasphemous
                  | Ceremonies (Sif Muna gifted it to you on level 4 of the
                  | Realm of Zot)
104117 | Zot:4    | Identified Sif Muna's Opusculum on Brilliant Flesh (Sif
                  | Muna gifted it to you on level 4 of the Realm of Zot)
104117 | Zot:4    | Identified Sif Muna's Exposition on the Loathsome Tincture
                  | (Sif Muna gifted it to you on level 4 of the Realm of Zot)
104117 | Zot:4    | Identified Sif Muna's Catalogue of the Assistive Jinx (Sif
                  | Muna gifted it to you on level 4 of the Realm of Zot)
104117 | Zot:4    | Identified Sif Muna's Lectures on Energy (Sif Muna gifted
                  | it to you on level 4 of the Realm of Zot)
104117 | Zot:4    | Identified Sif Muna's Octavo of Assaults (Sif Muna gifted
                  | it to you on level 4 of the Realm of Zot)
104117 | Zot:4    | Identified Ceevvoi's Enchiridion on Fuming Accelerants (Sif
                  | Muna gifted it to you on level 4 of the Realm of Zot)
104117 | Zot:4    | Identified Sif Muna's Teachings on the Impact (Sif Muna
                  | gifted it to you on level 4 of the Realm of Zot)
104117 | Zot:4    | Identified Sif Muna's Discourse on Misfortune and Injury
                  | (Sif Muna gifted it to you on level 4 of the Realm of Zot)
104117 | Zot:4    | Identified Sif Muna's Parchment of the Summer (Sif Muna
                  | gifted it to you on level 4 of the Realm of Zot)
104173 | Zot:4    | Reached skill level 19 in Invocations
104488 | Zot:4    | Identified Sif Muna's Folio of Radiant Incineration (Sif
                  | Muna gifted it to you on level 4 of the Realm of Zot)
104488 | Zot:4    | Identified Sif Muna's Information on Exhalation (Sif Muna
                  | gifted it to you on level 4 of the Realm of Zot)
104488 | Zot:4    | Identified Sif Muna's Notes on Confrontation (Sif Muna
                  | gifted it to you on level 4 of the Realm of Zot)
104488 | Zot:4    | Identified Sosch's Tractate on Impulse (Sif Muna gifted it
                  | to you on level 4 of the Realm of Zot)
104488 | Zot:4    | Identified Sif Muna's Hermetic Knowledge of the Loreminder
                  | (Sif Muna gifted it to you on level 4 of the Realm of Zot)
104488 | Zot:4    | Identified Sif Muna's Compilation of the Damaging Icicle
                  | (Sif Muna gifted it to you on level 4 of the Realm of Zot)
104488 | Zot:4    | Identified Rucicu Itua's Catalogue of Soot and the Barrage
                  | (Sif Muna gifted it to you on level 4 of the Realm of Zot)
104488 | Zot:4    | Identified Sif Muna's Almanac of Impulse (Sif Muna gifted
                  | it to you on level 4 of the Realm of Zot)
104488 | Zot:4    | Identified Salokhlas's Codex of the Quantum Pyromaniac (Sif
                  | Muna gifted it to you on level 4 of the Realm of Zot)
104488 | Zot:4    | Identified Sif Muna's Thorough Guide to Theurgy (Sif Muna
                  | gifted it to you on level 4 of the Realm of Zot)
104488 | Zot:4    | Identified Sif Muna's Omnibus of the Traveller and the
                  | Volcano (Sif Muna gifted it to you on level 4 of the Realm
                  | of Zot)
104488 | Zot:4    | Identified Sif Muna's Grimoire of Space and the Quarry (Sif
                  | Muna gifted it to you on level 4 of the Realm of Zot)
104488 | Zot:4    | Identified Sif Muna's Grimoire of Energy (Sif Muna gifted
                  | it to you on level 4 of the Realm of Zot)
104488 | Zot:4    | Identified Deluelue's Directory of Portals and Clouds (Sif
                  | Muna gifted it to you on level 4 of the Realm of Zot)
104488 | Zot:4    | Identified Sif Muna's Spellbook of the Wayfarer (Sif Muna
                  | gifted it to you on level 4 of the Realm of Zot)
104488 | Zot:4    | Identified Ulablet's Tractate on Bruises and Immolation
                  | (Sif Muna gifted it to you on level 4 of the Realm of Zot)
104488 | Zot:4    | Identified Sif Muna's Dissertation on Cadavers and the Body
                  | (Sif Muna gifted it to you on level 4 of the Realm of Zot)
104488 | Zot:4    | Identified Sif Muna's Volume of Feculent Rot (Sif Muna
                  | gifted it to you on level 4 of the Realm of Zot)
104488 | Zot:4    | Identified Sif Muna's Disquisition on the Missiles (Sif
                  | Muna gifted it to you on level 4 of the Realm of Zot)
104488 | Zot:4    | Identified Sif Muna's Catalogue of Algor and the Gang (Sif
                  | Muna gifted it to you on level 4 of the Realm of Zot)
104488 | Zot:4    | Identified Seunathi's Collected Works on Vehement Hoarfrost
                  | (Sif Muna gifted it to you on level 4 of the Realm of Zot)
104488 | Zot:4    | Identified Neibb's Vademecum on Battling (Sif Muna gifted
                  | it to you on level 4 of the Realm of Zot)
104488 | Zot:4    | Identified Sif Muna's Verses on the Postmortem Gargoyle
                  | (Sif Muna gifted it to you on level 4 of the Realm of Zot)
104488 | Zot:4    | Identified Sif Muna's Quarto of the Discharge (Sif Muna
                  | gifted it to you on level 4 of the Realm of Zot)
104488 | Zot:4    | Identified Sif Muna's Reference Book on Despair and
                  | Wanderlust (Sif Muna gifted it to you on level 4 of the
                  | Realm of Zot)
104488 | Zot:4    | Identified Sif Muna's Almanac of Immolation and Power (Sif
                  | Muna gifted it to you on level 4 of the Realm of Zot)
104488 | Zot:4    | Identified Sif Muna's Encyclopedia of the Twinkling Fifth
                  | Circle (Sif Muna gifted it to you on level 4 of the Realm
                  | of Zot)
104488 | Zot:4    | Identified Sif Muna's Final Discursus on Witchery (Sif Muna
                  | gifted it to you on level 4 of the Realm of Zot)
104488 | Zot:4    | Identified Sif Muna's Grimoire of the Five Cities (Sif Muna
                  | gifted it to you on level 4 of the Realm of Zot)
104488 | Zot:4    | Identified Fesajit's Directory of Shadows and Hurting (Sif
                  | Muna gifted it to you on level 4 of the Realm of Zot)
104488 | Zot:4    | Identified Sif Muna's Codex of Resurrection and Ozone (Sif
                  | Muna gifted it to you on level 4 of the Realm of Zot)
104488 | Zot:4    | Identified Sif Muna's Elucidation of Coordinates (Sif Muna
                  | gifted it to you on level 4 of the Realm of Zot)
104488 | Zot:4    | Identified Gecolane's Precepts of Erosion (Sif Muna gifted
                  | it to you on level 4 of the Realm of Zot)
104488 | Zot:4    | Identified Askijet's Precepts of Impulse (Sif Muna gifted
                  | it to you on level 4 of the Realm of Zot)
104488 | Zot:4    | Identified Sif Muna's Papyrus of Amorphous Glaciation (Sif
                  | Muna gifted it to you on level 4 of the Realm of Zot)
104488 | Zot:4    | Identified Sif Muna's Notes on Outbursts (Sif Muna gifted
                  | it to you on level 4 of the Realm of Zot)
104488 | Zot:4    | Identified Sif Muna's Collected Works on the Charged
                  | Excursion (Sif Muna gifted it to you on level 4 of the
                  | Realm of Zot)
104488 | Zot:4    | Identified Qeymp's Textbook on the Mercurial Torch (Sif
                  | Muna gifted it to you on level 4 of the Realm of Zot)
104488 | Zot:4    | Identified Sif Muna's Compendium of the Tektite and
                  | Concussion (Sif Muna gifted it to you on level 4 of the
                  | Realm of Zot)
104488 | Zot:4    | Identified Sif Muna's Handbook of Filthy Energy (Sif Muna
                  | gifted it to you on level 4 of the Realm of Zot)
104488 | Zot:4    | Identified Cerebov's Thoughts on the Missiles (Sif Muna
                  | gifted it to you on level 4 of the Realm of Zot)
104488 | Zot:4    | Identified Sif Muna's Precepts of the Dragon (Sif Muna
                  | gifted it to you on level 4 of the Realm of Zot)
104488 | Zot:4    | Identified Sif Muna's Directory of Nephomancy (Sif Muna
                  | gifted it to you on level 4 of the Realm of Zot)
104488 | Zot:4    | Identified Sif Muna's Atlas of Energetic Necromantic
                  | Rituals (Sif Muna gifted it to you on level 4 of the Realm
                  | of Zot)
104488 | Zot:4    | Identified Otzy's Writings on the Ruinous Burn (Sif Muna
                  | gifted it to you on level 4 of the Realm of Zot)
104488 | Zot:4    | Identified Sif Muna's Cyclopedia of Cursed Silt (Sif Muna
                  | gifted it to you on level 4 of the Realm of Zot)
104488 | Zot:4    | Identified Sif Muna's Anthology of Dislocation and
                  | Topography (Sif Muna gifted it to you on level 4 of the
                  | Realm of Zot)
104488 | Zot:4    | Identified Safrebbo's Textbook on the Injurious Pyre (Sif
                  | Muna gifted it to you on level 4 of the Realm of Zot)
104488 | Zot:4    | Identified Sif Muna's Spellbook of the Figure and
                  | Calefaction (Sif Muna gifted it to you on level 4 of the
                  | Realm of Zot)
104488 | Zot:4    | Identified Sif Muna's Opusculum on Confrontation (Sif Muna
                  | gifted it to you on level 4 of the Realm of Zot)
104488 | Zot:4    | Identified Sif Muna's Compendium of Ceraunoscopy and the
                  | Wyrd (Sif Muna gifted it to you on level 4 of the Realm of
                  | Zot)
104488 | Zot:4    | Identified Cinur's Octavo of Violent Location (Sif Muna
                  | gifted it to you on level 4 of the Realm of Zot)
104488 | Zot:4    | Identified Sif Muna's Incunable of the Shot (Sif Muna
                  | gifted it to you on level 4 of the Realm of Zot)
104488 | Zot:4    | Identified Vyoduroo's Guide on Impulse (Sif Muna gifted it
                  | to you on level 4 of the Realm of Zot)
104488 | Zot:4    | Identified Sif Muna's Quarto of Clay (Sif Muna gifted it to
                  | you on level 4 of the Realm of Zot)
104488 | Zot:4    | Identified Sif Muna's Folio of Lithic Hurting (Sif Muna
                  | gifted it to you on level 4 of the Realm of Zot)
104488 | Zot:4    | Identified Sif Muna's Compendium of Ensorcelling and the
                  | Black Widow (Sif Muna gifted it to you on level 4 of the
                  | Realm of Zot)
104501 | Zot:4    | Identified Zuoriet's Discursus on Rancid Forces (Sif Muna
                  | gifted it to you on level 4 of the Realm of Zot)
104501 | Zot:4    | Identified Padakh's Codex of the Pyre (Sif Muna gifted it
                  | to you on level 4 of the Realm of Zot)
104501 | Zot:4    | Identified Sif Muna's Atlas of Calescent Shifting (Sif Muna
                  | gifted it to you on level 4 of the Realm of Zot)
104501 | Zot:4    | Identified Sif Muna's Compilation of the Fifth Circle (Sif
                  | Muna gifted it to you on level 4 of the Realm of Zot)
104501 | Zot:4    | Identified Sif Muna's Catalogue of Elsewhere and the Cure
                  | (Sif Muna gifted it to you on level 4 of the Realm of Zot)
104501 | Zot:4    | Identified Sif Muna's Incunable of the Calescent
                  | Cumulonimbus (Sif Muna gifted it to you on level 4 of the
                  | Realm of Zot)
104501 | Zot:4    | Identified Sif Muna's Mastery of Theurgy (Sif Muna gifted
                  | it to you on level 4 of the Realm of Zot)
104501 | Zot:4    | Identified Sif Muna's Atlas of the Welkin and Combat Magic
                  | (Sif Muna gifted it to you on level 4 of the Realm of Zot)
104501 | Zot:4    | Identified Sif Muna's Monograph on Feathers and Firn (Sif
                  | Muna gifted it to you on level 4 of the Realm of Zot)
104501 | Zot:4    | Identified Gowkoj's Essays on Hexing Refrigeration (Sif
                  | Muna gifted it to you on level 4 of the Realm of Zot)
104501 | Zot:4    | Identified Sif Muna's Writings on Fire (Sif Muna gifted it
                  | to you on level 4 of the Realm of Zot)
104501 | Zot:4    | Identified Ireymaf's Anthology of Luminous Sparks (Sif Muna
                  | gifted it to you on level 4 of the Realm of Zot)
104501 | Zot:4    | Identified Sif Muna's Handbook of Arcane Weapons (Sif Muna
                  | gifted it to you on level 4 of the Realm of Zot)
104501 | Zot:4    | Identified Fiapsa's Vademecum on Shocking Unhallowed Magic
                  | (Sif Muna gifted it to you on level 4 of the Realm of Zot)
104501 | Zot:4    | Identified Giedi's Spellbook of Doomed Displacement (Sif
                  | Muna gifted it to you on level 4 of the Realm of Zot)
104501 | Zot:4    | Identified Zouttul's Anthology of Forms and Burning (Sif
                  | Muna gifted it to you on level 4 of the Realm of Zot)
104501 | Zot:4    | Identified Sif Muna's Octavo of the Inferno (Sif Muna
                  | gifted it to you on level 4 of the Realm of Zot)
104501 | Zot:4    | Identified Sif Muna's Writings on Destruction (Sif Muna
                  | gifted it to you on level 4 of the Realm of Zot)
104501 | Zot:4    | Identified Sif Muna's Atlas of Twisted Combat Magic (Sif
                  | Muna gifted it to you on level 4 of the Realm of Zot)
104501 | Zot:4    | Identified Qohecill's Enchiridion on Flinty Superposition
                  | (Sif Muna gifted it to you on level 4 of the Realm of Zot)
104501 | Zot:4    | Identified Sif Muna's Compilation of the Barrage and Venom
                  | (Sif Muna gifted it to you on level 4 of the Realm of Zot)
104501 | Zot:4    | Identified Sif Muna's Monograph on Pyromania (Sif Muna
                  | gifted it to you on level 4 of the Realm of Zot)
104501 | Zot:4    | Identified Sif Muna's Grimoire of the Exothermic Discharge
                  | (Sif Muna gifted it to you on level 4 of the Realm of Zot)
104501 | Zot:4    | Identified Sif Muna's Compilation of Battling (Sif Muna
                  | gifted it to you on level 4 of the Realm of Zot)
104501 | Zot:4    | Identified Sif Muna's Incunable of Injury (Sif Muna gifted
                  | it to you on level 4 of the Realm of Zot)
104501 | Zot:4    | Identified Lee's Thoughts on Grit (Sif Muna gifted it to
                  | you on level 4 of the Realm of Zot)
104501 | Zot:4    | Identified Sif Muna's Vellum of Singed Blasting (Sif Muna
                  | gifted it to you on level 4 of the Realm of Zot)
104501 | Zot:4    | Identified Sif Muna's Encyclopedia of Portals and the Pyre
                  | (Sif Muna gifted it to you on level 4 of the Realm of Zot)
104501 | Zot:4    | Identified Ruvouweu's Octavo of the Burnt Fault (Sif Muna
                  | gifted it to you on level 4 of the Realm of Zot)
104501 | Zot:4    | Identified Sif Muna's Catalogue of Injury (Sif Muna gifted
                  | it to you on level 4 of the Realm of Zot)
104501 | Zot:4    | Identified Sif Muna's Monograph on Postmortem Nephomancy
                  | (Sif Muna gifted it to you on level 4 of the Realm of Zot)
104512 | Zot:4    | Identified Sukuz's Guide on Igneous Wounds (Sif Muna gifted
                  | it to you on level 4 of the Realm of Zot)
104512 | Zot:4    | Identified Sif Muna's Incunabulum of the Salamander and the
                  | Crypt (Sif Muna gifted it to you on level 4 of the Realm of
                  | Zot)
104512 | Zot:4    | Identified Tipugh's Incunable of the Map and Kinetic Energy
                  | (Sif Muna gifted it to you on level 4 of the Realm of Zot)
104512 | Zot:4    | Identified Koynos's Vellum of Blasting (Sif Muna gifted it
                  | to you on level 4 of the Realm of Zot)
104512 | Zot:4    | Identified Sif Muna's Atlas of Metamorphic Burning (Sif
                  | Muna gifted it to you on level 4 of the Realm of Zot)
104512 | Zot:4    | Identified Sif Muna's Directory of Orientation (Sif Muna
                  | gifted it to you on level 4 of the Realm of Zot)
104512 | Zot:4    | Identified Sif Muna's Parchment of Superposition (Sif Muna
                  | gifted it to you on level 4 of the Realm of Zot)
104512 | Zot:4    | Identified Sif Muna's Arcane Secrets of Witchcraft (Sif
                  | Muna gifted it to you on level 4 of the Realm of Zot)
104512 | Zot:4    | Identified Sif Muna's Teachings on the Volatile Salvo (Sif
                  | Muna gifted it to you on level 4 of the Realm of Zot)
104512 | Zot:4    | Identified Sisihet's Spellbook of Conjury (Sif Muna gifted
                  | it to you on level 4 of the Realm of Zot)
104512 | Zot:4    | Identified Sif Muna's Lost Archive of the Lorekeeper (Sif
                  | Muna gifted it to you on level 4 of the Realm of Zot)
104512 | Zot:4    | Identified Idonk's Codex of the Chthonic Cure (Sif Muna
                  | gifted it to you on level 4 of the Realm of Zot)
104512 | Zot:4    | Identified Sif Muna's Textbook on Turbulence and Beckoning
                  | (Sif Muna gifted it to you on level 4 of the Realm of Zot)
104512 | Zot:4    | Identified Itaphi's Volume of the Welkin and Phlogiston
                  | (Sif Muna gifted it to you on level 4 of the Realm of Zot)
104512 | Zot:4    | Identified Sif Muna's Incunable of the Exothermic Sky (Sif
                  | Muna gifted it to you on level 4 of the Realm of Zot)
104512 | Zot:4    | Identified Sif Muna's Papyrus of Wounds (Sif Muna gifted it
                  | to you on level 4 of the Realm of Zot)
104512 | Zot:4    | Identified Sif Muna's Almanac of Conflagration and Hurting
                  | (Sif Muna gifted it to you on level 4 of the Realm of Zot)
104512 | Zot:4    | Identified Tanouxt's Vademecum on Unstable Bruises (Sif
                  | Muna gifted it to you on level 4 of the Realm of Zot)
104512 | Zot:4    | Identified Sif Muna's Meditations on Trauma (Sif Muna
                  | gifted it to you on level 4 of the Realm of Zot)
104512 | Zot:4    | Identified Sif Muna's Exposition on the Shot (Sif Muna
                  | gifted it to you on level 4 of the Realm of Zot)
104512 | Zot:4    | Identified Sif Muna's Last Chronicle of Sif Muna (Sif Muna
                  | gifted it to you on level 4 of the Realm of Zot)
104512 | Zot:4    | Identified Sif Muna's Omnibus of Exhalation and the Jinx
                  | (Sif Muna gifted it to you on level 4 of the Realm of Zot)
104512 | Zot:4    | Identified Sif Muna's Spellbook of the Unemployed Unperson
                  | (Sif Muna gifted it to you on level 4 of the Realm of Zot)
104512 | Zot:4    | Identified Sif Muna's Thoughts on the Tainted Impact (Sif
                  | Muna gifted it to you on level 4 of the Realm of Zot)
104512 | Zot:4    | Identified Viewk's Precepts of Hexing and Abominable
                  | Liturgies (Sif Muna gifted it to you on level 4 of the
                  | Realm of Zot)
104512 | Zot:4    | Identified Sif Muna's Verses on the Shot (Sif Muna gifted
                  | it to you on level 4 of the Realm of Zot)
104512 | Zot:4    | Identified Sif Muna's Spellbook of Mud and Corruption (Sif
                  | Muna gifted it to you on level 4 of the Realm of Zot)
104512 | Zot:4    | Identified Sif Muna's Folio of Blasts and the Catacomb (Sif
                  | Muna gifted it to you on level 4 of the Realm of Zot)
104512 | Zot:4    | Identified Sif Muna's Precepts of Spatial Gloom (Sif Muna
                  | gifted it to you on level 4 of the Realm of Zot)
104512 | Zot:4    | Identified Limn's Quarto of Harmful Anthracomancy (Sif Muna
                  | gifted it to you on level 4 of the Realm of Zot)
104552 | Zot:4    | Identified Sif Muna's Grimoire of Cloudy Phlogiston (Sif
                  | Muna gifted it to you on level 4 of the Realm of Zot)
104552 | Zot:4    | Identified Sif Muna's Atlas of Elsewhere (Sif Muna gifted
                  | it to you on level 4 of the Realm of Zot)
104552 | Zot:4    | Identified Sif Muna's Guidebook on the Radiant Band (Sif
                  | Muna gifted it to you on level 4 of the Realm of Zot)
104552 | Zot:4    | Identified Sif Muna's Guide on Lofty Momentum (Sif Muna
                  | gifted it to you on level 4 of the Realm of Zot)
104552 | Zot:4    | Identified Sif Muna's Thorough Guide to Spellcraft (Sif
                  | Muna gifted it to you on level 4 of the Realm of Zot)
104552 | Zot:4    | Identified Sif Muna's Almanac of Flinty Doom (Sif Muna
                  | gifted it to you on level 4 of the Realm of Zot)
104552 | Zot:4    | Identified Sif Muna's Handbook of the Burn (Sif Muna gifted
                  | it to you on level 4 of the Realm of Zot)
104552 | Zot:4    | Identified Sif Muna's Papyrus of Accelerants (Sif Muna
                  | gifted it to you on level 4 of the Realm of Zot)
104552 | Zot:4    | Identified Sif Muna's Directory of Bright Ectoplasm (Sif
                  | Muna gifted it to you on level 4 of the Realm of Zot)
104552 | Zot:4    | Identified Sif Muna's Vademecum on Power (Sif Muna gifted
                  | it to you on level 4 of the Realm of Zot)
104552 | Zot:4    | Identified Sif Muna's Monograph on Lava (Sif Muna gifted it
                  | to you on level 4 of the Realm of Zot)
104552 | Zot:4    | Identified Sif Muna's Precepts of Combative Pestilence (Sif
                  | Muna gifted it to you on level 4 of the Realm of Zot)
104552 | Zot:4    | Identified Sif Muna's Compendium of Displaced Phantasms
                  | (Sif Muna gifted it to you on level 4 of the Realm of Zot)
104552 | Zot:4    | Identified Sif Muna's Information on Red-Hot Attacks (Sif
                  | Muna gifted it to you on level 4 of the Realm of Zot)
104552 | Zot:4    | Identified Sif Muna's Lectures on the Excruciating Blaze
                  | (Sif Muna gifted it to you on level 4 of the Realm of Zot)
104552 | Zot:4    | Identified Sif Muna's Folio of Lightning (Sif Muna gifted
                  | it to you on level 4 of the Realm of Zot)
104552 | Zot:4    | Identified Sif Muna's Textbook on the Shot (Sif Muna gifted
                  | it to you on level 4 of the Realm of Zot)
104552 | Zot:4    | Identified Sif Muna's Octavo of the Shot (Sif Muna gifted
                  | it to you on level 4 of the Realm of Zot)
104552 | Zot:4    | Identified Sif Muna's Quarto of Maleficent Ceremonies and
                  | Incandescence (Sif Muna gifted it to you on level 4 of the
                  | Realm of Zot)
104552 | Zot:4    | Identified Sif Muna's Cyclopedia of Dynamic Feathers (Sif
                  | Muna gifted it to you on level 4 of the Realm of Zot)
104552 | Zot:4    | Identified Sif Muna's Volume of the Shot (Sif Muna gifted
                  | it to you on level 4 of the Realm of Zot)
104552 | Zot:4    | Identified Dytyzi Leose's Secrets of Hoarfrost and the
                  | Charnel House (Sif Muna gifted it to you on level 4 of the
                  | Realm of Zot)
104552 | Zot:4    | Identified Sif Muna's Incunable of Curses and Destruction
                  | (Sif Muna gifted it to you on level 4 of the Realm of Zot)
104552 | Zot:4    | Identified Gati's Reference Book on Limned Pyromania (Sif
                  | Muna gifted it to you on level 4 of the Realm of Zot)
104552 | Zot:4    | Identified Sif Muna's Discursus on Peccant Aeromancy (Sif
                  | Muna gifted it to you on level 4 of the Realm of Zot)
104552 | Zot:4    | Identified Sif Muna's Octavo of Illusion and the Arsonist
                  | (Sif Muna gifted it to you on level 4 of the Realm of Zot)
104552 | Zot:4    | Identified Sif Muna's Cyclopedia of Calefaction (Sif Muna
                  | gifted it to you on level 4 of the Realm of Zot)
104552 | Zot:4    | Identified Sif Muna's Almanac of Subzero Assaults (Sif Muna
                  | gifted it to you on level 4 of the Realm of Zot)
104552 | Zot:4    | Identified Sif Muna's Directory of Galvanic Fulmination
                  | (Sif Muna gifted it to you on level 4 of the Realm of Zot)
104552 | Zot:4    | Identified Sif Muna's Opusculum on Fetid Pyromania (Sif
                  | Muna gifted it to you on level 4 of the Realm of Zot)
104552 | Zot:4    | Identified Sif Muna's Grimoire of Conjuring (Sif Muna
                  | gifted it to you on level 4 of the Realm of Zot)
104552 | Zot:4    | Identified Mis Hal's Handbook of Blasting (Sif Muna gifted
                  | it to you on level 4 of the Realm of Zot)
104604 | Zot:4    | Identified Xustin's Directory of Skeletons and the Shot
                  | (Sif Muna gifted it to you on level 4 of the Realm of Zot)
104604 | Zot:4    | Identified Kyqofok's Papyrus of Momentum (Sif Muna gifted
                  | it to you on level 4 of the Realm of Zot)
104604 | Zot:4    | Identified Sif Muna's Reference Book on Heated Shades (Sif
                  | Muna gifted it to you on level 4 of the Realm of Zot)
104604 | Zot:4    | Identified Sif Muna's Book of Alluring Diablerie (Sif Muna
                  | gifted it to you on level 4 of the Realm of Zot)
104604 | Zot:4    | Identified Sif Muna's Textbook on the Graveyard (Sif Muna
                  | gifted it to you on level 4 of the Realm of Zot)
104604 | Zot:4    | Identified Sif Muna's Hermeneutics, Part Seven (Sif Muna
                  | gifted it to you on level 4 of the Realm of Zot)
104604 | Zot:4    | Identified Sif Muna's Volume of Blows (Sif Muna gifted it
                  | to you on level 4 of the Realm of Zot)
104604 | Zot:4    | Identified Sif Muna's Catalogue of Shapes and Toxicity (Sif
                  | Muna gifted it to you on level 4 of the Realm of Zot)
104604 | Zot:4    | Identified Sif Muna's Elucidation of Phlogiston and Haze
                  | (Sif Muna gifted it to you on level 4 of the Realm of Zot)
104604 | Zot:4    | Identified Jiganwue's Catalogue of Blasts and Conduction
                  | (Sif Muna gifted it to you on level 4 of the Realm of Zot)
104604 | Zot:4    | Identified Suekav's Elucidation of Violent Nephomancy (Sif
                  | Muna gifted it to you on level 4 of the Realm of Zot)
104604 | Zot:4    | Identified Sif Muna's Folio of Nephomancy and Oxidation
                  | (Sif Muna gifted it to you on level 4 of the Realm of Zot)
104604 | Zot:4    | Identified Yroseuwn's Parchment of Adjuration and Clay (Sif
                  | Muna gifted it to you on level 4 of the Realm of Zot)
104604 | Zot:4    | Identified Sif Muna's Elucidation of Forces and Relocation
                  | (Sif Muna gifted it to you on level 4 of the Realm of Zot)
104604 | Zot:4    | Identified Sif Muna's Octavo of Violence (Sif Muna gifted
                  | it to you on level 4 of the Realm of Zot)
104604 | Zot:4    | Identified Sif Muna's Quarto of Destructive Breath (Sif
                  | Muna gifted it to you on level 4 of the Realm of Zot)
104604 | Zot:4    | Identified Sif Muna's Catalogue of the Missiles (Sif Muna
                  | gifted it to you on level 4 of the Realm of Zot)
104604 | Zot:4    | Identified Sif Muna's Catalogue of the Coals (Sif Muna
                  | gifted it to you on level 4 of the Realm of Zot)
104604 | Zot:4    | Identified Dytit's Compilation of Blasting (Sif Muna gifted
                  | it to you on level 4 of the Realm of Zot)
104604 | Zot:4    | Identified Sif Muna's Opusculum on the Missiles (Sif Muna
                  | gifted it to you on level 4 of the Realm of Zot)
104604 | Zot:4    | Identified Wideaz's Enchiridion on Morbid Anemomancy (Sif
                  | Muna gifted it to you on level 4 of the Realm of Zot)
104604 | Zot:4    | Identified Sif Muna's Discursus on Kindling and Blasts (Sif
                  | Muna gifted it to you on level 4 of the Realm of Zot)
104604 | Zot:4    | Identified Sif Muna's Thoughts on Skeletons and Damage (Sif
                  | Muna gifted it to you on level 4 of the Realm of Zot)
104604 | Zot:4    | Identified Sif Muna's Folio of Violence and the Sky (Sif
                  | Muna gifted it to you on level 4 of the Realm of Zot)
104604 | Zot:4    | Identified Sif Muna's Spellbook of Percussion (Sif Muna
                  | gifted it to you on level 4 of the Realm of Zot)
104604 | Zot:4    | Identified Sif Muna's Incunabulum of Concussion and
                  | Pyromancy (Sif Muna gifted it to you on level 4 of the
                  | Realm of Zot)
104604 | Zot:4    | Identified Sif Muna's Verses on the Supportive Impact (Sif
                  | Muna gifted it to you on level 4 of the Realm of Zot)
104604 | Zot:4    | Identified Siela's Compilation of Adjuration and
                  | Lamentation (Sif Muna gifted it to you on level 4 of the
                  | Realm of Zot)
104604 | Zot:4    | Identified Sif Muna's Opusculum on Breath and Arcane
                  | Weapons (Sif Muna gifted it to you on level 4 of the Realm
                  | of Zot)
104604 | Zot:4    | Identified Sif Muna's Thorough Guide to Wizarding (Sif Muna
                  | gifted it to you on level 4 of the Realm of Zot)
104604 | Zot:4    | Identified Sif Muna's Commentary on Brilliant Hexes (Sif
                  | Muna gifted it to you on level 4 of the Realm of Zot)
104604 | Zot:4    | Identified Sif Muna's Enchiridion on Forceful Direction
                  | (Sif Muna gifted it to you on level 4 of the Realm of Zot)
104604 | Zot:4    | Identified Sif Muna's Lectures on Confrontation and Ashes
                  | (Sif Muna gifted it to you on level 4 of the Realm of Zot)
104604 | Zot:4    | Identified Vulergh's Vellum of Glowing Blasts (Sif Muna
                  | gifted it to you on level 4 of the Realm of Zot)
104605 | Zot:4    | Reached skill level 20 in Invocations
104754 | Zot:4    | Found a runed translucent door.
105034 | Zot:4    | Identified Puqyetha's Octavo of the Hurtful Sky (Sif Muna
                  | gifted it to you on level 4 of the Realm of Zot)
105034 | Zot:4    | Identified Sif Muna's Handbook of the First Emperors (Sif
                  | Muna gifted it to you on level 4 of the Realm of Zot)
105034 | Zot:4    | Identified Sif Muna's Essays on Flamy Black Liturgies (Sif
                  | Muna gifted it to you on level 4 of the Realm of Zot)
105034 | Zot:4    | Identified Sif Muna's Omnibus of the Faeries (Sif Muna
                  | gifted it to you on level 4 of the Realm of Zot)
105034 | Zot:4    | Identified Sif Muna's Discourse on Corpses and Cold (Sif
                  | Muna gifted it to you on level 4 of the Realm of Zot)
105034 | Zot:4    | Identified Sif Muna's Octavo of Disjunct Evil Arts (Sif
                  | Muna gifted it to you on level 4 of the Realm of Zot)
105034 | Zot:4    | Identified Sif Muna's Excursus on Indurated Austromancy
                  | (Sif Muna gifted it to you on level 4 of the Realm of Zot)
105034 | Zot:4    | Identified Sif Muna's Highest Levels of the Histories of
                  | Mysteries (Sif Muna gifted it to you on level 4 of the
                  | Realm of Zot)
105034 | Zot:4    | Identified Lehudib's Directory of Arcane Weapons and the
                  | Sun (Sif Muna gifted it to you on level 4 of the Realm of
                  | Zot)
105034 | Zot:4    | Identified Hyiqur's Catalogue of Phlogiston and the Voyage
                  | (Sif Muna gifted it to you on level 4 of the Realm of Zot)
105034 | Zot:4    | Identified Sif Muna's Anthology of the Spatial Arsonist
                  | (Sif Muna gifted it to you on level 4 of the Realm of Zot)
105034 | Zot:4    | Identified Dispater's Information on Bruises (Sif Muna
                  | gifted it to you on level 4 of the Realm of Zot)
105034 | Zot:4    | Identified Sif Muna's Collected Works on Toxicity and the
                  | Xenolith (Sif Muna gifted it to you on level 4 of the Realm
                  | of Zot)
105034 | Zot:4    | Identified Sif Muna's Octavo of the Vehement Bonfire (Sif
                  | Muna gifted it to you on level 4 of the Realm of Zot)
105034 | Zot:4    | Identified Miminga's Octavo of Conjuring (Sif Muna gifted
                  | it to you on level 4 of the Realm of Zot)
105034 | Zot:4    | Identified Sif Muna's Vademecum on the Sixfirhy (Sif Muna
                  | gifted it to you on level 4 of the Realm of Zot)
105034 | Zot:4    | Identified Sif Muna's Commentary on Places and the Sun (Sif
                  | Muna gifted it to you on level 4 of the Realm of Zot)
105034 | Zot:4    | Identified Sif Muna's Lessons on Heavy Assembling (Sif Muna
                  | gifted it to you on level 4 of the Realm of Zot)
105034 | Zot:4    | Identified Sif Muna's Meditations on the Burn (Sif Muna
                  | gifted it to you on level 4 of the Realm of Zot)
105034 | Zot:4    | Identified Sif Muna's Directory of Hyperborean Heat (Sif
                  | Muna gifted it to you on level 4 of the Realm of Zot)
105034 | Zot:4    | Identified Neuvuv's Codex of the Gargoyle and Wanderlust
                  | (Sif Muna gifted it to you on level 4 of the Realm of Zot)
105034 | Zot:4    | Identified Lixeitej's Compendium of Reshaped Position (Sif
                  | Muna gifted it to you on level 4 of the Realm of Zot)
105034 | Zot:4    | Identified Sif Muna's Omnibus of Mortification and the Shot
                  | (Sif Muna gifted it to you on level 4 of the Realm of Zot)
105034 | Zot:4    | Identified Wookess's Compendium of the Incandescent Squall
                  | (Sif Muna gifted it to you on level 4 of the Realm of Zot)
105034 | Zot:4    | Identified Sif Muna's Elucidation of the Blazing Fault (Sif
                  | Muna gifted it to you on level 4 of the Realm of Zot)
105034 | Zot:4    | Identified Sif Muna's Disquisition on Bringing Forth and
                  | the Volley (Sif Muna gifted it to you on level 4 of the
                  | Realm of Zot)
105034 | Zot:4    | Identified Sif Muna's Compilation of the Petrified Shift
                  | (Sif Muna gifted it to you on level 4 of the Realm of Zot)
105034 | Zot:4    | Identified Qilush's Precepts of the Undead and Arcane
                  | Weapons (Sif Muna gifted it to you on level 4 of the Realm
                  | of Zot)
105034 | Zot:4    | Identified Sif Muna's Elucidation of Hurtful Cinders (Sif
                  | Muna gifted it to you on level 4 of the Realm of Zot)
105034 | Zot:4    | Identified Sif Muna's Commentary on the Charnel Blizzard
                  | (Sif Muna gifted it to you on level 4 of the Realm of Zot)
105034 | Zot:4    | Identified Xacewav's Notes on Gases and Jinxing (Sif Muna
                  | gifted it to you on level 4 of the Realm of Zot)
105288 | Zot:4    | Identified Sif Muna's Anthology of Imprecation and the Wind
                  | (Sif Muna gifted it to you on level 4 of the Realm of Zot)
105288 | Zot:4    | Identified Sif Muna's Parchment of Death (Sif Muna gifted
                  | it to you on level 4 of the Realm of Zot)
105288 | Zot:4    | Identified Sif Muna's Exposition on the Fifth Circle (Sif
                  | Muna gifted it to you on level 4 of the Realm of Zot)
105288 | Zot:4    | Identified Poapp's Spellbook of the Frore Inferno (Sif Muna
                  | gifted it to you on level 4 of the Realm of Zot)
105288 | Zot:4    | Identified Zinluot's Incunabulum of Blasted Companions (Sif
                  | Muna gifted it to you on level 4 of the Realm of Zot)
105288 | Zot:4    | Identified Haettegu's Volume of Incandescent Arcane Combat
                  | (Sif Muna gifted it to you on level 4 of the Realm of Zot)
105288 | Zot:4    | Identified Sif Muna's Folio of Ceraunoscopy (Sif Muna
                  | gifted it to you on level 4 of the Realm of Zot)
105288 | Zot:4    | Identified Sif Muna's Teachings on Disjunct Impulse (Sif
                  | Muna gifted it to you on level 4 of the Realm of Zot)
105288 | Zot:4    | Identified Sif Muna's Vellum of Power (Sif Muna gifted it
                  | to you on level 4 of the Realm of Zot)
105288 | Zot:4    | Identified Sif Muna's Folio of Moulding and the Burn (Sif
                  | Muna gifted it to you on level 4 of the Realm of Zot)
105288 | Zot:4    | Identified Sif Muna's Treatise on Haze (Sif Muna gifted it
                  | to you on level 4 of the Realm of Zot)
105288 | Zot:4    | Identified Hyloat's Teachings on Ozone (Sif Muna gifted it
                  | to you on level 4 of the Realm of Zot)
105288 | Zot:4    | Identified Hebaod's Quarto of Assaults (Sif Muna gifted it
                  | to you on level 4 of the Realm of Zot)
105288 | Zot:4    | Identified Sif Muna's Elucidation of Septic Cleavage (Sif
                  | Muna gifted it to you on level 4 of the Realm of Zot)
105288 | Zot:4    | Identified Sif Muna's Catalogue of Sepulchral Percussion
                  | (Sif Muna gifted it to you on level 4 of the Realm of Zot)
105288 | Zot:4    | Identified Sif Muna's Final Dissertation on Sorcery (Sif
                  | Muna gifted it to you on level 4 of the Realm of Zot)
105288 | Zot:4    | Identified Sif Muna's Thoughts on Striking (Sif Muna gifted
                  | it to you on level 4 of the Realm of Zot)
105288 | Zot:4    | Identified Sif Muna's Annotations on Undead Lightning (Sif
                  | Muna gifted it to you on level 4 of the Realm of Zot)
105288 | Zot:4    | Identified Sif Muna's Secrets of the Sailor (Sif Muna
                  | gifted it to you on level 4 of the Realm of Zot)
105288 | Zot:4    | Identified Sif Muna's Precepts of the Pyromaniac and the
                  | Fifth Circle (Sif Muna gifted it to you on level 4 of the
                  | Realm of Zot)
105288 | Zot:4    | Identified Wefal's Incunabulum of the Calorific Volcano
                  | (Sif Muna gifted it to you on level 4 of the Realm of Zot)
105288 | Zot:4    | Identified Aqaf's Handbook of Luminous Ashes (Sif Muna
                  | gifted it to you on level 4 of the Realm of Zot)
105288 | Zot:4    | Identified Sif Muna's Meditations on Conflict (Sif Muna
                  | gifted it to you on level 4 of the Realm of Zot)
105288 | Zot:4    | Identified Sif Muna's Tome of Kinetic Mustering (Sif Muna
                  | gifted it to you on level 4 of the Realm of Zot)
105288 | Zot:4    | Identified Sif Muna's Textbook on Ice and Nausea (Sif Muna
                  | gifted it to you on level 4 of the Realm of Zot)
105604 | Zot:4    | Killed Nacytt's ghost
105605 | Zot:4    | Reached skill level 21 in Invocations
105713 | Zot:5    | Entered Level 5 of the Realm of Zot
105716 | Zot:5    | Identified Innus's Handbook of the Missiles and Kindling
                  | (Sif Muna gifted it to you on level 5 of the Realm of Zot)
105716 | Zot:5    | Identified Sif Muna's Cyclopedia of Attacks (Sif Muna
                  | gifted it to you on level 5 of the Realm of Zot)
105716 | Zot:5    | Identified Sif Muna's Writings on Vapour and Wildfire (Sif
                  | Muna gifted it to you on level 5 of the Realm of Zot)
105716 | Zot:5    | Identified Sif Muna's Parchment of the Coruscating
                  | Mausoleum (Sif Muna gifted it to you on level 5 of the
                  | Realm of Zot)
105716 | Zot:5    | Identified Sif Muna's Lectures on the Map (Sif Muna gifted
                  | it to you on level 5 of the Realm of Zot)
105716 | Zot:5    | Identified Sif Muna's Vademecum on the Mausoleum (Sif Muna
                  | gifted it to you on level 5 of the Realm of Zot)
105716 | Zot:5    | Identified Sif Muna's Folio of Algid Geometry (Sif Muna
                  | gifted it to you on level 5 of the Realm of Zot)
105716 | Zot:5    | Identified Liafud's Annotations on Sizzling Destruction
                  | (Sif Muna gifted it to you on level 5 of the Realm of Zot)
105716 | Zot:5    | Identified Jiwum's Elucidation of Crystallized Sciomancy
                  | (Sif Muna gifted it to you on level 5 of the Realm of Zot)
105716 | Zot:5    | Identified Quciuw's Tome of Electric Blows (Sif Muna gifted
                  | it to you on level 5 of the Realm of Zot)
105716 | Zot:5    | Identified Sif Muna's Compendium of Phlogiston (Sif Muna
                  | gifted it to you on level 5 of the Realm of Zot)
105716 | Zot:5    | Identified Sif Muna's Handbook of Assembled Kinetic Energy
                  | (Sif Muna gifted it to you on level 5 of the Realm of Zot)
105716 | Zot:5    | Identified Sif Muna's Anthology of the Bonfire (Sif Muna
                  | gifted it to you on level 5 of the Realm of Zot)
105716 | Zot:5    | Identified Sif Muna's Lessons on Damage (Sif Muna gifted it
                  | to you on level 5 of the Realm of Zot)
105716 | Zot:5    | Identified Sif Muna's Elucidation of Confrontation (Sif
                  | Muna gifted it to you on level 5 of the Realm of Zot)
105716 | Zot:5    | Identified Ifoalocu's Anthology of Causimancy and Hurting
                  | (Sif Muna gifted it to you on level 5 of the Realm of Zot)
105716 | Zot:5    | Identified Sif Muna's Meditations on the Pyre (Sif Muna
                  | gifted it to you on level 5 of the Realm of Zot)
105716 | Zot:5    | Identified Sif Muna's Omnibus of Violence (Sif Muna gifted
                  | it to you on level 5 of the Realm of Zot)
105716 | Zot:5    | Identified Sif Muna's Handbook of Alluring Fulmination (Sif
                  | Muna gifted it to you on level 5 of the Realm of Zot)
105716 | Zot:5    | Identified Sif Muna's Vademecum on Ouranomancy (Sif Muna
                  | gifted it to you on level 5 of the Realm of Zot)
105716 | Zot:5    | Identified Sif Muna's Lectures on Hurting (Sif Muna gifted
                  | it to you on level 5 of the Realm of Zot)
105716 | Zot:5    | Identified Sif Muna's Compilation of the Floating Spider
                  | (Sif Muna gifted it to you on level 5 of the Realm of Zot)
105716 | Zot:5    | Identified Sif Muna's Lessons on Unstable Immolation (Sif
                  | Muna gifted it to you on level 5 of the Realm of Zot)
105716 | Zot:5    | Identified Sif Muna's Grimoire of Variation and the
                  | Blizzard (Sif Muna gifted it to you on level 5 of the Realm
                  | of Zot)
105716 | Zot:5    | Identified Sif Muna's Folio of Singed Bruises (Sif Muna
                  | gifted it to you on level 5 of the Realm of Zot)
105716 | Zot:5    | Identified Sif Muna's Folio of Shifting Creation (Sif Muna
                  | gifted it to you on level 5 of the Realm of Zot)
105716 | Zot:5    | Identified Sif Muna's Secrets of the Fifth Circle and
                  | Conduction (Sif Muna gifted it to you on level 5 of the
                  | Realm of Zot)
105878 | Zot:5    | Noticed a Killer Klown
105880 | Zot:5    | Killed a Killer Klown
105897 | Zot:5    | Identified Sif Muna's Volume of Violence (Sif Muna gifted
                  | it to you on level 5 of the Realm of Zot)
105897 | Zot:5    | Identified Qeogiumu's Octavo of the Conflagrant Quake (Sif
                  | Muna gifted it to you on level 5 of the Realm of Zot)
105897 | Zot:5    | Identified Sif Muna's Mastery of Magic (Sif Muna gifted it
                  | to you on level 5 of the Realm of Zot)
105897 | Zot:5    | Identified Sif Muna's Book of Conflict and the Jinx (Sif
                  | Muna gifted it to you on level 5 of the Realm of Zot)
105897 | Zot:5    | Identified Coisaocu's Information on the Subzero Rocks (Sif
                  | Muna gifted it to you on level 5 of the Realm of Zot)
105897 | Zot:5    | Identified Sif Muna's Intricacies of Hermetics (Sif Muna
                  | gifted it to you on level 5 of the Realm of Zot)
105897 | Zot:5    | Identified Sif Muna's Precepts of Quicksand (Sif Muna
                  | gifted it to you on level 5 of the Realm of Zot)
105897 | Zot:5    | Identified Sif Muna's Handbook of Luminous Guile (Sif Muna
                  | gifted it to you on level 5 of the Realm of Zot)
105897 | Zot:5    | Identified Sif Muna's Secrets of the Fuming Volcano (Sif
                  | Muna gifted it to you on level 5 of the Realm of Zot)
105897 | Zot:5    | Identified Sif Muna's Papyrus of Hot Nightshade (Sif Muna
                  | gifted it to you on level 5 of the Realm of Zot)
105897 | Zot:5    | Identified Sif Muna's Vellum of the Peccant Iceberg (Sif
                  | Muna gifted it to you on level 5 of the Realm of Zot)
105897 | Zot:5    | Identified Sif Muna's Dissertation on the Ironbound Blink
                  | Frog (Sif Muna gifted it to you on level 5 of the Realm of
                  | Zot)
105897 | Zot:5    | Identified Sif Muna's Textbook on Blazing Arcane Weapons
                  | (Sif Muna gifted it to you on level 5 of the Realm of Zot)
105897 | Zot:5    | Identified Usten's Spellbook of Dynamic Despicable Magic
                  | (Sif Muna gifted it to you on level 5 of the Realm of Zot)
105897 | Zot:5    | Identified Sif Muna's Precepts of Fuming Outbursts (Sif
                  | Muna gifted it to you on level 5 of the Realm of Zot)
105897 | Zot:5    | Identified Solabew's Compendium of Radiant Exhalation (Sif
                  | Muna gifted it to you on level 5 of the Realm of Zot)
105897 | Zot:5    | Identified Sif Muna's Directory of Concussion (Sif Muna
                  | gifted it to you on level 5 of the Realm of Zot)
105897 | Zot:5    | Identified Goqem's Octavo of Changing Obstruction (Sif Muna
                  | gifted it to you on level 5 of the Realm of Zot)
105897 | Zot:5    | Identified Sif Muna's Compendium of Nonlocality and
                  | Electricity (Sif Muna gifted it to you on level 5 of the
                  | Realm of Zot)
105897 | Zot:5    | Identified Sif Muna's Omnibus of Fuming Momentum (Sif Muna
                  | gifted it to you on level 5 of the Realm of Zot)
105897 | Zot:5    | Identified Saimaom's Notes on Searing Shapeshifting (Sif
                  | Muna gifted it to you on level 5 of the Realm of Zot)
105897 | Zot:5    | Identified Sif Muna's Tractate on Immolation (Sif Muna
                  | gifted it to you on level 5 of the Realm of Zot)
105897 | Zot:5    | Identified Sif Muna's Folio of the Altered Dragon (Sif Muna
                  | gifted it to you on level 5 of the Realm of Zot)
105897 | Zot:5    | Identified Sif Muna's Spellbook of Impulse and Detritus
                  | (Sif Muna gifted it to you on level 5 of the Realm of Zot)
105897 | Zot:5    | Identified Sif Muna's Lessons on Burnt Attacks (Sif Muna
                  | gifted it to you on level 5 of the Realm of Zot)
105897 | Zot:5    | Identified Sif Muna's Lessons on Searing Metal (Sif Muna
                  | gifted it to you on level 5 of the Realm of Zot)
105897 | Zot:5    | Identified Sif Muna's Precepts of Conjuring (Sif Muna
                  | gifted it to you on level 5 of the Realm of Zot)
105897 | Zot:5    | Identified Sif Muna's Parchment of Harmful Astrapomancy
                  | (Sif Muna gifted it to you on level 5 of the Realm of Zot)
105897 | Zot:5    | Identified Sif Muna's Secrets of Impulse (Sif Muna gifted
                  | it to you on level 5 of the Realm of Zot)
105897 | Zot:5    | Identified Sif Muna's Guide on Concussion (Sif Muna gifted
                  | it to you on level 5 of the Realm of Zot)
105897 | Zot:5    | Identified Sif Muna's Guide on the Combative Jaunt (Sif
                  | Muna gifted it to you on level 5 of the Realm of Zot)
105897 | Zot:5    | Identified Sif Muna's Writings on Unholy Production (Sif
                  | Muna gifted it to you on level 5 of the Realm of Zot)
105897 | Zot:5    | Noticed an orb of fire
105900 | Zot:5    | Killed an orb of fire
105951 | Zot:5    | Identified Sif Muna's Commentary on the Wild Pyre (Sif Muna
                  | gifted it to you on level 5 of the Realm of Zot)
105951 | Zot:5    | Identified Lehudib's Spellbook of Momentum and Toxins (Sif
                  | Muna gifted it to you on level 5 of the Realm of Zot)
105951 | Zot:5    | Identified Sif Muna's Cyclopedia of Conflict and Burning
                  | (Sif Muna gifted it to you on level 5 of the Realm of Zot)
105951 | Zot:5    | Identified Sif Muna's Meditations on Fulgent Weather (Sif
                  | Muna gifted it to you on level 5 of the Realm of Zot)
105951 | Zot:5    | Identified Sif Muna's Papyrus of Austromancy and
                  | Amathomancy (Sif Muna gifted it to you on level 5 of the
                  | Realm of Zot)
105951 | Zot:5    | Identified Sif Muna's Secrets of Earthen Shades (Sif Muna
                  | gifted it to you on level 5 of the Realm of Zot)
105951 | Zot:5    | Identified Mant's Almanac of the Flamy Grave (Sif Muna
                  | gifted it to you on level 5 of the Realm of Zot)
105951 | Zot:5    | Identified Sif Muna's Information on Relocated Black
                  | Rituals (Sif Muna gifted it to you on level 5 of the Realm
                  | of Zot)
105951 | Zot:5    | Identified Teaklete's Grimoire of the Discharge (Sif Muna
                  | gifted it to you on level 5 of the Realm of Zot)
105951 | Zot:5    | Identified Joroath's Quarto of Vile Destruction (Sif Muna
                  | gifted it to you on level 5 of the Realm of Zot)
105951 | Zot:5    | Identified Sif Muna's Precepts of Combustion and the Tundra
                  | (Sif Muna gifted it to you on level 5 of the Realm of Zot)
105951 | Zot:5    | Identified Sif Muna's Directory of the Burn and Changing
                  | (Sif Muna gifted it to you on level 5 of the Realm of Zot)
105951 | Zot:5    | Identified Sif Muna's Volume of Shapes and Displacement
                  | (Sif Muna gifted it to you on level 5 of the Realm of Zot)
105951 | Zot:5    | Identified Sif Muna's Exposition on the Traveller and
                  | Bombardment (Sif Muna gifted it to you on level 5 of the
                  | Realm of Zot)
105951 | Zot:5    | Identified Sif Muna's Elucidation of Kinetic Energy (Sif
                  | Muna gifted it to you on level 5 of the Realm of Zot)
105951 | Zot:5    | Identified Sif Muna's Almanac of Energetic Invitation (Sif
                  | Muna gifted it to you on level 5 of the Realm of Zot)
105951 | Zot:5    | Identified Sif Muna's Precepts of Arcane Weapons and
                  | Transportation (Sif Muna gifted it to you on level 5 of the
                  | Realm of Zot)
105951 | Zot:5    | Identified Sif Muna's Folio of Geological Position (Sif
                  | Muna gifted it to you on level 5 of the Realm of Zot)
105951 | Zot:5    | Identified Sif Muna's Precepts of the Volley (Sif Muna
                  | gifted it to you on level 5 of the Realm of Zot)
105951 | Zot:5    | Identified Mecumpan's Spellbook of Terrestrial Direction
                  | (Sif Muna gifted it to you on level 5 of the Realm of Zot)
105951 | Zot:5    | Identified Sif Muna's Lessons on the Fuming Tropics (Sif
                  | Muna gifted it to you on level 5 of the Realm of Zot)
105951 | Zot:5    | Identified Sif Muna's Codex of the Salvo (Sif Muna gifted
                  | it to you on level 5 of the Realm of Zot)
105951 | Zot:5    | Identified Sif Muna's Octavo of Destruction and Shaping
                  | (Sif Muna gifted it to you on level 5 of the Realm of Zot)
105951 | Zot:5    | Identified Sif Muna's Guidebook on the Virous Nimbus (Sif
                  | Muna gifted it to you on level 5 of the Realm of Zot)
105951 | Zot:5    | Identified Qyukh's Teachings on Overcast Spellbinding (Sif
                  | Muna gifted it to you on level 5 of the Realm of Zot)
105951 | Zot:5    | Identified Ajieso's Directory of the Summer and Lithomancy
                  | (Sif Muna gifted it to you on level 5 of the Realm of Zot)
105951 | Zot:5    | Identified Velolozi's Monograph on Metamorphic Thermatology
                  | (Sif Muna gifted it to you on level 5 of the Realm of Zot)
105951 | Zot:5    | Identified Sif Muna's Total Understanding of Magic (Sif
                  | Muna gifted it to you on level 5 of the Realm of Zot)
106400 | Zot:5    | Reached skill level 22 in Invocations
106419 | Zot:5    | Identified Sif Muna's Folio of Confrontation and Evil
                  | Liturgies (Sif Muna gifted it to you on level 5 of the
                  | Realm of Zot)
106419 | Zot:5    | Identified Sif Muna's Almanac of the Loathsome Glacier (Sif
                  | Muna gifted it to you on level 5 of the Realm of Zot)
106419 | Zot:5    | Identified Sif Muna's Vellum of the Impact (Sif Muna gifted
                  | it to you on level 5 of the Realm of Zot)
106419 | Zot:5    | Identified Ratodgh's Handbook of Ceraunoscopy (Sif Muna
                  | gifted it to you on level 5 of the Realm of Zot)
106419 | Zot:5    | Identified Sif Muna's Quarto of Twisted Blows (Sif Muna
                  | gifted it to you on level 5 of the Realm of Zot)
106419 | Zot:5    | Identified Duavarai's Information on the Conjured Graveyard
                  | (Sif Muna gifted it to you on level 5 of the Realm of Zot)
106419 | Zot:5    | Identified Epnihenn's Guidebook on Tephra (Sif Muna gifted
                  | it to you on level 5 of the Realm of Zot)
106419 | Zot:5    | Identified Sif Muna's Folio of Spatial Accompaniment (Sif
                  | Muna gifted it to you on level 5 of the Realm of Zot)
106419 | Zot:5    | Identified Sif Muna's Atlas of the Impact (Sif Muna gifted
                  | it to you on level 5 of the Realm of Zot)
106419 | Zot:5    | Identified Sif Muna's Reference Book on the Foggy Impact
                  | (Sif Muna gifted it to you on level 5 of the Realm of Zot)
106419 | Zot:5    | Identified Sif Muna's Folio of Molten Bedrock (Sif Muna
                  | gifted it to you on level 5 of the Realm of Zot)
106419 | Zot:5    | Identified Sif Muna's Grimoire of the Vector (Sif Muna
                  | gifted it to you on level 5 of the Realm of Zot)
106419 | Zot:5    | Identified Sif Muna's Folio of the Fjord and the Voyage
                  | (Sif Muna gifted it to you on level 5 of the Realm of Zot)
106419 | Zot:5    | Identified Sif Muna's Folio of Attacks (Sif Muna gifted it
                  | to you on level 5 of the Realm of Zot)
106419 | Zot:5    | Identified Sif Muna's Compendium of Glowing Thunder (Sif
                  | Muna gifted it to you on level 5 of the Realm of Zot)
106419 | Zot:5    | Identified Sif Muna's Guidebook on the Excursion and the
                  | Mortuary (Sif Muna gifted it to you on level 5 of the Realm
                  | of Zot)
106419 | Zot:5    | Identified Sif Muna's Tome of Ashes (Sif Muna gifted it to
                  | you on level 5 of the Realm of Zot)
106419 | Zot:5    | Identified Peyc's Secrets of Hoarfrost and Nightshade (Sif
                  | Muna gifted it to you on level 5 of the Realm of Zot)
106419 | Zot:5    | Identified Sif Muna's Encyclopedia of Death and Injury (Sif
                  | Muna gifted it to you on level 5 of the Realm of Zot)
106419 | Zot:5    | Identified Sif Muna's Almanac of Injury (Sif Muna gifted it
                  | to you on level 5 of the Realm of Zot)
106419 | Zot:5    | Identified Sif Muna's Directory of Translocational
                  | Adjuration (Sif Muna gifted it to you on level 5 of the
                  | Realm of Zot)
106419 | Zot:5    | Identified Dutse's Spellbook of Septic Combat Magic (Sif
                  | Muna gifted it to you on level 5 of the Realm of Zot)
106419 | Zot:5    | Identified Feysevit's Atlas of Leaden Pestilence (Sif Muna
                  | gifted it to you on level 5 of the Realm of Zot)
106419 | Zot:5    | Identified Witoil's Monograph on Concussion (Sif Muna
                  | gifted it to you on level 5 of the Realm of Zot)
106419 | Zot:5    | Identified Sif Muna's Volume of the Coward and
                  | Transposition (Sif Muna gifted it to you on level 5 of the
                  | Realm of Zot)
106419 | Zot:5    | Identified Plog's Vellum of the Fifth Circle (Sif Muna
                  | gifted it to you on level 5 of the Realm of Zot)
106419 | Zot:5    | Identified Sif Muna's Spellbook of Soot (Sif Muna gifted it
                  | to you on level 5 of the Realm of Zot)
106419 | Zot:5    | Identified Xoezeoph's Parchment of the Autopsy and the Dose
                  | (Sif Muna gifted it to you on level 5 of the Realm of Zot)
106419 | Zot:5    | Identified Sif Muna's Guide on Voltage and the Salvo (Sif
                  | Muna gifted it to you on level 5 of the Realm of Zot)
106419 | Zot:5    | Identified Sif Muna's Enchiridion on the Coals (Sif Muna
                  | gifted it to you on level 5 of the Realm of Zot)
106457 | Zot:5    | Identified Sif Muna's Lost Papyrus of the Lorekeeper (Sif
                  | Muna gifted it to you on level 5 of the Realm of Zot)
106457 | Zot:5    | Identified Sif Muna's Omnibus of Concussion (Sif Muna
                  | gifted it to you on level 5 of the Realm of Zot)
106457 | Zot:5    | Identified Sif Muna's Compilation of Concussion and
                  | Pyromania (Sif Muna gifted it to you on level 5 of the
                  | Realm of Zot)
106457 | Zot:5    | Identified Sif Muna's Disquisition on the Gusty Boulder
                  | (Sif Muna gifted it to you on level 5 of the Realm of Zot)
106457 | Zot:5    | Identified Sif Muna's Papyrus of Deathly Electricity (Sif
                  | Muna gifted it to you on level 5 of the Realm of Zot)
106457 | Zot:5    | Identified Sif Muna's Precepts of the Dose and
                  | Incandescence (Sif Muna gifted it to you on level 5 of the
                  | Realm of Zot)
106457 | Zot:5    | Identified Keuzyocs's Secrets of the Blistering Fifth
                  | Circle (Sif Muna gifted it to you on level 5 of the Realm
                  | of Zot)
106457 | Zot:5    | Identified Sif Muna's Disquisition on Nonlocality and
                  | Generation (Sif Muna gifted it to you on level 5 of the
                  | Realm of Zot)
106457 | Zot:5    | Identified Sif Muna's Cyclopedia of Hurting (Sif Muna
                  | gifted it to you on level 5 of the Realm of Zot)
106457 | Zot:5    | Identified Sif Muna's Encyclopedia of Geometric Aeromancy
                  | (Sif Muna gifted it to you on level 5 of the Realm of Zot)
106457 | Zot:5    | Identified Sif Muna's Dissertation on Gases and
                  | Resurrection (Sif Muna gifted it to you on level 5 of the
                  | Realm of Zot)
106457 | Zot:5    | Identified Govirity's Quarto of Bright Nausea (Sif Muna
                  | gifted it to you on level 5 of the Realm of Zot)
106457 | Zot:5    | Identified Sif Muna's Final Enchiridion on of Incantation
                  | (Sif Muna gifted it to you on level 5 of the Realm of Zot)
106457 | Zot:5    | Identified Uprel's Tome of Morbid Portals (Sif Muna gifted
                  | it to you on level 5 of the Realm of Zot)
106457 | Zot:5    | Identified Pypyn's Encyclopedia of Leadership and the Chill
                  | (Sif Muna gifted it to you on level 5 of the Realm of Zot)
106457 | Zot:5    | Identified Sif Muna's Precepts of Brilliant Gusts (Sif Muna
                  | gifted it to you on level 5 of the Realm of Zot)
106457 | Zot:5    | Identified Sif Muna's Guide on Macabre Combat Magic (Sif
                  | Muna gifted it to you on level 5 of the Realm of Zot)
106457 | Zot:5    | Identified Sif Muna's Thoughts on the Summoned Inferno (Sif
                  | Muna gifted it to you on level 5 of the Realm of Zot)
106457 | Zot:5    | Identified Kakineo's Compendium of the Incendiary Discharge
                  | (Sif Muna gifted it to you on level 5 of the Realm of Zot)
106457 | Zot:5    | Identified Sif Muna's Secrets of the Fifth Circle (Sif Muna
                  | gifted it to you on level 5 of the Realm of Zot)
106457 | Zot:5    | Identified Qobb's Compendium of Traumaturgy (Sif Muna
                  | gifted it to you on level 5 of the Realm of Zot)
106457 | Zot:5    | Identified Metriaps's Dissertation on the Welkin and
                  | Orientation (Sif Muna gifted it to you on level 5 of the
                  | Realm of Zot)
106457 | Zot:5    | Identified Sif Muna's Compilation of the Fifth Circle (Sif
                  | Muna gifted it to you on level 5 of the Realm of Zot)
106457 | Zot:5    | Identified Culirhi's Folio of Displacement (Sif Muna gifted
                  | it to you on level 5 of the Realm of Zot)
106457 | Zot:5    | Identified Sif Muna's Thoughts on Earthen Assaults (Sif
                  | Muna gifted it to you on level 5 of the Realm of Zot)
106457 | Zot:5    | Identified Sif Muna's Almanac of Sinister Trauma (Sif Muna
                  | gifted it to you on level 5 of the Realm of Zot)
106457 | Zot:5    | Identified Sif Muna's Opusculum on Frozen Transition (Sif
                  | Muna gifted it to you on level 5 of the Realm of Zot)
106457 | Zot:5    | Identified Sif Muna's Papyrus of Shadowy Geomancy (Sif Muna
                  | gifted it to you on level 5 of the Realm of Zot)
106457 | Zot:5    | Identified Sif Muna's Catalogue of Cankerous Gases (Sif
                  | Muna gifted it to you on level 5 of the Realm of Zot)
106457 | Zot:5    | Identified Sif Muna's Information on Adjuration (Sif Muna
                  | gifted it to you on level 5 of the Realm of Zot)
106457 | Zot:5    | Identified Wus Eqan's Elucidation of the Foggy Evil Eye
                  | (Sif Muna gifted it to you on level 5 of the Realm of Zot)
106459 | Zot:5    | Identified Sif Muna's Incunabulum of the Conjured Compass
                  | (Sif Muna gifted it to you on level 5 of the Realm of Zot)
106459 | Zot:5    | Identified Sif Muna's Compilation of Incineration (Sif Muna
                  | gifted it to you on level 5 of the Realm of Zot)
106459 | Zot:5    | Identified Sif Muna's Guidebook on Aeromancy (Sif Muna
                  | gifted it to you on level 5 of the Realm of Zot)
106459 | Zot:5    | Identified Sif Muna's Folio of the Sun (Sif Muna gifted it
                  | to you on level 5 of the Realm of Zot)
106459 | Zot:5    | Identified Sif Muna's Reference Book on Hyperbolic
                  | Outbursts (Sif Muna gifted it to you on level 5 of the
                  | Realm of Zot)
106459 | Zot:5    | Identified Sif Muna's Volume of Wounds (Sif Muna gifted it
                  | to you on level 5 of the Realm of Zot)
106459 | Zot:5    | Identified Sif Muna's Vellum of the Evolving Grave (Sif
                  | Muna gifted it to you on level 5 of the Realm of Zot)
106459 | Zot:5    | Identified Sif Muna's Quarto of the Red-Hot Blink Frog (Sif
                  | Muna gifted it to you on level 5 of the Realm of Zot)
106459 | Zot:5    | Identified Sif Muna's Atlas of Cloudy Kinetic Energy (Sif
                  | Muna gifted it to you on level 5 of the Realm of Zot)
106459 | Zot:5    | Identified Sif Muna's Secrets of Orientation and Anemomancy
                  | (Sif Muna gifted it to you on level 5 of the Realm of Zot)
106459 | Zot:5    | Identified Sif Muna's Precepts of Comburant Striking (Sif
                  | Muna gifted it to you on level 5 of the Realm of Zot)
106459 | Zot:5    | Identified Sif Muna's Elucidation of the Five Artisans (Sif
                  | Muna gifted it to you on level 5 of the Realm of Zot)
106459 | Zot:5    | Identified Sif Muna's Catalogue of Bloody Sculpting (Sif
                  | Muna gifted it to you on level 5 of the Realm of Zot)
106459 | Zot:5    | Identified Jocaerripn's Information on Bruises (Sif Muna
                  | gifted it to you on level 5 of the Realm of Zot)
106459 | Zot:5    | Identified Sif Muna's Monograph on Conjury and Hyperthermia
                  | (Sif Muna gifted it to you on level 5 of the Realm of Zot)
106459 | Zot:5    | Identified Sif Muna's Secrets of the Blaze (Sif Muna gifted
                  | it to you on level 5 of the Realm of Zot)
106459 | Zot:5    | Identified Sif Muna's Papyrus of Arcane Combat (Sif Muna
                  | gifted it to you on level 5 of the Realm of Zot)
106459 | Zot:5    | Identified Qixtizot's Discursus on Injury and Exhalation
                  | (Sif Muna gifted it to you on level 5 of the Realm of Zot)
106459 | Zot:5    | Identified Cerebov's Lectures on Percussion and the Blaze
                  | (Sif Muna gifted it to you on level 5 of the Realm of Zot)
106459 | Zot:5    | Identified Sif Muna's Quarto of the Black Widow and the
                  | Squall (Sif Muna gifted it to you on level 5 of the Realm
                  | of Zot)
106459 | Zot:5    | Identified Sif Muna's Book of Hot Evolution (Sif Muna
                  | gifted it to you on level 5 of the Realm of Zot)
106459 | Zot:5    | Identified Sif Muna's Anthology of Prime Conduction (Sif
                  | Muna gifted it to you on level 5 of the Realm of Zot)
106459 | Zot:5    | Identified Qonuh's Papyrus of the Transposed Crypt (Sif
                  | Muna gifted it to you on level 5 of the Realm of Zot)
106459 | Zot:5    | Identified Sif Muna's Almanac of Windy Assaults (Sif Muna
                  | gifted it to you on level 5 of the Realm of Zot)
106459 | Zot:5    | Identified Nasur's Quarto of Confrontation (Sif Muna gifted
                  | it to you on level 5 of the Realm of Zot)
106459 | Zot:5    | Identified Sif Muna's Book of Calid Permutations (Sif Muna
                  | gifted it to you on level 5 of the Realm of Zot)
106459 | Zot:5    | Identified Senarymi's Enchiridion on the Bonfire (Sif Muna
                  | gifted it to you on level 5 of the Realm of Zot)
106459 | Zot:5    | Identified Sif Muna's Thorough Guide to the Rites and
                  | Rhymes (Sif Muna gifted it to you on level 5 of the Realm
                  | of Zot)
106459 | Zot:5    | Identified Sif Muna's Catalogue of Clay (Sif Muna gifted it
                  | to you on level 5 of the Realm of Zot)
106459 | Zot:5    | Identified Sif Muna's Incunabulum of Injury (Sif Muna
                  | gifted it to you on level 5 of the Realm of Zot)
106459 | Zot:5    | Identified Sif Muna's Encyclopedia of the Lithic Door (Sif
                  | Muna gifted it to you on level 5 of the Realm of Zot)
106459 | Zot:5    | Identified Joleizoh's Spellbook of Cold and Impulse (Sif
                  | Muna gifted it to you on level 5 of the Realm of Zot)
106610 | Zot:5    | Noticed a Killer Klown
106613 | Zot:5    | Killed a Killer Klown
106629 | Zot:5    | Noticed an orb of fire
106632 | Zot:5    | Killed an orb of fire
106637 | Zot:5    | Noticed a Killer Klown
106641 | Zot:5    | Killed a Killer Klown
106642 | Zot:5    | Noticed an orb of fire
106649 | Zot:5    | Killed an orb of fire
106904 | Zot:5    | Noticed a dread lich
106906 | Zot:5    | Noticed an orb of fire
106907 | Zot:5    | Noticed a Killer Klown
106909 | Zot:5    | Killed a Killer Klown
106910 | Zot:5    | Noticed an orb of fire
106913 | Zot:5    | Killed an orb of fire
106913 | Zot:5    | Identified Sif Muna's Compilation of the Heated Fifth
                  | Circle (Sif Muna gifted it to you on level 5 of the Realm
                  | of Zot)
106913 | Zot:5    | Identified Sif Muna's Notes on the Blasted Pyromaniac (Sif
                  | Muna gifted it to you on level 5 of the Realm of Zot)
106913 | Zot:5    | Identified Sif Muna's Meditations on the Charnel Syncline
                  | (Sif Muna gifted it to you on level 5 of the Realm of Zot)
106913 | Zot:5    | Identified Gecec's Information on Execration and the
                  | Sixfirhy (Sif Muna gifted it to you on level 5 of the Realm
                  | of Zot)
106913 | Zot:5    | Identified Sif Muna's Incunabulum of Circular Logic (Sif
                  | Muna gifted it to you on level 5 of the Realm of Zot)
106913 | Zot:5    | Identified Fatyliu's Codex of Exhalation (Sif Muna gifted
                  | it to you on level 5 of the Realm of Zot)
106913 | Zot:5    | Identified Sif Muna's Guidebook on the Impact (Sif Muna
                  | gifted it to you on level 5 of the Realm of Zot)
106913 | Zot:5    | Identified Sif Muna's Papyrus of Blasts (Sif Muna gifted it
                  | to you on level 5 of the Realm of Zot)
106913 | Zot:5    | Identified Sif Muna's Secrets of Hurtful Angles (Sif Muna
                  | gifted it to you on level 5 of the Realm of Zot)
106913 | Zot:5    | Identified Sif Muna's Grimoire of Gusty Conjuration (Sif
                  | Muna gifted it to you on level 5 of the Realm of Zot)
106913 | Zot:5    | Identified Sif Muna's Incunabulum of Elsewhere and the
                  | Missiles (Sif Muna gifted it to you on level 5 of the Realm
                  | of Zot)
106913 | Zot:5    | Identified Xufe's Reference Book on the Bright Black Widow
                  | (Sif Muna gifted it to you on level 5 of the Realm of Zot)
106913 | Zot:5    | Identified Sif Muna's Writings on Damaging Places (Sif Muna
                  | gifted it to you on level 5 of the Realm of Zot)
106913 | Zot:5    | Identified Tysic's Excursus on Geomancy and Anemomancy (Sif
                  | Muna gifted it to you on level 5 of the Realm of Zot)
106913 | Zot:5    | Identified Taempom's Handbook of Destruction (Sif Muna
                  | gifted it to you on level 5 of the Realm of Zot)
106913 | Zot:5    | Identified Ganucoh's Spellbook of the Pyre (Sif Muna gifted
                  | it to you on level 5 of the Realm of Zot)
106913 | Zot:5    | Identified Sif Muna's Discursus on Loathsome Destruction
                  | (Sif Muna gifted it to you on level 5 of the Realm of Zot)
106913 | Zot:5    | Identified Sif Muna's Incunable of Destruction (Sif Muna
                  | gifted it to you on level 5 of the Realm of Zot)
106913 | Zot:5    | Identified Sif Muna's Notes on Coarse Arcane Weapons (Sif
                  | Muna gifted it to you on level 5 of the Realm of Zot)
106913 | Zot:5    | Identified Sif Muna's Last Wisdom of the Warlock (Sif Muna
                  | gifted it to you on level 5 of the Realm of Zot)
106913 | Zot:5    | Identified Sif Muna's Vellum of Aeromancy (Sif Muna gifted
                  | it to you on level 5 of the Realm of Zot)
106913 | Zot:5    | Identified Sif Muna's Lectures on Energy and Erosion (Sif
                  | Muna gifted it to you on level 5 of the Realm of Zot)
106913 | Zot:5    | Identified Sif Muna's Reference Book on Forceful Points
                  | (Sif Muna gifted it to you on level 5 of the Realm of Zot)
106913 | Zot:5    | Identified Sif Muna's Spellbook of the Feathery Commander
                  | (Sif Muna gifted it to you on level 5 of the Realm of Zot)
106913 | Zot:5    | Identified Eriucw's Guide on Concussion (Sif Muna gifted it
                  | to you on level 5 of the Realm of Zot)
106913 | Zot:5    | Identified Sif Muna's Teachings on Terrestrial Power (Sif
                  | Muna gifted it to you on level 5 of the Realm of Zot)
106913 | Zot:5    | Identified Sif Muna's Guidebook on the Coarse Vector (Sif
                  | Muna gifted it to you on level 5 of the Realm of Zot)
106913 | Zot:5    | Identified Sif Muna's Grimoire of Vexing Forces (Sif Muna
                  | gifted it to you on level 5 of the Realm of Zot)
106913 | Zot:5    | Identified Sif Muna's Octavo of Relocated Incandescence
                  | (Sif Muna gifted it to you on level 5 of the Realm of Zot)
106913 | Zot:5    | Identified Sif Muna's Codex of the Wayfarer and Scree (Sif
                  | Muna gifted it to you on level 5 of the Realm of Zot)
106913 | Zot:5    | Identified Sif Muna's Incunable of Planar Degeneration (Sif
                  | Muna gifted it to you on level 5 of the Realm of Zot)
106913 | Zot:5    | Identified Sif Muna's Directory of Energy (Sif Muna gifted
                  | it to you on level 5 of the Realm of Zot)
106913 | Zot:5    | Identified Sif Muna's Lectures on the Chilling Jaunt (Sif
                  | Muna gifted it to you on level 5 of the Realm of Zot)
106913 | Zot:5    | Killed a dread lich
107069 | Zot:5    | Noticed an ancient lich
107071 | Zot:5    | Noticed a dread lich
107075 | Zot:5    | Killed a dread lich
107150 | Zot:5    | Identified Sif Muna's Excursus on Injury (Sif Muna gifted
                  | it to you on level 5 of the Realm of Zot)
107150 | Zot:5    | Identified Sif Muna's Catalogue of Frigorific Blasting (Sif
                  | Muna gifted it to you on level 5 of the Realm of Zot)
107150 | Zot:5    | Identified Sif Muna's Lessons on Displaced Hurting (Sif
                  | Muna gifted it to you on level 5 of the Realm of Zot)
107150 | Zot:5    | Identified Seel's Grimoire of Wounds and Feathers (Sif Muna
                  | gifted it to you on level 5 of the Realm of Zot)
107150 | Zot:5    | Identified Gyenkus's Secrets of Congealing Virulence (Sif
                  | Muna gifted it to you on level 5 of the Realm of Zot)
107150 | Zot:5    | Identified Sif Muna's Mastery of Hermeneutics (Sif Muna
                  | gifted it to you on level 5 of the Realm of Zot)
107150 | Zot:5    | Identified Sif Muna's Excursus on Violent Position (Sif
                  | Muna gifted it to you on level 5 of the Realm of Zot)
107150 | Zot:5    | Identified Sif Muna's Excursus on the Bonfire (Sif Muna
                  | gifted it to you on level 5 of the Realm of Zot)
107150 | Zot:5    | Identified Sif Muna's Handbook of Fulmination (Sif Muna
                  | gifted it to you on level 5 of the Realm of Zot)
107150 | Zot:5    | Identified Sif Muna's Elucidation of Blows (Sif Muna gifted
                  | it to you on level 5 of the Realm of Zot)
107150 | Zot:5    | Identified Kocauzim's Grimoire of Rancid Percussion (Sif
                  | Muna gifted it to you on level 5 of the Realm of Zot)
107150 | Zot:5    | Identified Xuniat's Volume of Lethal Nightshade (Sif Muna
                  | gifted it to you on level 5 of the Realm of Zot)
107150 | Zot:5    | Identified Xaxtygua's Parchment of the Volley (Sif Muna
                  | gifted it to you on level 5 of the Realm of Zot)
107150 | Zot:5    | Identified Aghaakha's Catalogue of Gaseous Injury (Sif Muna
                  | gifted it to you on level 5 of the Realm of Zot)
107150 | Zot:5    | Identified Cexkesat's Disquisition on Combustion and
                  | Attacks (Sif Muna gifted it to you on level 5 of the Realm
                  | of Zot)
107150 | Zot:5    | Identified Sif Muna's Precepts of Airy Translocation (Sif
                  | Muna gifted it to you on level 5 of the Realm of Zot)
107150 | Zot:5    | Identified Golubria's Teachings on Direction (Sif Muna
                  | gifted it to you on level 5 of the Realm of Zot)
107150 | Zot:5    | Identified Sif Muna's Spellbook of the Panacea and Bruises
                  | (Sif Muna gifted it to you on level 5 of the Realm of Zot)
107150 | Zot:5    | Identified Sif Muna's Anthology of Assistive Anemomancy
                  | (Sif Muna gifted it to you on level 5 of the Realm of Zot)
107150 | Zot:5    | Identified Sif Muna's Volume of Underground Bruises (Sif
                  | Muna gifted it to you on level 5 of the Realm of Zot)
107150 | Zot:5    | Identified Voydwaew's Octavo of the Vehement Burn (Sif Muna
                  | gifted it to you on level 5 of the Realm of Zot)
107150 | Zot:5    | Identified Sif Muna's Volume of Misfortune and
                  | Peregrination (Sif Muna gifted it to you on level 5 of the
                  | Realm of Zot)
107150 | Zot:5    | Identified Sif Muna's Commentary on Hexes and Weather (Sif
                  | Muna gifted it to you on level 5 of the Realm of Zot)
107150 | Zot:5    | Identified Gecargh's Cyclopedia of Wanderlust and Poison
                  | (Sif Muna gifted it to you on level 5 of the Realm of Zot)
107150 | Zot:5    | Identified Sif Muna's Tome of Arcane Combat (Sif Muna
                  | gifted it to you on level 5 of the Realm of Zot)
107150 | Zot:5    | Identified Xaudax's Volume of Immolation and the
                  | Shapeshifter (Sif Muna gifted it to you on level 5 of the
                  | Realm of Zot)
107150 | Zot:5    | Identified Sif Muna's Almanac of Ensorcelling and Blows
                  | (Sif Muna gifted it to you on level 5 of the Realm of Zot)
107150 | Zot:5    | Identified Sif Muna's Commentary on Foggy Force (Sif Muna
                  | gifted it to you on level 5 of the Realm of Zot)
107150 | Zot:5    | Identified Sif Muna's Enchiridion on Turbulence (Sif Muna
                  | gifted it to you on level 5 of the Realm of Zot)
107228 | Zot:5    | Reached skill level 23 in Invocations
107236 | Zot:5    | Identified Sif Muna's Reference Book on Dark
                  | Transfiguration (Sif Muna gifted it to you on level 5 of
                  | the Realm of Zot)
107236 | Zot:5    | Identified Sif Muna's Verses on Heated Amathomancy (Sif
                  | Muna gifted it to you on level 5 of the Realm of Zot)
107236 | Zot:5    | Identified Sif Muna's Essays on Shades and Injury (Sif Muna
                  | gifted it to you on level 5 of the Realm of Zot)
107236 | Zot:5    | Identified Ludghebb's Commentary on the Gaseous Blaze (Sif
                  | Muna gifted it to you on level 5 of the Realm of Zot)
107236 | Zot:5    | Identified Lael's Reference Book on the Whammy and
                  | Formation (Sif Muna gifted it to you on level 5 of the
                  | Realm of Zot)
107236 | Zot:5    | Identified Sif Muna's Spellbook of Striking (Sif Muna
                  | gifted it to you on level 5 of the Realm of Zot)
107236 | Zot:5    | Identified Sif Muna's Incunable of Overcast Summoning (Sif
                  | Muna gifted it to you on level 5 of the Realm of Zot)
107236 | Zot:5    | Identified Sif Muna's Compendium of the Violent Wind (Sif
                  | Muna gifted it to you on level 5 of the Realm of Zot)
107236 | Zot:5    | Identified Sif Muna's Teachings on Bombardment and Thunder
                  | (Sif Muna gifted it to you on level 5 of the Realm of Zot)
107236 | Zot:5    | Identified Juvoej's Papyrus of Undead Bolts (Sif Muna
                  | gifted it to you on level 5 of the Realm of Zot)
107236 | Zot:5    | Identified Sif Muna's Directory of Anthracomancy (Sif Muna
                  | gifted it to you on level 5 of the Realm of Zot)
107236 | Zot:5    | Identified Sif Muna's Folio of the Fifth Circle (Sif Muna
                  | gifted it to you on level 5 of the Realm of Zot)
107236 | Zot:5    | Identified Sif Muna's Textbook on the Necrotic Quarry (Sif
                  | Muna gifted it to you on level 5 of the Realm of Zot)
107236 | Zot:5    | Identified Sif Muna's Incunable of Ozone (Sif Muna gifted
                  | it to you on level 5 of the Realm of Zot)
107236 | Zot:5    | Identified Sif Muna's Elucidation of Combative Displacement
                  | (Sif Muna gifted it to you on level 5 of the Realm of Zot)
107236 | Zot:5    | Identified Sif Muna's Atlas of Calefaction (Sif Muna gifted
                  | it to you on level 5 of the Realm of Zot)
107236 | Zot:5    | Identified Sif Muna's Catalogue of the Undead (Sif Muna
                  | gifted it to you on level 5 of the Realm of Zot)
107236 | Zot:5    | Identified Kovvit's Directory of Planar Combustion (Sif
                  | Muna gifted it to you on level 5 of the Realm of Zot)
107236 | Zot:5    | Identified Sif Muna's Opusculum on Necrotic Conjury (Sif
                  | Muna gifted it to you on level 5 of the Realm of Zot)
107236 | Zot:5    | Identified Sif Muna's Volume of Deathly Fumes (Sif Muna
                  | gifted it to you on level 5 of the Realm of Zot)
107236 | Zot:5    | Identified Sif Muna's Notes on Vapourous Displacement (Sif
                  | Muna gifted it to you on level 5 of the Realm of Zot)
107236 | Zot:5    | Identified Sif Muna's Precepts of Fulmination (Sif Muna
                  | gifted it to you on level 5 of the Realm of Zot)
107236 | Zot:5    | Identified Ijyta's Compilation of Attacks (Sif Muna gifted
                  | it to you on level 5 of the Realm of Zot)
107236 | Zot:5    | Identified Giufeos's Compendium of Glowing Destruction (Sif
                  | Muna gifted it to you on level 5 of the Realm of Zot)
107236 | Zot:5    | Identified Sif Muna's Incunabulum of Roasted Hurting (Sif
                  | Muna gifted it to you on level 5 of the Realm of Zot)
107236 | Zot:5    | Identified Jief's Vellum of the Deep Freeze and the Dead
                  | (Sif Muna gifted it to you on level 5 of the Realm of Zot)
107236 | Zot:5    | Identified Sif Muna's Anthology of Solid Bad Luck (Sif Muna
                  | gifted it to you on level 5 of the Realm of Zot)
107236 | Zot:5    | Identified Fikhua's Quarto of Coarse Conflict (Sif Muna
                  | gifted it to you on level 5 of the Realm of Zot)
107236 | Zot:5    | Identified Sif Muna's Precepts of Puissant Causimancy (Sif
                  | Muna gifted it to you on level 5 of the Realm of Zot)
107236 | Zot:5    | Identified Sif Muna's Anthology of Battle Magic (Sif Muna
                  | gifted it to you on level 5 of the Realm of Zot)
107236 | Zot:5    | Identified Veteb's Vellum of Unstable Battling (Sif Muna
                  | gifted it to you on level 5 of the Realm of Zot)
107236 | Zot:5    | Identified Sif Muna's Elucidation of the Inferno (Sif Muna
                  | gifted it to you on level 5 of the Realm of Zot)
107236 | Zot:5    | Identified Sif Muna's Exposition on Stormy Blasts (Sif Muna
                  | gifted it to you on level 5 of the Realm of Zot)
107239 | Zot:5    | Killed an ancient lich
107639 | Zot:5    | Noticed a dread lich
107643 | Zot:5    | Killed a dread lich
107699 | Zot:5    | Noticed an ancient lich
107701 | Zot:5    | Killed an ancient lich
107701 | Zot:5    | Killed a dread lich
107701 | Zot:5    | Identified Sif Muna's Incantation, Part Seven (Sif Muna
                  | gifted it to you on level 5 of the Realm of Zot)
107701 | Zot:5    | Identified Zicepp's Omnibus of Arcane Combat (Sif Muna
                  | gifted it to you on level 5 of the Realm of Zot)
107701 | Zot:5    | Identified Sif Muna's Elucidation of Assaults (Sif Muna
                  | gifted it to you on level 5 of the Realm of Zot)
107701 | Zot:5    | Identified Sif Muna's Spellbook of Concussion and
                  | Phlogiston (Sif Muna gifted it to you on level 5 of the
                  | Realm of Zot)
107701 | Zot:5    | Identified Sif Muna's Vademecum on Molten Tephra (Sif Muna
                  | gifted it to you on level 5 of the Realm of Zot)
107701 | Zot:5    | Identified Sif Muna's Compendium of Company and Evil Arts
                  | (Sif Muna gifted it to you on level 5 of the Realm of Zot)
107701 | Zot:5    | Identified Sif Muna's Compendium of Petrified Fumes (Sif
                  | Muna gifted it to you on level 5 of the Realm of Zot)
107701 | Zot:5    | Identified Sif Muna's Notes on Talus (Sif Muna gifted it to
                  | you on level 5 of the Realm of Zot)
107701 | Zot:5    | Identified Sif Muna's Meditations on the Hurtful Queen Bee
                  | (Sif Muna gifted it to you on level 5 of the Realm of Zot)
107701 | Zot:5    | Identified Sif Muna's Last Secrets of Magic (Sif Muna
                  | gifted it to you on level 5 of the Realm of Zot)
107701 | Zot:5    | Identified Sif Muna's Directory of Kinetic Haze (Sif Muna
                  | gifted it to you on level 5 of the Realm of Zot)
107701 | Zot:5    | Identified Cyan's Parchment of the Volatile Boggart (Sif
                  | Muna gifted it to you on level 5 of the Realm of Zot)
107701 | Zot:5    | Identified Sif Muna's Almanac of Transposition and
                  | Austromancy (Sif Muna gifted it to you on level 5 of the
                  | Realm of Zot)
107701 | Zot:5    | Identified Sif Muna's Handbook of Flame (Sif Muna gifted it
                  | to you on level 5 of the Realm of Zot)
107701 | Zot:5    | Identified Sif Muna's Volume of Attacks (Sif Muna gifted it
                  | to you on level 5 of the Realm of Zot)
107701 | Zot:5    | Identified Sif Muna's Atlas of Combat Magic (Sif Muna
                  | gifted it to you on level 5 of the Realm of Zot)
107701 | Zot:5    | Identified Sif Muna's Compendium of Austromancy and
                  | Variation (Sif Muna gifted it to you on level 5 of the
                  | Realm of Zot)
107701 | Zot:5    | Identified Sif Muna's Tome of the Fifth Circle (Sif Muna
                  | gifted it to you on level 5 of the Realm of Zot)
107701 | Zot:5    | Identified Sif Muna's Secrets of Sweltering Energy (Sif
                  | Muna gifted it to you on level 5 of the Realm of Zot)
107701 | Zot:5    | Identified Sif Muna's Papyrus of Combined Hypothermia (Sif
                  | Muna gifted it to you on level 5 of the Realm of Zot)
107701 | Zot:5    | Identified Sif Muna's Grimoire of Conjuration and
                  | Spelunking (Sif Muna gifted it to you on level 5 of the
                  | Realm of Zot)
107701 | Zot:5    | Identified Sif Muna's Grimoire of Shocking Talus (Sif Muna
                  | gifted it to you on level 5 of the Realm of Zot)
107701 | Zot:5    | Identified Sif Muna's Atlas of the Impact (Sif Muna gifted
                  | it to you on level 5 of the Realm of Zot)
107701 | Zot:5    | Identified Sif Muna's Quarto of Attacks (Sif Muna gifted it
                  | to you on level 5 of the Realm of Zot)
107701 | Zot:5    | Identified Sif Muna's Commentary on Arcane Weapons (Sif
                  | Muna gifted it to you on level 5 of the Realm of Zot)
107701 | Zot:5    | Identified Pudesm's Secrets of Maledictive Electricity (Sif
                  | Muna gifted it to you on level 5 of the Realm of Zot)
107701 | Zot:5    | Identified Sif Muna's Grimoire of Lamentation and the Flock
                  | (Sif Muna gifted it to you on level 5 of the Realm of Zot)
107701 | Zot:5    | Identified Puik's Quarto of the Lethal Sixfirhy (Sif Muna
                  | gifted it to you on level 5 of the Realm of Zot)
107701 | Zot:5    | Identified Sif Muna's Directory of Atmospheric Combat Magic
                  | (Sif Muna gifted it to you on level 5 of the Realm of Zot)
107702 | Zot:5    | Reached skill level 24 in Invocations
107807 | Zot:5    | Identified Sif Muna's Thorough Guide to the Hermit's
                  | Heritage (Sif Muna gifted it to you on level 5 of the Realm
                  | of Zot)
107807 | Zot:5    | Identified Sif Muna's Directory of Injury (Sif Muna gifted
                  | it to you on level 5 of the Realm of Zot)
107807 | Zot:5    | Identified Sif Muna's Verses on Angles (Sif Muna gifted it
                  | to you on level 5 of the Realm of Zot)
107807 | Zot:5    | Identified Sif Muna's Elucidation of Scintillating
                  | Production (Sif Muna gifted it to you on level 5 of the
                  | Realm of Zot)
107807 | Zot:5    | Identified Sif Muna's Codex of the Snake (Sif Muna gifted
                  | it to you on level 5 of the Realm of Zot)
107807 | Zot:5    | Identified Sif Muna's Folio of Bright Causimancy (Sif Muna
                  | gifted it to you on level 5 of the Realm of Zot)
107807 | Zot:5    | Identified Sif Muna's Anthology of the Sixfirhy and Trauma
                  | (Sif Muna gifted it to you on level 5 of the Realm of Zot)
107807 | Zot:5    | Identified Sif Muna's Catalogue of Geological Injury (Sif
                  | Muna gifted it to you on level 5 of the Realm of Zot)
107807 | Zot:5    | Identified Sif Muna's Commentary on Rocky Blasting (Sif
                  | Muna gifted it to you on level 5 of the Realm of Zot)
107807 | Zot:5    | Identified Sif Muna's Atlas of the Birds (Sif Muna gifted
                  | it to you on level 5 of the Realm of Zot)
107807 | Zot:5    | Identified Sif Muna's Quarto of the Discharge and
                  | Mortification (Sif Muna gifted it to you on level 5 of the
                  | Realm of Zot)
107807 | Zot:5    | Identified Sif Muna's Dissertation on the Escort (Sif Muna
                  | gifted it to you on level 5 of the Realm of Zot)
107807 | Zot:5    | Identified Dum Hust's Cyclopedia of Turbulence and Attacks
                  | (Sif Muna gifted it to you on level 5 of the Realm of Zot)
107807 | Zot:5    | Identified Sif Muna's Thoughts on Cinders and Earth (Sif
                  | Muna gifted it to you on level 5 of the Realm of Zot)
107807 | Zot:5    | Identified Fousoekh's Tome of the Macabre Hornet (Sif Muna
                  | gifted it to you on level 5 of the Realm of Zot)
107807 | Zot:5    | Identified Sif Muna's Secrets of Excruciating Transposition
                  | (Sif Muna gifted it to you on level 5 of the Realm of Zot)
107807 | Zot:5    | Identified Sif Muna's Omnibus of Inflammable Interference
                  | (Sif Muna gifted it to you on level 5 of the Realm of Zot)
107807 | Zot:5    | Identified Sif Muna's Precepts of Electrocution and Angles
                  | (Sif Muna gifted it to you on level 5 of the Realm of Zot)
107807 | Zot:5    | Identified Sif Muna's Grimoire of Blistering Blasting (Sif
                  | Muna gifted it to you on level 5 of the Realm of Zot)
107807 | Zot:5    | Identified Cerebov's Essays on Hurting (Sif Muna gifted it
                  | to you on level 5 of the Realm of Zot)
107807 | Zot:5    | Identified Sif Muna's Compendium of Weather and the Coward
                  | (Sif Muna gifted it to you on level 5 of the Realm of Zot)
107807 | Zot:5    | Identified Sif Muna's Compendium of Cursed Metal (Sif Muna
                  | gifted it to you on level 5 of the Realm of Zot)
107807 | Zot:5    | Identified Aschuhinn's Anthology of the Shocking Fjord (Sif
                  | Muna gifted it to you on level 5 of the Realm of Zot)
107807 | Zot:5    | Identified Sif Muna's Compendium of Destruction and the
                  | Tropics (Sif Muna gifted it to you on level 5 of the Realm
                  | of Zot)
107807 | Zot:5    | Identified Sif Muna's Secrets of Sinister Wounds (Sif Muna
                  | gifted it to you on level 5 of the Realm of Zot)
107807 | Zot:5    | Identified Sif Muna's Compendium of the Damned (Sif Muna
                  | gifted it to you on level 5 of the Realm of Zot)
107807 | Zot:5    | Identified Dielin's Tractate on Blasts (Sif Muna gifted it
                  | to you on level 5 of the Realm of Zot)
107807 | Zot:5    | Identified Sif Muna's Treatise on Jinxing (Sif Muna gifted
                  | it to you on level 5 of the Realm of Zot)
107807 | Zot:5    | Identified Sif Muna's Codex of Air (Sif Muna gifted it to
                  | you on level 5 of the Realm of Zot)
108011 | Zot:5    | Identified Tux Xaup's Handbook of Enchanting Amathomancy
                  | (Sif Muna gifted it to you on level 5 of the Realm of Zot)
108011 | Zot:5    | Identified Sif Muna's Incunable of Lightning (Sif Muna
                  | gifted it to you on level 5 of the Realm of Zot)
108011 | Zot:5    | Identified Qotep Saa's Grimoire of the Arsonist and
                  | Interference (Sif Muna gifted it to you on level 5 of the
                  | Realm of Zot)
108011 | Zot:5    | Identified Sif Muna's Folio of Flammable Lamentation (Sif
                  | Muna gifted it to you on level 5 of the Realm of Zot)
108011 | Zot:5    | Identified Sif Muna's Compendium of Horrible Force (Sif
                  | Muna gifted it to you on level 5 of the Realm of Zot)
108011 | Zot:5    | Identified Ihiqazuts's Handbook of Breccia (Sif Muna gifted
                  | it to you on level 5 of the Realm of Zot)
108011 | Zot:5    | Identified Sif Muna's Notes on Pneumatic Sparks (Sif Muna
                  | gifted it to you on level 5 of the Realm of Zot)
108011 | Zot:5    | Identified Sif Muna's Atlas of Foggy Changing (Sif Muna
                  | gifted it to you on level 5 of the Realm of Zot)
108011 | Zot:5    | Identified Sif Muna's Codex of Lamentation and Blows (Sif
                  | Muna gifted it to you on level 5 of the Realm of Zot)
108011 | Zot:5    | Identified Sif Muna's Almanac of the Squall and the
                  | Mountains (Sif Muna gifted it to you on level 5 of the
                  | Realm of Zot)
108011 | Zot:5    | Identified Sif Muna's Dissertation on the Discharge (Sif
                  | Muna gifted it to you on level 5 of the Realm of Zot)
108011 | Zot:5    | Identified Heajy's Grimoire of Arcane Combat (Sif Muna
                  | gifted it to you on level 5 of the Realm of Zot)
108011 | Zot:5    | Identified Sif Muna's Folio of Amathomancy (Sif Muna gifted
                  | it to you on level 5 of the Realm of Zot)
108011 | Zot:5    | Identified Sif Muna's Verses on Hyperthermia (Sif Muna
                  | gifted it to you on level 5 of the Realm of Zot)
108011 | Zot:5    | Identified Sif Muna's Atlas of Ashen Conjuring (Sif Muna
                  | gifted it to you on level 5 of the Realm of Zot)
108011 | Zot:5    | Identified Sif Muna's Vellum of the Wind and Allies (Sif
                  | Muna gifted it to you on level 5 of the Realm of Zot)
108011 | Zot:5    | Identified Sif Muna's Omnibus of the Shot (Sif Muna gifted
                  | it to you on level 5 of the Realm of Zot)
108011 | Zot:5    | Identified Visott's Monograph on Alluring Incandescence
                  | (Sif Muna gifted it to you on level 5 of the Realm of Zot)
108011 | Zot:5    | Identified Sif Muna's Parchment of Destruction (Sif Muna
                  | gifted it to you on level 5 of the Realm of Zot)
108011 | Zot:5    | Identified Inwi's Compilation of Twisted Haze (Sif Muna
                  | gifted it to you on level 5 of the Realm of Zot)
108011 | Zot:5    | Identified Sif Muna's Writings on the Meteoric Geodesic
                  | (Sif Muna gifted it to you on level 5 of the Realm of Zot)
108011 | Zot:5    | Identified Sif Muna's Cyclopedia of Gathered Orientation
                  | (Sif Muna gifted it to you on level 5 of the Realm of Zot)
108011 | Zot:5    | Identified Rimiutre's Parchment of Grey Feathers (Sif Muna
                  | gifted it to you on level 5 of the Realm of Zot)
108011 | Zot:5    | Identified Sif Muna's Opusculum on Petrified Flesh (Sif
                  | Muna gifted it to you on level 5 of the Realm of Zot)
108011 | Zot:5    | Identified Sif Muna's Handbook of Energy and Gusts (Sif
                  | Muna gifted it to you on level 5 of the Realm of Zot)
108011 | Zot:5    | Identified Sif Muna's Almanac of Unhallowed Mysteries (Sif
                  | Muna gifted it to you on level 5 of the Realm of Zot)
108011 | Zot:5    | Identified Veys's Volume of the Frore Gestalt (Sif Muna
                  | gifted it to you on level 5 of the Realm of Zot)
108011 | Zot:5    | Identified Sif Muna's Compilation of Fulmination (Sif Muna
                  | gifted it to you on level 5 of the Realm of Zot)
108050 | Zot:5    | Identified Sif Muna's Lectures on the Graveyard and Portals
                  | (Sif Muna gifted it to you on level 5 of the Realm of Zot)
108050 | Zot:5    | Identified Sif Muna's Reference Book on Lethal Summoning
                  | (Sif Muna gifted it to you on level 5 of the Realm of Zot)
108050 | Zot:5    | Identified Sif Muna's Tome of the Bright Arsonist (Sif Muna
                  | gifted it to you on level 5 of the Realm of Zot)
108050 | Zot:5    | Identified Sif Muna's Compilation of Bruises (Sif Muna
                  | gifted it to you on level 5 of the Realm of Zot)
108050 | Zot:5    | Identified Qoelarhi's Secrets of Destruction (Sif Muna
                  | gifted it to you on level 5 of the Realm of Zot)
108050 | Zot:5    | Identified Sif Muna's Incunabulum of Energy (Sif Muna
                  | gifted it to you on level 5 of the Realm of Zot)
108050 | Zot:5    | Identified Sif Muna's Directory of Incendiary Rot (Sif Muna
                  | gifted it to you on level 5 of the Realm of Zot)
108050 | Zot:5    | Identified Sif Muna's Lost Archive of the Blind Seer (Sif
                  | Muna gifted it to you on level 5 of the Realm of Zot)
108050 | Zot:5    | Identified Sif Muna's Papyrus of Elliptic Lamentation (Sif
                  | Muna gifted it to you on level 5 of the Realm of Zot)
108050 | Zot:5    | Identified Sif Muna's Lost Precepts of the Sage (Sif Muna
                  | gifted it to you on level 5 of the Realm of Zot)
108050 | Zot:5    | Identified Sif Muna's Volume of the Sea (Sif Muna gifted it
                  | to you on level 5 of the Realm of Zot)
108050 | Zot:5    | Identified Vuci's Textbook on the Missiles (Sif Muna gifted
                  | it to you on level 5 of the Realm of Zot)
108050 | Zot:5    | Identified Sif Muna's Directory of Blows and Sidekicks (Sif
                  | Muna gifted it to you on level 5 of the Realm of Zot)
108050 | Zot:5    | Identified Sif Muna's Directory of Immolation (Sif Muna
                  | gifted it to you on level 5 of the Realm of Zot)
108050 | Zot:5    | Identified Sif Muna's Vellum of Bruises (Sif Muna gifted it
                  | to you on level 5 of the Realm of Zot)
108050 | Zot:5    | Identified Sif Muna's Folio of the Lethal Commander (Sif
                  | Muna gifted it to you on level 5 of the Realm of Zot)
108050 | Zot:5    | Identified Ykuomp's Catalogue of the Salvo (Sif Muna gifted
                  | it to you on level 5 of the Realm of Zot)
108050 | Zot:5    | Identified Sif Muna's Handbook of Fog and Composition (Sif
                  | Muna gifted it to you on level 5 of the Realm of Zot)
108050 | Zot:5    | Identified Sif Muna's Teachings on Causimancy (Sif Muna
                  | gifted it to you on level 5 of the Realm of Zot)
108050 | Zot:5    | Identified Sif Muna's Catalogue of Bombardment (Sif Muna
                  | gifted it to you on level 5 of the Realm of Zot)
108050 | Zot:5    | Identified Sif Muna's Guidebook on Bloody Arcane Weapons
                  | (Sif Muna gifted it to you on level 5 of the Realm of Zot)
108050 | Zot:5    | Identified Sif Muna's Commentary on Blasts (Sif Muna gifted
                  | it to you on level 5 of the Realm of Zot)
108050 | Zot:5    | Identified Sif Muna's Total Understanding of Willworking
                  | (Sif Muna gifted it to you on level 5 of the Realm of Zot)
108050 | Zot:5    | Identified Sif Muna's Omnibus of Power (Sif Muna gifted it
                  | to you on level 5 of the Realm of Zot)
108050 | Zot:5    | Identified Sif Muna's Last Vellum of Boris (Sif Muna gifted
                  | it to you on level 5 of the Realm of Zot)
108050 | Zot:5    | Identified Sif Muna's Quarto of Cinders and Peregrination
                  | (Sif Muna gifted it to you on level 5 of the Realm of Zot)
108050 | Zot:5    | Identified Sif Muna's Deep Testament of Boris (Sif Muna
                  | gifted it to you on level 5 of the Realm of Zot)
108050 | Zot:5    | Identified Yrechoet's Parchment of Battling (Sif Muna
                  | gifted it to you on level 5 of the Realm of Zot)
108149 | Zot:5    | Got the Orb of Zot
108192 | Zot:5    | Noticed Apiriot the pandemonium lord
108195 | Zot:5    | Killed Apiriot the pandemonium lord
108256 | Zot:1    | Found the +4 dragonskin cloak
108256 | Zot:1    | Noticed Tiamat
108261 | Zot:1    | Killed Tiamat
108311 | Zot:1    | Identified Sif Muna's Cyclopedia of Fulmination and Bad
                  | Luck (Sif Muna gifted it to you on level 1 of the Realm of
                  | Zot)
108311 | Zot:1    | Identified Sif Muna's Tome of Bombardment and Wildfire (Sif
                  | Muna gifted it to you on level 1 of the Realm of Zot)
108311 | Zot:1    | Identified Sif Muna's Verses on the Dimensional Impact (Sif
                  | Muna gifted it to you on level 1 of the Realm of Zot)
108311 | Zot:1    | Identified Sif Muna's Volume of the Lethal Tropics (Sif
                  | Muna gifted it to you on level 1 of the Realm of Zot)
108311 | Zot:1    | Identified Sif Muna's Quarto of Blows (Sif Muna gifted it
                  | to you on level 1 of the Realm of Zot)
108311 | Zot:1    | Identified Sif Muna's Precepts of Conflagrant Lamentation
                  | (Sif Muna gifted it to you on level 1 of the Realm of Zot)
108311 | Zot:1    | Identified Cerebov's Handbook of Bombardment (Sif Muna
                  | gifted it to you on level 1 of the Realm of Zot)
108311 | Zot:1    | Identified Howam's Anthology of the Jaunt (Sif Muna gifted
                  | it to you on level 1 of the Realm of Zot)
108311 | Zot:1    | Identified Sif Muna's Octavo of Flashy Ectoplasm (Sif Muna
                  | gifted it to you on level 1 of the Realm of Zot)
108311 | Zot:1    | Identified Sif Muna's Octavo of Incandescent Injury (Sif
                  | Muna gifted it to you on level 1 of the Realm of Zot)
108311 | Zot:1    | Identified Sif Muna's Compendium of Violent Inhalation (Sif
                  | Muna gifted it to you on level 1 of the Realm of Zot)
108311 | Zot:1    | Identified Sif Muna's Commentary on Battle Magic (Sif Muna
                  | gifted it to you on level 1 of the Realm of Zot)
108311 | Zot:1    | Identified Hihepaimni's Collected Works on the Fiery Mantle
                  | (Sif Muna gifted it to you on level 1 of the Realm of Zot)
108311 | Zot:1    | Identified Sif Muna's Vademecum on Radiant Transfiguration
                  | (Sif Muna gifted it to you on level 1 of the Realm of Zot)
108311 | Zot:1    | Identified Sif Muna's Lessons on Aerial Poisoning (Sif Muna
                  | gifted it to you on level 1 of the Realm of Zot)
108311 | Zot:1    | Identified Sif Muna's Discursus on Electrocution (Sif Muna
                  | gifted it to you on level 1 of the Realm of Zot)
108311 | Zot:1    | Identified Sif Muna's Notes on Lightning (Sif Muna gifted
                  | it to you on level 1 of the Realm of Zot)
108311 | Zot:1    | Identified Sif Muna's Reference Book on Anathema and Sparks
                  | (Sif Muna gifted it to you on level 1 of the Realm of Zot)
108311 | Zot:1    | Identified Sif Muna's Parchment of the Congealing Squall
                  | (Sif Muna gifted it to you on level 1 of the Realm of Zot)
108311 | Zot:1    | Identified Sif Muna's Vellum of Malisons and the Morgue
                  | (Sif Muna gifted it to you on level 1 of the Realm of Zot)
108311 | Zot:1    | Identified Xucome's Catalogue of Poor Excuses (Sif Muna
                  | gifted it to you on level 1 of the Realm of Zot)
108311 | Zot:1    | Identified Sif Muna's Compendium of Telluric Malisons (Sif
                  | Muna gifted it to you on level 1 of the Realm of Zot)
108311 | Zot:1    | Identified Uziw's Thoughts on the Dimensional Sixfirhy (Sif
                  | Muna gifted it to you on level 1 of the Realm of Zot)
108311 | Zot:1    | Identified Sif Muna's Precepts of Scorching Concussion (Sif
                  | Muna gifted it to you on level 1 of the Realm of Zot)
108311 | Zot:1    | Identified Sif Muna's Parchment of Impulse (Sif Muna gifted
                  | it to you on level 1 of the Realm of Zot)
108311 | Zot:1    | Identified Sif Muna's Ritual Testament of the Luminary (Sif
                  | Muna gifted it to you on level 1 of the Realm of Zot)
108311 | Zot:1    | Identified Sif Muna's Handbook of Twinkling Forces (Sif
                  | Muna gifted it to you on level 1 of the Realm of Zot)
108311 | Zot:1    | Identified Hakk's Writings on Cloudy Graupel (Sif Muna
                  | gifted it to you on level 1 of the Realm of Zot)
108311 | Zot:1    | Identified Sif Muna's Incunabulum of the Gestalt (Sif Muna
                  | gifted it to you on level 1 of the Realm of Zot)
108311 | Zot:1    | Identified Sif Muna's Grimoire of the Changed Pyromaniac
                  | (Sif Muna gifted it to you on level 1 of the Realm of Zot)
108519 | D:14     | Identified Sif Muna's Disquisition on Twinkling
                  | Conflagration (Sif Muna gifted it to you on level 14 of the
                  | Dungeon)
108519 | D:14     | Identified Viezoopo's Writings on the Tundra and Energy
                  | (Sif Muna gifted it to you on level 14 of the Dungeon)
108519 | D:14     | Identified Sif Muna's Catalogue of Ruinous Malediction (Sif
                  | Muna gifted it to you on level 14 of the Dungeon)
108519 | D:14     | Identified Sif Muna's Dissertation on the Nimbus (Sif Muna
                  | gifted it to you on level 14 of the Dungeon)
108519 | D:14     | Identified Lehudib's Compilation of Igneous Trauma (Sif
                  | Muna gifted it to you on level 14 of the Dungeon)
108519 | D:14     | Identified Sif Muna's Exposition on Bad Luck and
                  | Fulmination (Sif Muna gifted it to you on level 14 of the
                  | Dungeon)
108519 | D:14     | Identified Fozyod's Tome of the Cumulonimbus and Forces
                  | (Sif Muna gifted it to you on level 14 of the Dungeon)
108519 | D:14     | Identified Sif Muna's Writings on Petrified Venom (Sif Muna
                  | gifted it to you on level 14 of the Dungeon)
108519 | D:14     | Identified Sif Muna's Essays on Searing Battling (Sif Muna
                  | gifted it to you on level 14 of the Dungeon)
108519 | D:14     | Identified Wumimet's Vademecum on Arcane Combat and the
                  | Assassin (Sif Muna gifted it to you on level 14 of the
                  | Dungeon)
108519 | D:14     | Identified Sif Muna's Compilation of Kinetic Breath (Sif
                  | Muna gifted it to you on level 14 of the Dungeon)
108519 | D:14     | Identified Sif Muna's Omnibus of Shocking Trauma (Sif Muna
                  | gifted it to you on level 14 of the Dungeon)
108519 | D:14     | Identified Sif Muna's Meditations on Incineration (Sif Muna
                  | gifted it to you on level 14 of the Dungeon)
108519 | D:14     | Identified Sif Muna's Folio of Frigorific Direction (Sif
                  | Muna gifted it to you on level 14 of the Dungeon)
108519 | D:14     | Identified Naaschig's Compilation of Creeping Attacks (Sif
                  | Muna gifted it to you on level 14 of the Dungeon)
108519 | D:14     | Identified Sif Muna's Vellum of Transforming Refrigeration
                  | (Sif Muna gifted it to you on level 14 of the Dungeon)
108519 | D:14     | Identified Sif Muna's Thorough Guide to Casting (Sif Muna
                  | gifted it to you on level 14 of the Dungeon)
108519 | D:14     | Identified Sif Muna's Octavo of Injury (Sif Muna gifted it
                  | to you on level 14 of the Dungeon)
108519 | D:14     | Identified Sif Muna's Atlas of Bad Luck and Hurting (Sif
                  | Muna gifted it to you on level 14 of the Dungeon)
108519 | D:14     | Identified Sif Muna's Codex of Arcane Combat (Sif Muna
                  | gifted it to you on level 14 of the Dungeon)
108519 | D:14     | Identified Ehikh's Almanac of the Tektite and the Fifth
                  | Circle (Sif Muna gifted it to you on level 14 of the
                  | Dungeon)
108519 | D:14     | Identified Sif Muna's Elucidation of Injurious Combustion
                  | (Sif Muna gifted it to you on level 14 of the Dungeon)
108519 | D:14     | Identified Sif Muna's Guide on the Shot (Sif Muna gifted it
                  | to you on level 14 of the Dungeon)
108519 | D:14     | Identified Poce's Directory of Generative Concussion (Sif
                  | Muna gifted it to you on level 14 of the Dungeon)
108519 | D:14     | Identified Sif Muna's Compendium of Concussion and the
                  | Nimbus (Sif Muna gifted it to you on level 14 of the
                  | Dungeon)
108519 | D:14     | Identified Sif Muna's Folio of Tainted Formation (Sif Muna
                  | gifted it to you on level 14 of the Dungeon)
108519 | D:14     | Identified Sif Muna's Precepts of Bolts (Sif Muna gifted it
                  | to you on level 14 of the Dungeon)
108519 | D:14     | Identified Sif Muna's Mastering Spellwork (Sif Muna gifted
                  | it to you on level 14 of the Dungeon)
108519 | D:14     | Identified Sif Muna's Spellbook of Inhalation (Sif Muna
                  | gifted it to you on level 14 of the Dungeon)
108519 | D:14     | Identified Sif Muna's Teachings on the Coals (Sif Muna
                  | gifted it to you on level 14 of the Dungeon)
108519 | D:14     | Identified Sif Muna's Notes on Calefaction and Bolts (Sif
                  | Muna gifted it to you on level 14 of the Dungeon)
108656 | D:8      | Identified Sif Muna's Tractate on Battling (Sif Muna gifted
                  | it to you on level 8 of the Dungeon)
108656 | D:8      | Identified Kosil's Grimoire of Embers (Sif Muna gifted it
                  | to you on level 8 of the Dungeon)
108656 | D:8      | Identified Sif Muna's Meditations on Corpses (Sif Muna
                  | gifted it to you on level 8 of the Dungeon)
108656 | D:8      | Identified Sif Muna's Verses on the Switch and Relocation
                  | (Sif Muna gifted it to you on level 8 of the Dungeon)
108656 | D:8      | Identified Paixkav's Omnibus of Translocation and the Shot
                  | (Sif Muna gifted it to you on level 8 of the Dungeon)
108656 | D:8      | Identified Tir Xetu's Essays on Glacial Malevolent Spells
                  | (Sif Muna gifted it to you on level 8 of the Dungeon)
108656 | D:8      | Identified Sif Muna's Elucidation of Fulmination (Sif Muna
                  | gifted it to you on level 8 of the Dungeon)
108656 | D:8      | Identified Sif Muna's Annotations on Geometries and
                  | Incineration (Sif Muna gifted it to you on level 8 of the
                  | Dungeon)
108656 | D:8      | Identified Sif Muna's Spellbook of the Coruscating Inferno
                  | (Sif Muna gifted it to you on level 8 of the Dungeon)
108656 | D:8      | Identified Sif Muna's Lost Papyrus of the Luminary (Sif
                  | Muna gifted it to you on level 8 of the Dungeon)
108656 | D:8      | Identified Sif Muna's Parchment of Weird Black Words (Sif
                  | Muna gifted it to you on level 8 of the Dungeon)
108656 | D:8      | Identified Sif Muna's Precepts of Dimensional Death (Sif
                  | Muna gifted it to you on level 8 of the Dungeon)
108656 | D:8      | Identified Sif Muna's Grimoire of Tropical Bad Luck (Sif
                  | Muna gifted it to you on level 8 of the Dungeon)
108656 | D:8      | Identified Sif Muna's Codex of Sepulchral Toxicity (Sif
                  | Muna gifted it to you on level 8 of the Dungeon)
108656 | D:8      | Identified Sif Muna's Catalogue of the Impact (Sif Muna
                  | gifted it to you on level 8 of the Dungeon)
108656 | D:8      | Identified Sif Muna's Almanac of Percussion (Sif Muna
                  | gifted it to you on level 8 of the Dungeon)
108656 | D:8      | Identified Vufabre's Octavo of Coordinates (Sif Muna gifted
                  | it to you on level 8 of the Dungeon)
108656 | D:8      | Identified Sif Muna's Atlas of Rime (Sif Muna gifted it to
                  | you on level 8 of the Dungeon)
108656 | D:8      | Identified Sif Muna's Papyrus of Supportive Fumes (Sif Muna
                  | gifted it to you on level 8 of the Dungeon)
108656 | D:8      | Identified Sif Muna's Discourse on Translocation and
                  | Conduction (Sif Muna gifted it to you on level 8 of the
                  | Dungeon)
108656 | D:8      | Identified Sif Muna's Discourse on Percussion (Sif Muna
                  | gifted it to you on level 8 of the Dungeon)
108656 | D:8      | Identified Sif Muna's Incunabulum of Arcane Combat (Sif
                  | Muna gifted it to you on level 8 of the Dungeon)
108656 | D:8      | Identified Sif Muna's Secrets of Amalgamated Shades (Sif
                  | Muna gifted it to you on level 8 of the Dungeon)
108656 | D:8      | Identified Sif Muna's Disquisition on Conjury (Sif Muna
                  | gifted it to you on level 8 of the Dungeon)
108656 | D:8      | Identified Ybbof's Spellbook of Energetic Anathema (Sif
                  | Muna gifted it to you on level 8 of the Dungeon)
108656 | D:8      | Identified Sif Muna's Precepts of Blows (Sif Muna gifted it
                  | to you on level 8 of the Dungeon)
108656 | D:8      | Identified Sif Muna's Precepts of Puissant Topology (Sif
                  | Muna gifted it to you on level 8 of the Dungeon)
108656 | D:8      | Identified Sif Muna's Information on Evil Arson (Sif Muna
                  | gifted it to you on level 8 of the Dungeon)
108656 | D:8      | Identified Sif Muna's Spellbook of Vitiation and the Curse
                  | (Sif Muna gifted it to you on level 8 of the Dungeon)
108822 | D:3      | Identified Sif Muna's Codex of Blasted Quicksand (Sif Muna
                  | gifted it to you on level 3 of the Dungeon)
108822 | D:3      | Identified Sif Muna's Treatise on Spooky Action and
                  | Ignition (Sif Muna gifted it to you on level 3 of the
                  | Dungeon)
108822 | D:3      | Identified Repp's Elucidation of Degeneration and Damage
                  | (Sif Muna gifted it to you on level 3 of the Dungeon)
108822 | D:3      | Identified Xonkem's Incunabulum of Correspondence and
                  | Bombardment (Sif Muna gifted it to you on level 3 of the
                  | Dungeon)
108822 | D:3      | Identified Sif Muna's Precepts of the Discharge and the
                  | Tropics (Sif Muna gifted it to you on level 3 of the
                  | Dungeon)
108822 | D:3      | Identified Sif Muna's Folio of Conjuration (Sif Muna gifted
                  | it to you on level 3 of the Dungeon)
108822 | D:3      | Identified Sif Muna's Folio of Sizzling Transmutation (Sif
                  | Muna gifted it to you on level 3 of the Dungeon)
108822 | D:3      | Identified Sif Muna's Excursus on Violence (Sif Muna gifted
                  | it to you on level 3 of the Dungeon)
108822 | D:3      | Identified Ideoklef's Vademecum on Lava (Sif Muna gifted it
                  | to you on level 3 of the Dungeon)
108822 | D:3      | Identified Sif Muna's Octavo of Combustion and Assaults
                  | (Sif Muna gifted it to you on level 3 of the Dungeon)
108822 | D:3      | Identified Sif Muna's Directory of Spatial Spooky Magic
                  | (Sif Muna gifted it to you on level 3 of the Dungeon)
108822 | D:3      | Identified Sif Muna's Directory of Violent Lamentation (Sif
                  | Muna gifted it to you on level 3 of the Dungeon)
108822 | D:3      | Identified Zerchircho's Incunable of the White Shot (Sif
                  | Muna gifted it to you on level 3 of the Dungeon)
108822 | D:3      | Identified Sif Muna's Grimoire of Abhorrent Arts and
                  | Summoning (Sif Muna gifted it to you on level 3 of the
                  | Dungeon)
108822 | D:3      | Identified Sif Muna's Lessons on Battling (Sif Muna gifted
                  | it to you on level 3 of the Dungeon)
108822 | D:3      | Identified Sif Muna's Disquisition on the Bonfire (Sif Muna
                  | gifted it to you on level 3 of the Dungeon)
108822 | D:3      | Identified Sif Muna's Papyrus of Austromancy and Blows (Sif
                  | Muna gifted it to you on level 3 of the Dungeon)
108822 | D:3      | Identified Sif Muna's Folio of Hazy Location (Sif Muna
                  | gifted it to you on level 3 of the Dungeon)
108822 | D:3      | Identified Sif Muna's Notes on Damage (Sif Muna gifted it
                  | to you on level 3 of the Dungeon)
108822 | D:3      | Identified Cerebov's Compendium of the Salamander (Sif Muna
                  | gifted it to you on level 3 of the Dungeon)
108822 | D:3      | Identified Sif Muna's Precepts of Charred Violence (Sif
                  | Muna gifted it to you on level 3 of the Dungeon)
108822 | D:3      | Identified Sif Muna's Compilation of Dynamic Oromancy (Sif
                  | Muna gifted it to you on level 3 of the Dungeon)
108822 | D:3      | Identified Ekirivae's Quarto of the Undead (Sif Muna gifted
                  | it to you on level 3 of the Dungeon)
108822 | D:3      | Identified Sif Muna's Thoughts on the Iron Compass (Sif
                  | Muna gifted it to you on level 3 of the Dungeon)
108822 | D:3      | Identified Dispater's Spellbook of Destruction (Sif Muna
                  | gifted it to you on level 3 of the Dungeon)
108822 | D:3      | Identified Sif Muna's Compendium of Gelid Anathema (Sif
                  | Muna gifted it to you on level 3 of the Dungeon)
108822 | D:3      | Identified Sif Muna's Elucidation of Soot (Sif Muna gifted
                  | it to you on level 3 of the Dungeon)
108822 | D:3      | Identified Sif Muna's Writings on Calid Geomancy (Sif Muna
                  | gifted it to you on level 3 of the Dungeon)
108822 | D:3      | Identified Sif Muna's Omnibus of the Puissant Traveller
                  | (Sif Muna gifted it to you on level 3 of the Dungeon)
108822 | D:3      | Identified Sif Muna's Almanac of the Amorphous Maleficium
                  | (Sif Muna gifted it to you on level 3 of the Dungeon)
108904 | D:$      | Escaped with the Orb!

Illustrated notes

Levels and vault maps discovered:
D:1:      dpeg_arrival_arbitrary_c, layout_basic
D:2:      layout_basic, hellmonk_ecumenical_altar_lost_god
D:3:      layout_rooms, uniq_terence
D:4:      layout_cave_pools, kennysheep_mini
D:5:      minmay_recursive_quarters, layout_loops_ring,
          nicolae_vehumet_altar_sigil, tgw_kikubaaqudgha
D:6:      layout_basic, pdpol_wu_jian_five_deadly_venoms,
          minmay_fractal_squares_5
D:7:      layout_loops_corners, nicolae_uskayaw_dance_hall,
          minmay_temple_entry_crystal_x
D:8:      layout_gridville, enter_bailey_7, nrook_campfire,
          minmay_gold_behind_fungi, columned_hall_lemuel, minmay_door_square
D:9:      layout_basic, okawaru_ov_weapons_minmay,
          mainiacjoe_overflow_concentric_impassable,
          lemuel_mausoleum_altar_yredelemnul, lair_entry_dummy, kennysheep_donut
D:10:     layout_long_grid, grunt_dithmenos_shadows,
          mainiacjoe_overflow_divided_tiny, uniq_grum
D:11:     gammafunk_the_bubble [the_bubble_gammafunk_roulette],
          layout_irregular_city, portal_ice_cave_entry_ice_simulacra,
          led_sif_book
D:12:     layout_loops_corners, uniq_josephine, uniq_nergalle
D:13:     layout_long_grid
D:14:     layout_loops_corners, david_vaults_4, kennysheep_minor_cross,
          gammafunk_ghost_arena, gauntlet_entry_generic,
          nicolae_take_the_stairs, minmay_checkerbox
D:15:     grunt_enter_depths_magical_seal, layout_basic, elyvilon_altar_5
Lair:1:   layout_cave_pods, patterned_corridor
Lair:2:   layout_cave_pods, spider_nest_entry_a, uniq_urug
Lair:3:   layout_concentric_octagons, swamp_mist
Lair:4:   layout_hall_layers
Lair:5:   hellmonk_lair_end_abyssal_woods, layout_regular_city,
          dpeg_slime_entry_corner
Swamp:1:  layout_basic_swamp, nicolae_swamp_feature_on_the_river_bank,
          nicolae_swamp_stuck_in_the_mud, infiniplex_staircase_pool
Swamp:2:  layout_basic_swamp, evilmike_swamp_ruin_house_1, swamp_pool4
Swamp:3:  layout_falls_marsh, evilmike_swamp_ruin_house_5
Swamp:4:  grunt_swamp_rune_castle, layout_basic_swamp, gammafunk_ghost_cemetery
Spider:1: layout_cave_pods
Spider:2: layout_spider_delve, hangedman_spider_tarantella_strand,
          nicolae_spider_cling_halls, uniq_mlioglotl
Spider:3: layout_cave_pods, uniq_agnes, uniq_donald
Spider:4: grunt_spider_rune_island, nicolae_spider_stair_cavern
Slime:1:  layout_caves
Slime:2:  layout_caves
Slime:3:  layout_caves, nicolae_slime_rock_hall_of_fame
Slime:4:  layout_caves, nicolae_slime_getting_an_eyeful
Slime:5:  slime_pit
Orc:1:    layout_caves, uniq_jorgrun
Orc:2:    st_orc_open, layout_caves, uniq_maurice
Elf:1:    eino_elf_arrival_the_gate, layout_geoelf_grid,
          hangedman_elf_represent, minmay_checkered_concentric_circles
Elf:2:    nicolae_elf_blades_crystal_corner, layout_gridlike
Elf:3:    minmay_elf_hall_dome, layout_loops_corners
Vaults:1: ebering_ghost_reflecting_pool, vaults_mumra_lcd,
          vaults_mumra_minichess, hangedman_vaults_trim, v_misc_28,
          v_alt_pattern_4, nicolae_vaults_octothorpe, v_misc_16, v_misc_24,
          v_misc_2, nicolae_vaults_big_ls,
          nicolae_vaults_variable_pillar_hall_cross, nicolae_vaults_gold_heap,
          nicolae_vaults_enemy_cabinets, nicolae_vaults_double_plus_2,
          nicolae_vaults_little_squares_3, vaults_dpeg_cross,
          nicolae_vaults_rhombus_6, layout_vaults_ring
Vaults:2: gammafunk_ghost_split, v_alt_pattern_1, hangedman_vaults_nails,
          nicolae_vaults_tetromino_Z_1, v_misc_3,
          vaults_mumra_minichess_inversion, nicolae_vaults_heart-shaped_vault,
          vaults_room_door_hall, nicolae_vaults_little_squares_4,
          nicolae_vaults_ring_of_whatevers, nicolae_vaults_meeting,
          nicolae_vaults_more_shelving_1, nicolae_vaults_trapezoid_1,
          layout_vaults_omnibox, serial_shops, shop, uniq_mennas
Vaults:3: nicolae_vaults_steering_wheel, nicolae_vaults_diagonal_hallway_7,
          nicolae_vaults_hexular_roomagon, nicolae_vaults_tetromino_L_2,
          nicolae_vaults_circle_grid_b, hangedman_vaults_stretched_pinwheel,
          layout_vaults_omnigrid, minmay_crypt_entry_simple_walls,
          nicolae_trove_entry_path_of_doom
Vaults:4: nicolae_vaults_inception_statues, vaults_dpeg_hooks,
          nicolae_vaults_swerve, v_misc_4, nicolae_vaults_network_square,
          nicolae_vaults_closet_pinwheel_3, v_misc_27,
          nicolae_vaults_security_offices_3, nicolae_vaults_apartment_1,
          vaults_room_pool, v_rooms_4, ontoclasm_vaults_ligature,
          vaults_standard_mumra_lines, vaults_dpeg_diagonal,
          nicolae_vaults_double_plus_1, vaults_room_semicircle,
          layout_vaults_omnicross, uniq_boris
Vaults:5
Crypt:1:  cheibrodos_crypt_draghalla, layout_chaotic_city,
          grunt_crypt_arrival_split, uniq_aizul, uniq_grunn
Crypt:2:  layout_rooms, uniq_saint_roka
Crypt:3:  evilmike_haunted_forest
Depths:1: layout_cave_pools, pf_vacation_house_of_asmodeus,
          minmay_misc_feat_iff, lemuel_flame_loot_1, minmay_shoptagon, uniq_mara
Depths:2: minmay_dotted_concentric_squares, layout_long_grid, enter_ziggurat_d,
          pan_entry, grunt_hell_horde, lemuel_doored_altar, serial_bayou_shore_b
Depths:3: hellmonk_hyper_hexagons [hex_subvault_spokes,
          hex_subvault_open_curves, hex_subvault_crossings,
          hex_subvault_octagon, hex_subvault_empty, hex_subvault_small_grid,
          hex_subvault_rooms], hell_entry, abyss_entry
Depths:4: evilmike_zot_entry_hall, layout_cave_pools, gammafunk_ghost_grave,
          hell_entry, minmay_misc_feat_nine_boxes
Zot:1:    layout_gridlike, uniq_tiamat
Zot:2:    cheibrodos_zot_enchanting_chambers, layout_basic, gammafunk_ghost_ooze
Zot:3:    gammafunk_sealed_library, layout_basic, grunt_megastairs_5
Zot:4:    layout_gridlike, ebering_ghost_reflecting_pool
Zot:5:    layout_cathedral_of_symmetry

Skill      XL: |  1  2  3  4  5  6  7  8  9 10 11 12 13 14 15 16 17 18 19 20 21 22 23 24 25 26 27 |
---------------+----------------------------------------------------------------------------------+-----
Fighting       | 1 2 3 4 5 6 10 12 15 18 | 18.0
Fire Magic     | 3 6 9 12 14 17 18 22 | 22.8
Spellcasting   | 6 9 12 13 18 19 | 19.0
Invocations    | 3 6 8 9 12 14 24 | 24.1
Conjurations   | 5 6 9 13 15 16 22 | 22.8
Armour         | 6 9 |  9.0
Evocations     | 9 17 | 17.9
Earth Magic    | 8 |  8.0
Necromancy     | 5 8 |  8.0
Dodging        | 7 9 12 | 12.8
Translocations | 7 8 10 | 10.0
Air Magic      | 8 10 | 10.0
Poison Magic   | 8 |  8.0
Stealth        | |  2.4

Action                     |  1- 3 |  4- 6 |  7- 9 | 10-12 | 13-15 | 16-18 | 19-21 | 22-24 | 25-27 || total
---------------------------+-------+-------+-------+-------+-------+-------+-------+-------+-------++-------
  Melee: Unarmed           |    12 |       |       |       |       |       |       |       |       ||    12
         Hand axe          |       |    32 |    29 |    62 |    48 |    45 |       |       |       ||   216
         Punch             |       |       |       |     3 |     1 |       |       |       |       ||     4
         Staff             |       |       |       |       |       |     2 |    22 |    11 |     3 ||    38
  Throw: Dart              |       |     5 |     4 |       |       |       |       |       |       ||     9
   Cast: Necrotise         |    66 |    52 |       |       |       |       |       |       |       ||   118
         Scorch            |       |    11 |   164 |   211 |    93 |     9 |     7 |       |       ||   495
         Sticky Flame      |       |       |     5 |    50 |    59 |    11 |       |       |       ||   125
         Fireball          |       |       |       |    63 |   227 |   271 |   232 |   231 |   259 ||  1283
         Starburst         |       |       |       |       |    72 |    68 |    53 |    99 |    40 ||   332
         Stone Arrow       |       |       |       |       |    18 |    14 |       |       |       ||    32
         Bombard           |       |       |       |       |       |    50 |    23 |    25 |   187 ||   285
         Borgnjor's Vile C |       |       |       |       |       |     6 |       |     1 |    18 ||    25
         Death's Door      |       |       |       |       |       |     1 |       |       |     1 ||     2
         Iskenderun's Myst |       |       |       |       |       |    10 |    11 |    12 |    40 ||    73
         Passage of Golubr |       |       |       |       |       |     4 |     1 |     3 |     4 ||    12
         Poisonous Vapours |       |       |       |       |       |       |       |   138 |   130 ||   268
         Ignite Poison     |       |       |       |       |       |       |       |   120 |   116 ||   236
         Plasma Beam       |       |       |       |       |       |       |       |    42 |   407 ||   449
         Sublimation of Bl |       |       |       |       |       |       |       |    14 |   211 ||   225
         Ignition          |       |       |       |       |       |       |       |       |   117 ||   117
         Fire Storm        |       |       |       |       |       |       |       |       |   167 ||   167
 Invoke: Channel Magic     |       |       |     1 |     2 |    12 |    15 |    10 |     5 |    13 ||    58
         Divine Exegesis   |       |       |       |       |       |     1 |       |       |     1 ||     2
  Evoke: Wand              |       |       |       |     4 |     1 |       |       |       |     4 ||     9
         Phantom mirror    |       |       |       |       |     1 |       |       |       |       ||     1
         Phial of floods   |       |       |       |       |     1 |       |       |       |       ||     1
    Use: Scroll            |       |       |     5 |    10 |     3 |    11 |     3 |     1 |    11 ||    44
         Potion            |       |       |       |       |       |     3 |     3 |       |     6 ||    12
 Armour: Robe              |     9 |    27 |       |       |       |       |       |       |       ||    36
         Ring mail         |       |     9 |   104 |   290 |   308 |   226 |       |       |       ||   937
         Leather armour    |       |       |       |       |       |    78 |   104 |   116 |   230 ||   528
  Dodge: Dodged            |    20 |    43 |    72 |   179 |   154 |   132 |   119 |    89 |   182 ||   990
  Block: Buckler           |       |       |       |       |    21 |    78 |    59 |    51 |    49 ||   258

Table legend: (Time is in decaauts)
 A = Elapsed time spent in this place.
 B = Non-inter-level travel time spent in this place.
 C = Inter-level travel time spent in this place.
 D = Time resting spent in this place.
 E = Time spent auto-exploring this place.
 F = Levels seen in this place.
 G = Mean time per level.
                   A        B        C        D        E       F      G
               +--------+--------+--------+--------+--------+-----+--------+
         Total | 109473 | 100136 |   9337 |  29997 |  56131 |  59 | 1855.5 |
       Dungeon |  27780 |  23968 |   3812 |   5230 |  15632 |  15 | 1852.0 |
          Lair |  12426 |  11116 |   1310 |   3647 |   6125 |   5 | 2485.2 |
         Swamp |   7653 |   7247 |    406 |   3661 |   2837 |   4 | 1913.2 |
   Spider Nest |   8439 |   8089 |    350 |   2474 |   4753 |   4 | 2109.8 |
    Slime Pits |   4468 |   4105 |    363 |   1715 |   1930 |   5 |  893.6 |
  Orcish Mines |   2925 |   2648 |    277 |   1213 |   1187 |   2 | 1462.5 |
   Elven Halls |   6106 |   5767 |    339 |    862 |   4145 |   3 | 2035.3 |
        Vaults |  10262 |   9315 |    947 |    981 |   6660 |   5 | 2052.4 |
         Crypt |   6055 |   5656 |    399 |   1229 |   3604 |   3 | 2018.3 |
        Depths |   7217 |   6476 |    741 |   2025 |   3429 |   4 | 1804.2 |
           Zot |   8874 |   8484 |    390 |   1806 |   5512 |   5 | 1774.8 |
         Trove |     59 |     59 |      0 |      0 |      0 |   1 |   59.0 |
        Bailey |   1695 |   1695 |      0 |   1347 |      0 |   1 | 1695.0 |
      Ice Cave |   5234 |   5234 |      0 |   3771 |    227 |   1 | 5234.0 |
      Gauntlet |    272 |    272 |      0 |     36 |     88 |   1 |  272.0 |
               +--------+--------+--------+--------+--------+-----+--------+

Top non-repeatable levels by time:
   IceCv: 5234 daAuts
 Crypt:3: 3427 daAuts
  Lair:5: 3062 daAuts
     D:9: 3034 daAuts
Spider:1: 3021 daAuts
  Lair:1: 2935 daAuts
 Swamp:3: 2908 daAuts
    D:15: 2569 daAuts
  Lair:2: 2545 daAuts
Vaults:5: 2533 daAuts
    D:14: 2488 daAuts
   Zot:5: 2363 daAuts
Spider:3: 2295 daAuts
    D:12: 2279 daAuts
  Lair:3: 2274 daAuts
